Workbook
Name 前期费用: [2]不合规发票!$L$2:$L$11

Sheet 清算项目基本情况表
A1: T10000清算项目基本情况表
A2: （从事房地产开发的纳税人适用）
A3: 纳税人识别号： | C3: 91652801576209018D | G3: 纳税人名称： | I3: 新疆通力房地产开发有限公司库尔勒分公司 | Z3: *填表日期： | AC3: 45547
A4: 金额单位:人民币元(列至角分) | Z4: 面积单位:平方米
A5: 项目基本情况
A6: *项目名称 | D6: 沁春锦苑19#、20#、23#、24#楼 | H6: *项目编码 | S6: Z65280120190027 | X6: *是否属于分期开发项目 | AG6: 是
A7: *项目地址 | D7: 库尔勒市新城辖区杜鹃路79号 | X7: *总预算成本 | AG7: 195777000
A8: *项目所在地主管税务机关 | D8: 国家税务总局库尔勒市税务局 | H8: *项目所在地主管税务所（科/分局） | S8: 库尔勒市税务局税源管理一股 | X8: *土地使用权出（转）让合同签订日期 | AG8: 42563
A9: *开发土地总面积 | D9: 40521.01 | H9: *开发建筑总面积 | L9: 62251.88 | S9: *项目总地价款 | X9: 0 | AB9: *容积率 | AG9: 1.35
A10: *绿地率 | D10: 0.35 | H10: 项目开工日期 | L10: 43525 | S10: 整体竣工日期 | X10: 45276 | AB10: 最后一个销（预）售证取得时间 | AG10: 44148
A11: 发改部门立项信息
A12: 序号 | B12: 投资项目代码 | C12: 项目名称 | Q12: 项目总投资 | AA12: 建筑面积
A13: 1 | B13: 2018061 | C13: 沁园春锦苑一期建设项目 | Q13: 82660000 | AA13: 23850
A14: 2 | B14: 2020019 | C14: 沁春锦苑31号楼建设项目 | Q14: 7245000 | AA14: 1990
A15: 3 | B15: 201927 | C15: 沁春锦苑二期 | Q15: 96730000 | AA15: 34911.88
A16: 4 | B16: 2018053 | C16: 沁园春锦35号楼 | Q16: 4500000 | AA16: 1500
A17: 土地使用权信息
A18: 序号 | B18: 不动产权证号 | C18: 不动产单元号 | H18: 权利类型 | O18: 权利性质 | X18: 用途 | AA18: 面积 | AE18: 使用期限 | AG18: 土地使用权证发证日期
A19: 1 | B19: 新（2019）库尔勒市不动产权证第00014239号 | C19: 652801005064GB00047 | H19: 国有建设用地使用权 | O19: 出让 | X19: 房地产开发企业的开发用地 | AA19: 40521.01 | AE19: 50 | AG19: 2010-07-22
A20: 建设用地规划许可信息
A21: 序号 | B21: 建设用地规划许可证编号 | C21: 用地项目名称 | H21: 用地位置 | S21: 用途 | V21: 用地面积 | AA21: 建设规模 | AG21: 发证日期
A22: 1 | B22: 地字第652800201100127 | C22: 住宅楼 | H22: 64号小区 | S22: 房地产开发企业的开发用地 | V22: 152091.92 | AA22: 153614.47 | AG22: 2011-08-01
A23: 建设工程规划许可信息
A24: 序号 | B24: 建设工程规划许可证编号 | C24: 建设项目名称 | H24: 建设位置 | S24: 建设规模 | AA24: *发证日期
A25: 1 | B25: 建字第652801201900150号 | C25: 沁春锦苑26#住宅楼 | H25: 库尔勒市64号小区、杜鹃河东侧 | S25: 5183.21 | AA25: 2019-05-27
A26: 2 | B26: 建字第652800201800482号 | C26: 35#商业楼 | H26: 库尔勒市64号小区、杜鹃河东侧 | S26: 1404.12 | AA26: 2018-10-18
A27: 3 | B27: 建字第652801201900149号 | C27: 沁春锦苑25#住宅楼 | H27: 库尔勒市64号小区、杜鹃河东侧 | S27: 4732.91 | AA27: 2019-05-27
A28: 4 | B28: 建字第652801201900157号 | C28: 沁春锦苑34#住宅楼 | H28: 库尔勒市64号小区、杜鹃河东侧 | S28: 895.28 | AA28: 2019-05-27
A29: 5 | B29: 建字第652800201800531号 | C29: 19#住宅楼 | H29: 64号小区、幸福路北侧 | S29: 4903.17 | AA29: 2018-11-15
A30: 6 | B30: 建字第652801201900151号 | C30: 沁春锦苑27#住宅楼 | H30: 库尔勒市64号小区、杜鹃河东侧 | S30: 4249.54 | AA30: 2019-05-27
A31: 7 | B31: 建字第652801202000081号 | C31: 幼儿园 | H31: 64号小区、石化大道南侧 | S31: 1966.65 | AA31: 2020-04-13
A32: 8 | B32: 建字第652800201800532号 | C32: 20#楼住宅楼 | H32: 64号小区、新福路北侧 | S32: 5457.54 | AA32: 2018-11-15
A33: 9 | B33: 建字第652800201800534号 | C33: 24#住宅楼 | H33: 64号小区、新福路北侧 | S33: 5342.5 | AA33: 2018-11-15
A34: 10 | B34: 建字第652801201900152号 | C34: 沁春锦苑29#住宅楼 | H34: 库尔勒市64号小区、杜鹃河东侧 | S34: 4249.54 | AA34: 2019-05-27
A35: 11 | B35: 建字第652801201900153号 | C35: 沁春锦苑30#住宅楼 | H35: 库尔勒市64号小区、杜鹃河东侧 | S35: 4249.54 | AA35: 2019-05-27
A36: 12 | B36: 建字第652801201900155号 | C36: 沁春锦苑32#住宅楼 | H36: 库尔勒市64号小区、杜鹃河东侧 | S36: 957.92 | AA36: 2019-05-27
... A40: 16 | B40: 建字第652801201900154号 | C40: 沁春锦苑28#住宅楼 | H40: 库尔勒市64号小区、杜鹃河东侧 | S40: 6029.6 | AA40: 2019-05-27
A41: 建筑工程施工许可信息
A42: 序号 | B42: 建筑工程施工许可证编号 | C42: 工程名称 | G42: 建设地址 | H42: 建设规模 | O42: 合同价格 | S42: 施工单位名称 | X42: 合同开工日期 | AC42: 合同竣工日期 | AG42: 发证日期
A43: 1 | B43: 652801201908090101 | C43: 沁春锦苑二期25#26#27#28#29#30#住宅楼 32#33#34#商业楼 | G43: 库尔勒市64号小区、新福路北侧 | H43: 31728.02 | O43: 47806689 | S43: 新疆正杰建筑集团有限公司 | X43: 2019-07-20 | AC43: 2020-06-15 | AG43: 2019-08-09
A44: 2 | B44: 652801202012210101 | C44: 沁春锦苑社区用房 | G44: 库尔勒市新城辖区石化大道南侧、杜鹃河东侧 | H44: 1657.02 | O44: 2959000 | S44: 新疆通力建设集团股份有限公司 | X44: 2022-07-28 | AC44: 2023-12-16 | AG44: 2020-12-21
A45: 3 | B45: 652801201904120101 | C45: 沁春锦苑35号楼 | G45: 库尔勒市64号小区、新福路北侧 | H45: 1404.12 | O45: 4500000 | S45: 新疆通力建设集团股份有限公司 | X45: 2019-03-15 | AC45: 2019-04-25 | AG45: 2019-04-12
A46: 4 | B46: 652801201905020101 | C46: 沁春锦苑（19#、20#、23#、24#楼） | G46: 库尔勒市64号小区、新福路北侧 | H46: 20241.45 | O46: 29110121 | S46: 新疆正杰建筑集团有限公司 | X46: 2019-04-25 | AC46: 2019-11-20 | AG46: 2019-05-02
A47: 5 | B47: 652801201904260101 | C47: 沁春锦苑1#楼 | G47: 库尔勒市新城辖区石化大道南侧、杜鹃河东侧 | H47: 1305.97 | O47: 3330223.5 | S47: 新疆通力建设集团股份有限公司 | X47: 2019-04-26 | AC47: 2023-11-06 | AG47: 2019-04-26
A48: 6 | B48: 652801202006290101 | C48: 沁春锦苑（12#13#14#15#38#31#幼儿园） | G48: 库尔勒市石化大道南侧、杜鹃河东侧 | H48: 1966.65 | O48: 3166300 | S48: 新疆通力建设集团股份有限公司 | X48: 2020-06-30 | AC48: 2021-10-01 | AG48: 2020-06-29
A49: 预售许可信息
A50: 序号 | B50: 预售许可证编号 | C50: 项目名称 | F50: 预售款专用帐户网点、帐号 | G50: 预售房屋建筑面积 | R50: 预售套数 | AG50: *发证日期
G51: 住宅 | I51: 商业用房 | J51: 办公用房 | K51: 车位车库 | M51: 其他 | P51: 合计 | R51: 住宅 | T51: 商业用房 | X51: 办公用房 | Z51: 车位车库 | AC51: 其他 | AF51: 合计
A52: 1 | B52: 新建房许字（2019）060号-库尔勒市 | C52: 沁春锦苑23#楼 | G52: 4037.24 | I52: 0 | J52: 0 | K52: 0 | M52: 483.74 | P52: 4520.98 | R52: 32 | T52: 0 | X52: 0 | Z52: 0 | AC52: 0 | AF52: 32 | AG52: 2019-07-31
A53: 2 | B53: 新建房许字（2019）062号-库尔勒市 | C53: 沁春锦苑19#楼 | G53: 4482.24 | I53: 0 | J53: 0 | K53: 0 | M53: 0 | P53: 4482.24 | R53: 32 | T53: 0 | X53: 0 | Z53: 0 | AC53: 0 | AF53: 32 | AG53: 2019-07-31
A54: 3 | B54: 新建房许字（2019）097号-库尔勒市 | C54: 沁春锦苑28#楼 | G54: 5524.66 | I54: 0 | J54: 0 | K54: 0 | M54: 539.73 | P54: 6064.39 | R54: 44 | T54: 0 | X54: 0 | Z54: 0 | AC54: 0 | AF54: 44 | AG54: 2019-10-29
A55: 4 | B55: 新建房许字（2020）130号-库尔勒市 | C55: 沁春锦苑1#楼 | G55: 0 | I55: 1220.8 | J55: 0 | K55: 0 | M55: 0 | P55: 1220.8 | R55: 0 | T55: 12 | X55: 0 | Z55: 0 | AC55: 0 | AF55: 12 | AG55: 2020-11-13
A56: 5 | B56: 新建房许字（2019）096号-库尔勒市 | C56: 沁春锦苑29#楼 | G56: 3743.2 | I56: 0 | J56: 0 | K56: 0 | M56: 489.18 | P56: 4232.38 | R56: 28 | T56: 0 | X56: 0 | Z56: 0 | AC56: 0 | AF56: 28 | AG56: 2019-10-29
A57: 6 | B57: 新建房许字（2019）100号-库尔勒市 | C57: 沁春锦苑25#楼 | G57: 4186.68 | I57: 0 | J57: 0 | K57: 0 | M57: 546.06 | P57: 4732.74 | R57: 28 | T57: 0 | X57: 0 | Z57: 0 | AC57: 0 | AF57: 28 | AG57: 2019-10-29
A58: 7 | B58: 新建房许字（2019）061号-库尔勒市 | C58: 沁春锦苑20#楼 | G58: 4944.36 | I58: 0 | J58: 0 | K58: 0 | M58: 0 | P58: 4944.36 | R58: 28 | T58: 0 | X58: 0 | Z58: 0 | AC58: 0 | AF58: 28 | AG58: 2019-07-31
A59: 8 | B59: 新建房许字（2019）098号-库尔勒市 | C59: 沁春锦苑27#楼 | G59: 3743.2 | I59: 0 | J59: 0 | K59: 0 | M59: 489.18 | P59: 4232.38 | R59: 28 | T59: 0 | X59: 0 | Z59: 0 | AC59: 0 | AF59: 28 | AG59: 2019-10-29
A60: 9 | B60: 新建房许字（2019）095号-库尔勒市 | C60: 沁春锦苑30#楼 | G60: 3743.2 | I60: 0 | J60: 0 | K60: 0 | M60: 489.18 | P60: 4232.38 | R60: 28 | T60: 0 | X60: 0 | Z60: 0 | AC60: 0 | AF60: 28 | AG60: 2019-10-29
A61: 10 | B61: 新建房许字（2019）099号-库尔勒市 | C61: 沁春锦苑26#楼 | G61: 4593.32 | I61: 0 | J61: 0 | K61: 0 | M61: 598.68 | P61: 5192 | R61: 28 | T61: 0 | X61: 0 | Z61: 0 | AC61: 0 | AF61: 28 | AG61: 2019-10-29
A62: 11 | B62: 新建房许字（2019）127号-库尔勒市 | C62: 沁春锦苑35#楼 | G62: 0 | I62: 1391.28 | J62: 0 | K62: 0 | M62: 0 | P62: 1391.28 | R62: 0 | T62: 2 | X62: 0 | Z62: 0 | AC62: 0 | AF62: 2 | AG62: 2020-11-13
A63: 12 | B63: 新建房许字（2019）147号-库尔勒市 | C63: 沁春锦苑33#楼 | G63: 0 | I63: 1180.52 | J63: 0 | K63: 0 | M63: 0 | P63: 1180.52 | R63: 0 | T63: 13 | X63: 0 | Z63: 0 | AC63: 0 | AF63: 13 | AG63: 2019-12-05
... A66: 15 | B66: 新建房许字（2019）059号-库尔勒市 | C66: 沁春锦苑24#楼 | G66: 4871 | I66: 0 | J66: 0 | K66: 0 | M66: 0 | P66: 4871 | R66: 32 | T66: 0 | X66: 0 | Z66: 0 | AC66: 0 | AF66: 32 | AG66: 2019-07-31
A67: 现售备案信息
A68: 序号 | B68: 现售备案证书编号 | C68: 项目名称 | H68: 现售房屋建筑面积 | AA68: 发证日期
H69: 住宅 | M69: 商业用房 | Q69: 办公用房 | U69: 车位车库 | W69: 其他 | Y69: 合计
A70: 1
A71: 建设工程竣工验收信息
A72: 序号 | B72: 竣工的建筑工程施工许可证编号 | H72: 验收日期 | N72: *备案日期 | U72: 竣工工程造价 | AA72: 竣工面积
A73: 1 | B73: 652801201908090101 | H73: 2021-09-25 | N73: 2021-10-01 | U73: 48713500 | AA73: 31738.07
A74: 2 | B74: 652801202006290101 | H74: 2022-07-08 | N74: 2022-07-08 | U74: 3166300 | AA74: 1966.65
A75: 3 | B75: 652801201905020101 | H75: 2021-09-25 | N75: 2021-10-09 | U75: 29419465 | AA75: 20235.45
A76: 4 | B76: 652801201904260101 | H76: 2023-09-15 | N76: 2023-11-06 | U76: 3330680 | AA76: 1220.77
A77: 5 | B77: 652801201904120101 | H77: 2023-09-15 | N77: 2023-10-30 | U77: 4443900 | AA77: 1404.12
A78: 6 | B78: 652801202012210101 | H78: 2023-12-16 | N78: 2024-01-17 | U78: 2959000 | AA78: 1657.02

Sheet 土地增值税税源明细表
A1: T20000土地增值税税源明细表
A2: 税款所属期间： | B2: 2019年7 月31日 至 2024年8月31日
A3: 纳税人识别号(统一社会信用代码): | B3: =IF(清算项目基本情况表!C3="","",清算项目基本情况表!C3) -> 91652801576209018D
A4: 纳税人名称: | B4: =IF(清算项目基本情况表!I3="","",清算项目基本情况表!I3) -> 新疆通力房地产开发有限公司库尔勒分公司 | G4: 金额单位:人民币元(列至角分) | K4: 面积单位:平方米
A5: 项目名称 | B5: =IF(清算项目基本情况表!D6="","",清算项目基本情况表!D6) -> 沁春锦苑19#、20#、23#、24#楼 | F5: 项目编码 | H5: =IF(清算项目基本情况表!S6="","",清算项目基本情况表!S6) -> Z65280120190027
A6: 项目地址 | B6: =清算项目基本情况表!D7 -> 库尔勒市新城辖区杜鹃路79号 | F6: 分配方法 | H6: 三分法
A7: 项目总可售面积 | B7: ='附表1-面积统计表'!F29 -> 54463.47 | F7: 自用和出租面积 | G7: ='附表1-面积统计表'!I29+'附表1-面积统计表'!J29 -> 0
A8: 已售面积 | B8: ='附表1-面积统计表'!G29 -> 44181.63 | C8: 其中:普通住宅已售面积 | D8: ='附表1-面积统计表'!G5 -> 26385.54 | F8: 其中:非普通住宅已售面积 | G8: ='附表1-面积统计表'!G6 -> 17218.06 | I8: 其中:其他类型房地产已售面积 | J8: ='附表1-面积统计表'!G7 -> 578.03
A9: 清算后剩余可售面积 | B9: ='附表1-面积统计表'!H29 -> 10281.84 | C9: 其中:普通住宅剩余可售面积 | D9: ='附表1-面积统计表'!H5 -> 0 | F9: 其中:非普通住宅剩余可售面积 | G9: ='附表1-面积统计表'!H6 -> 239.34 | I9: 其中:其他类型房地产剩余可售面积 | J9: ='附表1-面积统计表'!H7 -> 10042.5
A10: 项目 | C10: 行次 | D10: 普通住宅 | F10: 非普通住宅 | H10: 其他类型房产 | J10: 总额
A11: 一、转让房地产收入总额 | C11: 1=2+3+4 | D11: =SUM(D12:D14) -> 1.0869846e+08 | F11: =SUM(F12:F14) -> 70519278 | H11: =SUM(H12:H14) -> 12009800 | J11: =SUM(D11:I11) -> 1.9122754e+08
A12: 1.货币收入 | C12: 2 | D12: ='附表2-收入统计表'!C5 -> 1.0869846e+08 | F12: =IF($H$6="三分法",'附表2-收入统计表'!C6,"") -> 70519278 | H12: =IF($H$6="三分法",'附表2-收入统计表'!C7,SUM('附表2-收入统计表'!C6:C7)) -> 12009800 | J12: =SUM(D12:I12) -> 1.9122754e+08 | M12: =D12/$D$8 -> 4119.6225 | N12: =F12/$G$8 -> 4095.6576 | O12: =H12/$J$8 -> 20777.122
A13: 2.实物收入及其他收入 | C13: 3 | D13: ='附表2-收入统计表'!D5 -> 0 | F13: =IF($H$6="三分法",'附表2-收入统计表'!D6,"") -> 0 | H13: =IF($H$6="三分法",'附表2-收入统计表'!D7,SUM('附表2-收入统计表'!D6:D7)) -> 0 | J13: =SUM(D13:I13) -> 0
A14: 3.视同销售收入 | C14: 4 | D14: ='附表2-收入统计表'!E5 -> 0 | F14: =IF($H$6="三分法",'附表2-收入统计表'!E6,"") -> 0 | H14: =IF($H$6="三分法",'附表2-收入统计表'!E7,SUM('附表2-收入统计表'!E6:E7)) -> 0 | J14: =SUM(D14:I14) -> 0
A15: 二、扣除项目金额合计 | C15: 5=6+7+14+17+21+22 | D15: =SUM(D16)+SUM(D18)+SUM(D26)+SUM(D29)+SUM(D33)+SUM(D34) -> 88646990 | F15: =SUM(F16)+SUM(F18)+SUM(F26)+SUM(F29)+SUM(F33)+SUM(F34) -> 55673683 | H15: =SUM(H16)+SUM(H18)+SUM(H26)+SUM(H29)+SUM(H33)+SUM(H34) -> 2369637.5 | J15: =SUM(D15:I15) -> 1.4669031e+08
A16: 1.取得土地使用权所支付的金额 | C16: 6 | D16: =SUM('附表3-扣除项目分摊表'!K7) -> 0 | F16: =IF($H$6="三分法",SUM('附表3-扣除项目分摊表'!L7),"") -> 0 | H16: =IF($H$6="三分法",SUM('附表3-扣除项目分摊表'!M7),SUM('附表3-扣除项目分摊表'!L7:M7)) -> 0 | J16: =SUM(D16:I16) -> 0
A17: 其中：不可加计扣除金额 | C17: 6-1 | D17: =SUM('附表3-扣除项目分摊表'!K8) -> 0 | F17: =IF($H$6="三分法",SUM('附表3-扣除项目分摊表'!L8),"") -> 0 | H17: =IF($H$6="三分法",SUM('附表3-扣除项目分摊表'!M8),SUM('附表3-扣除项目分摊表'!L8:M8)) -> 0 | J17: =SUM(D17:I17) -> 0
A18: 2.房地产开发成本 | C18: 7=8+9+10+11+12+13 | D18: =SUM(D19:D24) -> 67911934 | F18: =SUM(F19:F24) -> 42656404 | H18: =SUM(H19:H24) -> 1798161.3 | J18: =SUM(D18:I18) -> 1.123665e+08 | Q18: =J18-P18 -> 1.123665e+08
A19: 其中：土地征用及拆迁补偿费 | C19: 8 | D19: =SUM('附表3-扣除项目分摊表'!K10) -> 668995.79 | F19: =IF($H$6="三分法",SUM('附表3-扣除项目分摊表'!L10),"") -> 436557.67 | H19: =IF($H$6="三分法",SUM('附表3-扣除项目分摊表'!M10),SUM('附表3-扣除项目分摊表'!L10:M10)) -> 14655.82 | J19: =SUM(D19:I19) -> 1120209.3 | M19: =D19/$D$8 -> 25.354637 | N19: =F19/$G$8 -> 25.354638 | O19: =H19/$J$8 -> 25.354774
A20: 前期工程费 | C20: 9 | D20: =SUM('附表3-扣除项目分摊表'!K11) -> 3382707.7 | F20: =IF($H$6="三分法",SUM('附表3-扣除项目分摊表'!L11),"") -> 2207408.3 | H20: =IF($H$6="三分法",SUM('附表3-扣除项目分摊表'!M11),SUM('附表3-扣除项目分摊表'!L11:M11)) -> 73885.77 | J20: =SUM(D20:I20) -> 5664001.7 | M20: =D20/$D$8 -> 128.20309 | N20: =F20/$G$8 -> 128.20308 | O20: =H20/$J$8 -> 127.82342
A21: 建筑安装工程费 | C21: 10 | D21: =SUM('附表3-扣除项目分摊表'!K12) -> 46908390 | F21: =IF($H$6="三分法",SUM('附表3-扣除项目分摊表'!L12),"") -> 30610402 | H21: =IF($H$6="三分法",SUM('附表3-扣除项目分摊表'!M12),SUM('附表3-扣除项目分摊表'!L12:M12)) -> 1345886.4 | J21: =SUM(D21:I21) -> 78864678 | M21: =D21/$D$8 -> 1777.8067 | N21: =F21/$G$8 -> 1777.8078 | O21: =H21/$J$8 -> 2328.4023
A22: 基础设施费 | C22: 11 | D22: =SUM('附表3-扣除项目分摊表'!K13) -> 11101502 | F22: =IF($H$6="三分法",SUM('附表3-扣除项目分摊表'!L13),"") -> 7244358.8 | H22: =IF($H$6="三分法",SUM('附表3-扣除项目分摊表'!M13),SUM('附表3-扣除项目分摊表'!L13:M13)) -> 263672.07 | J22: =SUM(D22:I22) -> 18609533 | M22: =D22/$D$8 -> 420.74189 | N22: =F22/$G$8 -> 420.74187 | O22: =H22/$J$8 -> 456.15638
A23: 公共配套设施费 | C23: 12 | D23: =SUM('附表3-扣除项目分摊表'!K14) -> 4319535.8 | F23: =IF($H$6="三分法",SUM('附表3-扣除项目分摊表'!L14),"") -> 1158742 | H23: =IF($H$6="三分法",SUM('附表3-扣除项目分摊表'!M14),SUM('附表3-扣除项目分摊表'!L14:M14)) -> 70141.58 | J23: =SUM(D23:I23) -> 5548419.4 | M23: =D23/$D$8 -> 163.70845 | N23: =F23/$G$8 -> 67.29806 | O23: =H23/$J$8 -> 121.34592
A24: 开发间接费用 | C24: 13 | D24: =SUM('附表3-扣除项目分摊表'!K15) -> 1530803.3 | F24: =IF($H$6="三分法",SUM('附表3-扣除项目分摊表'!L15),"") -> 998935.81 | H24: =IF($H$6="三分法",SUM('附表3-扣除项目分摊表'!M15),SUM('附表3-扣除项目分摊表'!L15:M15)) -> 29919.72 | J24: =SUM(D24:I24) -> 2559658.8 | M24: =D24/$D$8 -> 58.016751 | N24: =F24/$G$8 -> 58.016746 | O24: =H24/$J$8 -> 51.761535
A25: 其中：不可加计扣除金额 | C25: 7-1 | D25: =SUM('附表3-扣除项目分摊表'!K16) -> 0 | F25: =IF($H$6="三分法",SUM('附表3-扣除项目分摊表'!L16),"") -> 0 | H25: =IF($H$6="三分法",SUM('附表3-扣除项目分摊表'!M16),SUM('附表3-扣除项目分摊表'!L16:M16)) -> 0 | J25: =SUM(D25:I25) -> 0
A26: 3.房地产开发费用 | C26: 14=15+16 | D26: =SUM(D27:D28) -> 6791193.4 | F26: =SUM(F27:F28) -> 4265640.4 | H26: =SUM(H27:H28) -> 179816.13 | J26: =SUM(D26:I26) -> 11236650 | O26: =SUM(O19:O25) -> 3110.8443
A27: 其中：利息支出 | C27: 15 | D27: =SUM('附表3-扣除项目分摊表'!K18) -> 0 | F27: =IF($H$6="三分法",SUM('附表3-扣除项目分摊表'!L18),"") -> 0 | H27: =IF($H$6="三分法",SUM('附表3-扣除项目分摊表'!M18),SUM('附表3-扣除项目分摊表'!L18:M18)) -> 0 | J27: =SUM(D27:I27) -> 0
A28: 其他房地产开发费用 | C28: 16 | D28: =SUM('附表3-扣除项目分摊表'!K19) -> 6791193.4 | F28: =IF($H$6="三分法",SUM('附表3-扣除项目分摊表'!L19),"") -> 4265640.4 | H28: =IF($H$6="三分法",SUM('附表3-扣除项目分摊表'!M19),SUM('附表3-扣除项目分摊表'!L19:M19)) -> 179816.13 | J28: =SUM(D28:I28) -> 11236650 | O28: =O26*1.3 -> 4044.0976
A29: 4.与转让房地产有关的税金等 | C29: 17=18+19+20 | D29: =SUM(D30:D32) -> 361475.48 | F29: =SUM(F30:F32) -> 220357.55 | H29: =SUM(H30:H32) -> 32027.82 | J29: =SUM(D29:I29) -> 613860.85
A30: 其中：营业税 | C30: 18 | D30: =SUM('附表3-扣除项目分摊表'!K21) -> 0 | F30: =IF($H$6="三分法",SUM('附表3-扣除项目分摊表'!L21),"") -> 0 | H30: =IF($H$6="三分法",SUM('附表3-扣除项目分摊表'!M21),SUM('附表3-扣除项目分摊表'!L21:M21)) -> 0 | J30: =SUM(D30:I30) -> 0
A31: 城市维护建设税 | C31: 19 | D31: =SUM('附表3-扣除项目分摊表'!K22) -> 210860.71 | F31: =IF($H$6="三分法",SUM('附表3-扣除项目分摊表'!L22),"") -> 128541.91 | H31: =IF($H$6="三分法",SUM('附表3-扣除项目分摊表'!M22),SUM('附表3-扣除项目分摊表'!L22:M22)) -> 18682.9 | J31: =SUM(D31:I31) -> 358085.52
A32: 教育费附加 | C32: 20 | D32: =SUM('附表3-扣除项目分摊表'!K23:K25) -> 150614.77 | F32: =IF($H$6="三分法",SUM('附表3-扣除项目分摊表'!L23:L25),"") -> 91815.64 | H32: =IF($H$6="三分法",SUM('附表3-扣除项目分摊表'!M23:M25),SUM('附表3-扣除项目分摊表'!L23:M25)) -> 13344.92 | J32: =SUM(D32:I32) -> 255775.33
A33: 5.财政部规定的其他扣除项目 | C33: 21 | D33: =SUM('附表3-扣除项目分摊表'!K26) -> 13582387 | F33: =IF($H$6="三分法",SUM('附表3-扣除项目分摊表'!L26),"") -> 8531280.8 | H33: =IF($H$6="三分法",SUM('附表3-扣除项目分摊表'!M26),SUM('附表3-扣除项目分摊表'!L26:M26)) -> 359632.26 | J33: =SUM(D33:I33) -> 22473300
A34: 6.代收费用 | C34: 22 | D34: =SUM('附表3-扣除项目分摊表'!K27) -> 0 | F34: =IF($H$6="三分法",SUM('附表3-扣除项目分摊表'!L27),"") -> 0 | H34: =IF($H$6="三分法",SUM('附表3-扣除项目分摊表'!M27),SUM('附表3-扣除项目分摊表'!L27:M27)) -> 0 | J34: =SUM(D34:I34) -> 0
A35: 三、增值额 | C35: 23=1-5 | D35: =D11-D15 -> 20051474 | F35: =F11-F15 -> 14845596 | H35: =H11-H15 -> 9640162.5 | J35: =SUM(D35:I35) -> 44537232
A36: 四、增值额与扣除项目金额之比（%） | C36: 24=23÷5 | D36: =IF(D15=0,"",ROUND(D35/D15,6)) -> 0.226195 | F36: =IF(F15=0,"",ROUND(F35/F15,6)) -> 0.266654 | H36: =IF(H15=0,"",ROUND(H35/H15,6)) -> 4.068201 | J36: =IF(J15=0,"",ROUND(J35/J15,6)) -> 0.303614
A37: 五、适用税率（%） | C37: 25 | D37: =IF(D35<0,"",IF(D36="","",IF(D36>200%,60%,IF(D36>100%,50%,IF(D36>50%,40%,30%))))) -> 0.3 | F37: =IF(F35<0,"",IF(F36="","",IF(F36>200%,60%,IF(F36>100%,50%,IF(F36>50%,40%,30%))))) -> 0.3 | H37: =IF(H35<0,"",IF(H36="","",IF(H36>200%,60%,IF(H36>100%,50%,IF(H36>50%,40%,30%))))) -> 0.6
A38: 六、速算扣除系数（%） | C38: 26 | D38: =IF(D36="","",IF(D36>200%,35%,IF(D36>100%,15%,IF(D36>50%,5%,0)))) -> 0 | F38: =IF(F36="","",IF(F36>200%,35%,IF(F36>100%,15%,IF(F36>50%,5%,0)))) -> 0 | H38: =IF(H36="","",IF(H36>200%,35%,IF(H36>100%,15%,IF(H36>50%,5%,0)))) -> 0.35
A39: 七、应缴土地增值税税额 | C39: 27=23*25-5*26 | D39: =IF(D35<0,0,ROUND(SUM(D35)*SUM(D37)-SUM(D15)*SUM(D38),2)) -> 6015442.1 | F39: =IF(F35<0,0,ROUND(SUM(F35)*SUM(F37)-SUM(F15)*SUM(F38),2)) -> 4453678.7 | H39: =IF(H35<0,0,ROUND(SUM(H35)*SUM(H37)-SUM(H15)*SUM(H38),2)) -> 4954724.4 | J39: =SUM(D39:I39) -> 15423845
A40: 八、减免税额 | C40: 28=30+32+34 | D40: =D42+D44+D46 -> 0 | F40: =F42+F44+F46 -> 0 | H40: =H42+H44+H46 -> 0 | J40: =SUM(D40:I40) -> 0
A41: 其中：减免税（1） | B41: 减免性质代码和项目名称(1) | C41: 29 | D41: =IF(D35<0,"",IF(D36>20%,"","普通住宅增值率不超过20%的土地增值税减免"))
B42: 减免税额(1) | C42: 30 | D42: =IF(D35<0,0,IF(D36>20%,0,ROUND(D35*D37,2))) -> 0 | F42: 0 | H42: 0 | J42: =SUM(D42:I42) -> 0
A43: 减免税（2） | B43: 减免性质代码和项目名称(2) | C43: 31
B44: 减免税额(2) | C44: 32 | D44: 0 | F44: 0 | H44: 0 | J44: =SUM(D44:I44) -> 0
A45: 减免税（3） | B45: 减免性质代码和项目名称(3) | C45: 33
B46: 减免税额(3) | C46: 34 | D46: 0 | F46: 0 | H46: 0 | J46: =SUM(D46:I46) -> 0
A47: 九、已缴土地增值税税额 | C47: 35 | D47: 1356255.8 | F47: 2054754.9 | H47: 12648.5 | J47: =SUM(D47:I47) -> 3423659.2 | M47: 12000565
A48: 十、应补（退）土地增值税税额 | C48: 36=27-28-35 | D48: =SUM(D39)-SUM(D40)-SUM(D47) -> 4659186.3 | F48: =SUM(F39)-SUM(F40)-SUM(F47) -> 2398923.8 | H48: =SUM(H39)-SUM(H40)-SUM(H47) -> 4942075.9 | J48: =SUM(D48:I48) -> 12000186 | M48: 12000186
M49: =M47-M48 -> 379.12

Sheet 附表1-面积统计表
A1: T21000附表1-面积统计表
A2: =土地增值税税源明细表!F5&"："&土地增值税税源明细表!H5&" "&土地增值税税源明细表!A5&"："&土地增值税税源明细表!B5&" "&"面积单位：㎡" -> 项目编码：Z65280120190027 项目名称：沁春锦苑19#、20#、23#、24#楼 面积单位：㎡
A3: 面积基本信息 | B3: 房屋类型 | C3: 序号 | D3: 测绘总建筑面积 | E3: 不可销售建筑面积 | F3: 总可售建筑面积 | G3: 已售建筑面积 | H3: 剩余可售建筑面积 | I3: 自用建筑面积 | J3: 出租建筑面积 | K3: 说明
D4: 1=2+3 | E4: 2 | F4: 3 | G4: 4 | H4: 5=3-4 5≥6+7 | I4: 6 | J4: 7 | K4: 8
B5: =数据对照表!A2 -> 普通住宅 | C5: 1 | D5: =SUMIFS('附表6-收入明细采集底稿'!P:P,'附表6-收入明细采集底稿'!G:G,数据对照表!A2) -> 26385.54 | E5: =SUMIFS('附表6-收入明细采集底稿'!P:P,'附表6-收入明细采集底稿'!G:G,数据对照表!A2,'附表6-收入明细采集底稿'!H:H,"不可售") -> 0 | F5: =SUM(SUMIFS('附表6-收入明细采集底稿'!P:P,'附表6-收入明细采集底稿'!G:G,数据对照表!A2,'附表6-收入明细采集底稿'!H:H,"已售"),SUMIFS('附表6-收入明细采集底稿'!P:P,'附表6-收入明细采集底稿'!G:G,数据对照表!A2,'附表6-收入明细采集底稿'!H:H,"出租"),SUMIFS('附表6-收入明细采集底稿'!P:P,'附表6-收入明细采集底稿'!G:G,数据对照表!A2,'附表6-收入明细采集底稿'!H:H,"自用"),SUMIFS('附表6-收入明细采集底稿'!P:P,'附表6-收入明细采集底稿'!G:G,数据对照表!A2,'附表6-收入明细采集底稿'!H:H,"未售")) -> 26385.54 | G5: =SUMIFS('附表6-收入明细采集底稿'!P:P,'附表6-收入明细采集底稿'!G:G,数据对照表!A2,'附表6-收入明细采集底稿'!H:H,"已售") -> 26385.54 | H5: =F5-G5 -> 0 | I5: =SUMIFS('附表6-收入明细采集底稿'!P:P,'附表6-收入明细采集底稿'!G:G,数据对照表!A2,'附表6-收入明细采集底稿'!H:H,"自用") -> 0 | J5: =SUMIFS('附表6-收入明细采集底稿'!P:P,'附表6-收入明细采集底稿'!G:G,数据对照表!A2,'附表6-收入明细采集底稿'!H:H,"出租") -> 0
B6: =数据对照表!A3 -> 非普通住宅 | C6: 2 | D6: =SUMIFS('附表6-收入明细采集底稿'!P:P,'附表6-收入明细采集底稿'!G:G,数据对照表!A3) -> 17457.4 | E6: =SUMIFS('附表6-收入明细采集底稿'!P:P,'附表6-收入明细采集底稿'!G:G,数据对照表!A3,'附表6-收入明细采集底稿'!H:H,"不可售") -> 0 | F6: =SUM(SUMIFS('附表6-收入明细采集底稿'!P:P,'附表6-收入明细采集底稿'!G:G,数据对照表!A3,'附表6-收入明细采集底稿'!H:H,"已售"),SUMIFS('附表6-收入明细采集底稿'!P:P,'附表6-收入明细采集底稿'!G:G,数据对照表!A3,'附表6-收入明细采集底稿'!H:H,"出租"),SUMIFS('附表6-收入明细采集底稿'!P:P,'附表6-收入明细采集底稿'!G:G,数据对照表!A3,'附表6-收入明细采集底稿'!H:H,"自用"),SUMIFS('附表6-收入明细采集底稿'!P:P,'附表6-收入明细采集底稿'!G:G,数据对照表!A3,'附表6-收入明细采集底稿'!H:H,"未售")) -> 17457.4 | G6: =SUMIFS('附表6-收入明细采集底稿'!P:P,'附表6-收入明细采集底稿'!G:G,数据对照表!A3,'附表6-收入明细采集底稿'!H:H,"已售") -> 17218.06 | H6: =F6-G6 -> 239.34 | I6: =SUMIFS('附表6-收入明细采集底稿'!P:P,'附表6-收入明细采集底稿'!G:G,数据对照表!A3,'附表6-收入明细采集底稿'!H:H,"自用") -> 0 | J6: =SUMIFS('附表6-收入明细采集底稿'!P:P,'附表6-收入明细采集底稿'!G:G,数据对照表!A3,'附表6-收入明细采集底稿'!H:H,"出租") -> 0
B7: 其他类型房产 | C7: 3 | D7: =SUM(D8:D12) -> 10701.22 | E7: =SUM(E8:E12) -> 80.69 | F7: =SUM(F8:F12) -> 10620.53 | G7: =SUM(G8:G12) -> 578.03 | H7: =SUM(H8:H12) -> 10042.5 | I7: =SUM(I8:I12) -> 0 | J7: =SUM(J8:J12) -> 0
B8: ="其中："&数据对照表!A4 -> 其中：商业用房 | C8: 4 | D8: =SUMIFS('附表6-收入明细采集底稿'!P:P,'附表6-收入明细采集底稿'!G:G,数据对照表!A4) -> 5628.65 | E8: =SUMIFS('附表6-收入明细采集底稿'!P:P,'附表6-收入明细采集底稿'!G:G,数据对照表!A4,'附表6-收入明细采集底稿'!H:H,"不可售") -> 0 | F8: =SUM(SUMIFS('附表6-收入明细采集底稿'!P:P,'附表6-收入明细采集底稿'!G:G,数据对照表!A4,'附表6-收入明细采集底稿'!H:H,"已售"),SUMIFS('附表6-收入明细采集底稿'!P:P,'附表6-收入明细采集底稿'!G:G,数据对照表!A4,'附表6-收入明细采集底稿'!H:H,"出租"),SUMIFS('附表6-收入明细采集底稿'!P:P,'附表6-收入明细采集底稿'!G:G,数据对照表!A4,'附表6-收入明细采集底稿'!H:H,"自用"),SUMIFS('附表6-收入明细采集底稿'!P:P,'附表6-收入明细采集底稿'!G:G,数据对照表!A4,'附表6-收入明细采集底稿'!H:H,"未售")) -> 5628.65 | G8: =SUMIFS('附表6-收入明细采集底稿'!P:P,'附表6-收入明细采集底稿'!G:G,数据对照表!A4,'附表6-收入明细采集底稿'!H:H,"已售") -> 578.03 | H8: =F8-G8 -> 5050.62 | I8: =SUMIFS('附表6-收入明细采集底稿'!P:P,'附表6-收入明细采集底稿'!G:G,数据对照表!A4,'附表6-收入明细采集底稿'!H:H,"自用") -> 0 | J8: =SUMIFS('附表6-收入明细采集底稿'!P:P,'附表6-收入明细采集底稿'!G:G,数据对照表!A4,'附表6-收入明细采集底稿'!H:H,"出租") -> 0
B9: =" "&数据对照表!A5 -> 办公用房 | C9: 5 | D9: =SUMIFS('附表6-收入明细采集底稿'!P:P,'附表6-收入明细采集底稿'!G:G,数据对照表!A5) -> 0 | E9: =SUMIFS('附表6-收入明细采集底稿'!P:P,'附表6-收入明细采集底稿'!G:G,数据对照表!A5,'附表6-收入明细采集底稿'!H:H,"不可售") -> 0 | F9: =SUM(SUMIFS('附表6-收入明细采集底稿'!P:P,'附表6-收入明细采集底稿'!G:G,数据对照表!A5,'附表6-收入明细采集底稿'!H:H,"已售"),SUMIFS('附表6-收入明细采集底稿'!P:P,'附表6-收入明细采集底稿'!G:G,数据对照表!A5,'附表6-收入明细采集底稿'!H:H,"出租"),SUMIFS('附表6-收入明细采集底稿'!P:P,'附表6-收入明细采集底稿'!G:G,数据对照表!A5,'附表6-收入明细采集底稿'!H:H,"自用"),SUMIFS('附表6-收入明细采集底稿'!P:P,'附表6-收入明细采集底稿'!G:G,数据对照表!A5,'附表6-收入明细采集底稿'!H:H,"未售")) -> 0 | G9: =SUMIFS('附表6-收入明细采集底稿'!P:P,'附表6-收入明细采集底稿'!G:G,数据对照表!A5,'附表6-收入明细采集底稿'!H:H,"已售") -> 0 | H9: =F9-G9 -> 0 | I9: =SUMIFS('附表6-收入明细采集底稿'!P:P,'附表6-收入明细采集底稿'!G:G,数据对照表!A5,'附表6-收入明细采集底稿'!H:H,"自用") -> 0 | J9: =SUMIFS('附表6-收入明细采集底稿'!P:P,'附表6-收入明细采集底稿'!G:G,数据对照表!A5,'附表6-收入明细采集底稿'!H:H,"出租") -> 0
B10: =" "&数据对照表!A6 -> 车位车库 | C10: 6 | D10: =SUMIFS('附表6-收入明细采集底稿'!P:P,'附表6-收入明细采集底稿'!G:G,数据对照表!A6) -> 0 | E10: =SUMIFS('附表6-收入明细采集底稿'!P:P,'附表6-收入明细采集底稿'!G:G,数据对照表!A6,'附表6-收入明细采集底稿'!H:H,"不可售") -> 0 | F10: =SUM(SUMIFS('附表6-收入明细采集底稿'!P:P,'附表6-收入明细采集底稿'!G:G,数据对照表!A6,'附表6-收入明细采集底稿'!H:H,"已售"),SUMIFS('附表6-收入明细采集底稿'!P:P,'附表6-收入明细采集底稿'!G:G,数据对照表!A6,'附表6-收入明细采集底稿'!H:H,"出租"),SUMIFS('附表6-收入明细采集底稿'!P:P,'附表6-收入明细采集底稿'!G:G,数据对照表!A6,'附表6-收入明细采集底稿'!H:H,"自用"),SUMIFS('附表6-收入明细采集底稿'!P:P,'附表6-收入明细采集底稿'!G:G,数据对照表!A6,'附表6-收入明细采集底稿'!H:H,"未售")) -> 0 | G10: =SUMIFS('附表6-收入明细采集底稿'!P:P,'附表6-收入明细采集底稿'!G:G,数据对照表!A6,'附表6-收入明细采集底稿'!H:H,"已售") -> 0 | H10: =F10-G10 -> 0 | I10: =SUMIFS('附表6-收入明细采集底稿'!P:P,'附表6-收入明细采集底稿'!G:G,数据对照表!A6,'附表6-收入明细采集底稿'!H:H,"自用") -> 0 | J10: =SUMIFS('附表6-收入明细采集底稿'!P:P,'附表6-收入明细采集底稿'!G:G,数据对照表!A6,'附表6-收入明细采集底稿'!H:H,"出租") -> 0
B11: =" "&数据对照表!A7 -> 其他营业性房产 | C11: 7 | D11: =SUMIFS('附表6-收入明细采集底稿'!P:P,'附表6-收入明细采集底稿'!G:G,数据对照表!A7) -> 4991.88 | E11: =SUMIFS('附表6-收入明细采集底稿'!P:P,'附表6-收入明细采集底稿'!G:G,数据对照表!A7,'附表6-收入明细采集底稿'!H:H,"不可售") -> 0 | F11: =SUM(SUMIFS('附表6-收入明细采集底稿'!P:P,'附表6-收入明细采集底稿'!G:G,数据对照表!A7,'附表6-收入明细采集底稿'!H:H,"已售"),SUMIFS('附表6-收入明细采集底稿'!P:P,'附表6-收入明细采集底稿'!G:G,数据对照表!A7,'附表6-收入明细采集底稿'!H:H,"出租"),SUMIFS('附表6-收入明细采集底稿'!P:P,'附表6-收入明细采集底稿'!G:G,数据对照表!A7,'附表6-收入明细采集底稿'!H:H,"自用"),SUMIFS('附表6-收入明细采集底稿'!P:P,'附表6-收入明细采集底稿'!G:G,数据对照表!A7,'附表6-收入明细采集底稿'!H:H,"未售")) -> 4991.88 | G11: =SUMIFS('附表6-收入明细采集底稿'!P:P,'附表6-收入明细采集底稿'!G:G,数据对照表!A7,'附表6-收入明细采集底稿'!H:H,"已售") -> 0 | H11: =F11-G11 -> 4991.88 | I11: =SUMIFS('附表6-收入明细采集底稿'!P:P,'附表6-收入明细采集底稿'!G:G,数据对照表!A7,'附表6-收入明细采集底稿'!H:H,"自用") -> 0 | J11: =SUMIFS('附表6-收入明细采集底稿'!P:P,'附表6-收入明细采集底稿'!G:G,数据对照表!A7,'附表6-收入明细采集底稿'!H:H,"出租") -> 0
B12: =" "&"非营业性房产" -> 非营业性房产 | C12: 8 | D12: =SUM(D13:D28) -> 80.69 | E12: =SUM(E13:E28) -> 80.69 | F12: =SUM(F13:F28) -> 0 | G12: =SUM(G13:G28) -> 0 | H12: =SUM(H13:H28) -> 0 | I12: =SUM(I13:I28) -> 0 | J12: =SUM(J13:J28) -> 0
B13: =" 其中："&数据对照表!A8 -> 其中：居委会用房 | C13: 9 | D13: =SUMIFS('附表6-收入明细采集底稿'!P:P,'附表6-收入明细采集底稿'!G:G,数据对照表!A8) -> 0 | E13: =SUMIFS('附表6-收入明细采集底稿'!P:P,'附表6-收入明细采集底稿'!G:G,数据对照表!A8,'附表6-收入明细采集底稿'!H:H,"不可售") -> 0 | F13: =SUM(SUMIFS('附表6-收入明细采集底稿'!P:P,'附表6-收入明细采集底稿'!G:G,数据对照表!A8,'附表6-收入明细采集底稿'!H:H,"已售"),SUMIFS('附表6-收入明细采集底稿'!P:P,'附表6-收入明细采集底稿'!G:G,数据对照表!A8,'附表6-收入明细采集底稿'!H:H,"出租"),SUMIFS('附表6-收入明细采集底稿'!P:P,'附表6-收入明细采集底稿'!G:G,数据对照表!A8,'附表6-收入明细采集底稿'!H:H,"自用"),SUMIFS('附表6-收入明细采集底稿'!P:P,'附表6-收入明细采集底稿'!G:G,数据对照表!A8,'附表6-收入明细采集底稿'!H:H,"未售")) -> 0 | G13: =SUMIFS('附表6-收入明细采集底稿'!P:P,'附表6-收入明细采集底稿'!G:G,数据对照表!A8,'附表6-收入明细采集底稿'!H:H,"已售") -> 0 | H13: =F13-G13 -> 0 | I13: =SUMIFS('附表6-收入明细采集底稿'!P:P,'附表6-收入明细采集底稿'!G:G,数据对照表!A8,'附表6-收入明细采集底稿'!H:H,"自用") -> 0 | J13: =SUMIFS('附表6-收入明细采集底稿'!P:P,'附表6-收入明细采集底稿'!G:G,数据对照表!A8,'附表6-收入明细采集底稿'!H:H,"出租") -> 0
B14: =" "&数据对照表!A9 -> 派出所用房 | C14: 10 | D14: =SUMIFS('附表6-收入明细采集底稿'!P:P,'附表6-收入明细采集底稿'!G:G,数据对照表!A9) -> 0 | E14: =SUMIFS('附表6-收入明细采集底稿'!P:P,'附表6-收入明细采集底稿'!G:G,数据对照表!A9,'附表6-收入明细采集底稿'!H:H,"不可售") -> 0 | F14: =SUM(SUMIFS('附表6-收入明细采集底稿'!P:P,'附表6-收入明细采集底稿'!G:G,数据对照表!A9,'附表6-收入明细采集底稿'!H:H,"已售"),SUMIFS('附表6-收入明细采集底稿'!P:P,'附表6-收入明细采集底稿'!G:G,数据对照表!A9,'附表6-收入明细采集底稿'!H:H,"出租"),SUMIFS('附表6-收入明细采集底稿'!P:P,'附表6-收入明细采集底稿'!G:G,数据对照表!A9,'附表6-收入明细采集底稿'!H:H,"自用"),SUMIFS('附表6-收入明细采集底稿'!P:P,'附表6-收入明细采集底稿'!G:G,数据对照表!A9,'附表6-收入明细采集底稿'!H:H,"未售")) -> 0 | G14: =SUMIFS('附表6-收入明细采集底稿'!P:P,'附表6-收入明细采集底稿'!G:G,数据对照表!A9,'附表6-收入明细采集底稿'!H:H,"已售") -> 0 | H14: =F14-G14 -> 0 | I14: =SUMIFS('附表6-收入明细采集底稿'!P:P,'附表6-收入明细采集底稿'!G:G,数据对照表!A9,'附表6-收入明细采集底稿'!H:H,"自用") -> 0 | J14: =SUMIFS('附表6-收入明细采集底稿'!P:P,'附表6-收入明细采集底稿'!G:G,数据对照表!A9,'附表6-收入明细采集底稿'!H:H,"出租") -> 0
B15: =" "&数据对照表!A10 -> 会所 | C15: 11 | D15: =SUMIFS('附表6-收入明细采集底稿'!P:P,'附表6-收入明细采集底稿'!G:G,数据对照表!A10) -> 0 | E15: =SUMIFS('附表6-收入明细采集底稿'!P:P,'附表6-收入明细采集底稿'!G:G,数据对照表!A10,'附表6-收入明细采集底稿'!H:H,"不可售") -> 0 | F15: =SUM(SUMIFS('附表6-收入明细采集底稿'!P:P,'附表6-收入明细采集底稿'!G:G,数据对照表!A10,'附表6-收入明细采集底稿'!H:H,"已售"),SUMIFS('附表6-收入明细采集底稿'!P:P,'附表6-收入明细采集底稿'!G:G,数据对照表!A10,'附表6-收入明细采集底稿'!H:H,"出租"),SUMIFS('附表6-收入明细采集底稿'!P:P,'附表6-收入明细采集底稿'!G:G,数据对照表!A10,'附表6-收入明细采集底稿'!H:H,"自用"),SUMIFS('附表6-收入明细采集底稿'!P:P,'附表6-收入明细采集底稿'!G:G,数据对照表!A10,'附表6-收入明细采集底稿'!H:H,"未售")) -> 0 | G15: =SUMIFS('附表6-收入明细采集底稿'!P:P,'附表6-收入明细采集底稿'!G:G,数据对照表!A10,'附表6-收入明细采集底稿'!H:H,"已售") -> 0 | H15: =F15-G15 -> 0 | I15: =SUMIFS('附表6-收入明细采集底稿'!P:P,'附表6-收入明细采集底稿'!G:G,数据对照表!A10,'附表6-收入明细采集底稿'!H:H,"自用") -> 0 | J15: =SUMIFS('附表6-收入明细采集底稿'!P:P,'附表6-收入明细采集底稿'!G:G,数据对照表!A10,'附表6-收入明细采集底稿'!H:H,"出租") -> 0
B16: =" "&数据对照表!A11 -> 非机动车库（场） | C16: 12 | D16: =SUMIFS('附表6-收入明细采集底稿'!P:P,'附表6-收入明细采集底稿'!G:G,数据对照表!A11) -> 0 | E16: =SUMIFS('附表6-收入明细采集底稿'!P:P,'附表6-收入明细采集底稿'!G:G,数据对照表!A11,'附表6-收入明细采集底稿'!H:H,"不可售") -> 0 | F16: =SUM(SUMIFS('附表6-收入明细采集底稿'!P:P,'附表6-收入明细采集底稿'!G:G,数据对照表!A11,'附表6-收入明细采集底稿'!H:H,"已售"),SUMIFS('附表6-收入明细采集底稿'!P:P,'附表6-收入明细采集底稿'!G:G,数据对照表!A11,'附表6-收入明细采集底稿'!H:H,"出租"),SUMIFS('附表6-收入明细采集底稿'!P:P,'附表6-收入明细采集底稿'!G:G,数据对照表!A11,'附表6-收入明细采集底稿'!H:H,"自用"),SUMIFS('附表6-收入明细采集底稿'!P:P,'附表6-收入明细采集底稿'!G:G,数据对照表!A11,'附表6-收入明细采集底稿'!H:H,"未售")) -> 0 | G16: =SUMIFS('附表6-收入明细采集底稿'!P:P,'附表6-收入明细采集底稿'!G:G,数据对照表!A11,'附表6-收入明细采集底稿'!H:H,"已售") -> 0 | H16: =F16-G16 -> 0 | I16: =SUMIFS('附表6-收入明细采集底稿'!P:P,'附表6-收入明细采集底稿'!G:G,数据对照表!A11,'附表6-收入明细采集底稿'!H:H,"自用") -> 0 | J16: =SUMIFS('附表6-收入明细采集底稿'!P:P,'附表6-收入明细采集底稿'!G:G,数据对照表!A11,'附表6-收入明细采集底稿'!H:H,"出租") -> 0
B17: =" "&数据对照表!A12 -> 地下人防设施 | C17: 13 | D17: =SUMIFS('附表6-收入明细采集底稿'!P:P,'附表6-收入明细采集底稿'!G:G,数据对照表!A12) -> 0 | E17: =SUMIFS('附表6-收入明细采集底稿'!P:P,'附表6-收入明细采集底稿'!G:G,数据对照表!A12,'附表6-收入明细采集底稿'!H:H,"不可售") -> 0 | F17: =SUM(SUMIFS('附表6-收入明细采集底稿'!P:P,'附表6-收入明细采集底稿'!G:G,数据对照表!A12,'附表6-收入明细采集底稿'!H:H,"已售"),SUMIFS('附表6-收入明细采集底稿'!P:P,'附表6-收入明细采集底稿'!G:G,数据对照表!A12,'附表6-收入明细采集底稿'!H:H,"出租"),SUMIFS('附表6-收入明细采集底稿'!P:P,'附表6-收入明细采集底稿'!G:G,数据对照表!A12,'附表6-收入明细采集底稿'!H:H,"自用"),SUMIFS('附表6-收入明细采集底稿'!P:P,'附表6-收入明细采集底稿'!G:G,数据对照表!A12,'附表6-收入明细采集底稿'!H:H,"未售")) -> 0 | G17: =SUMIFS('附表6-收入明细采集底稿'!P:P,'附表6-收入明细采集底稿'!G:G,数据对照表!A12,'附表6-收入明细采集底稿'!H:H,"已售") -> 0 | H17: =F17-G17 -> 0 | I17: =SUMIFS('附表6-收入明细采集底稿'!P:P,'附表6-收入明细采集底稿'!G:G,数据对照表!A12,'附表6-收入明细采集底稿'!H:H,"自用") -> 0 | J17: =SUMIFS('附表6-收入明细采集底稿'!P:P,'附表6-收入明细采集底稿'!G:G,数据对照表!A12,'附表6-收入明细采集底稿'!H:H,"出租") -> 0
B18: =" "&数据对照表!A13 -> 物业管理场所 | C18: 14 | D18: =SUMIFS('附表6-收入明细采集底稿'!P:P,'附表6-收入明细采集底稿'!G:G,数据对照表!A13) -> 0 | E18: =SUMIFS('附表6-收入明细采集底稿'!P:P,'附表6-收入明细采集底稿'!G:G,数据对照表!A13,'附表6-收入明细采集底稿'!H:H,"不可售") -> 0 | F18: =SUM(SUMIFS('附表6-收入明细采集底稿'!P:P,'附表6-收入明细采集底稿'!G:G,数据对照表!A13,'附表6-收入明细采集底稿'!H:H,"已售"),SUMIFS('附表6-收入明细采集底稿'!P:P,'附表6-收入明细采集底稿'!G:G,数据对照表!A13,'附表6-收入明细采集底稿'!H:H,"出租"),SUMIFS('附表6-收入明细采集底稿'!P:P,'附表6-收入明细采集底稿'!G:G,数据对照表!A13,'附表6-收入明细采集底稿'!H:H,"自用"),SUMIFS('附表6-收入明细采集底稿'!P:P,'附表6-收入明细采集底稿'!G:G,数据对照表!A13,'附表6-收入明细采集底稿'!H:H,"未售")) -> 0 | G18: =SUMIFS('附表6-收入明细采集底稿'!P:P,'附表6-收入明细采集底稿'!G:G,数据对照表!A13,'附表6-收入明细采集底稿'!H:H,"已售") -> 0 | H18: =F18-G18 -> 0 | I18: =SUMIFS('附表6-收入明细采集底稿'!P:P,'附表6-收入明细采集底稿'!G:G,数据对照表!A13,'附表6-收入明细采集底稿'!H:H,"自用") -> 0 | J18: =SUMIFS('附表6-收入明细采集底稿'!P:P,'附表6-收入明细采集底稿'!G:G,数据对照表!A13,'附表6-收入明细采集底稿'!H:H,"出租") -> 0
B19: =" "&数据对照表!A14 -> 变电站 | C19: 15 | D19: =SUMIFS('附表6-收入明细采集底稿'!P:P,'附表6-收入明细采集底稿'!G:G,数据对照表!A14) -> 0 | E19: =SUMIFS('附表6-收入明细采集底稿'!P:P,'附表6-收入明细采集底稿'!G:G,数据对照表!A14,'附表6-收入明细采集底稿'!H:H,"不可售") -> 0 | F19: =SUM(SUMIFS('附表6-收入明细采集底稿'!P:P,'附表6-收入明细采集底稿'!G:G,数据对照表!A14,'附表6-收入明细采集底稿'!H:H,"已售"),SUMIFS('附表6-收入明细采集底稿'!P:P,'附表6-收入明细采集底稿'!G:G,数据对照表!A14,'附表6-收入明细采集底稿'!H:H,"出租"),SUMIFS('附表6-收入明细采集底稿'!P:P,'附表6-收入明细采集底稿'!G:G,数据对照表!A14,'附表6-收入明细采集底稿'!H:H,"自用"),SUMIFS('附表6-收入明细采集底稿'!P:P,'附表6-收入明细采集底稿'!G:G,数据对照表!A14,'附表6-收入明细采集底稿'!H:H,"未售")) -> 0 | G19: =SUMIFS('附表6-收入明细采集底稿'!P:P,'附表6-收入明细采集底稿'!G:G,数据对照表!A14,'附表6-收入明细采集底稿'!H:H,"已售") -> 0 | H19: =F19-G19 -> 0 | I19: =SUMIFS('附表6-收入明细采集底稿'!P:P,'附表6-收入明细采集底稿'!G:G,数据对照表!A14,'附表6-收入明细采集底稿'!H:H,"自用") -> 0 | J19: =SUMIFS('附表6-收入明细采集底稿'!P:P,'附表6-收入明细采集底稿'!G:G,数据对照表!A14,'附表6-收入明细采集底稿'!H:H,"出租") -> 0
B20: =" "&数据对照表!A15 -> 热力站 | C20: 16 | D20: =SUMIFS('附表6-收入明细采集底稿'!P:P,'附表6-收入明细采集底稿'!G:G,数据对照表!A15) -> 0 | E20: =SUMIFS('附表6-收入明细采集底稿'!P:P,'附表6-收入明细采集底稿'!G:G,数据对照表!A15,'附表6-收入明细采集底稿'!H:H,"不可售") -> 0 | F20: =SUM(SUMIFS('附表6-收入明细采集底稿'!P:P,'附表6-收入明细采集底稿'!G:G,数据对照表!A15,'附表6-收入明细采集底稿'!H:H,"已售"),SUMIFS('附表6-收入明细采集底稿'!P:P,'附表6-收入明细采集底稿'!G:G,数据对照表!A15,'附表6-收入明细采集底稿'!H:H,"出租"),SUMIFS('附表6-收入明细采集底稿'!P:P,'附表6-收入明细采集底稿'!G:G,数据对照表!A15,'附表6-收入明细采集底稿'!H:H,"自用"),SUMIFS('附表6-收入明细采集底稿'!P:P,'附表6-收入明细采集底稿'!G:G,数据对照表!A15,'附表6-收入明细采集底稿'!H:H,"未售")) -> 0 | G20: =SUMIFS('附表6-收入明细采集底稿'!P:P,'附表6-收入明细采集底稿'!G:G,数据对照表!A15,'附表6-收入明细采集底稿'!H:H,"已售") -> 0 | H20: =F20-G20 -> 0 | I20: =SUMIFS('附表6-收入明细采集底稿'!P:P,'附表6-收入明细采集底稿'!G:G,数据对照表!A15,'附表6-收入明细采集底稿'!H:H,"自用") -> 0 | J20: =SUMIFS('附表6-收入明细采集底稿'!P:P,'附表6-收入明细采集底稿'!G:G,数据对照表!A15,'附表6-收入明细采集底稿'!H:H,"出租") -> 0
B21: =" "&数据对照表!A16 -> 水厂 | C21: 17 | D21: =SUMIFS('附表6-收入明细采集底稿'!P:P,'附表6-收入明细采集底稿'!G:G,数据对照表!A16) -> 0 | E21: =SUMIFS('附表6-收入明细采集底稿'!P:P,'附表6-收入明细采集底稿'!G:G,数据对照表!A16,'附表6-收入明细采集底稿'!H:H,"不可售") -> 0 | F21: =SUM(SUMIFS('附表6-收入明细采集底稿'!P:P,'附表6-收入明细采集底稿'!G:G,数据对照表!A16,'附表6-收入明细采集底稿'!H:H,"已售"),SUMIFS('附表6-收入明细采集底稿'!P:P,'附表6-收入明细采集底稿'!G:G,数据对照表!A16,'附表6-收入明细采集底稿'!H:H,"出租"),SUMIFS('附表6-收入明细采集底稿'!P:P,'附表6-收入明细采集底稿'!G:G,数据对照表!A16,'附表6-收入明细采集底稿'!H:H,"自用"),SUMIFS('附表6-收入明细采集底稿'!P:P,'附表6-收入明细采集底稿'!G:G,数据对照表!A16,'附表6-收入明细采集底稿'!H:H,"未售")) -> 0 | G21: =SUMIFS('附表6-收入明细采集底稿'!P:P,'附表6-收入明细采集底稿'!G:G,数据对照表!A16,'附表6-收入明细采集底稿'!H:H,"已售") -> 0 | H21: =F21-G21 -> 0 | I21: =SUMIFS('附表6-收入明细采集底稿'!P:P,'附表6-收入明细采集底稿'!G:G,数据对照表!A16,'附表6-收入明细采集底稿'!H:H,"自用") -> 0 | J21: =SUMIFS('附表6-收入明细采集底稿'!P:P,'附表6-收入明细采集底稿'!G:G,数据对照表!A16,'附表6-收入明细采集底稿'!H:H,"出租") -> 0
B22: =" "&数据对照表!A17 -> 文体场馆 | C22: 18 | D22: =SUMIFS('附表6-收入明细采集底稿'!P:P,'附表6-收入明细采集底稿'!G:G,数据对照表!A17) -> 0 | E22: =SUMIFS('附表6-收入明细采集底稿'!P:P,'附表6-收入明细采集底稿'!G:G,数据对照表!A17,'附表6-收入明细采集底稿'!H:H,"不可售") -> 0 | F22: =SUM(SUMIFS('附表6-收入明细采集底稿'!P:P,'附表6-收入明细采集底稿'!G:G,数据对照表!A17,'附表6-收入明细采集底稿'!H:H,"已售"),SUMIFS('附表6-收入明细采集底稿'!P:P,'附表6-收入明细采集底稿'!G:G,数据对照表!A17,'附表6-收入明细采集底稿'!H:H,"出租"),SUMIFS('附表6-收入明细采集底稿'!P:P,'附表6-收入明细采集底稿'!G:G,数据对照表!A17,'附表6-收入明细采集底稿'!H:H,"自用"),SUMIFS('附表6-收入明细采集底稿'!P:P,'附表6-收入明细采集底稿'!G:G,数据对照表!A17,'附表6-收入明细采集底稿'!H:H,"未售")) -> 0 | G22: =SUMIFS('附表6-收入明细采集底稿'!P:P,'附表6-收入明细采集底稿'!G:G,数据对照表!A17,'附表6-收入明细采集底稿'!H:H,"已售") -> 0 | H22: =F22-G22 -> 0 | I22: =SUMIFS('附表6-收入明细采集底稿'!P:P,'附表6-收入明细采集底稿'!G:G,数据对照表!A17,'附表6-收入明细采集底稿'!H:H,"自用") -> 0 | J22: =SUMIFS('附表6-收入明细采集底稿'!P:P,'附表6-收入明细采集底稿'!G:G,数据对照表!A17,'附表6-收入明细采集底稿'!H:H,"出租") -> 0
B23: =" "&数据对照表!A18 -> 学校 | C23: 19 | D23: =SUMIFS('附表6-收入明细采集底稿'!P:P,'附表6-收入明细采集底稿'!G:G,数据对照表!A18) -> 0 | E23: =SUMIFS('附表6-收入明细采集底稿'!P:P,'附表6-收入明细采集底稿'!G:G,数据对照表!A18,'附表6-收入明细采集底稿'!H:H,"不可售") -> 0 | F23: =SUM(SUMIFS('附表6-收入明细采集底稿'!P:P,'附表6-收入明细采集底稿'!G:G,数据对照表!A18,'附表6-收入明细采集底稿'!H:H,"已售"),SUMIFS('附表6-收入明细采集底稿'!P:P,'附表6-收入明细采集底稿'!G:G,数据对照表!A18,'附表6-收入明细采集底稿'!H:H,"出租"),SUMIFS('附表6-收入明细采集底稿'!P:P,'附表6-收入明细采集底稿'!G:G,数据对照表!A18,'附表6-收入明细采集底稿'!H:H,"自用"),SUMIFS('附表6-收入明细采集底稿'!P:P,'附表6-收入明细采集底稿'!G:G,数据对照表!A18,'附表6-收入明细采集底稿'!H:H,"未售")) -> 0 | G23: =SUMIFS('附表6-收入明细采集底稿'!P:P,'附表6-收入明细采集底稿'!G:G,数据对照表!A18,'附表6-收入明细采集底稿'!H:H,"已售") -> 0 | H23: =F23-G23 -> 0 | I23: =SUMIFS('附表6-收入明细采集底稿'!P:P,'附表6-收入明细采集底稿'!G:G,数据对照表!A18,'附表6-收入明细采集底稿'!H:H,"自用") -> 0 | J23: =SUMIFS('附表6-收入明细采集底稿'!P:P,'附表6-收入明细采集底稿'!G:G,数据对照表!A18,'附表6-收入明细采集底稿'!H:H,"出租") -> 0
B24: =" "&数据对照表!A19 -> 幼儿园 | C24: 20 | D24: =SUMIFS('附表6-收入明细采集底稿'!P:P,'附表6-收入明细采集底稿'!G:G,数据对照表!A19) -> 0 | E24: =SUMIFS('附表6-收入明细采集底稿'!P:P,'附表6-收入明细采集底稿'!G:G,数据对照表!A19,'附表6-收入明细采集底稿'!H:H,"不可售") -> 0 | F24: =SUM(SUMIFS('附表6-收入明细采集底稿'!P:P,'附表6-收入明细采集底稿'!G:G,数据对照表!A19,'附表6-收入明细采集底稿'!H:H,"已售"),SUMIFS('附表6-收入明细采集底稿'!P:P,'附表6-收入明细采集底稿'!G:G,数据对照表!A19,'附表6-收入明细采集底稿'!H:H,"出租"),SUMIFS('附表6-收入明细采集底稿'!P:P,'附表6-收入明细采集底稿'!G:G,数据对照表!A19,'附表6-收入明细采集底稿'!H:H,"自用"),SUMIFS('附表6-收入明细采集底稿'!P:P,'附表6-收入明细采集底稿'!G:G,数据对照表!A19,'附表6-收入明细采集底稿'!H:H,"未售")) -> 0 | G24: =SUMIFS('附表6-收入明细采集底稿'!P:P,'附表6-收入明细采集底稿'!G:G,数据对照表!A19,'附表6-收入明细采集底稿'!H:H,"已售") -> 0 | H24: =F24-G24 -> 0 | I24: =SUMIFS('附表6-收入明细采集底稿'!P:P,'附表6-收入明细采集底稿'!G:G,数据对照表!A19,'附表6-收入明细采集底稿'!H:H,"自用") -> 0 | J24: =SUMIFS('附表6-收入明细采集底稿'!P:P,'附表6-收入明细采集底稿'!G:G,数据对照表!A19,'附表6-收入明细采集底稿'!H:H,"出租") -> 0
B25: =" "&数据对照表!A20 -> 托儿所 | C25: 21 | D25: =SUMIFS('附表6-收入明细采集底稿'!P:P,'附表6-收入明细采集底稿'!G:G,数据对照表!A20) -> 0 | E25: =SUMIFS('附表6-收入明细采集底稿'!P:P,'附表6-收入明细采集底稿'!G:G,数据对照表!A20,'附表6-收入明细采集底稿'!H:H,"不可售") -> 0 | F25: =SUM(SUMIFS('附表6-收入明细采集底稿'!P:P,'附表6-收入明细采集底稿'!G:G,数据对照表!A20,'附表6-收入明细采集底稿'!H:H,"已售"),SUMIFS('附表6-收入明细采集底稿'!P:P,'附表6-收入明细采集底稿'!G:G,数据对照表!A20,'附表6-收入明细采集底稿'!H:H,"出租"),SUMIFS('附表6-收入明细采集底稿'!P:P,'附表6-收入明细采集底稿'!G:G,数据对照表!A20,'附表6-收入明细采集底稿'!H:H,"自用"),SUMIFS('附表6-收入明细采集底稿'!P:P,'附表6-收入明细采集底稿'!G:G,数据对照表!A20,'附表6-收入明细采集底稿'!H:H,"未售")) -> 0 | G25: =SUMIFS('附表6-收入明细采集底稿'!P:P,'附表6-收入明细采集底稿'!G:G,数据对照表!A20,'附表6-收入明细采集底稿'!H:H,"已售") -> 0 | H25: =F25-G25 -> 0 | I25: =SUMIFS('附表6-收入明细采集底稿'!P:P,'附表6-收入明细采集底稿'!G:G,数据对照表!A20,'附表6-收入明细采集底稿'!H:H,"自用") -> 0 | J25: =SUMIFS('附表6-收入明细采集底稿'!P:P,'附表6-收入明细采集底稿'!G:G,数据对照表!A20,'附表6-收入明细采集底稿'!H:H,"出租") -> 0
... B28: =" "&数据对照表!A23 -> 其他非营业性房产 | C28: 24 | D28: =SUMIFS('附表6-收入明细采集底稿'!P:P,'附表6-收入明细采集底稿'!G:G,数据对照表!A23) -> 80.69 | E28: =SUMIFS('附表6-收入明细采集底稿'!P:P,'附表6-收入明细采集底稿'!G:G,数据对照表!A23,'附表6-收入明细采集底稿'!H:H,"不可售") -> 80.69 | F28: =SUM(SUMIFS('附表6-收入明细采集底稿'!P:P,'附表6-收入明细采集底稿'!G:G,数据对照表!A23,'附表6-收入明细采集底稿'!H:H,"已售"),SUMIFS('附表6-收入明细采集底稿'!P:P,'附表6-收入明细采集底稿'!G:G,数据对照表!A23,'附表6-收入明细采集底稿'!H:H,"出租"),SUMIFS('附表6-收入明细采集底稿'!P:P,'附表6-收入明细采集底稿'!G:G,数据对照表!A23,'附表6-收入明细采集底稿'!H:H,"自用"),SUMIFS('附表6-收入明细采集底稿'!P:P,'附表6-收入明细采集底稿'!G:G,数据对照表!A23,'附表6-收入明细采集底稿'!H:H,"未售")) -> 0 | G28: =SUMIFS('附表6-收入明细采集底稿'!P:P,'附表6-收入明细采集底稿'!G:G,数据对照表!A23,'附表6-收入明细采集底稿'!H:H,"已售") -> 0 | H28: =F28-G28 -> 0 | I28: =SUMIFS('附表6-收入明细采集底稿'!P:P,'附表6-收入明细采集底稿'!G:G,数据对照表!A23,'附表6-收入明细采集底稿'!H:H,"自用") -> 0 | J28: =SUMIFS('附表6-收入明细采集底稿'!P:P,'附表6-收入明细采集底稿'!G:G,数据对照表!A23,'附表6-收入明细采集底稿'!H:H,"出租") -> 0
B29: 合计 | C29: 25 | D29: =SUM(D5:D7) -> 54544.16 | E29: =SUM(E5:E7) -> 80.69 | F29: =SUM(F5:F7) -> 54463.47 | G29: =SUM(G5:G7) -> 44181.63 | H29: =SUM(H5:H7) -> 10281.84 | I29: =SUM(I5:I7) -> 0 | J29: =SUM(J5:J7) -> 0
A30: 面积比例信息 | B30: 房屋类型 | C30: 序号 | D30: 可售面积 | E30: 已售面积 | F30: 销售比例 | G30: 自用比例 | H30: 出租比例 | I30: 销售、出租、自用比例 | K30: 说明
D31: 9 | E31: 10 | F31: 11=10÷9 | G31: 12 | H31: 13 | I31: 14 | K31: 15
B32: =B5 -> 普通住宅 | C32: 26 | D32: =F5 -> 26385.54 | E32: =G5 -> 26385.54 | F32: =IF(D32=0,"",ROUND(E32/D32,6)) -> 1 | G32: =IF(F5=0,"",ROUND(I5/F5,6)) -> 0 | H32: =IF(F5=0,"",ROUND(J5/F5,6)) -> 0 | I32: =IF(F5=0,"",ROUND((G5+I5+J5)/F5,6)) -> 1
B33: =B6 -> 非普通住宅 | C33: 27 | D33: =F6 -> 17457.4 | E33: =G6 -> 17218.06 | F33: =IF(D33=0,"",ROUND(E33/D33,6)) -> 0.98629 | G33: =IF(F6=0,"",ROUND(I6/F6,6)) -> 0 | H33: =IF(F6=0,"",ROUND(J6/F6,6)) -> 0 | I33: =IF(F6=0,"",ROUND((G6+I6+J6)/F6,6)) -> 0.98629
B34: =B7 -> 其他类型房产 | C34: 28 | D34: =F7 -> 10620.53 | E34: =G7 -> 578.03 | F34: =IF(D34=0,"",ROUND(E34/D34,6)) -> 0.054426 | G34: =IF(F7=0,"",ROUND(I7/F7,6)) -> 0 | H34: =IF(F7=0,"",ROUND(J7/F7,6)) -> 0 | I34: =IF(F7=0,"",ROUND((G7+I7+J7)/F7,6)) -> 0.054426
B35: 合计 | C35: 29 | D35: =SUM(D32:D34) -> 54463.47 | E35: =SUM(E32:E34) -> 44181.63 | F35: =IF(D35=0,"",ROUND(E35/D35,6)) -> 0.811216 | G35: =IF(F29=0,"",ROUND(I29/F29,6)) -> 0 | H35: =IF(F29=0,"",ROUND(J29/F29,6)) -> 0 | I35: =IF(F29=0,"",ROUND((G29+I29+J29)/F29,6)) -> 0.811216

Sheet 附表2-收入统计表
A1: T22000附表2-收入统计表
A2: =土地增值税税源明细表!F5&"："&土地增值税税源明细表!H5&" "&土地增值税税源明细表!A5&"："&土地增值税税源明细表!B5&" "&"金额单位:人民币元(列至角分)" -> 项目编码：Z65280120190027 项目名称：沁春锦苑19#、20#、23#、24#楼 金额单位:人民币元(列至角分)
A3: 清算类别 | B3: 序号 | C3: 货币收入 | D3: 实物收入及其他收入 | E3: 视同销售收入 | F3: 小计
C4: 1 | D4: 2 | E4: 3 | F4: 4=1+2+3
A5: =数据对照表!A2 -> 普通住宅 | B5: 1 | C5: =SUMIFS('附表6-收入明细采集底稿'!X:X,'附表6-收入明细采集底稿'!G:G,"普通住宅",'附表6-收入明细采集底稿'!H:H,"已售",'附表6-收入明细采集底稿'!I:I,"货币收入") -> 1.0869846e+08 | D5: =SUMIFS('附表6-收入明细采集底稿'!X:X,'附表6-收入明细采集底稿'!G:G,"普通住宅",'附表6-收入明细采集底稿'!H:H,"已售",'附表6-收入明细采集底稿'!I:I,"实物及其他收入") -> 0 | E5: =SUMIFS('附表6-收入明细采集底稿'!X:X,'附表6-收入明细采集底稿'!G:G,"普通住宅",'附表6-收入明细采集底稿'!H:H,"已售",'附表6-收入明细采集底稿'!I:I,"视同销售收入") -> 0 | F5: =C5+D5+E5 -> 1.0869846e+08
A6: =数据对照表!A3 -> 非普通住宅 | B6: 2 | C6: =SUMIFS('附表6-收入明细采集底稿'!X:X,'附表6-收入明细采集底稿'!G:G,"非普通住宅",'附表6-收入明细采集底稿'!H:H,"已售",'附表6-收入明细采集底稿'!I:I,"货币收入") -> 70519278 | D6: =SUMIFS('附表6-收入明细采集底稿'!X:X,'附表6-收入明细采集底稿'!G:G,"非普通住宅",'附表6-收入明细采集底稿'!H:H,"已售",'附表6-收入明细采集底稿'!I:I,"实物及其他收入") -> 0 | E6: =SUMIFS('附表6-收入明细采集底稿'!X:X,'附表6-收入明细采集底稿'!G:G,"非普通住宅",'附表6-收入明细采集底稿'!H:H,"已售",'附表6-收入明细采集底稿'!I:I,"视同销售收入") -> 0 | F6: =C6+D6+E6 -> 70519278
A7: 其他类型房产 | B7: 3 | C7: =SUM(C8:C12) -> 12009800 | D7: =SUM(D8:D12) -> 0 | E7: =SUM(E8:E12) -> 0 | F7: =C7+D7+E7 -> 12009800
A8: ="其中："&数据对照表!A4 -> 其中：商业用房 | B8: 4 | C8: =SUMIFS('附表6-收入明细采集底稿'!X:X,'附表6-收入明细采集底稿'!G:G,"商业用房",'附表6-收入明细采集底稿'!H:H,"已售",'附表6-收入明细采集底稿'!I:I,"货币收入") -> 12009800 | D8: =SUMIFS('附表6-收入明细采集底稿'!X:X,'附表6-收入明细采集底稿'!G:G,"商业用房",'附表6-收入明细采集底稿'!H:H,"已售",'附表6-收入明细采集底稿'!I:I,"实物及其他收入") -> 0 | E8: =SUMIFS('附表6-收入明细采集底稿'!X:X,'附表6-收入明细采集底稿'!G:G,"商业用房",'附表6-收入明细采集底稿'!H:H,"已售",'附表6-收入明细采集底稿'!I:I,"视同销售收入") -> 0 | F8: =C8+D8+E8 -> 12009800
A9: =" "&数据对照表!A5 -> 办公用房 | B9: 5 | C9: =SUMIFS('附表6-收入明细采集底稿'!X:X,'附表6-收入明细采集底稿'!G:G,"办公用房",'附表6-收入明细采集底稿'!H:H,"已售",'附表6-收入明细采集底稿'!I:I,"货币收入") -> 0 | D9: =SUMIFS('附表6-收入明细采集底稿'!X:X,'附表6-收入明细采集底稿'!G:G,"办公用房",'附表6-收入明细采集底稿'!H:H,"已售",'附表6-收入明细采集底稿'!I:I,"实物及其他收入") -> 0 | E9: =SUMIFS('附表6-收入明细采集底稿'!X:X,'附表6-收入明细采集底稿'!G:G,"办公用房",'附表6-收入明细采集底稿'!H:H,"已售",'附表6-收入明细采集底稿'!I:I,"视同销售收入") -> 0 | F9: =C9+D9+E9 -> 0
A10: =" "&数据对照表!A6 -> 车位车库 | B10: 6 | C10: =SUMIFS('附表6-收入明细采集底稿'!X:X,'附表6-收入明细采集底稿'!G:G,"车位车库",'附表6-收入明细采集底稿'!H:H,"已售",'附表6-收入明细采集底稿'!I:I,"货币收入") -> 0 | D10: =SUMIFS('附表6-收入明细采集底稿'!X:X,'附表6-收入明细采集底稿'!G:G,"车位车库",'附表6-收入明细采集底稿'!H:H,"已售",'附表6-收入明细采集底稿'!I:I,"实物及其他收入") -> 0 | E10: =SUMIFS('附表6-收入明细采集底稿'!X:X,'附表6-收入明细采集底稿'!G:G,"车位车库",'附表6-收入明细采集底稿'!H:H,"已售",'附表6-收入明细采集底稿'!I:I,"视同销售收入") -> 0 | F10: =C10+D10+E10 -> 0
A11: =" "&数据对照表!A7 -> 其他营业性房产 | B11: 7 | C11: =SUMIFS('附表6-收入明细采集底稿'!X:X,'附表6-收入明细采集底稿'!G:G,"其他营业性房产",'附表6-收入明细采集底稿'!H:H,"已售",'附表6-收入明细采集底稿'!I:I,"货币收入") -> 0 | D11: =SUMIFS('附表6-收入明细采集底稿'!X:X,'附表6-收入明细采集底稿'!G:G,"其他营业性房产",'附表6-收入明细采集底稿'!H:H,"已售",'附表6-收入明细采集底稿'!I:I,"实物及其他收入") -> 0 | E11: =SUMIFS('附表6-收入明细采集底稿'!X:X,'附表6-收入明细采集底稿'!G:G,"其他营业性房产",'附表6-收入明细采集底稿'!H:H,"已售",'附表6-收入明细采集底稿'!I:I,"视同销售收入") -> 0 | F11: =C11+D11+E11 -> 0
A12: =" "&"非营业性房产" -> 非营业性房产 | B12: 8 | C12: =ROUND(SUMIFS('附表6-收入明细采集底稿'!X:X,'附表6-收入明细采集底稿'!H:H,"已售",'附表6-收入明细采集底稿'!I:I,"货币收入")-C5-C6-C8-C9-C10-C11,2) -> 0 | D12: =ROUND(SUMIFS('附表6-收入明细采集底稿'!X:X,'附表6-收入明细采集底稿'!H:H,"已售",'附表6-收入明细采集底稿'!I:I,"实物及其他收入")-D5-D6-D8-D9-D10-D11,2) -> 0 | E12: =ROUND(SUMIFS('附表6-收入明细采集底稿'!X:X,'附表6-收入明细采集底稿'!H:H,"已售",'附表6-收入明细采集底稿'!I:I,"视同销售收入")-E5-E6-E8-E9-E10-E11,2) -> 0 | F12: =C12+D12+E12 -> 0
A13: 合计 | B13: 9 | C13: =C5+C6+C7 -> 1.9122754e+08 | D13: =D5+D6+D7 -> 0 | E13: =E5+E6+E7 -> 0 | F13: =C13+D13+E13 -> 1.9122754e+08

Sheet 附表3-扣除项目分摊表
A1: T23000附表3-扣除项目分摊表
A2: =土地增值税税源明细表!F5&"："&土地增值税税源明细表!H5&" "&土地增值税税源明细表!A5&"："&土地增值税税源明细表!B5&" "&"金额单位:人民币元(列至角分)" -> 项目编码：Z65280120190027 项目名称：沁春锦苑19#、20#、23#、24#楼 金额单位:人民币元(列至角分)
A3: 科目名称 | B3: 序号 | C3: 总扣除金额 | G3: 本次扣除比例 | K3: 本次扣除金额
C4: 普通住宅 | D4: 非普通住宅 | E4: 其他类型房产 | F4: 小计 | G4: 分摊方法 | H4: 普通住宅 | I4: 非普通住宅 | J4: 其他类型房产 | K4: 普通住宅 | L4: 非普通住宅 | M4: 其他类型房产 | N4: 小计
C5: 1 | D5: 2 | E5: 3 | F5: 4=1+2+3 | G5: 5 | H5: 6 | I5: 7 | J5: 8 | K5: 9=1*6 | L5: 10=2*7 | M5: 11=3*8 | N5: 12=9+10+11
A6: 扣除项目金额合计 | B6: 1=2+4+12+15+21+22 | C6: ='附表5-扣除项目统计表'!E87+'附表5-扣除项目统计表'!I87 -> 88646990 | D6: ='附表5-扣除项目统计表'!F87+'附表5-扣除项目统计表'!J87 -> 56444516 | E6: ='附表5-扣除项目统计表'!G87+'附表5-扣除项目统计表'!K87 -> 42982267 | F6: =SUM(C6:E6) -> 1.8807377e+08 | K6: =SUM(K7)+SUM(K9)+SUM(K17)+SUM(K20)+SUM(K26)+SUM(K27) -> 88646990 | L6: =SUM(L7)+SUM(L9)+SUM(L17)+SUM(L20)+SUM(L26)+SUM(L27) -> 55673683 | M6: =SUM(M7)+SUM(M9)+SUM(M17)+SUM(M20)+SUM(M26)+SUM(M27) -> 2369637.5 | N6: =SUM(K6:M6) -> 1.4669031e+08
A7: 1.取得土地使用权所支付的金额 | B7: 2 | C7: ='附表5-扣除项目统计表'!E6+'附表5-扣除项目统计表'!I6 -> 0 | D7: ='附表5-扣除项目统计表'!F6+'附表5-扣除项目统计表'!J6 -> 0 | E7: ='附表5-扣除项目统计表'!G6+'附表5-扣除项目统计表'!K6 -> 0 | F7: =SUM(C7:E7) -> 0 | G7: 可售建筑面积法 | H7: =IF(OR($G7="可售建筑面积法",$G7="可售建筑面积法（二分法）"),'附表1-面积统计表'!$F$32,IF($G7="其他合理方法","请填写","请选择分摊方法")) -> 1 | I7: =IF($G7="可售建筑面积法（二分法）",IF('附表1-面积统计表'!$D$33+'附表1-面积统计表'!$D$34=0,"",ROUND(('附表1-面积统计表'!$E$33+'附表1-面积统计表'!$E$34)/('附表1-面积统计表'!$D$33+'附表1-面积统计表'!$D$34),6)),IF($G7="可售建筑面积法",'附表1-面积统计表'!$F$33,IF($G7="其他合理方法","请填写","请选择分摊方法"))) -> 0.98629 | J7: =IF($G7="可售建筑面积法（二分法）",IF('附表1-面积统计表'!$D$33+'附表1-面积统计表'!$D$34=0,"",ROUND(('附表1-面积统计表'!$E$33+'附表1-面积统计表'!$E$34)/('附表1-面积统计表'!$D$33+'附表1-面积统计表'!$D$34),6)),IF($G7="可售建筑面积法",'附表1-面积统计表'!$F$34,IF($G7="其他合理方法","请填写","请选择分摊方法"))) -> 0.054426 | K7: =IF(AND(H7<=1,H7>=0),ROUND(C7*H7,2),"请准确填写扣除比例") -> 0 | L7: =IF(AND(I7<=1,I7>=0),ROUND(D7*I7,2),"请准确填写扣除比例") -> 0 | M7: =IF(AND(J7<=1,J7>=0),ROUND(E7*J7,2),"请准确填写扣除比例") -> 0 | N7: =SUM(K7:M7) -> 0
A8: 其中：不可加计扣除金额 | B8: 3 | C8: ='附表5-扣除项目统计表'!E10+'附表5-扣除项目统计表'!I10 -> 0 | D8: ='附表5-扣除项目统计表'!F10+'附表5-扣除项目统计表'!J10 -> 0 | E8: ='附表5-扣除项目统计表'!G10+'附表5-扣除项目统计表'!K10 -> 0 | F8: =SUM(C8:E8) -> 0 | G8: 可售建筑面积法 | H8: =IF(OR($G8="可售建筑面积法",$G8="可售建筑面积法（二分法）"),'附表1-面积统计表'!$F$32,IF($G8="其他合理方法","请填写","请选择分摊方法")) -> 1 | I8: =IF($G8="可售建筑面积法（二分法）",IF('附表1-面积统计表'!$D$33+'附表1-面积统计表'!$D$34=0,"",ROUND(('附表1-面积统计表'!$E$33+'附表1-面积统计表'!$E$34)/('附表1-面积统计表'!$D$33+'附表1-面积统计表'!$D$34),6)),IF($G8="可售建筑面积法",'附表1-面积统计表'!$F$33,IF($G8="其他合理方法","请填写","请选择分摊方法"))) -> 0.98629 | J8: =IF($G8="可售建筑面积法（二分法）",IF('附表1-面积统计表'!$D$33+'附表1-面积统计表'!$D$34=0,"",ROUND(('附表1-面积统计表'!$E$33+'附表1-面积统计表'!$E$34)/('附表1-面积统计表'!$D$33+'附表1-面积统计表'!$D$34),6)),IF($G8="可售建筑面积法",'附表1-面积统计表'!$F$34,IF($G8="其他合理方法","请填写","请选择分摊方法"))) -> 0.054426 | K8: =IF(AND(H8<=1,H8>=0),ROUND(C8*H8,2),"请准确填写扣除比例") -> 0 | L8: =IF(AND(I8<=1,I8>=0),ROUND(D8*I8,2),"请准确填写扣除比例") -> 0 | M8: =IF(AND(J8<=1,J8>=0),ROUND(E8*J8,2),"请准确填写扣除比例") -> 0 | N8: =SUM(K8:M8) -> 0
A9: 2.房地产开发成本 | B9: 4=5+6+7+8+9+10 | C9: ='附表5-扣除项目统计表'!E11+'附表5-扣除项目统计表'!I11 -> 67911934 | D9: ='附表5-扣除项目统计表'!F11+'附表5-扣除项目统计表'!J11 -> 43249353 | E9: ='附表5-扣除项目统计表'!G11+'附表5-扣除项目统计表'!K11 -> 33038645 | F9: =SUM(C9:E9) -> 1.4419993e+08 | K9: =SUM(K10:K15) -> 67911934 | L9: =SUM(L10:L15) -> 42656404 | M9: =SUM(M10:M15) -> 1798161.3 | N9: =SUM(K9:M9) -> 1.123665e+08
A10: 其中：土地征用及拆迁补偿费 | B10: 5 | C10: ='附表5-扣除项目统计表'!E12+'附表5-扣除项目统计表'!I12 -> 668995.79 | D10: ='附表5-扣除项目统计表'!F12+'附表5-扣除项目统计表'!J12 -> 442626.05 | E10: ='附表5-扣除项目统计表'!G12+'附表5-扣除项目统计表'!K12 -> 269279.69 | F10: =SUM(C10:E10) -> 1380901.5 | G10: 可售建筑面积法 | H10: =1 -> 1 | I10: ='附表1-面积统计表'!G6/'附表1-面积统计表'!F6 -> 0.98629005 | J10: =IF($G10="可售建筑面积法（二分法）",IF('附表1-面积统计表'!$D$33+'附表1-面积统计表'!$D$34=0,"",ROUND(('附表1-面积统计表'!$E$33+'附表1-面积统计表'!$E$34)/('附表1-面积统计表'!$D$33+'附表1-面积统计表'!$D$34),6)),IF($G10="可售建筑面积法",'附表1-面积统计表'!$F$34,IF($G10="其他合理方法","请填写","请选择分摊方法"))) -> 0.054426 | K10: =IF(AND(H10<=1,H10>=0),ROUND(C10*H10,2),"请准确填写扣除比例") -> 668995.79 | L10: =IF(AND(I10<=1,I10>=0),ROUND(D10*I10,2),"请准确填写扣除比例") -> 436557.67 | M10: =IF(AND(J10<=1,J10>=0),ROUND(E10*J10,2),"请准确填写扣除比例") -> 14655.82 | N10: =SUM(K10:M10) -> 1120209.3
A11: 前期工程费 | B11: 6 | C11: ='附表5-扣除项目统计表'!E19+'附表5-扣除项目统计表'!I19 -> 3382707.7 | D11: ='附表5-扣除项目统计表'!F19+'附表5-扣除项目统计表'!J19 -> 2238092.5 | E11: ='附表5-扣除项目统计表'!G19+'附表5-扣除项目统计表'!K19 -> 1357545.4 | F11: =SUM(C11:E11) -> 6978345.6 | G11: 可售建筑面积法 | H11: =IF(OR($G11="可售建筑面积法",$G11="可售建筑面积法（二分法）"),'附表1-面积统计表'!$F$32,IF($G11="其他合理方法","请填写","请选择分摊方法")) -> 1 | I11: =IF($G11="可售建筑面积法（二分法）",IF('附表1-面积统计表'!$D$33+'附表1-面积统计表'!$D$34=0,"",ROUND(('附表1-面积统计表'!$E$33+'附表1-面积统计表'!$E$34)/('附表1-面积统计表'!$D$33+'附表1-面积统计表'!$D$34),6)),IF($G11="可售建筑面积法",'附表1-面积统计表'!$F$33,IF($G11="其他合理方法","请填写","请选择分摊方法"))) -> 0.98629 | J11: =IF($G11="可售建筑面积法（二分法）",IF('附表1-面积统计表'!$D$33+'附表1-面积统计表'!$D$34=0,"",ROUND(('附表1-面积统计表'!$E$33+'附表1-面积统计表'!$E$34)/('附表1-面积统计表'!$D$33+'附表1-面积统计表'!$D$34),6)),IF($G11="可售建筑面积法",'附表1-面积统计表'!$F$34,IF($G11="其他合理方法","请填写","请选择分摊方法"))) -> 0.054426 | K11: =IF(AND(H11<=1,H11>=0),ROUND(C11*H11,2),"请准确填写扣除比例") -> 3382707.7 | L11: =IF(AND(I11<=1,I11>=0),ROUND(D11*I11,2),"请准确填写扣除比例") -> 2207408.3 | M11: =IF(AND(J11<=1,J11>=0),ROUND(E11*J11,2),"请准确填写扣除比例") -> 73885.77 | N11: =SUM(K11:M11) -> 5664001.7
A12: 建筑安装工程费 | B12: 7 | C12: ='附表5-扣除项目统计表'!E29+'附表5-扣除项目统计表'!I29 -> 46908390 | D12: ='附表5-扣除项目统计表'!F29+'附表5-扣除项目统计表'!J29 -> 31035904 | E12: ='附表5-扣除项目统计表'!G29+'附表5-扣除项目统计表'!K29 -> 24728739 | F12: =SUM(C12:E12) -> 1.0267303e+08 | G12: 可售建筑面积法 | H12: =IF(OR($G12="可售建筑面积法",$G12="可售建筑面积法（二分法）"),'附表1-面积统计表'!$F$32,IF($G12="其他合理方法","请填写","请选择分摊方法")) -> 1 | I12: =IF($G12="可售建筑面积法（二分法）",IF('附表1-面积统计表'!$D$33+'附表1-面积统计表'!$D$34=0,"",ROUND(('附表1-面积统计表'!$E$33+'附表1-面积统计表'!$E$34)/('附表1-面积统计表'!$D$33+'附表1-面积统计表'!$D$34),6)),IF($G12="可售建筑面积法",'附表1-面积统计表'!$F$33,IF($G12="其他合理方法","请填写","请选择分摊方法"))) -> 0.98629 | J12: =IF($G12="可售建筑面积法（二分法）",IF('附表1-面积统计表'!$D$33+'附表1-面积统计表'!$D$34=0,"",ROUND(('附表1-面积统计表'!$E$33+'附表1-面积统计表'!$E$34)/('附表1-面积统计表'!$D$33+'附表1-面积统计表'!$D$34),6)),IF($G12="可售建筑面积法",'附表1-面积统计表'!$F$34,IF($G12="其他合理方法","请填写","请选择分摊方法"))) -> 0.054426 | K12: =IF(AND(H12<=1,H12>=0),ROUND(C12*H12,2),"请准确填写扣除比例") -> 46908390 | L12: =IF(AND(I12<=1,I12>=0),ROUND(D12*I12,2),"请准确填写扣除比例") -> 30610402 | M12: =IF(AND(J12<=1,J12>=0),ROUND(E12*J12,2),"请准确填写扣除比例") -> 1345886.4 | N12: =SUM(K12:M12) -> 78864678
A13: 基础设施费 | B13: 8 | C13: ='附表5-扣除项目统计表'!E36+'附表5-扣除项目统计表'!I36 -> 11101502 | D13: ='附表5-扣除项目统计表'!F36+'附表5-扣除项目统计表'!J36 -> 7345059.6 | E13: ='附表5-扣除项目统计表'!G36+'附表5-扣除项目统计表'!K36 -> 4844597.6 | F13: =SUM(C13:E13) -> 23291159 | G13: 可售建筑面积法 | H13: =IF(OR($G13="可售建筑面积法",$G13="可售建筑面积法（二分法）"),'附表1-面积统计表'!$F$32,IF($G13="其他合理方法","请填写","请选择分摊方法")) -> 1 | I13: =IF($G13="可售建筑面积法（二分法）",IF('附表1-面积统计表'!$D$33+'附表1-面积统计表'!$D$34=0,"",ROUND(('附表1-面积统计表'!$E$33+'附表1-面积统计表'!$E$34)/('附表1-面积统计表'!$D$33+'附表1-面积统计表'!$D$34),6)),IF($G13="可售建筑面积法",'附表1-面积统计表'!$F$33,IF($G13="其他合理方法","请填写","请选择分摊方法"))) -> 0.98629 | J13: =IF($G13="可售建筑面积法（二分法）",IF('附表1-面积统计表'!$D$33+'附表1-面积统计表'!$D$34=0,"",ROUND(('附表1-面积统计表'!$E$33+'附表1-面积统计表'!$E$34)/('附表1-面积统计表'!$D$33+'附表1-面积统计表'!$D$34),6)),IF($G13="可售建筑面积法",'附表1-面积统计表'!$F$34,IF($G13="其他合理方法","请填写","请选择分摊方法"))) -> 0.054426 | K13: =IF(AND(H13<=1,H13>=0),ROUND(C13*H13,2),"请准确填写扣除比例") -> 11101502 | L13: =IF(AND(I13<=1,I13>=0),ROUND(D13*I13,2),"请准确填写扣除比例") -> 7244358.8 | M13: =IF(AND(J13<=1,J13>=0),ROUND(E13*J13,2),"请准确填写扣除比例") -> 263672.07 | N13: =SUM(K13:M13) -> 18609533
A14: 公共配套设施费 | B14: 9 | C14: ='附表5-扣除项目统计表'!E48+'附表5-扣除项目统计表'!I48 -> 4319535.8 | D14: ='附表5-扣除项目统计表'!F48+'附表5-扣除项目统计表'!J48 -> 1174849.2 | E14: ='附表5-扣除项目统计表'!G48+'附表5-扣除项目统计表'!K48 -> 1288751.4 | F14: =SUM(C14:E14) -> 6783136.4 | G14: 可售建筑面积法 | H14: =IF(OR($G14="可售建筑面积法",$G14="可售建筑面积法（二分法）"),'附表1-面积统计表'!$F$32,IF($G14="其他合理方法","请填写","请选择分摊方法")) -> 1 | I14: =IF($G14="可售建筑面积法（二分法）",IF('附表1-面积统计表'!$D$33+'附表1-面积统计表'!$D$34=0,"",ROUND(('附表1-面积统计表'!$E$33+'附表1-面积统计表'!$E$34)/('附表1-面积统计表'!$D$33+'附表1-面积统计表'!$D$34),6)),IF($G14="可售建筑面积法",'附表1-面积统计表'!$F$33,IF($G14="其他合理方法","请填写","请选择分摊方法"))) -> 0.98629 | J14: =IF($G14="可售建筑面积法（二分法）",IF('附表1-面积统计表'!$D$33+'附表1-面积统计表'!$D$34=0,"",ROUND(('附表1-面积统计表'!$E$33+'附表1-面积统计表'!$E$34)/('附表1-面积统计表'!$D$33+'附表1-面积统计表'!$D$34),6)),IF($G14="可售建筑面积法",'附表1-面积统计表'!$F$34,IF($G14="其他合理方法","请填写","请选择分摊方法"))) -> 0.054426 | K14: =IF(AND(H14<=1,H14>=0),ROUND(C14*H14,2),"请准确填写扣除比例") -> 4319535.8 | L14: =IF(AND(I14<=1,I14>=0),ROUND(D14*I14,2),"请准确填写扣除比例") -> 1158742 | M14: =IF(AND(J14<=1,J14>=0),ROUND(E14*J14,2),"请准确填写扣除比例") -> 70141.58 | N14: =SUM(K14:M14) -> 5548419.4
A15: 开发间接费用 | B15: 10 | C15: ='附表5-扣除项目统计表'!E65+'附表5-扣除项目统计表'!I65 -> 1530803.3 | D15: ='附表5-扣除项目统计表'!F65+'附表5-扣除项目统计表'!J65 -> 1012821.6 | E15: ='附表5-扣除项目统计表'!G65+'附表5-扣除项目统计表'!K65 -> 549732.05 | F15: =SUM(C15:E15) -> 3093357 | G15: 可售建筑面积法 | H15: =IF(OR($G15="可售建筑面积法",$G15="可售建筑面积法（二分法）"),'附表1-面积统计表'!$F$32,IF($G15="其他合理方法","请填写","请选择分摊方法")) -> 1 | I15: =IF($G15="可售建筑面积法（二分法）",IF('附表1-面积统计表'!$D$33+'附表1-面积统计表'!$D$34=0,"",ROUND(('附表1-面积统计表'!$E$33+'附表1-面积统计表'!$E$34)/('附表1-面积统计表'!$D$33+'附表1-面积统计表'!$D$34),6)),IF($G15="可售建筑面积法",'附表1-面积统计表'!$F$33,IF($G15="其他合理方法","请填写","请选择分摊方法"))) -> 0.98629 | J15: =IF($G15="可售建筑面积法（二分法）",IF('附表1-面积统计表'!$D$33+'附表1-面积统计表'!$D$34=0,"",ROUND(('附表1-面积统计表'!$E$33+'附表1-面积统计表'!$E$34)/('附表1-面积统计表'!$D$33+'附表1-面积统计表'!$D$34),6)),IF($G15="可售建筑面积法",'附表1-面积统计表'!$F$34,IF($G15="其他合理方法","请填写","请选择分摊方法"))) -> 0.054426 | K15: =IF(AND(H15<=1,H15>=0),ROUND(C15*H15,2),"请准确填写扣除比例") -> 1530803.3 | L15: =IF(AND(I15<=1,I15>=0),ROUND(D15*I15,2),"请准确填写扣除比例") -> 998935.81 | M15: =IF(AND(J15<=1,J15>=0),ROUND(E15*J15,2),"请准确填写扣除比例") -> 29919.72 | N15: =SUM(K15:M15) -> 2559658.8
A16: 其中：不可加计扣除金额 | B16: 11 | C16: ='附表5-扣除项目统计表'!E75+'附表5-扣除项目统计表'!I75 -> 0 | D16: ='附表5-扣除项目统计表'!F75+'附表5-扣除项目统计表'!J75 -> 0 | E16: ='附表5-扣除项目统计表'!G75+'附表5-扣除项目统计表'!K75 -> 0 | F16: =SUM(C16:E16) -> 0 | G16: 可售建筑面积法 | H16: =IF(OR($G16="可售建筑面积法",$G16="可售建筑面积法（二分法）"),'附表1-面积统计表'!$F$32,IF($G16="其他合理方法","请填写","请选择分摊方法")) -> 1 | I16: =IF($G16="可售建筑面积法（二分法）",IF('附表1-面积统计表'!$D$33+'附表1-面积统计表'!$D$34=0,"",ROUND(('附表1-面积统计表'!$E$33+'附表1-面积统计表'!$E$34)/('附表1-面积统计表'!$D$33+'附表1-面积统计表'!$D$34),6)),IF($G16="可售建筑面积法",'附表1-面积统计表'!$F$33,IF($G16="其他合理方法","请填写","请选择分摊方法"))) -> 0.98629 | J16: =IF($G16="可售建筑面积法（二分法）",IF('附表1-面积统计表'!$D$33+'附表1-面积统计表'!$D$34=0,"",ROUND(('附表1-面积统计表'!$E$33+'附表1-面积统计表'!$E$34)/('附表1-面积统计表'!$D$33+'附表1-面积统计表'!$D$34),6)),IF($G16="可售建筑面积法",'附表1-面积统计表'!$F$34,IF($G16="其他合理方法","请填写","请选择分摊方法"))) -> 0.054426 | K16: =IF(AND(H16<=1,H16>=0),ROUND(C16*H16,2),"请准确填写扣除比例") -> 0 | L16: =IF(AND(I16<=1,I16>=0),ROUND(D16*I16,2),"请准确填写扣除比例") -> 0 | M16: =IF(AND(J16<=1,J16>=0),ROUND(E16*J16,2),"请准确填写扣除比例") -> 0 | N16: =SUM(K16:M16) -> 0
A17: 3.房地产开发费用 | B17: 12=13+14 | C17: ='附表5-扣除项目统计表'!E76+'附表5-扣除项目统计表'!I76 -> 6791193.4 | D17: ='附表5-扣除项目统计表'!F76+'附表5-扣除项目统计表'!J76 -> 4324935.3 | E17: ='附表5-扣除项目统计表'!G76+'附表5-扣除项目统计表'!K76 -> 3303864.5 | F17: =SUM(C17:E17) -> 14419993 | K17: =SUM(K18:K19) -> 6791193.4 | L17: =SUM(L18:L19) -> 4265640.4 | M17: =SUM(M18:M19) -> 179816.13 | N17: =SUM(K17:M17) -> 11236650
A18: 其中：利息支出 | B18: 13 | C18: ='附表5-扣除项目统计表'!E77+'附表5-扣除项目统计表'!I77 -> 0 | D18: ='附表5-扣除项目统计表'!F77+'附表5-扣除项目统计表'!J77 -> 0 | E18: ='附表5-扣除项目统计表'!G77+'附表5-扣除项目统计表'!K77 -> 0 | F18: =SUM(C18:E18) -> 0 | G18: 可售建筑面积法 | H18: =IF(OR($G18="可售建筑面积法",$G18="可售建筑面积法（二分法）"),'附表1-面积统计表'!$F$32,IF($G18="其他合理方法","请填写","请选择分摊方法")) -> 1 | I18: =IF($G18="可售建筑面积法（二分法）",IF('附表1-面积统计表'!$D$33+'附表1-面积统计表'!$D$34=0,"",ROUND(('附表1-面积统计表'!$E$33+'附表1-面积统计表'!$E$34)/('附表1-面积统计表'!$D$33+'附表1-面积统计表'!$D$34),6)),IF($G18="可售建筑面积法",'附表1-面积统计表'!$F$33,IF($G18="其他合理方法","请填写","请选择分摊方法"))) -> 0.98629 | J18: =IF($G18="可售建筑面积法（二分法）",IF('附表1-面积统计表'!$D$33+'附表1-面积统计表'!$D$34=0,"",ROUND(('附表1-面积统计表'!$E$33+'附表1-面积统计表'!$E$34)/('附表1-面积统计表'!$D$33+'附表1-面积统计表'!$D$34),6)),IF($G18="可售建筑面积法",'附表1-面积统计表'!$F$34,IF($G18="其他合理方法","请填写","请选择分摊方法"))) -> 0.054426 | K18: =IF('附表5-扣除项目统计表'!$D$77="据实扣除",IF(AND(H18<=1,H18>=0),ROUND(C18*H18,2),"请准确填写扣除比例"),0) -> 0 | L18: =IF('附表5-扣除项目统计表'!$D$77="据实扣除",IF(AND(I18<=1,I18>=0),ROUND(D18*I18,2),"请准确填写扣除比例"),0) -> 0 | M18: =IF('附表5-扣除项目统计表'!$D$77="据实扣除",IF(AND(J18<=1,J18>=0),ROUND(E18*J18,2),"请准确填写扣除比例"),0) -> 0 | N18: =SUM(K18:M18) -> 0
A19: 其他房地产开发费用 | B19: 14 | C19: ='附表5-扣除项目统计表'!E78+'附表5-扣除项目统计表'!I78 -> 6791193.4 | D19: ='附表5-扣除项目统计表'!F78+'附表5-扣除项目统计表'!J78 -> 4324935.3 | E19: ='附表5-扣除项目统计表'!G78+'附表5-扣除项目统计表'!K78 -> 3303864.5 | F19: =SUM(C19:E19) -> 14419993 | G19: 与加计扣除一致 | K19: =IF(G19="与加计扣除一致",ROUND(IF('附表5-扣除项目统计表'!$D$77="计算扣除",((SUM(K7)-SUM(K8))+(SUM(K9)-SUM(K16)))*10%,((SUM(K7)-SUM(K8))+(SUM(K9)-SUM(K16)))*5%),2),"请准确填写普通住宅扣除金额。") -> 6791193.4 | L19: =IF(G19="与加计扣除一致",ROUND(IF('附表5-扣除项目统计表'!$D$77="计算扣除",((SUM(L7)-SUM(L8))+(SUM(L9)-SUM(L16)))*10%,((SUM(L7)-SUM(L8))+(SUM(L9)-SUM(L16)))*5%),2),"请准确填写非普通住宅扣除金额。") -> 4265640.4 | M19: =IF(G19="与加计扣除一致",ROUND(IF('附表5-扣除项目统计表'!$D$77="计算扣除",((SUM(M7)-SUM(M8))+(SUM(M9)-SUM(M16)))*10%,((SUM(M7)-SUM(M8))+(SUM(M9)-SUM(M16)))*5%),2),"请准确填写其他类型房地产扣除金额。") -> 179816.13 | N19: =SUM(K19:M19) -> 11236650
A20: 4.与转让房地产有关的税金等 | B20: 15=16+17+18+19+20 | K20: =SUM(K21:K25) -> 361475.48 | L20: =SUM(L21:L25) -> 220357.55 | M20: =SUM(M21:M25) -> 32027.82 | N20: =SUM(K20:M20) -> 613860.85
A21: 其中：营业税 | B21: 16 | K21: =ROUND(SUM('附表5-扣除项目统计表'!E80),2) -> 0 | L21: =ROUND(SUM('附表5-扣除项目统计表'!F80),2) -> 0 | M21: =ROUND(SUM('附表5-扣除项目统计表'!G80),2) -> 0 | N21: =SUM(K21:M21) -> 0
A22: 城市维护建设税 | B22: 17 | K22: =ROUND(SUM('附表5-扣除项目统计表'!E81),2) -> 210860.71 | L22: =ROUND(SUM('附表5-扣除项目统计表'!F81),2) -> 128541.91 | M22: =ROUND(SUM('附表5-扣除项目统计表'!G81),2) -> 18682.9 | N22: =SUM(K22:M22) -> 358085.52
A23: 教育费附加 | B23: 18 | K23: =ROUND(SUM('附表5-扣除项目统计表'!E82),2) -> 90368.87 | L23: =ROUND(SUM('附表5-扣除项目统计表'!F82),2) -> 55089.39 | M23: =ROUND(SUM('附表5-扣除项目统计表'!G82),2) -> 8006.95 | N23: =SUM(K23:M23) -> 153465.21
A24: 地方教育附加 | B24: 19 | K24: =ROUND(SUM('附表5-扣除项目统计表'!E83),2) -> 60245.9 | L24: =ROUND(SUM('附表5-扣除项目统计表'!F83),2) -> 36726.25 | M24: =ROUND(SUM('附表5-扣除项目统计表'!G83),2) -> 5337.97 | N24: =SUM(K24:M24) -> 102310.12
A25: 其他税（费） | B25: 20 | K25: =ROUND(SUM('附表5-扣除项目统计表'!E84),2) -> 0 | L25: =ROUND(SUM('附表5-扣除项目统计表'!F84),2) -> 0 | M25: =ROUND(SUM('附表5-扣除项目统计表'!G84),2) -> 0 | N25: =SUM(K25:M25) -> 0
A26: 5.财政部规定的其他扣除项目 | B26: 21=[(2-3)+(4-11)]*20% | C26: ='附表5-扣除项目统计表'!E85+'附表5-扣除项目统计表'!I85 -> 13582387 | D26: ='附表5-扣除项目统计表'!F85+'附表5-扣除项目统计表'!J85 -> 8649870.5 | E26: ='附表5-扣除项目统计表'!G85+'附表5-扣除项目统计表'!K85 -> 6607729.1 | F26: =SUM(C26:E26) -> 28839986 | K26: =ROUND((SUM(K7)-SUM(K8)+SUM(K9)-SUM(K16))*20%,2) -> 13582387 | L26: =ROUND((SUM(L7)-SUM(L8)+SUM(L9)-SUM(L16))*20%,2) -> 8531280.8 | M26: =ROUND((SUM(M7)-SUM(M8)+SUM(M9)-SUM(M16))*20%,2) -> 359632.26 | N26: =SUM(K26:M26) -> 22473300
A27: 6.代收费用 | B27: 22 | C27: =SUM('附表5-扣除项目统计表'!E86)+SUM('附表5-扣除项目统计表'!I86) -> 0 | D27: =SUM('附表5-扣除项目统计表'!F86)+SUM('附表5-扣除项目统计表'!J86) -> 0 | E27: =SUM('附表5-扣除项目统计表'!G86)+SUM('附表5-扣除项目统计表'!K86) -> 0 | F27: =SUM(C27:E27) -> 0 | G27: 可售建筑面积法 | H27: =IF(OR($G27="可售建筑面积法",$G27="可售建筑面积法（二分法）"),'附表1-面积统计表'!$F$32,IF($G27="其他合理方法","请填写","请选择分摊方法")) -> 1 | I27: =IF($G27="可售建筑面积法（二分法）",IF('附表1-面积统计表'!$D$33+'附表1-面积统计表'!$D$34=0,"",ROUND(('附表1-面积统计表'!$E$33+'附表1-面积统计表'!$E$34)/('附表1-面积统计表'!$D$33+'附表1-面积统计表'!$D$34),6)),IF($G27="可售建筑面积法",'附表1-面积统计表'!$F$33,IF($G27="其他合理方法","请填写","请选择分摊方法"))) -> 0.98629 | J27: =IF($G27="可售建筑面积法（二分法）",IF('附表1-面积统计表'!$D$33+'附表1-面积统计表'!$D$34=0,"",ROUND(('附表1-面积统计表'!$E$33+'附表1-面积统计表'!$E$34)/('附表1-面积统计表'!$D$33+'附表1-面积统计表'!$D$34),6)),IF($G27="可售建筑面积法",'附表1-面积统计表'!$F$34,IF($G27="其他合理方法","请填写","请选择分摊方法"))) -> 0.054426 | K27: =IF(AND(H27<=1,H27>=0),ROUND(C27*H27,2),"请准确填写扣除比例") -> 0 | L27: =IF(AND(I27<=1,I27>=0),ROUND(D27*I27,2),"请准确填写扣除比例") -> 0 | M27: =IF(AND(J27<=1,J27>=0),ROUND(E27*J27,2),"请准确填写扣除比例") -> 0 | N27: =SUM(K27:M27) -> 0

Sheet 附表4-项目间分摊信息采集表
A1: 附表4-项目间分摊信息采集表
A2: =土地增值税税源明细表!F5&"："&土地增值税税源明细表!H5&" "&土地增值税税源明细表!A5&"："&土地增值税税源明细表!B5&" "&"金额单位:人民币元(列至角分)" -> 项目编码：Z65280120190027 项目名称：沁春锦苑19#、20#、23#、24#楼 金额单位:人民币元(列至角分)
A3: 序号 | B3: *项目名称 | C3: *是否已办理项目报告 | D3: *项目编码 | E3: 开发土地总面积 | F3: 测绘总建筑面积 | G3: 总可售建筑面积 | H3: 其他分摊方法数额 | I3: 备注
B4: 1 | C4: 2 | D4: 3 | E4: 4 | F4: 5 | G4: 6 | H4: 7 | I4: 8
A5: 1 | B5: 沁春锦苑19#、20#、23#、24#楼 | C5: 是 | D5: =IF(清算项目基本情况表!S6="","",清算项目基本情况表!S6) -> Z65280120190027 | E5: 40521.01 | F5: 54544.16 | G5: 54463.47 | H5: 655.35 | I5: 本次清算项目
A6: 2 | B6: 沁春锦苑二期 | C6: 是 | D6: Z65280120200027 | E6: 37660.54 | F6: 53048.66 | G6: =F6-38.8 -> 53009.86 | H6: 1901.66
A7: 3 | B7: 沁春锦苑三期 | C7: 是 | D7: Z65280120210001 | E7: 35429.51 | F7: 53435.89 | G7: =F7-39.24 -> 53396.65 | H7: 3409.98

Sheet 附表5-扣除项目统计表
A1: T23200附表5-扣除项目统计表
A2: =土地增值税税源明细表!F5&"："&土地增值税税源明细表!H5&" "&土地增值税税源明细表!A5&"："&土地增值税税源明细表!B5&" "&"金额单位:人民币元(列至角分)" -> 项目编码：Z65280120190027 项目名称：沁春锦苑19#、20#、23#、24#楼 金额单位:人民币元(列至角分)
A3: 序号 | B3: 科目名称 | E3: 直接归集成本费用 | I3: 共同成本费用 | M3: 合计
E4: 普通住宅 | F4: 非普通住宅 | G4: 其他类型房产 | H4: 小计 | I4: 普通住宅 | J4: 非普通住宅 | K4: 其他类型房产 | L4: 小计
E5: 1 | F5: 2 | G5: 3 | H5: 4=1+2+3 | I5: 5 | J5: 6 | K5: 7 | L5: 8=5+6+7 | M5: 9=4+8
A6: 1 | B6: =数据对照表!B1 -> 取得土地使用权所支付的金额 | E6: =SUMIFS('附表7-扣除项目明细采集底稿'!W:W,'附表7-扣除项目明细采集底稿'!D:D,数据对照表!B1,'附表7-扣除项目明细采集底稿'!V:V,"直接归集成本费用") -> 0 | F6: =SUMIFS('附表7-扣除项目明细采集底稿'!X:X,'附表7-扣除项目明细采集底稿'!D:D,数据对照表!B1,'附表7-扣除项目明细采集底稿'!V:V,"直接归集成本费用") -> 0 | G6: =SUMIFS('附表7-扣除项目明细采集底稿'!Y:Y,'附表7-扣除项目明细采集底稿'!D:D,数据对照表!B1,'附表7-扣除项目明细采集底稿'!V:V,"直接归集成本费用") -> 0 | H6: =SUM(E6:G6) -> 0 | I6: =SUMIFS('附表7-扣除项目明细采集底稿'!W:W,'附表7-扣除项目明细采集底稿'!D:D,数据对照表!B1,'附表7-扣除项目明细采集底稿'!V:V,"共同成本费用") -> 0 | J6: =SUMIFS('附表7-扣除项目明细采集底稿'!X:X,'附表7-扣除项目明细采集底稿'!D:D,数据对照表!B1,'附表7-扣除项目明细采集底稿'!V:V,"共同成本费用") -> 0 | K6: =SUMIFS('附表7-扣除项目明细采集底稿'!Y:Y,'附表7-扣除项目明细采集底稿'!D:D,数据对照表!B1,'附表7-扣除项目明细采集底稿'!V:V,"共同成本费用") -> 0 | L6: =SUM(I6:K6) -> 0 | M6: =H6+L6 -> 0
A7: 2 | B7: 其中 | C7: =数据对照表!B2 -> 支付的土地出让金额 | E7: =SUMIFS('附表7-扣除项目明细采集底稿'!W:W,'附表7-扣除项目明细采集底稿'!E:E,数据对照表!B2,'附表7-扣除项目明细采集底稿'!V:V,"直接归集成本费用") -> 0 | F7: =SUMIFS('附表7-扣除项目明细采集底稿'!X:X,'附表7-扣除项目明细采集底稿'!E:E,数据对照表!B2,'附表7-扣除项目明细采集底稿'!V:V,"直接归集成本费用") -> 0 | G7: =SUMIFS('附表7-扣除项目明细采集底稿'!Y:Y,'附表7-扣除项目明细采集底稿'!E:E,数据对照表!B2,'附表7-扣除项目明细采集底稿'!V:V,"直接归集成本费用") -> 0 | H7: =SUM(E7:G7) -> 0 | I7: =SUMIFS('附表7-扣除项目明细采集底稿'!W:W,'附表7-扣除项目明细采集底稿'!E:E,数据对照表!B2,'附表7-扣除项目明细采集底稿'!V:V,"共同成本费用") -> 0 | J7: =SUMIFS('附表7-扣除项目明细采集底稿'!X:X,'附表7-扣除项目明细采集底稿'!E:E,数据对照表!B2,'附表7-扣除项目明细采集底稿'!V:V,"共同成本费用") -> 0 | K7: =SUMIFS('附表7-扣除项目明细采集底稿'!Y:Y,'附表7-扣除项目明细采集底稿'!E:E,数据对照表!B2,'附表7-扣除项目明细采集底稿'!V:V,"共同成本费用") -> 0 | L7: =SUM(I7:K7) -> 0 | M7: =H7+L7 -> 0
A8: 3 | C8: =数据对照表!B3 -> 支付的地价款金额 | E8: =SUMIFS('附表7-扣除项目明细采集底稿'!W:W,'附表7-扣除项目明细采集底稿'!E:E,数据对照表!B3,'附表7-扣除项目明细采集底稿'!V:V,"直接归集成本费用") -> 0 | F8: =SUMIFS('附表7-扣除项目明细采集底稿'!X:X,'附表7-扣除项目明细采集底稿'!E:E,数据对照表!B3,'附表7-扣除项目明细采集底稿'!V:V,"直接归集成本费用") -> 0 | G8: =SUMIFS('附表7-扣除项目明细采集底稿'!Y:Y,'附表7-扣除项目明细采集底稿'!E:E,数据对照表!B3,'附表7-扣除项目明细采集底稿'!V:V,"直接归集成本费用") -> 0 | H8: =SUM(E8:G8) -> 0 | I8: =SUMIFS('附表7-扣除项目明细采集底稿'!W:W,'附表7-扣除项目明细采集底稿'!E:E,数据对照表!B3,'附表7-扣除项目明细采集底稿'!V:V,"共同成本费用") -> 0 | J8: =SUMIFS('附表7-扣除项目明细采集底稿'!X:X,'附表7-扣除项目明细采集底稿'!E:E,数据对照表!B3,'附表7-扣除项目明细采集底稿'!V:V,"共同成本费用") -> 0 | K8: =SUMIFS('附表7-扣除项目明细采集底稿'!Y:Y,'附表7-扣除项目明细采集底稿'!E:E,数据对照表!B3,'附表7-扣除项目明细采集底稿'!V:V,"共同成本费用") -> 0 | L8: =SUM(I8:K8) -> 0 | M8: =H8+L8 -> 0
A9: 4 | C9: =数据对照表!B4 -> 交纳的有关税费 | E9: =SUMIFS('附表7-扣除项目明细采集底稿'!W:W,'附表7-扣除项目明细采集底稿'!E:E,数据对照表!B4,'附表7-扣除项目明细采集底稿'!V:V,"直接归集成本费用") -> 0 | F9: =SUMIFS('附表7-扣除项目明细采集底稿'!X:X,'附表7-扣除项目明细采集底稿'!E:E,数据对照表!B4,'附表7-扣除项目明细采集底稿'!V:V,"直接归集成本费用") -> 0 | G9: =SUMIFS('附表7-扣除项目明细采集底稿'!Y:Y,'附表7-扣除项目明细采集底稿'!E:E,数据对照表!B4,'附表7-扣除项目明细采集底稿'!V:V,"直接归集成本费用") -> 0 | H9: =SUM(E9:G9) -> 0 | I9: =SUMIFS('附表7-扣除项目明细采集底稿'!W:W,'附表7-扣除项目明细采集底稿'!E:E,数据对照表!B4,'附表7-扣除项目明细采集底稿'!V:V,"共同成本费用") -> 0 | J9: =SUMIFS('附表7-扣除项目明细采集底稿'!X:X,'附表7-扣除项目明细采集底稿'!E:E,数据对照表!B4,'附表7-扣除项目明细采集底稿'!V:V,"共同成本费用") -> 0 | K9: =SUMIFS('附表7-扣除项目明细采集底稿'!Y:Y,'附表7-扣除项目明细采集底稿'!E:E,数据对照表!B4,'附表7-扣除项目明细采集底稿'!V:V,"共同成本费用") -> 0 | L9: =SUM(I9:K9) -> 0 | M9: =H9+L9 -> 0
A10: 5 | B10: 其中：不可加计扣除金额 | E10: =SUMIFS('附表7-扣除项目明细采集底稿'!W:W,'附表7-扣除项目明细采集底稿'!D:D,数据对照表!B1,'附表7-扣除项目明细采集底稿'!V:V,"直接归集成本费用",'附表7-扣除项目明细采集底稿'!AB:AB,"不可加计") -> 0 | F10: =SUMIFS('附表7-扣除项目明细采集底稿'!X:X,'附表7-扣除项目明细采集底稿'!D:D,数据对照表!B1,'附表7-扣除项目明细采集底稿'!V:V,"直接归集成本费用",'附表7-扣除项目明细采集底稿'!AB:AB,"不可加计") -> 0 | G10: =SUMIFS('附表7-扣除项目明细采集底稿'!Y:Y,'附表7-扣除项目明细采集底稿'!D:D,数据对照表!B1,'附表7-扣除项目明细采集底稿'!V:V,"直接归集成本费用",'附表7-扣除项目明细采集底稿'!AB:AB,"不可加计") -> 0 | H10: =SUM(E10:G10) -> 0 | I10: =SUMIFS('附表7-扣除项目明细采集底稿'!W:W,'附表7-扣除项目明细采集底稿'!D:D,数据对照表!B1,'附表7-扣除项目明细采集底稿'!V:V,"共同成本费用",'附表7-扣除项目明细采集底稿'!AB:AB,"不可加计") -> 0 | J10: =SUMIFS('附表7-扣除项目明细采集底稿'!X:X,'附表7-扣除项目明细采集底稿'!D:D,数据对照表!B1,'附表7-扣除项目明细采集底稿'!V:V,"共同成本费用",'附表7-扣除项目明细采集底稿'!AB:AB,"不可加计") -> 0 | K10: =SUMIFS('附表7-扣除项目明细采集底稿'!Y:Y,'附表7-扣除项目明细采集底稿'!D:D,数据对照表!B1,'附表7-扣除项目明细采集底稿'!V:V,"共同成本费用",'附表7-扣除项目明细采集底稿'!AB:AB,"不可加计") -> 0 | L10: =SUM(I10:K10) -> 0 | M10: =H10+L10 -> 0
A11: 6 | B11: 房地产开发成本 | E11: =SUM(SUMIFS('附表7-扣除项目明细采集底稿'!W:W,'附表7-扣除项目明细采集底稿'!D:D,"土地征用及拆迁补偿费",'附表7-扣除项目明细采集底稿'!V:V,"直接归集成本费用"),SUMIFS('附表7-扣除项目明细采集底稿'!W:W,'附表7-扣除项目明细采集底稿'!D:D,"前期工程费",'附表7-扣除项目明细采集底稿'!V:V,"直接归集成本费用"),SUMIFS('附表7-扣除项目明细采集底稿'!W:W,'附表7-扣除项目明细采集底稿'!D:D,"建筑安装工程费",'附表7-扣除项目明细采集底稿'!V:V,"直接归集成本费用"),SUMIFS('附表7-扣除项目明细采集底稿'!W:W,'附表7-扣除项目明细采集底稿'!D:D,"基础设施费",'附表7-扣除项目明细采集底稿'!V:V,"直接归集成本费用"),SUMIFS('附表7-扣除项目明细采集底稿'!W:W,'附表7-扣除项目明细采集底稿'!D:D,"公共配套设施费",'附表7-扣除项目明细采集底稿'!V:V,"直接归集成本费用"),SUMIFS('附表7-扣除项目明细采集底稿'!W:W,'附表7-扣除项目明细采集底稿'!D:D,"开发间接费用",'附表7-扣除项目明细采集底稿'!V:V,"直接归集成本费用")) -> 52911664 | F11: =SUM(SUMIFS('附表7-扣除项目明细采集底稿'!X:X,'附表7-扣除项目明细采集底稿'!D:D,"土地征用及拆迁补偿费",'附表7-扣除项目明细采集底稿'!V:V,"直接归集成本费用"),SUMIFS('附表7-扣除项目明细采集底稿'!X:X,'附表7-扣除项目明细采集底稿'!D:D,"前期工程费",'附表7-扣除项目明细采集底稿'!V:V,"直接归集成本费用"),SUMIFS('附表7-扣除项目明细采集底稿'!X:X,'附表7-扣除项目明细采集底稿'!D:D,"建筑安装工程费",'附表7-扣除项目明细采集底稿'!V:V,"直接归集成本费用"),SUMIFS('附表7-扣除项目明细采集底稿'!X:X,'附表7-扣除项目明细采集底稿'!D:D,"基础设施费",'附表7-扣除项目明细采集底稿'!V:V,"直接归集成本费用"),SUMIFS('附表7-扣除项目明细采集底稿'!X:X,'附表7-扣除项目明细采集底稿'!D:D,"公共配套设施费",'附表7-扣除项目明细采集底稿'!V:V,"直接归集成本费用"),SUMIFS('附表7-扣除项目明细采集底稿'!X:X,'附表7-扣除项目明细采集底稿'!D:D,"开发间接费用",'附表7-扣除项目明细采集底稿'!V:V,"直接归集成本费用")) -> 33324760 | G11: =SUM(SUMIFS('附表7-扣除项目明细采集底稿'!Y:Y,'附表7-扣除项目明细采集底稿'!D:D,"土地征用及拆迁补偿费",'附表7-扣除项目明细采集底稿'!V:V,"直接归集成本费用"),SUMIFS('附表7-扣除项目明细采集底稿'!Y:Y,'附表7-扣除项目明细采集底稿'!D:D,"前期工程费",'附表7-扣除项目明细采集底稿'!V:V,"直接归集成本费用"),SUMIFS('附表7-扣除项目明细采集底稿'!Y:Y,'附表7-扣除项目明细采集底稿'!D:D,"建筑安装工程费",'附表7-扣除项目明细采集底稿'!V:V,"直接归集成本费用"),SUMIFS('附表7-扣除项目明细采集底稿'!Y:Y,'附表7-扣除项目明细采集底稿'!D:D,"基础设施费",'附表7-扣除项目明细采集底稿'!V:V,"直接归集成本费用"),SUMIFS('附表7-扣除项目明细采集底稿'!Y:Y,'附表7-扣除项目明细采集底稿'!D:D,"公共配套设施费",'附表7-扣除项目明细采集底稿'!V:V,"直接归集成本费用"),SUMIFS('附表7-扣除项目明细采集底稿'!Y:Y,'附表7-扣除项目明细采集底稿'!D:D,"开发间接费用",'附表7-扣除项目明细采集底稿'!V:V,"直接归集成本费用")) -> 27000837 | H11: =SUM(E11:G11) -> 1.1323726e+08 | I11: =SUM(SUMIFS('附表7-扣除项目明细采集底稿'!W:W,'附表7-扣除项目明细采集底稿'!D:D,"土地征用及拆迁补偿费",'附表7-扣除项目明细采集底稿'!V:V,"共同成本费用"),SUMIFS('附表7-扣除项目明细采集底稿'!W:W,'附表7-扣除项目明细采集底稿'!D:D,"前期工程费",'附表7-扣除项目明细采集底稿'!V:V,"共同成本费用"),SUMIFS('附表7-扣除项目明细采集底稿'!W:W,'附表7-扣除项目明细采集底稿'!D:D,"建筑安装工程费",'附表7-扣除项目明细采集底稿'!V:V,"共同成本费用"),SUMIFS('附表7-扣除项目明细采集底稿'!W:W,'附表7-扣除项目明细采集底稿'!D:D,"基础设施费",'附表7-扣除项目明细采集底稿'!V:V,"共同成本费用"),SUMIFS('附表7-扣除项目明细采集底稿'!W:W,'附表7-扣除项目明细采集底稿'!D:D,"公共配套设施费",'附表7-扣除项目明细采集底稿'!V:V,"共同成本费用"),SUMIFS('附表7-扣除项目明细采集底稿'!W:W,'附表7-扣除项目明细采集底稿'!D:D,"开发间接费用",'附表7-扣除项目明细采集底稿'!V:V,"共同成本费用")) -> 15000271 | J11: =SUM(SUMIFS('附表7-扣除项目明细采集底稿'!X:X,'附表7-扣除项目明细采集底稿'!D:D,"土地征用及拆迁补偿费",'附表7-扣除项目明细采集底稿'!V:V,"共同成本费用"),SUMIFS('附表7-扣除项目明细采集底稿'!X:X,'附表7-扣除项目明细采集底稿'!D:D,"前期工程费",'附表7-扣除项目明细采集底稿'!V:V,"共同成本费用"),SUMIFS('附表7-扣除项目明细采集底稿'!X:X,'附表7-扣除项目明细采集底稿'!D:D,"建筑安装工程费",'附表7-扣除项目明细采集底稿'!V:V,"共同成本费用"),SUMIFS('附表7-扣除项目明细采集底稿'!X:X,'附表7-扣除项目明细采集底稿'!D:D,"基础设施费",'附表7-扣除项目明细采集底稿'!V:V,"共同成本费用"),SUMIFS('附表7-扣除项目明细采集底稿'!X:X,'附表7-扣除项目明细采集底稿'!D:D,"公共配套设施费",'附表7-扣除项目明细采集底稿'!V:V,"共同成本费用"),SUMIFS('附表7-扣除项目明细采集底稿'!X:X,'附表7-扣除项目明细采集底稿'!D:D,"开发间接费用",'附表7-扣除项目明细采集底稿'!V:V,"共同成本费用")) -> 9924592.2 | K11: =SUM(SUMIFS('附表7-扣除项目明细采集底稿'!Y:Y,'附表7-扣除项目明细采集底稿'!D:D,"土地征用及拆迁补偿费",'附表7-扣除项目明细采集底稿'!V:V,"共同成本费用"),SUMIFS('附表7-扣除项目明细采集底稿'!Y:Y,'附表7-扣除项目明细采集底稿'!D:D,"前期工程费",'附表7-扣除项目明细采集底稿'!V:V,"共同成本费用"),SUMIFS('附表7-扣除项目明细采集底稿'!Y:Y,'附表7-扣除项目明细采集底稿'!D:D,"建筑安装工程费",'附表7-扣除项目明细采集底稿'!V:V,"共同成本费用"),SUMIFS('附表7-扣除项目明细采集底稿'!Y:Y,'附表7-扣除项目明细采集底稿'!D:D,"基础设施费",'附表7-扣除项目明细采集底稿'!V:V,"共同成本费用"),SUMIFS('附表7-扣除项目明细采集底稿'!Y:Y,'附表7-扣除项目明细采集底稿'!D:D,"公共配套设施费",'附表7-扣除项目明细采集底稿'!V:V,"共同成本费用"),SUMIFS('附表7-扣除项目明细采集底稿'!Y:Y,'附表7-扣除项目明细采集底稿'!D:D,"开发间接费用",'附表7-扣除项目明细采集底稿'!V:V,"共同成本费用")) -> 6037808 | L11: =SUM(I11:K11) -> 30962671 | M11: =H11+L11 -> 1.4419993e+08
A12: 7 | B12: 其中 | C12: =数据对照表!C1 -> 土地征用及拆迁补偿费 | E12: =SUMIFS('附表7-扣除项目明细采集底稿'!W:W,'附表7-扣除项目明细采集底稿'!D:D,数据对照表!C1,'附表7-扣除项目明细采集底稿'!V:V,"直接归集成本费用") -> 0 | F12: =SUMIFS('附表7-扣除项目明细采集底稿'!X:X,'附表7-扣除项目明细采集底稿'!D:D,数据对照表!C1,'附表7-扣除项目明细采集底稿'!V:V,"直接归集成本费用") -> 0 | G12: =SUMIFS('附表7-扣除项目明细采集底稿'!Y:Y,'附表7-扣除项目明细采集底稿'!D:D,数据对照表!C1,'附表7-扣除项目明细采集底稿'!V:V,"直接归集成本费用") -> 0 | H12: =SUM(E12:G12) -> 0 | I12: =SUMIFS('附表7-扣除项目明细采集底稿'!W:W,'附表7-扣除项目明细采集底稿'!D:D,数据对照表!C1,'附表7-扣除项目明细采集底稿'!V:V,"共同成本费用") -> 668995.79 | J12: =SUMIFS('附表7-扣除项目明细采集底稿'!X:X,'附表7-扣除项目明细采集底稿'!D:D,数据对照表!C1,'附表7-扣除项目明细采集底稿'!V:V,"共同成本费用") -> 442626.05 | K12: =SUMIFS('附表7-扣除项目明细采集底稿'!Y:Y,'附表7-扣除项目明细采集底稿'!D:D,数据对照表!C1,'附表7-扣除项目明细采集底稿'!V:V,"共同成本费用") -> 269279.69 | L12: =SUM(I12:K12) -> 1380901.5 | M12: =H12+L12 -> 1380901.5
A13: 8 | C13: 其中 | D13: =数据对照表!C2 -> 土地征用费用 | E13: =SUMIFS('附表7-扣除项目明细采集底稿'!W:W,'附表7-扣除项目明细采集底稿'!E:E,数据对照表!C2,'附表7-扣除项目明细采集底稿'!V:V,"直接归集成本费用") -> 0 | F13: =SUMIFS('附表7-扣除项目明细采集底稿'!X:X,'附表7-扣除项目明细采集底稿'!E:E,数据对照表!C2,'附表7-扣除项目明细采集底稿'!V:V,"直接归集成本费用") -> 0 | G13: =SUMIFS('附表7-扣除项目明细采集底稿'!Y:Y,'附表7-扣除项目明细采集底稿'!E:E,数据对照表!C2,'附表7-扣除项目明细采集底稿'!V:V,"直接归集成本费用") -> 0 | H13: =SUM(E13:G13) -> 0 | I13: =SUMIFS('附表7-扣除项目明细采集底稿'!W:W,'附表7-扣除项目明细采集底稿'!E:E,数据对照表!C2,'附表7-扣除项目明细采集底稿'!V:V,"共同成本费用") -> 0 | J13: =SUMIFS('附表7-扣除项目明细采集底稿'!X:X,'附表7-扣除项目明细采集底稿'!E:E,数据对照表!C2,'附表7-扣除项目明细采集底稿'!V:V,"共同成本费用") -> 0 | K13: =SUMIFS('附表7-扣除项目明细采集底稿'!Y:Y,'附表7-扣除项目明细采集底稿'!E:E,数据对照表!C2,'附表7-扣除项目明细采集底稿'!V:V,"共同成本费用") -> 0 | L13: =SUM(I13:K13) -> 0 | M13: =H13+L13 -> 0
A14: 9 | D14: =数据对照表!C3 -> 耕地占用税 | E14: =SUMIFS('附表7-扣除项目明细采集底稿'!W:W,'附表7-扣除项目明细采集底稿'!E:E,数据对照表!C3,'附表7-扣除项目明细采集底稿'!V:V,"直接归集成本费用") -> 0 | F14: =SUMIFS('附表7-扣除项目明细采集底稿'!X:X,'附表7-扣除项目明细采集底稿'!E:E,数据对照表!C3,'附表7-扣除项目明细采集底稿'!V:V,"直接归集成本费用") -> 0 | G14: =SUMIFS('附表7-扣除项目明细采集底稿'!Y:Y,'附表7-扣除项目明细采集底稿'!E:E,数据对照表!C3,'附表7-扣除项目明细采集底稿'!V:V,"直接归集成本费用") -> 0 | H14: =SUM(E14:G14) -> 0 | I14: =SUMIFS('附表7-扣除项目明细采集底稿'!W:W,'附表7-扣除项目明细采集底稿'!E:E,数据对照表!C3,'附表7-扣除项目明细采集底稿'!V:V,"共同成本费用") -> 0 | J14: =SUMIFS('附表7-扣除项目明细采集底稿'!X:X,'附表7-扣除项目明细采集底稿'!E:E,数据对照表!C3,'附表7-扣除项目明细采集底稿'!V:V,"共同成本费用") -> 0 | K14: =SUMIFS('附表7-扣除项目明细采集底稿'!Y:Y,'附表7-扣除项目明细采集底稿'!E:E,数据对照表!C3,'附表7-扣除项目明细采集底稿'!V:V,"共同成本费用") -> 0 | L14: =SUM(I14:K14) -> 0 | M14: =H14+L14 -> 0
A15: 10 | D15: =数据对照表!C4 -> 劳动力安置费 | E15: =SUMIFS('附表7-扣除项目明细采集底稿'!W:W,'附表7-扣除项目明细采集底稿'!E:E,数据对照表!C4,'附表7-扣除项目明细采集底稿'!V:V,"直接归集成本费用") -> 0 | F15: =SUMIFS('附表7-扣除项目明细采集底稿'!X:X,'附表7-扣除项目明细采集底稿'!E:E,数据对照表!C4,'附表7-扣除项目明细采集底稿'!V:V,"直接归集成本费用") -> 0 | G15: =SUMIFS('附表7-扣除项目明细采集底稿'!Y:Y,'附表7-扣除项目明细采集底稿'!E:E,数据对照表!C4,'附表7-扣除项目明细采集底稿'!V:V,"直接归集成本费用") -> 0 | H15: =SUM(E15:G15) -> 0 | I15: =SUMIFS('附表7-扣除项目明细采集底稿'!W:W,'附表7-扣除项目明细采集底稿'!E:E,数据对照表!C4,'附表7-扣除项目明细采集底稿'!V:V,"共同成本费用") -> 0 | J15: =SUMIFS('附表7-扣除项目明细采集底稿'!X:X,'附表7-扣除项目明细采集底稿'!E:E,数据对照表!C4,'附表7-扣除项目明细采集底稿'!V:V,"共同成本费用") -> 0 | K15: =SUMIFS('附表7-扣除项目明细采集底稿'!Y:Y,'附表7-扣除项目明细采集底稿'!E:E,数据对照表!C4,'附表7-扣除项目明细采集底稿'!V:V,"共同成本费用") -> 0 | L15: =SUM(I15:K15) -> 0 | M15: =H15+L15 -> 0
A16: 11 | D16: =数据对照表!C5 -> 安置动迁用房支出 | E16: =SUMIFS('附表7-扣除项目明细采集底稿'!W:W,'附表7-扣除项目明细采集底稿'!E:E,数据对照表!C5,'附表7-扣除项目明细采集底稿'!V:V,"直接归集成本费用") -> 0 | F16: =SUMIFS('附表7-扣除项目明细采集底稿'!X:X,'附表7-扣除项目明细采集底稿'!E:E,数据对照表!C5,'附表7-扣除项目明细采集底稿'!V:V,"直接归集成本费用") -> 0 | G16: =SUMIFS('附表7-扣除项目明细采集底稿'!Y:Y,'附表7-扣除项目明细采集底稿'!E:E,数据对照表!C5,'附表7-扣除项目明细采集底稿'!V:V,"直接归集成本费用") -> 0 | H16: =SUM(E16:G16) -> 0 | I16: =SUMIFS('附表7-扣除项目明细采集底稿'!W:W,'附表7-扣除项目明细采集底稿'!E:E,数据对照表!C5,'附表7-扣除项目明细采集底稿'!V:V,"共同成本费用") -> 0 | J16: =SUMIFS('附表7-扣除项目明细采集底稿'!X:X,'附表7-扣除项目明细采集底稿'!E:E,数据对照表!C5,'附表7-扣除项目明细采集底稿'!V:V,"共同成本费用") -> 0 | K16: =SUMIFS('附表7-扣除项目明细采集底稿'!Y:Y,'附表7-扣除项目明细采集底稿'!E:E,数据对照表!C5,'附表7-扣除项目明细采集底稿'!V:V,"共同成本费用") -> 0 | L16: =SUM(I16:K16) -> 0 | M16: =H16+L16 -> 0
A17: 12 | D17: =数据对照表!C6 -> 拆迁补偿费 | E17: =SUMIFS('附表7-扣除项目明细采集底稿'!W:W,'附表7-扣除项目明细采集底稿'!E:E,数据对照表!C6,'附表7-扣除项目明细采集底稿'!V:V,"直接归集成本费用") -> 0 | F17: =SUMIFS('附表7-扣除项目明细采集底稿'!X:X,'附表7-扣除项目明细采集底稿'!E:E,数据对照表!C6,'附表7-扣除项目明细采集底稿'!V:V,"直接归集成本费用") -> 0 | G17: =SUMIFS('附表7-扣除项目明细采集底稿'!Y:Y,'附表7-扣除项目明细采集底稿'!E:E,数据对照表!C6,'附表7-扣除项目明细采集底稿'!V:V,"直接归集成本费用") -> 0 | H17: =SUM(E17:G17) -> 0 | I17: =SUMIFS('附表7-扣除项目明细采集底稿'!W:W,'附表7-扣除项目明细采集底稿'!E:E,数据对照表!C6,'附表7-扣除项目明细采集底稿'!V:V,"共同成本费用") -> 668995.79 | J17: =SUMIFS('附表7-扣除项目明细采集底稿'!X:X,'附表7-扣除项目明细采集底稿'!E:E,数据对照表!C6,'附表7-扣除项目明细采集底稿'!V:V,"共同成本费用") -> 442626.05 | K17: =SUMIFS('附表7-扣除项目明细采集底稿'!Y:Y,'附表7-扣除项目明细采集底稿'!E:E,数据对照表!C6,'附表7-扣除项目明细采集底稿'!V:V,"共同成本费用") -> 269279.69 | L17: =SUM(I17:K17) -> 1380901.5 | M17: =H17+L17 -> 1380901.5
A18: 13 | D18: =数据对照表!C7 -> 其他土地征用及拆迁补偿费 | E18: =SUMIFS('附表7-扣除项目明细采集底稿'!W:W,'附表7-扣除项目明细采集底稿'!E:E,数据对照表!C7,'附表7-扣除项目明细采集底稿'!V:V,"直接归集成本费用") -> 0 | F18: =SUMIFS('附表7-扣除项目明细采集底稿'!X:X,'附表7-扣除项目明细采集底稿'!E:E,数据对照表!C7,'附表7-扣除项目明细采集底稿'!V:V,"直接归集成本费用") -> 0 | G18: =SUMIFS('附表7-扣除项目明细采集底稿'!Y:Y,'附表7-扣除项目明细采集底稿'!E:E,数据对照表!C7,'附表7-扣除项目明细采集底稿'!V:V,"直接归集成本费用") -> 0 | H18: =SUM(E18:G18) -> 0 | I18: =SUMIFS('附表7-扣除项目明细采集底稿'!W:W,'附表7-扣除项目明细采集底稿'!E:E,数据对照表!C7,'附表7-扣除项目明细采集底稿'!V:V,"共同成本费用") -> 0 | J18: =SUMIFS('附表7-扣除项目明细采集底稿'!X:X,'附表7-扣除项目明细采集底稿'!E:E,数据对照表!C7,'附表7-扣除项目明细采集底稿'!V:V,"共同成本费用") -> 0 | K18: =SUMIFS('附表7-扣除项目明细采集底稿'!Y:Y,'附表7-扣除项目明细采集底稿'!E:E,数据对照表!C7,'附表7-扣除项目明细采集底稿'!V:V,"共同成本费用") -> 0 | L18: =SUM(I18:K18) -> 0 | M18: =H18+L18 -> 0
A19: 14 | C19: =数据对照表!D1 -> 前期工程费 | E19: =SUMIFS('附表7-扣除项目明细采集底稿'!W:W,'附表7-扣除项目明细采集底稿'!D:D,数据对照表!D1,'附表7-扣除项目明细采集底稿'!V:V,"直接归集成本费用") -> 1992711.4 | F19: =SUMIFS('附表7-扣除项目明细采集底稿'!X:X,'附表7-扣除项目明细采集底稿'!D:D,数据对照表!D1,'附表7-扣除项目明细采集底稿'!V:V,"直接归集成本费用") -> 1318432.8 | G19: =SUMIFS('附表7-扣除项目明细采集底稿'!Y:Y,'附表7-扣除项目明细采集底稿'!D:D,数据对照表!D1,'附表7-扣除项目明细采集底稿'!V:V,"直接归集成本费用") -> 798053.44 | H19: =SUM(E19:G19) -> 4109197.7 | I19: =SUMIFS('附表7-扣除项目明细采集底稿'!W:W,'附表7-扣除项目明细采集底稿'!D:D,数据对照表!D1,'附表7-扣除项目明细采集底稿'!V:V,"共同成本费用") -> 1389996.2 | J19: =SUMIFS('附表7-扣除项目明细采集底稿'!X:X,'附表7-扣除项目明细采集底稿'!D:D,数据对照表!D1,'附表7-扣除项目明细采集底稿'!V:V,"共同成本费用") -> 919659.75 | K19: =SUMIFS('附表7-扣除项目明细采集底稿'!Y:Y,'附表7-扣除项目明细采集底稿'!D:D,数据对照表!D1,'附表7-扣除项目明细采集底稿'!V:V,"共同成本费用") -> 559491.96 | L19: =SUM(I19:K19) -> 2869147.9 | M19: =H19+L19 -> 6978345.6
A20: 15 | C20: 其中 | D20: =数据对照表!D2 -> 规划费用 | E20: =SUMIFS('附表7-扣除项目明细采集底稿'!W:W,'附表7-扣除项目明细采集底稿'!E:E,数据对照表!D2,'附表7-扣除项目明细采集底稿'!V:V,"直接归集成本费用") -> 44051.48 | F20: =SUMIFS('附表7-扣除项目明细采集底稿'!X:X,'附表7-扣除项目明细采集底稿'!E:E,数据对照表!D2,'附表7-扣除项目明细采集底稿'!V:V,"直接归集成本费用") -> 29145.67 | G20: =SUMIFS('附表7-扣除项目明细采集底稿'!Y:Y,'附表7-扣除项目明细采集底稿'!E:E,数据对照表!D2,'附表7-扣除项目明细采集底稿'!V:V,"直接归集成本费用") -> 11241.65 | H20: =SUM(E20:G20) -> 84438.8 | I20: =SUMIFS('附表7-扣除项目明细采集底稿'!W:W,'附表7-扣除项目明细采集底稿'!E:E,数据对照表!D2,'附表7-扣除项目明细采集底稿'!V:V,"共同成本费用") -> 128268.86 | J20: =SUMIFS('附表7-扣除项目明细采集底稿'!X:X,'附表7-扣除项目明细采集底稿'!E:E,数据对照表!D2,'附表7-扣除项目明细采集底稿'!V:V,"共同成本费用") -> 84866.2 | K20: =SUMIFS('附表7-扣除项目明细采集底稿'!Y:Y,'附表7-扣除项目明细采集底稿'!E:E,数据对照表!D2,'附表7-扣除项目明细采集底稿'!V:V,"共同成本费用") -> 51629.93 | L20: =SUM(I20:K20) -> 264764.99 | M20: =H20+L20 -> 349203.79
A21: 16 | D21: =数据对照表!D3 -> 设计费用 | E21: =SUMIFS('附表7-扣除项目明细采集底稿'!W:W,'附表7-扣除项目明细采集底稿'!E:E,数据对照表!D3,'附表7-扣除项目明细采集底稿'!V:V,"直接归集成本费用") -> 243803.52 | F21: =SUMIFS('附表7-扣除项目明细采集底稿'!X:X,'附表7-扣除项目明细采集底稿'!E:E,数据对照表!D3,'附表7-扣除项目明细采集底稿'!V:V,"直接归集成本费用") -> 161307.12 | G21: =SUMIFS('附表7-扣除项目明细采集底稿'!Y:Y,'附表7-扣除项目明细采集底稿'!E:E,数据对照表!D3,'附表7-扣除项目明细采集底稿'!V:V,"直接归集成本费用") -> 79485.86 | H21: =SUM(E21:G21) -> 484596.5 | I21: =SUMIFS('附表7-扣除项目明细采集底稿'!W:W,'附表7-扣除项目明细采集底稿'!E:E,数据对照表!D3,'附表7-扣除项目明细采集底稿'!V:V,"共同成本费用") -> 545178.03 | J21: =SUMIFS('附表7-扣除项目明细采集底稿'!X:X,'附表7-扣除项目明细采集底稿'!E:E,数据对照表!D3,'附表7-扣除项目明细采集底稿'!V:V,"共同成本费用") -> 360704.81 | K21: =SUMIFS('附表7-扣除项目明细采集底稿'!Y:Y,'附表7-扣除项目明细采集底稿'!E:E,数据对照表!D3,'附表7-扣除项目明细采集底稿'!V:V,"共同成本费用") -> 219441.42 | L21: =SUM(I21:K21) -> 1125324.3 | M21: =H21+L21 -> 1609920.8
A22: 17 | D22: =数据对照表!D4 -> 项目可行性研究费用 | E22: =SUMIFS('附表7-扣除项目明细采集底稿'!W:W,'附表7-扣除项目明细采集底稿'!E:E,数据对照表!D4,'附表7-扣除项目明细采集底稿'!V:V,"直接归集成本费用") -> 0 | F22: =SUMIFS('附表7-扣除项目明细采集底稿'!X:X,'附表7-扣除项目明细采集底稿'!E:E,数据对照表!D4,'附表7-扣除项目明细采集底稿'!V:V,"直接归集成本费用") -> 0 | G22: =SUMIFS('附表7-扣除项目明细采集底稿'!Y:Y,'附表7-扣除项目明细采集底稿'!E:E,数据对照表!D4,'附表7-扣除项目明细采集底稿'!V:V,"直接归集成本费用") -> 0 | H22: =SUM(E22:G22) -> 0 | I22: =SUMIFS('附表7-扣除项目明细采集底稿'!W:W,'附表7-扣除项目明细采集底稿'!E:E,数据对照表!D4,'附表7-扣除项目明细采集底稿'!V:V,"共同成本费用") -> 0 | J22: =SUMIFS('附表7-扣除项目明细采集底稿'!X:X,'附表7-扣除项目明细采集底稿'!E:E,数据对照表!D4,'附表7-扣除项目明细采集底稿'!V:V,"共同成本费用") -> 0 | K22: =SUMIFS('附表7-扣除项目明细采集底稿'!Y:Y,'附表7-扣除项目明细采集底稿'!E:E,数据对照表!D4,'附表7-扣除项目明细采集底稿'!V:V,"共同成本费用") -> 0 | L22: =SUM(I22:K22) -> 0 | M22: =H22+L22 -> 0
A23: 18 | D23: =数据对照表!D5 -> 水文费用 | E23: =SUMIFS('附表7-扣除项目明细采集底稿'!W:W,'附表7-扣除项目明细采集底稿'!E:E,数据对照表!D5,'附表7-扣除项目明细采集底稿'!V:V,"直接归集成本费用") -> 0 | F23: =SUMIFS('附表7-扣除项目明细采集底稿'!X:X,'附表7-扣除项目明细采集底稿'!E:E,数据对照表!D5,'附表7-扣除项目明细采集底稿'!V:V,"直接归集成本费用") -> 0 | G23: =SUMIFS('附表7-扣除项目明细采集底稿'!Y:Y,'附表7-扣除项目明细采集底稿'!E:E,数据对照表!D5,'附表7-扣除项目明细采集底稿'!V:V,"直接归集成本费用") -> 0 | H23: =SUM(E23:G23) -> 0 | I23: =SUMIFS('附表7-扣除项目明细采集底稿'!W:W,'附表7-扣除项目明细采集底稿'!E:E,数据对照表!D5,'附表7-扣除项目明细采集底稿'!V:V,"共同成本费用") -> 5415.68 | J23: =SUMIFS('附表7-扣除项目明细采集底稿'!X:X,'附表7-扣除项目明细采集底稿'!E:E,数据对照表!D5,'附表7-扣除项目明细采集底稿'!V:V,"共同成本费用") -> 3583.17 | K23: =SUMIFS('附表7-扣除项目明细采集底稿'!Y:Y,'附表7-扣除项目明细采集底稿'!E:E,数据对照表!D5,'附表7-扣除项目明细采集底稿'!V:V,"共同成本费用") -> 2179.88 | L23: =SUM(I23:K23) -> 11178.73 | M23: =H23+L23 -> 11178.73
A24: 19 | D24: =数据对照表!D6 -> 地质费用 | E24: =SUMIFS('附表7-扣除项目明细采集底稿'!W:W,'附表7-扣除项目明细采集底稿'!E:E,数据对照表!D6,'附表7-扣除项目明细采集底稿'!V:V,"直接归集成本费用") -> 0 | F24: =SUMIFS('附表7-扣除项目明细采集底稿'!X:X,'附表7-扣除项目明细采集底稿'!E:E,数据对照表!D6,'附表7-扣除项目明细采集底稿'!V:V,"直接归集成本费用") -> 0 | G24: =SUMIFS('附表7-扣除项目明细采集底稿'!Y:Y,'附表7-扣除项目明细采集底稿'!E:E,数据对照表!D6,'附表7-扣除项目明细采集底稿'!V:V,"直接归集成本费用") -> 0 | H24: =SUM(E24:G24) -> 0 | I24: =SUMIFS('附表7-扣除项目明细采集底稿'!W:W,'附表7-扣除项目明细采集底稿'!E:E,数据对照表!D6,'附表7-扣除项目明细采集底稿'!V:V,"共同成本费用") -> 0 | J24: =SUMIFS('附表7-扣除项目明细采集底稿'!X:X,'附表7-扣除项目明细采集底稿'!E:E,数据对照表!D6,'附表7-扣除项目明细采集底稿'!V:V,"共同成本费用") -> 0 | K24: =SUMIFS('附表7-扣除项目明细采集底稿'!Y:Y,'附表7-扣除项目明细采集底稿'!E:E,数据对照表!D6,'附表7-扣除项目明细采集底稿'!V:V,"共同成本费用") -> 0 | L24: =SUM(I24:K24) -> 0 | M24: =H24+L24 -> 0
A25: 20 | D25: =数据对照表!D7 -> 勘探费用 | E25: =SUMIFS('附表7-扣除项目明细采集底稿'!W:W,'附表7-扣除项目明细采集底稿'!E:E,数据对照表!D7,'附表7-扣除项目明细采集底稿'!V:V,"直接归集成本费用") -> 0 | F25: =SUMIFS('附表7-扣除项目明细采集底稿'!X:X,'附表7-扣除项目明细采集底稿'!E:E,数据对照表!D7,'附表7-扣除项目明细采集底稿'!V:V,"直接归集成本费用") -> 0 | G25: =SUMIFS('附表7-扣除项目明细采集底稿'!Y:Y,'附表7-扣除项目明细采集底稿'!E:E,数据对照表!D7,'附表7-扣除项目明细采集底稿'!V:V,"直接归集成本费用") -> 0 | H25: =SUM(E25:G25) -> 0 | I25: =SUMIFS('附表7-扣除项目明细采集底稿'!W:W,'附表7-扣除项目明细采集底稿'!E:E,数据对照表!D7,'附表7-扣除项目明细采集底稿'!V:V,"共同成本费用") -> 111440.22 | J25: =SUMIFS('附表7-扣除项目明细采集底稿'!X:X,'附表7-扣除项目明细采集底稿'!E:E,数据对照表!D7,'附表7-扣除项目明细采集底稿'!V:V,"共同成本费用") -> 73731.92 | K25: =SUMIFS('附表7-扣除项目明细采集底稿'!Y:Y,'附表7-扣除项目明细采集底稿'!E:E,数据对照表!D7,'附表7-扣除项目明细采集底稿'!V:V,"共同成本费用") -> 44856.16 | L25: =SUM(I25:K25) -> 230028.3 | M25: =H25+L25 -> 230028.3
A26: 21 | D26: =数据对照表!D8 -> 测绘费用 | E26: =SUMIFS('附表7-扣除项目明细采集底稿'!W:W,'附表7-扣除项目明细采集底稿'!E:E,数据对照表!D8,'附表7-扣除项目明细采集底稿'!V:V,"直接归集成本费用") -> 33316.23 | F26: =SUMIFS('附表7-扣除项目明细采集底稿'!X:X,'附表7-扣除项目明细采集底稿'!E:E,数据对照表!D8,'附表7-扣除项目明细采集底稿'!V:V,"直接归集成本费用") -> 22042.93 | G26: =SUMIFS('附表7-扣除项目明细采集底稿'!Y:Y,'附表7-扣除项目明细采集底稿'!E:E,数据对照表!D8,'附表7-扣除项目明细采集底稿'!V:V,"直接归集成本费用") -> 37666.95 | H26: =SUM(E26:G26) -> 93026.11 | I26: =SUMIFS('附表7-扣除项目明细采集底稿'!W:W,'附表7-扣除项目明细采集底稿'!E:E,数据对照表!D8,'附表7-扣除项目明细采集底稿'!V:V,"共同成本费用") -> 103756.82 | J26: =SUMIFS('附表7-扣除项目明细采集底稿'!X:X,'附表7-扣除项目明细采集底稿'!E:E,数据对照表!D8,'附表7-扣除项目明细采集底稿'!V:V,"共同成本费用") -> 68648.37 | K26: =SUMIFS('附表7-扣除项目明细采集底稿'!Y:Y,'附表7-扣除项目明细采集底稿'!E:E,数据对照表!D8,'附表7-扣除项目明细采集底稿'!V:V,"共同成本费用") -> 41763.49 | L26: =SUM(I26:K26) -> 214168.68 | M26: =H26+L26 -> 307194.79
A27: 22 | D27: =数据对照表!D9 -> 七通一平支出 | E27: =SUMIFS('附表7-扣除项目明细采集底稿'!W:W,'附表7-扣除项目明细采集底稿'!E:E,数据对照表!D9,'附表7-扣除项目明细采集底稿'!V:V,"直接归集成本费用") -> 171978.06 | F27: =SUMIFS('附表7-扣除项目明细采集底稿'!X:X,'附表7-扣除项目明细采集底稿'!E:E,数据对照表!D9,'附表7-扣除项目明细采集底稿'!V:V,"直接归集成本费用") -> 113785.42 | G27: =SUMIFS('附表7-扣除项目明细采集底稿'!Y:Y,'附表7-扣除项目明细采集底稿'!E:E,数据对照表!D9,'附表7-扣除项目明细采集底稿'!V:V,"直接归集成本费用") -> 32536.52 | H27: =SUM(E27:G27) -> 318300 | I27: =SUMIFS('附表7-扣除项目明细采集底稿'!W:W,'附表7-扣除项目明细采集底稿'!E:E,数据对照表!D9,'附表7-扣除项目明细采集底稿'!V:V,"共同成本费用") -> 495052.49 | J27: =SUMIFS('附表7-扣除项目明细采集底稿'!X:X,'附表7-扣除项目明细采集底稿'!E:E,数据对照表!D9,'附表7-扣除项目明细采集底稿'!V:V,"共同成本费用") -> 327540.33 | K27: =SUMIFS('附表7-扣除项目明细采集底稿'!Y:Y,'附表7-扣除项目明细采集底稿'!E:E,数据对照表!D9,'附表7-扣除项目明细采集底稿'!V:V,"共同成本费用") -> 199265.22 | L27: =SUM(I27:K27) -> 1021858 | M27: =H27+L27 -> 1340158
A28: 23 | D28: =数据对照表!D10 -> 其他前期工程费 | E28: =SUMIFS('附表7-扣除项目明细采集底稿'!W:W,'附表7-扣除项目明细采集底稿'!E:E,数据对照表!D10,'附表7-扣除项目明细采集底稿'!V:V,"直接归集成本费用") -> 1499562.2 | F28: =SUMIFS('附表7-扣除项目明细采集底稿'!X:X,'附表7-扣除项目明细采集底稿'!E:E,数据对照表!D10,'附表7-扣除项目明细采集底稿'!V:V,"直接归集成本费用") -> 992151.63 | G28: =SUMIFS('附表7-扣除项目明细采集底稿'!Y:Y,'附表7-扣除项目明细采集底稿'!E:E,数据对照表!D10,'附表7-扣除项目明细采集底稿'!V:V,"直接归集成本费用") -> 637122.46 | H28: =SUM(E28:G28) -> 3128836.2 | I28: =SUMIFS('附表7-扣除项目明细采集底稿'!W:W,'附表7-扣除项目明细采集底稿'!E:E,数据对照表!D10,'附表7-扣除项目明细采集底稿'!V:V,"共同成本费用") -> 884.12 | J28: =SUMIFS('附表7-扣除项目明细采集底稿'!X:X,'附表7-扣除项目明细采集底稿'!E:E,数据对照表!D10,'附表7-扣除项目明细采集底稿'!V:V,"共同成本费用") -> 584.95 | K28: =SUMIFS('附表7-扣除项目明细采集底稿'!Y:Y,'附表7-扣除项目明细采集底稿'!E:E,数据对照表!D10,'附表7-扣除项目明细采集底稿'!V:V,"共同成本费用") -> 355.86 | L28: =SUM(I28:K28) -> 1824.93 | M28: =H28+L28 -> 3130661.2
A29: 24 | C29: =数据对照表!E1 -> 建筑安装工程费 | E29: =SUMIFS('附表7-扣除项目明细采集底稿'!W:W,'附表7-扣除项目明细采集底稿'!D:D,数据对照表!E1,'附表7-扣除项目明细采集底稿'!V:V,"直接归集成本费用") -> 45637381 | F29: =SUMIFS('附表7-扣除项目明细采集底稿'!X:X,'附表7-扣除项目明细采集底稿'!D:D,数据对照表!E1,'附表7-扣除项目明细采集底稿'!V:V,"直接归集成本费用") -> 30194969 | G29: =SUMIFS('附表7-扣除项目明细采集底稿'!Y:Y,'附表7-扣除项目明细采集底稿'!D:D,数据对照表!E1,'附表7-扣除项目明细采集底稿'!V:V,"直接归集成本费用") -> 24217141 | H29: =SUM(E29:G29) -> 1.0004949e+08 | I29: =SUMIFS('附表7-扣除项目明细采集底稿'!W:W,'附表7-扣除项目明细采集底稿'!D:D,数据对照表!E1,'附表7-扣除项目明细采集底稿'!V:V,"共同成本费用") -> 1271009 | J29: =SUMIFS('附表7-扣除项目明细采集底稿'!X:X,'附表7-扣除项目明细采集底稿'!D:D,数据对照表!E1,'附表7-扣除项目明细采集底稿'!V:V,"共同成本费用") -> 840934.59 | K29: =SUMIFS('附表7-扣除项目明细采集底稿'!Y:Y,'附表7-扣除项目明细采集底稿'!D:D,数据对照表!E1,'附表7-扣除项目明细采集底稿'!V:V,"共同成本费用") -> 511598 | L29: =SUM(I29:K29) -> 2623541.6 | M29: =H29+L29 -> 1.0267303e+08
A30: 25 | C30: 其中 | D30: =数据对照表!E2 -> 桩基础工程费用 | E30: =SUMIFS('附表7-扣除项目明细采集底稿'!W:W,'附表7-扣除项目明细采集底稿'!E:E,数据对照表!E2,'附表7-扣除项目明细采集底稿'!V:V,"直接归集成本费用") -> 0 | F30: =SUMIFS('附表7-扣除项目明细采集底稿'!X:X,'附表7-扣除项目明细采集底稿'!E:E,数据对照表!E2,'附表7-扣除项目明细采集底稿'!V:V,"直接归集成本费用") -> 0 | G30: =SUMIFS('附表7-扣除项目明细采集底稿'!Y:Y,'附表7-扣除项目明细采集底稿'!E:E,数据对照表!E2,'附表7-扣除项目明细采集底稿'!V:V,"直接归集成本费用") -> 0 | H30: =SUM(E30:G30) -> 0 | I30: =SUMIFS('附表7-扣除项目明细采集底稿'!W:W,'附表7-扣除项目明细采集底稿'!E:E,数据对照表!E2,'附表7-扣除项目明细采集底稿'!V:V,"共同成本费用") -> 0 | J30: =SUMIFS('附表7-扣除项目明细采集底稿'!X:X,'附表7-扣除项目明细采集底稿'!E:E,数据对照表!E2,'附表7-扣除项目明细采集底稿'!V:V,"共同成本费用") -> 0 | K30: =SUMIFS('附表7-扣除项目明细采集底稿'!Y:Y,'附表7-扣除项目明细采集底稿'!E:E,数据对照表!E2,'附表7-扣除项目明细采集底稿'!V:V,"共同成本费用") -> 0 | L30: =SUM(I30:K30) -> 0 | M30: =H30+L30 -> 0
A31: 26 | D31: =数据对照表!E3 -> 地下室工程费用 | E31: =SUMIFS('附表7-扣除项目明细采集底稿'!W:W,'附表7-扣除项目明细采集底稿'!E:E,数据对照表!E3,'附表7-扣除项目明细采集底稿'!V:V,"直接归集成本费用") -> 17890.2 | F31: =SUMIFS('附表7-扣除项目明细采集底稿'!X:X,'附表7-扣除项目明细采集底稿'!E:E,数据对照表!E3,'附表7-扣除项目明细采集底稿'!V:V,"直接归集成本费用") -> 11836.65 | G31: =SUMIFS('附表7-扣除项目明细采集底稿'!Y:Y,'附表7-扣除项目明细采集底稿'!E:E,数据对照表!E3,'附表7-扣除项目明细采集底稿'!V:V,"直接归集成本费用") -> 3384.65 | H31: =SUM(E31:G31) -> 33111.5 | I31: =SUMIFS('附表7-扣除项目明细采集底稿'!W:W,'附表7-扣除项目明细采集底稿'!E:E,数据对照表!E3,'附表7-扣除项目明细采集底稿'!V:V,"共同成本费用") -> 0 | J31: =SUMIFS('附表7-扣除项目明细采集底稿'!X:X,'附表7-扣除项目明细采集底稿'!E:E,数据对照表!E3,'附表7-扣除项目明细采集底稿'!V:V,"共同成本费用") -> 0 | K31: =SUMIFS('附表7-扣除项目明细采集底稿'!Y:Y,'附表7-扣除项目明细采集底稿'!E:E,数据对照表!E3,'附表7-扣除项目明细采集底稿'!V:V,"共同成本费用") -> 0 | L31: =SUM(I31:K31) -> 0 | M31: =H31+L31 -> 33111.5
A32: 27 | D32: =数据对照表!E4 -> 地上建筑工程费用 | E32: =SUMIFS('附表7-扣除项目明细采集底稿'!W:W,'附表7-扣除项目明细采集底稿'!E:E,数据对照表!E4,'附表7-扣除项目明细采集底稿'!V:V,"直接归集成本费用") -> 40176119 | F32: =SUMIFS('附表7-扣除项目明细采集底稿'!X:X,'附表7-扣除项目明细采集底稿'!E:E,数据对照表!E4,'附表7-扣除项目明细采集底稿'!V:V,"直接归集成本费用") -> 26581627 | G32: =SUMIFS('附表7-扣除项目明细采集底稿'!Y:Y,'附表7-扣除项目明细采集底稿'!E:E,数据对照表!E4,'附表7-扣除项目明细采集底稿'!V:V,"直接归集成本费用") -> 18207675 | H32: =SUM(E32:G32) -> 84965421 | I32: =SUMIFS('附表7-扣除项目明细采集底稿'!W:W,'附表7-扣除项目明细采集底稿'!E:E,数据对照表!E4,'附表7-扣除项目明细采集底稿'!V:V,"共同成本费用") -> 1271009 | J32: =SUMIFS('附表7-扣除项目明细采集底稿'!X:X,'附表7-扣除项目明细采集底稿'!E:E,数据对照表!E4,'附表7-扣除项目明细采集底稿'!V:V,"共同成本费用") -> 840934.59 | K32: =SUMIFS('附表7-扣除项目明细采集底稿'!Y:Y,'附表7-扣除项目明细采集底稿'!E:E,数据对照表!E4,'附表7-扣除项目明细采集底稿'!V:V,"共同成本费用") -> 511598 | L32: =SUM(I32:K32) -> 2623541.6 | M32: =H32+L32 -> 87588963
A33: 28 | D33: =数据对照表!E5 -> 户内装修费用 | E33: =SUMIFS('附表7-扣除项目明细采集底稿'!W:W,'附表7-扣除项目明细采集底稿'!E:E,数据对照表!E5,'附表7-扣除项目明细采集底稿'!V:V,"直接归集成本费用") -> 1263425.6 | F33: =SUMIFS('附表7-扣除项目明细采集底稿'!X:X,'附表7-扣除项目明细采集底稿'!E:E,数据对照表!E5,'附表7-扣除项目明细采集底稿'!V:V,"直接归集成本费用") -> 835938.26 | G33: =SUMIFS('附表7-扣除项目明细采集底稿'!Y:Y,'附表7-扣除项目明细采集底稿'!E:E,数据对照表!E5,'附表7-扣除项目明细采集底稿'!V:V,"直接归集成本费用") -> 875009.62 | H33: =SUM(E33:G33) -> 2974373.5 | I33: =SUMIFS('附表7-扣除项目明细采集底稿'!W:W,'附表7-扣除项目明细采集底稿'!E:E,数据对照表!E5,'附表7-扣除项目明细采集底稿'!V:V,"共同成本费用") -> 0 | J33: =SUMIFS('附表7-扣除项目明细采集底稿'!X:X,'附表7-扣除项目明细采集底稿'!E:E,数据对照表!E5,'附表7-扣除项目明细采集底稿'!V:V,"共同成本费用") -> 0 | K33: =SUMIFS('附表7-扣除项目明细采集底稿'!Y:Y,'附表7-扣除项目明细采集底稿'!E:E,数据对照表!E5,'附表7-扣除项目明细采集底稿'!V:V,"共同成本费用") -> 0 | L33: =SUM(I33:K33) -> 0 | M33: =H33+L33 -> 2974373.5
A34: 29 | D34: =数据对照表!E6 -> 高档外立面工程费用 | E34: =SUMIFS('附表7-扣除项目明细采集底稿'!W:W,'附表7-扣除项目明细采集底稿'!E:E,数据对照表!E6,'附表7-扣除项目明细采集底稿'!V:V,"直接归集成本费用") -> 11806.39 | F34: =SUMIFS('附表7-扣除项目明细采集底稿'!X:X,'附表7-扣除项目明细采集底稿'!E:E,数据对照表!E6,'附表7-扣除项目明细采集底稿'!V:V,"直接归集成本费用") -> 7811.44 | G34: =SUMIFS('附表7-扣除项目明细采集底稿'!Y:Y,'附表7-扣除项目明细采集底稿'!E:E,数据对照表!E6,'附表7-扣除项目明细采集底稿'!V:V,"直接归集成本费用") -> 1983760.6 | H34: =SUM(E34:G34) -> 2003378.4 | I34: =SUMIFS('附表7-扣除项目明细采集底稿'!W:W,'附表7-扣除项目明细采集底稿'!E:E,数据对照表!E6,'附表7-扣除项目明细采集底稿'!V:V,"共同成本费用") -> 0 | J34: =SUMIFS('附表7-扣除项目明细采集底稿'!X:X,'附表7-扣除项目明细采集底稿'!E:E,数据对照表!E6,'附表7-扣除项目明细采集底稿'!V:V,"共同成本费用") -> 0 | K34: =SUMIFS('附表7-扣除项目明细采集底稿'!Y:Y,'附表7-扣除项目明细采集底稿'!E:E,数据对照表!E6,'附表7-扣除项目明细采集底稿'!V:V,"共同成本费用") -> 0 | L34: =SUM(I34:K34) -> 0 | M34: =H34+L34 -> 2003378.4
A35: 30 | D35: =数据对照表!E7 -> 其他建筑安装工程费 | E35: =SUMIFS('附表7-扣除项目明细采集底稿'!W:W,'附表7-扣除项目明细采集底稿'!E:E,数据对照表!E7,'附表7-扣除项目明细采集底稿'!V:V,"直接归集成本费用") -> 4168139.3 | F35: =SUMIFS('附表7-扣除项目明细采集底稿'!X:X,'附表7-扣除项目明细采集底稿'!E:E,数据对照表!E7,'附表7-扣除项目明细采集底稿'!V:V,"直接归集成本费用") -> 2757755.7 | G35: =SUMIFS('附表7-扣除项目明细采集底稿'!Y:Y,'附表7-扣除项目明细采集底稿'!E:E,数据对照表!E7,'附表7-扣除项目明细采集底稿'!V:V,"直接归集成本费用") -> 3147311.4 | H35: =SUM(E35:G35) -> 10073206 | I35: =SUMIFS('附表7-扣除项目明细采集底稿'!W:W,'附表7-扣除项目明细采集底稿'!E:E,数据对照表!E7,'附表7-扣除项目明细采集底稿'!V:V,"共同成本费用") -> 0 | J35: =SUMIFS('附表7-扣除项目明细采集底稿'!X:X,'附表7-扣除项目明细采集底稿'!E:E,数据对照表!E7,'附表7-扣除项目明细采集底稿'!V:V,"共同成本费用") -> 0 | K35: =SUMIFS('附表7-扣除项目明细采集底稿'!Y:Y,'附表7-扣除项目明细采集底稿'!E:E,数据对照表!E7,'附表7-扣除项目明细采集底稿'!V:V,"共同成本费用") -> 0 | L35: =SUM(I35:K35) -> 0 | M35: =H35+L35 -> 10073206
A36: 31 | C36: =数据对照表!F1 -> 基础设施费 | E36: =SUMIFS('附表7-扣除项目明细采集底稿'!W:W,'附表7-扣除项目明细采集底稿'!D:D,数据对照表!F1,'附表7-扣除项目明细采集底稿'!V:V,"直接归集成本费用") -> 2426295.3 | F36: =SUMIFS('附表7-扣除项目明细采集底稿'!X:X,'附表7-扣除项目明细采集底稿'!D:D,数据对照表!F1,'附表7-扣除项目明细采集底稿'!V:V,"直接归集成本费用") -> 1605303.8 | G36: =SUMIFS('附表7-扣除项目明细采集底稿'!Y:Y,'附表7-扣除项目明细采集底稿'!D:D,数据对照表!F1,'附表7-扣除项目明细采集底稿'!V:V,"直接归集成本费用") -> 1352711.7 | H36: =SUM(E36:G36) -> 5384310.8 | I36: =SUMIFS('附表7-扣除项目明细采集底稿'!W:W,'附表7-扣除项目明细采集底稿'!D:D,数据对照表!F1,'附表7-扣除项目明细采集底稿'!V:V,"共同成本费用") -> 8675206.8 | J36: =SUMIFS('附表7-扣除项目明细采集底稿'!X:X,'附表7-扣除项目明细采集底稿'!D:D,数据对照表!F1,'附表7-扣除项目明细采集底稿'!V:V,"共同成本费用") -> 5739755.8 | K36: =SUMIFS('附表7-扣除项目明细采集底稿'!Y:Y,'附表7-扣除项目明细采集底稿'!D:D,数据对照表!F1,'附表7-扣除项目明细采集底稿'!V:V,"共同成本费用") -> 3491885.9 | L36: =SUM(I36:K36) -> 17906848 | M36: =H36+L36 -> 23291159
A37: 32 | C37: 其中 | D37: =数据对照表!F2 -> 开发小区内道路工程支出 | E37: =SUMIFS('附表7-扣除项目明细采集底稿'!W:W,'附表7-扣除项目明细采集底稿'!E:E,数据对照表!F2,'附表7-扣除项目明细采集底稿'!V:V,"直接归集成本费用") -> 107104.07 | F37: =SUMIFS('附表7-扣除项目明细采集底稿'!X:X,'附表7-扣除项目明细采集底稿'!E:E,数据对照表!F2,'附表7-扣除项目明细采集底稿'!V:V,"直接归集成本费用") -> 70863 | G37: =SUMIFS('附表7-扣除项目明细采集底稿'!Y:Y,'附表7-扣除项目明细采集底稿'!E:E,数据对照表!F2,'附表7-扣除项目明细采集底稿'!V:V,"直接归集成本费用") -> 20263.01 | H37: =SUM(E37:G37) -> 198230.08 | I37: =SUMIFS('附表7-扣除项目明细采集底稿'!W:W,'附表7-扣除项目明细采集底稿'!E:E,数据对照表!F2,'附表7-扣除项目明细采集底稿'!V:V,"共同成本费用") -> 554835.37 | J37: =SUMIFS('附表7-扣除项目明细采集底稿'!X:X,'附表7-扣除项目明细采集底稿'!E:E,数据对照表!F2,'附表7-扣除项目明细采集底稿'!V:V,"共同成本费用") -> 367094.37 | K37: =SUMIFS('附表7-扣除项目明细采集底稿'!Y:Y,'附表7-扣除项目明细采集底稿'!E:E,数据对照表!F2,'附表7-扣除项目明细采集底稿'!V:V,"共同成本费用") -> 223328.6 | L37: =SUM(I37:K37) -> 1145258.3 | M37: =H37+L37 -> 1343488.4
A38: 33 | D38: =数据对照表!F3 -> 供水工程支出 | E38: =SUMIFS('附表7-扣除项目明细采集底稿'!W:W,'附表7-扣除项目明细采集底稿'!E:E,数据对照表!F3,'附表7-扣除项目明细采集底稿'!V:V,"直接归集成本费用") -> 38963.88 | F38: =SUMIFS('附表7-扣除项目明细采集底稿'!X:X,'附表7-扣除项目明细采集底稿'!E:E,数据对照表!F3,'附表7-扣除项目明细采集底稿'!V:V,"直接归集成本费用") -> 25779.58 | G38: =SUMIFS('附表7-扣除项目明细采集底稿'!Y:Y,'附表7-扣除项目明细采集底稿'!E:E,数据对照表!F3,'附表7-扣除项目明细采集底稿'!V:V,"直接归集成本费用") -> 7371.58 | H38: =SUM(E38:G38) -> 72115.04 | I38: =SUMIFS('附表7-扣除项目明细采集底稿'!W:W,'附表7-扣除项目明细采集底稿'!E:E,数据对照表!F3,'附表7-扣除项目明细采集底稿'!V:V,"共同成本费用") -> 13021.7 | J38: =SUMIFS('附表7-扣除项目明细采集底稿'!X:X,'附表7-扣除项目明细采集底稿'!E:E,数据对照表!F3,'附表7-扣除项目明细采集底稿'!V:V,"共同成本费用") -> 8615.51 | K38: =SUMIFS('附表7-扣除项目明细采集底稿'!Y:Y,'附表7-扣除项目明细采集底稿'!E:E,数据对照表!F3,'附表7-扣除项目明细采集底稿'!V:V,"共同成本费用") -> 5241.42 | L38: =SUM(I38:K38) -> 26878.63 | M38: =H38+L38 -> 98993.67
A39: 34 | D39: =数据对照表!F4 -> 供电工程支出 | E39: =SUMIFS('附表7-扣除项目明细采集底稿'!W:W,'附表7-扣除项目明细采集底稿'!E:E,数据对照表!F4,'附表7-扣除项目明细采集底稿'!V:V,"直接归集成本费用") -> 456668.74 | F39: =SUMIFS('附表7-扣除项目明细采集底稿'!X:X,'附表7-扣除项目明细采集底稿'!E:E,数据对照表!F4,'附表7-扣除项目明细采集底稿'!V:V,"直接归集成本费用") -> 302144.61 | G39: =SUMIFS('附表7-扣除项目明细采集底稿'!Y:Y,'附表7-扣除项目明细采集底稿'!E:E,数据对照表!F4,'附表7-扣除项目明细采集底稿'!V:V,"直接归集成本费用") -> 86397.16 | H39: =SUM(E39:G39) -> 845210.51 | I39: =SUMIFS('附表7-扣除项目明细采集底稿'!W:W,'附表7-扣除项目明细采集底稿'!E:E,数据对照表!F4,'附表7-扣除项目明细采集底稿'!V:V,"共同成本费用") -> 279067.48 | J39: =SUMIFS('附表7-扣除项目明细采集底稿'!X:X,'附表7-扣除项目明细采集底稿'!E:E,数据对照表!F4,'附表7-扣除项目明细采集底稿'!V:V,"共同成本费用") -> 184638.73 | K39: =SUMIFS('附表7-扣除项目明细采集底稿'!Y:Y,'附表7-扣除项目明细采集底稿'!E:E,数据对照表!F4,'附表7-扣除项目明细采集底稿'!V:V,"共同成本费用") -> 112328.36 | L39: =SUM(I39:K39) -> 576034.57 | M39: =H39+L39 -> 1421245.1
A40: 35 | D40: =数据对照表!F5 -> 供气工程支出 | E40: =SUMIFS('附表7-扣除项目明细采集底稿'!W:W,'附表7-扣除项目明细采集底稿'!E:E,数据对照表!F5,'附表7-扣除项目明细采集底稿'!V:V,"直接归集成本费用") -> 828653.1 | F40: =SUMIFS('附表7-扣除项目明细采集底稿'!X:X,'附表7-扣除项目明细采集底稿'!E:E,数据对照表!F5,'附表7-扣除项目明细采集底稿'!V:V,"直接归集成本费用") -> 548259.72 | G40: =SUMIFS('附表7-扣除项目明细采集底稿'!Y:Y,'附表7-扣除项目明细采集底稿'!E:E,数据对照表!F5,'附表7-扣除项目明细采集底稿'!V:V,"直接归集成本费用") -> 398492.21 | H40: =SUM(E40:G40) -> 1775405 | I40: =SUMIFS('附表7-扣除项目明细采集底稿'!W:W,'附表7-扣除项目明细采集底稿'!E:E,数据对照表!F5,'附表7-扣除项目明细采集底稿'!V:V,"共同成本费用") -> 0 | J40: =SUMIFS('附表7-扣除项目明细采集底稿'!X:X,'附表7-扣除项目明细采集底稿'!E:E,数据对照表!F5,'附表7-扣除项目明细采集底稿'!V:V,"共同成本费用") -> 0 | K40: =SUMIFS('附表7-扣除项目明细采集底稿'!Y:Y,'附表7-扣除项目明细采集底稿'!E:E,数据对照表!F5,'附表7-扣除项目明细采集底稿'!V:V,"共同成本费用") -> 0 | L40: =SUM(I40:K40) -> 0 | M40: =H40+L40 -> 1775405
A41: 36 | D41: =数据对照表!F6 -> 排污工程支出 | E41: =SUMIFS('附表7-扣除项目明细采集底稿'!W:W,'附表7-扣除项目明细采集底稿'!E:E,数据对照表!F6,'附表7-扣除项目明细采集底稿'!V:V,"直接归集成本费用") -> 0 | F41: =SUMIFS('附表7-扣除项目明细采集底稿'!X:X,'附表7-扣除项目明细采集底稿'!E:E,数据对照表!F6,'附表7-扣除项目明细采集底稿'!V:V,"直接归集成本费用") -> 0 | G41: =SUMIFS('附表7-扣除项目明细采集底稿'!Y:Y,'附表7-扣除项目明细采集底稿'!E:E,数据对照表!F6,'附表7-扣除项目明细采集底稿'!V:V,"直接归集成本费用") -> 0 | H41: =SUM(E41:G41) -> 0 | I41: =SUMIFS('附表7-扣除项目明细采集底稿'!W:W,'附表7-扣除项目明细采集底稿'!E:E,数据对照表!F6,'附表7-扣除项目明细采集底稿'!V:V,"共同成本费用") -> 579343.72 | J41: =SUMIFS('附表7-扣除项目明细采集底稿'!X:X,'附表7-扣除项目明细采集底稿'!E:E,数据对照表!F6,'附表7-扣除项目明细采集底稿'!V:V,"共同成本费用") -> 383309.74 | K41: =SUMIFS('附表7-扣除项目明细采集底稿'!Y:Y,'附表7-扣除项目明细采集底稿'!E:E,数据对照表!F6,'附表7-扣除项目明细采集底稿'!V:V,"共同成本费用") -> 233193.53 | L41: =SUM(I41:K41) -> 1195847 | M41: =H41+L41 -> 1195847
A42: 37 | D42: =数据对照表!F7 -> 排洪工程支出 | E42: =SUMIFS('附表7-扣除项目明细采集底稿'!W:W,'附表7-扣除项目明细采集底稿'!E:E,数据对照表!F7,'附表7-扣除项目明细采集底稿'!V:V,"直接归集成本费用") -> 0 | F42: =SUMIFS('附表7-扣除项目明细采集底稿'!X:X,'附表7-扣除项目明细采集底稿'!E:E,数据对照表!F7,'附表7-扣除项目明细采集底稿'!V:V,"直接归集成本费用") -> 0 | G42: =SUMIFS('附表7-扣除项目明细采集底稿'!Y:Y,'附表7-扣除项目明细采集底稿'!E:E,数据对照表!F7,'附表7-扣除项目明细采集底稿'!V:V,"直接归集成本费用") -> 0 | H42: =SUM(E42:G42) -> 0 | I42: =SUMIFS('附表7-扣除项目明细采集底稿'!W:W,'附表7-扣除项目明细采集底稿'!E:E,数据对照表!F7,'附表7-扣除项目明细采集底稿'!V:V,"共同成本费用") -> 0 | J42: =SUMIFS('附表7-扣除项目明细采集底稿'!X:X,'附表7-扣除项目明细采集底稿'!E:E,数据对照表!F7,'附表7-扣除项目明细采集底稿'!V:V,"共同成本费用") -> 0 | K42: =SUMIFS('附表7-扣除项目明细采集底稿'!Y:Y,'附表7-扣除项目明细采集底稿'!E:E,数据对照表!F7,'附表7-扣除项目明细采集底稿'!V:V,"共同成本费用") -> 0 | L42: =SUM(I42:K42) -> 0 | M42: =H42+L42 -> 0
A43: 38 | D43: =数据对照表!F8 -> 通讯工程支出 | E43: =SUMIFS('附表7-扣除项目明细采集底稿'!W:W,'附表7-扣除项目明细采集底稿'!E:E,数据对照表!F8,'附表7-扣除项目明细采集底稿'!V:V,"直接归集成本费用") -> 231149.37 | F43: =SUMIFS('附表7-扣除项目明细采集底稿'!X:X,'附表7-扣除项目明细采集底稿'!E:E,数据对照表!F8,'附表7-扣除项目明细采集底稿'!V:V,"直接归集成本费用") -> 152934.79 | G43: =SUMIFS('附表7-扣除项目明细采集底稿'!Y:Y,'附表7-扣除项目明细采集底稿'!E:E,数据对照表!F8,'附表7-扣除项目明细采集底稿'!V:V,"直接归集成本费用") -> 43731.14 | H43: =SUM(E43:G43) -> 427815.3 | I43: =SUMIFS('附表7-扣除项目明细采集底稿'!W:W,'附表7-扣除项目明细采集底稿'!E:E,数据对照表!F8,'附表7-扣除项目明细采集底稿'!V:V,"共同成本费用") -> 100729.95 | J43: =SUMIFS('附表7-扣除项目明细采集底稿'!X:X,'附表7-扣除项目明细采集底稿'!E:E,数据对照表!F8,'附表7-扣除项目明细采集底稿'!V:V,"共同成本费用") -> 66645.7 | K43: =SUMIFS('附表7-扣除项目明细采集底稿'!Y:Y,'附表7-扣除项目明细采集底稿'!E:E,数据对照表!F8,'附表7-扣除项目明细采集底稿'!V:V,"共同成本费用") -> 40545.14 | L43: =SUM(I43:K43) -> 207920.79 | M43: =H43+L43 -> 635736.09
A44: 39 | D44: =数据对照表!F9 -> 照明工程支出 | E44: =SUMIFS('附表7-扣除项目明细采集底稿'!W:W,'附表7-扣除项目明细采集底稿'!E:E,数据对照表!F9,'附表7-扣除项目明细采集底稿'!V:V,"直接归集成本费用") -> 550701.62 | F44: =SUMIFS('附表7-扣除项目明细采集底稿'!X:X,'附表7-扣除项目明细采集底稿'!E:E,数据对照表!F9,'附表7-扣除项目明细采集底稿'!V:V,"直接归集成本费用") -> 364359.36 | G44: =SUMIFS('附表7-扣除项目明细采集底稿'!Y:Y,'附表7-扣除项目明细采集底稿'!E:E,数据对照表!F9,'附表7-扣除项目明细采集底稿'!V:V,"直接归集成本费用") -> 364303.76 | H44: =SUM(E44:G44) -> 1279364.7 | I44: =SUMIFS('附表7-扣除项目明细采集底稿'!W:W,'附表7-扣除项目明细采集底稿'!E:E,数据对照表!F9,'附表7-扣除项目明细采集底稿'!V:V,"共同成本费用") -> 1154274.4 | J44: =SUMIFS('附表7-扣除项目明细采集底稿'!X:X,'附表7-扣除项目明细采集底稿'!E:E,数据对照表!F9,'附表7-扣除项目明细采集底稿'!V:V,"共同成本费用") -> 763699.72 | K44: =SUMIFS('附表7-扣除项目明细采集底稿'!Y:Y,'附表7-扣除项目明细采集底稿'!E:E,数据对照表!F9,'附表7-扣除项目明细采集底稿'!V:V,"共同成本费用") -> 464610.75 | L44: =SUM(I44:K44) -> 2382584.9 | M44: =H44+L44 -> 3661949.6
A45: 40 | D45: =数据对照表!F10 -> 环卫工程支出 | E45: =SUMIFS('附表7-扣除项目明细采集底稿'!W:W,'附表7-扣除项目明细采集底稿'!E:E,数据对照表!F10,'附表7-扣除项目明细采集底稿'!V:V,"直接归集成本费用") -> 0 | F45: =SUMIFS('附表7-扣除项目明细采集底稿'!X:X,'附表7-扣除项目明细采集底稿'!E:E,数据对照表!F10,'附表7-扣除项目明细采集底稿'!V:V,"直接归集成本费用") -> 0 | G45: =SUMIFS('附表7-扣除项目明细采集底稿'!Y:Y,'附表7-扣除项目明细采集底稿'!E:E,数据对照表!F10,'附表7-扣除项目明细采集底稿'!V:V,"直接归集成本费用") -> 0 | H45: =SUM(E45:G45) -> 0 | I45: =SUMIFS('附表7-扣除项目明细采集底稿'!W:W,'附表7-扣除项目明细采集底稿'!E:E,数据对照表!F10,'附表7-扣除项目明细采集底稿'!V:V,"共同成本费用") -> 226196.65 | J45: =SUMIFS('附表7-扣除项目明细采集底稿'!X:X,'附表7-扣除项目明细采集底稿'!E:E,数据对照表!F10,'附表7-扣除项目明细采集底稿'!V:V,"共同成本费用") -> 149657.94 | K45: =SUMIFS('附表7-扣除项目明细采集底稿'!Y:Y,'附表7-扣除项目明细采集底稿'!E:E,数据对照表!F10,'附表7-扣除项目明细采集底稿'!V:V,"共同成本费用") -> 91047.15 | L45: =SUM(I45:K45) -> 466901.74 | M45: =H45+L45 -> 466901.74
A46: 41 | D46: =数据对照表!F11 -> 绿化费用 | E46: =SUMIFS('附表7-扣除项目明细采集底稿'!W:W,'附表7-扣除项目明细采集底稿'!E:E,数据对照表!F11,'附表7-扣除项目明细采集底稿'!V:V,"直接归集成本费用") -> 69821.29 | F46: =SUMIFS('附表7-扣除项目明细采集底稿'!X:X,'附表7-扣除项目明细采集底稿'!E:E,数据对照表!F11,'附表7-扣除项目明细采集底稿'!V:V,"直接归集成本费用") -> 46195.68 | G46: =SUMIFS('附表7-扣除项目明细采集底稿'!Y:Y,'附表7-扣除项目明细采集底稿'!E:E,数据对照表!F11,'附表7-扣除项目明细采集底稿'!V:V,"直接归集成本费用") -> 21780 | H46: =SUM(E46:G46) -> 137796.97 | I46: =SUMIFS('附表7-扣除项目明细采集底稿'!W:W,'附表7-扣除项目明细采集底稿'!E:E,数据对照表!F11,'附表7-扣除项目明细采集底稿'!V:V,"共同成本费用") -> 5681784.1 | J46: =SUMIFS('附表7-扣除项目明细采集底稿'!X:X,'附表7-扣除项目明细采集底稿'!E:E,数据对照表!F11,'附表7-扣除项目明细采集底稿'!V:V,"共同成本费用") -> 3759224.9 | K46: =SUMIFS('附表7-扣除项目明细采集底稿'!Y:Y,'附表7-扣除项目明细采集底稿'!E:E,数据对照表!F11,'附表7-扣除项目明细采集底稿'!V:V,"共同成本费用") -> 2286993.5 | L46: =SUM(I46:K46) -> 11728003 | M46: =H46+L46 -> 11865800
A47: 42 | D47: =数据对照表!F12 -> 其他设施工程发生的支出 | E47: =SUMIFS('附表7-扣除项目明细采集底稿'!W:W,'附表7-扣除项目明细采集底稿'!E:E,数据对照表!F12,'附表7-扣除项目明细采集底稿'!V:V,"直接归集成本费用") -> 143233.23 | F47: =SUMIFS('附表7-扣除项目明细采集底稿'!X:X,'附表7-扣除项目明细采集底稿'!E:E,数据对照表!F12,'附表7-扣除项目明细采集底稿'!V:V,"直接归集成本费用") -> 94767.06 | G47: =SUMIFS('附表7-扣除项目明细采集底稿'!Y:Y,'附表7-扣除项目明细采集底稿'!E:E,数据对照表!F12,'附表7-扣除项目明细采集底稿'!V:V,"直接归集成本费用") -> 410372.88 | H47: =SUM(E47:G47) -> 648373.17 | I47: =SUMIFS('附表7-扣除项目明细采集底稿'!W:W,'附表7-扣除项目明细采集底稿'!E:E,数据对照表!F12,'附表7-扣除项目明细采集底稿'!V:V,"共同成本费用") -> 85953.42 | J47: =SUMIFS('附表7-扣除项目明细采集底稿'!X:X,'附表7-扣除项目明细采集底稿'!E:E,数据对照表!F12,'附表7-扣除项目明细采集底稿'!V:V,"共同成本费用") -> 56869.16 | K47: =SUMIFS('附表7-扣除项目明细采集底稿'!Y:Y,'附表7-扣除项目明细采集底稿'!E:E,数据对照表!F12,'附表7-扣除项目明细采集底稿'!V:V,"共同成本费用") -> 34597.39 | L47: =SUM(I47:K47) -> 177419.97 | M47: =H47+L47 -> 825793.14
A48: 43 | C48: =数据对照表!G1 -> 公共配套设施费 | E48: =SUMIFS('附表7-扣除项目明细采集底稿'!W:W,'附表7-扣除项目明细采集底稿'!D:D,数据对照表!G1,'附表7-扣除项目明细采集底稿'!V:V,"直接归集成本费用") -> 2543840 | F48: =SUMIFS('附表7-扣除项目明细采集底稿'!X:X,'附表7-扣除项目明细采集底稿'!D:D,数据对照表!G1,'附表7-扣除项目明细采集底稿'!V:V,"直接归集成本费用") -> 0 | G48: =SUMIFS('附表7-扣除项目明细采集底稿'!Y:Y,'附表7-扣除项目明细采集底稿'!D:D,数据对照表!G1,'附表7-扣除项目明细采集底稿'!V:V,"直接归集成本费用") -> 574010.31 | H48: =SUM(E48:G48) -> 3117850.4 | I48: =SUMIFS('附表7-扣除项目明细采集底稿'!W:W,'附表7-扣除项目明细采集底稿'!D:D,数据对照表!G1,'附表7-扣除项目明细采集底稿'!V:V,"共同成本费用") -> 1775695.8 | J48: =SUMIFS('附表7-扣除项目明细采集底稿'!X:X,'附表7-扣除项目明细采集底稿'!D:D,数据对照表!G1,'附表7-扣除项目明细采集底稿'!V:V,"共同成本费用") -> 1174849.2 | K48: =SUMIFS('附表7-扣除项目明细采集底稿'!Y:Y,'附表7-扣除项目明细采集底稿'!D:D,数据对照表!G1,'附表7-扣除项目明细采集底稿'!V:V,"共同成本费用") -> 714741.1 | L48: =SUM(I48:K48) -> 3665286.1 | M48: =H48+L48 -> 6783136.4
A49: 44 | C49: 其中 | D49: =数据对照表!G2 -> 居委会用房费用 | E49: =SUMIFS('附表7-扣除项目明细采集底稿'!W:W,'附表7-扣除项目明细采集底稿'!E:E,数据对照表!G2,'附表7-扣除项目明细采集底稿'!V:V,"直接归集成本费用") -> 0 | F49: =SUMIFS('附表7-扣除项目明细采集底稿'!X:X,'附表7-扣除项目明细采集底稿'!E:E,数据对照表!G2,'附表7-扣除项目明细采集底稿'!V:V,"直接归集成本费用") -> 0 | G49: =SUMIFS('附表7-扣除项目明细采集底稿'!Y:Y,'附表7-扣除项目明细采集底稿'!E:E,数据对照表!G2,'附表7-扣除项目明细采集底稿'!V:V,"直接归集成本费用") -> 0 | H49: =SUM(E49:G49) -> 0 | I49: =SUMIFS('附表7-扣除项目明细采集底稿'!W:W,'附表7-扣除项目明细采集底稿'!E:E,数据对照表!G2,'附表7-扣除项目明细采集底稿'!V:V,"共同成本费用") -> 577720.21 | J49: =SUMIFS('附表7-扣除项目明细采集底稿'!X:X,'附表7-扣除项目明细采集底稿'!E:E,数据对照表!G2,'附表7-扣除项目明细采集底稿'!V:V,"共同成本费用") -> 382235.59 | K49: =SUMIFS('附表7-扣除项目明细采集底稿'!Y:Y,'附表7-扣除项目明细采集底稿'!E:E,数据对照表!G2,'附表7-扣除项目明细采集底稿'!V:V,"共同成本费用") -> 232540.06 | L49: =SUM(I49:K49) -> 1192495.9 | M49: =H49+L49 -> 1192495.9
A50: 45 | D50: =数据对照表!G3 -> 派出所用房费用 | E50: =SUMIFS('附表7-扣除项目明细采集底稿'!W:W,'附表7-扣除项目明细采集底稿'!E:E,数据对照表!G3,'附表7-扣除项目明细采集底稿'!V:V,"直接归集成本费用") -> 0 | F50: =SUMIFS('附表7-扣除项目明细采集底稿'!X:X,'附表7-扣除项目明细采集底稿'!E:E,数据对照表!G3,'附表7-扣除项目明细采集底稿'!V:V,"直接归集成本费用") -> 0 | G50: =SUMIFS('附表7-扣除项目明细采集底稿'!Y:Y,'附表7-扣除项目明细采集底稿'!E:E,数据对照表!G3,'附表7-扣除项目明细采集底稿'!V:V,"直接归集成本费用") -> 0 | H50: =SUM(E50:G50) -> 0 | I50: =SUMIFS('附表7-扣除项目明细采集底稿'!W:W,'附表7-扣除项目明细采集底稿'!E:E,数据对照表!G3,'附表7-扣除项目明细采集底稿'!V:V,"共同成本费用") -> 3280.36 | J50: =SUMIFS('附表7-扣除项目明细采集底稿'!X:X,'附表7-扣除项目明细采集底稿'!E:E,数据对照表!G3,'附表7-扣除项目明细采集底稿'!V:V,"共同成本费用") -> 2170.37 | K50: =SUMIFS('附表7-扣除项目明细采集底稿'!Y:Y,'附表7-扣除项目明细采集底稿'!E:E,数据对照表!G3,'附表7-扣除项目明细采集底稿'!V:V,"共同成本费用") -> 1320.39 | L50: =SUM(I50:K50) -> 6771.12 | M50: =H50+L50 -> 6771.12
A51: 46 | D51: =数据对照表!G4 -> 会所费用 | E51: =SUMIFS('附表7-扣除项目明细采集底稿'!W:W,'附表7-扣除项目明细采集底稿'!E:E,数据对照表!G4,'附表7-扣除项目明细采集底稿'!V:V,"直接归集成本费用") -> 0 | F51: =SUMIFS('附表7-扣除项目明细采集底稿'!X:X,'附表7-扣除项目明细采集底稿'!E:E,数据对照表!G4,'附表7-扣除项目明细采集底稿'!V:V,"直接归集成本费用") -> 0 | G51: =SUMIFS('附表7-扣除项目明细采集底稿'!Y:Y,'附表7-扣除项目明细采集底稿'!E:E,数据对照表!G4,'附表7-扣除项目明细采集底稿'!V:V,"直接归集成本费用") -> 0 | H51: =SUM(E51:G51) -> 0 | I51: =SUMIFS('附表7-扣除项目明细采集底稿'!W:W,'附表7-扣除项目明细采集底稿'!E:E,数据对照表!G4,'附表7-扣除项目明细采集底稿'!V:V,"共同成本费用") -> 0 | J51: =SUMIFS('附表7-扣除项目明细采集底稿'!X:X,'附表7-扣除项目明细采集底稿'!E:E,数据对照表!G4,'附表7-扣除项目明细采集底稿'!V:V,"共同成本费用") -> 0 | K51: =SUMIFS('附表7-扣除项目明细采集底稿'!Y:Y,'附表7-扣除项目明细采集底稿'!E:E,数据对照表!G4,'附表7-扣除项目明细采集底稿'!V:V,"共同成本费用") -> 0 | L51: =SUM(I51:K51) -> 0 | M51: =H51+L51 -> 0
A52: 47 | D52: =数据对照表!G5 -> 非机动车库（场）费用 | E52: =SUMIFS('附表7-扣除项目明细采集底稿'!W:W,'附表7-扣除项目明细采集底稿'!E:E,数据对照表!G5,'附表7-扣除项目明细采集底稿'!V:V,"直接归集成本费用") -> 0 | F52: =SUMIFS('附表7-扣除项目明细采集底稿'!X:X,'附表7-扣除项目明细采集底稿'!E:E,数据对照表!G5,'附表7-扣除项目明细采集底稿'!V:V,"直接归集成本费用") -> 0 | G52: =SUMIFS('附表7-扣除项目明细采集底稿'!Y:Y,'附表7-扣除项目明细采集底稿'!E:E,数据对照表!G5,'附表7-扣除项目明细采集底稿'!V:V,"直接归集成本费用") -> 0 | H52: =SUM(E52:G52) -> 0 | I52: =SUMIFS('附表7-扣除项目明细采集底稿'!W:W,'附表7-扣除项目明细采集底稿'!E:E,数据对照表!G5,'附表7-扣除项目明细采集底稿'!V:V,"共同成本费用") -> 0 | J52: =SUMIFS('附表7-扣除项目明细采集底稿'!X:X,'附表7-扣除项目明细采集底稿'!E:E,数据对照表!G5,'附表7-扣除项目明细采集底稿'!V:V,"共同成本费用") -> 0 | K52: =SUMIFS('附表7-扣除项目明细采集底稿'!Y:Y,'附表7-扣除项目明细采集底稿'!E:E,数据对照表!G5,'附表7-扣除项目明细采集底稿'!V:V,"共同成本费用") -> 0 | L52: =SUM(I52:K52) -> 0 | M52: =H52+L52 -> 0
A53: 48 | D53: =数据对照表!G6 -> 地下人防设施费用 | E53: =SUMIFS('附表7-扣除项目明细采集底稿'!W:W,'附表7-扣除项目明细采集底稿'!E:E,数据对照表!G6,'附表7-扣除项目明细采集底稿'!V:V,"直接归集成本费用") -> 2543840 | F53: =SUMIFS('附表7-扣除项目明细采集底稿'!X:X,'附表7-扣除项目明细采集底稿'!E:E,数据对照表!G6,'附表7-扣除项目明细采集底稿'!V:V,"直接归集成本费用") -> 0 | G53: =SUMIFS('附表7-扣除项目明细采集底稿'!Y:Y,'附表7-扣除项目明细采集底稿'!E:E,数据对照表!G6,'附表7-扣除项目明细采集底稿'!V:V,"直接归集成本费用") -> 572847.1 | H53: =SUM(E53:G53) -> 3116687.1 | I53: =SUMIFS('附表7-扣除项目明细采集底稿'!W:W,'附表7-扣除项目明细采集底稿'!E:E,数据对照表!G6,'附表7-扣除项目明细采集底稿'!V:V,"共同成本费用") -> 0 | J53: =SUMIFS('附表7-扣除项目明细采集底稿'!X:X,'附表7-扣除项目明细采集底稿'!E:E,数据对照表!G6,'附表7-扣除项目明细采集底稿'!V:V,"共同成本费用") -> 0 | K53: =SUMIFS('附表7-扣除项目明细采集底稿'!Y:Y,'附表7-扣除项目明细采集底稿'!E:E,数据对照表!G6,'附表7-扣除项目明细采集底稿'!V:V,"共同成本费用") -> 0 | L53: =SUM(I53:K53) -> 0 | M53: =H53+L53 -> 3116687.1
A54: 49 | D54: =数据对照表!G7 -> 物业管理场所费用 | E54: =SUMIFS('附表7-扣除项目明细采集底稿'!W:W,'附表7-扣除项目明细采集底稿'!E:E,数据对照表!G7,'附表7-扣除项目明细采集底稿'!V:V,"直接归集成本费用") -> 0 | F54: =SUMIFS('附表7-扣除项目明细采集底稿'!X:X,'附表7-扣除项目明细采集底稿'!E:E,数据对照表!G7,'附表7-扣除项目明细采集底稿'!V:V,"直接归集成本费用") -> 0 | G54: =SUMIFS('附表7-扣除项目明细采集底稿'!Y:Y,'附表7-扣除项目明细采集底稿'!E:E,数据对照表!G7,'附表7-扣除项目明细采集底稿'!V:V,"直接归集成本费用") -> 0 | H54: =SUM(E54:G54) -> 0 | I54: =SUMIFS('附表7-扣除项目明细采集底稿'!W:W,'附表7-扣除项目明细采集底稿'!E:E,数据对照表!G7,'附表7-扣除项目明细采集底稿'!V:V,"共同成本费用") -> 0 | J54: =SUMIFS('附表7-扣除项目明细采集底稿'!X:X,'附表7-扣除项目明细采集底稿'!E:E,数据对照表!G7,'附表7-扣除项目明细采集底稿'!V:V,"共同成本费用") -> 0 | K54: =SUMIFS('附表7-扣除项目明细采集底稿'!Y:Y,'附表7-扣除项目明细采集底稿'!E:E,数据对照表!G7,'附表7-扣除项目明细采集底稿'!V:V,"共同成本费用") -> 0 | L54: =SUM(I54:K54) -> 0 | M54: =H54+L54 -> 0
A55: 50 | D55: =数据对照表!G8 -> 变电站费用 | E55: =SUMIFS('附表7-扣除项目明细采集底稿'!W:W,'附表7-扣除项目明细采集底稿'!E:E,数据对照表!G8,'附表7-扣除项目明细采集底稿'!V:V,"直接归集成本费用") -> 0 | F55: =SUMIFS('附表7-扣除项目明细采集底稿'!X:X,'附表7-扣除项目明细采集底稿'!E:E,数据对照表!G8,'附表7-扣除项目明细采集底稿'!V:V,"直接归集成本费用") -> 0 | G55: =SUMIFS('附表7-扣除项目明细采集底稿'!Y:Y,'附表7-扣除项目明细采集底稿'!E:E,数据对照表!G8,'附表7-扣除项目明细采集底稿'!V:V,"直接归集成本费用") -> 0 | H55: =SUM(E55:G55) -> 0 | I55: =SUMIFS('附表7-扣除项目明细采集底稿'!W:W,'附表7-扣除项目明细采集底稿'!E:E,数据对照表!G8,'附表7-扣除项目明细采集底稿'!V:V,"共同成本费用") -> 0 | J55: =SUMIFS('附表7-扣除项目明细采集底稿'!X:X,'附表7-扣除项目明细采集底稿'!E:E,数据对照表!G8,'附表7-扣除项目明细采集底稿'!V:V,"共同成本费用") -> 0 | K55: =SUMIFS('附表7-扣除项目明细采集底稿'!Y:Y,'附表7-扣除项目明细采集底稿'!E:E,数据对照表!G8,'附表7-扣除项目明细采集底稿'!V:V,"共同成本费用") -> 0 | L55: =SUM(I55:K55) -> 0 | M55: =H55+L55 -> 0
A56: 51 | D56: =数据对照表!G9 -> 热力站费用 | E56: =SUMIFS('附表7-扣除项目明细采集底稿'!W:W,'附表7-扣除项目明细采集底稿'!E:E,数据对照表!G9,'附表7-扣除项目明细采集底稿'!V:V,"直接归集成本费用") -> 0 | F56: =SUMIFS('附表7-扣除项目明细采集底稿'!X:X,'附表7-扣除项目明细采集底稿'!E:E,数据对照表!G9,'附表7-扣除项目明细采集底稿'!V:V,"直接归集成本费用") -> 0 | G56: =SUMIFS('附表7-扣除项目明细采集底稿'!Y:Y,'附表7-扣除项目明细采集底稿'!E:E,数据对照表!G9,'附表7-扣除项目明细采集底稿'!V:V,"直接归集成本费用") -> 0 | H56: =SUM(E56:G56) -> 0 | I56: =SUMIFS('附表7-扣除项目明细采集底稿'!W:W,'附表7-扣除项目明细采集底稿'!E:E,数据对照表!G9,'附表7-扣除项目明细采集底稿'!V:V,"共同成本费用") -> 0 | J56: =SUMIFS('附表7-扣除项目明细采集底稿'!X:X,'附表7-扣除项目明细采集底稿'!E:E,数据对照表!G9,'附表7-扣除项目明细采集底稿'!V:V,"共同成本费用") -> 0 | K56: =SUMIFS('附表7-扣除项目明细采集底稿'!Y:Y,'附表7-扣除项目明细采集底稿'!E:E,数据对照表!G9,'附表7-扣除项目明细采集底稿'!V:V,"共同成本费用") -> 0 | L56: =SUM(I56:K56) -> 0 | M56: =H56+L56 -> 0
A57: 52 | D57: =数据对照表!G10 -> 水厂费用 | E57: =SUMIFS('附表7-扣除项目明细采集底稿'!W:W,'附表7-扣除项目明细采集底稿'!E:E,数据对照表!G10,'附表7-扣除项目明细采集底稿'!V:V,"直接归集成本费用") -> 0 | F57: =SUMIFS('附表7-扣除项目明细采集底稿'!X:X,'附表7-扣除项目明细采集底稿'!E:E,数据对照表!G10,'附表7-扣除项目明细采集底稿'!V:V,"直接归集成本费用") -> 0 | G57: =SUMIFS('附表7-扣除项目明细采集底稿'!Y:Y,'附表7-扣除项目明细采集底稿'!E:E,数据对照表!G10,'附表7-扣除项目明细采集底稿'!V:V,"直接归集成本费用") -> 0 | H57: =SUM(E57:G57) -> 0 | I57: =SUMIFS('附表7-扣除项目明细采集底稿'!W:W,'附表7-扣除项目明细采集底稿'!E:E,数据对照表!G10,'附表7-扣除项目明细采集底稿'!V:V,"共同成本费用") -> 0 | J57: =SUMIFS('附表7-扣除项目明细采集底稿'!X:X,'附表7-扣除项目明细采集底稿'!E:E,数据对照表!G10,'附表7-扣除项目明细采集底稿'!V:V,"共同成本费用") -> 0 | K57: =SUMIFS('附表7-扣除项目明细采集底稿'!Y:Y,'附表7-扣除项目明细采集底稿'!E:E,数据对照表!G10,'附表7-扣除项目明细采集底稿'!V:V,"共同成本费用") -> 0 | L57: =SUM(I57:K57) -> 0 | M57: =H57+L57 -> 0
A58: 53 | D58: =数据对照表!G11 -> 文体场馆费用 | E58: =SUMIFS('附表7-扣除项目明细采集底稿'!W:W,'附表7-扣除项目明细采集底稿'!E:E,数据对照表!G11,'附表7-扣除项目明细采集底稿'!V:V,"直接归集成本费用") -> 0 | F58: =SUMIFS('附表7-扣除项目明细采集底稿'!X:X,'附表7-扣除项目明细采集底稿'!E:E,数据对照表!G11,'附表7-扣除项目明细采集底稿'!V:V,"直接归集成本费用") -> 0 | G58: =SUMIFS('附表7-扣除项目明细采集底稿'!Y:Y,'附表7-扣除项目明细采集底稿'!E:E,数据对照表!G11,'附表7-扣除项目明细采集底稿'!V:V,"直接归集成本费用") -> 0 | H58: =SUM(E58:G58) -> 0 | I58: =SUMIFS('附表7-扣除项目明细采集底稿'!W:W,'附表7-扣除项目明细采集底稿'!E:E,数据对照表!G11,'附表7-扣除项目明细采集底稿'!V:V,"共同成本费用") -> 0 | J58: =SUMIFS('附表7-扣除项目明细采集底稿'!X:X,'附表7-扣除项目明细采集底稿'!E:E,数据对照表!G11,'附表7-扣除项目明细采集底稿'!V:V,"共同成本费用") -> 0 | K58: =SUMIFS('附表7-扣除项目明细采集底稿'!Y:Y,'附表7-扣除项目明细采集底稿'!E:E,数据对照表!G11,'附表7-扣除项目明细采集底稿'!V:V,"共同成本费用") -> 0 | L58: =SUM(I58:K58) -> 0 | M58: =H58+L58 -> 0
A59: 54 | D59: =数据对照表!G12 -> 学校费用 | E59: =SUMIFS('附表7-扣除项目明细采集底稿'!W:W,'附表7-扣除项目明细采集底稿'!E:E,数据对照表!G12,'附表7-扣除项目明细采集底稿'!V:V,"直接归集成本费用") -> 0 | F59: =SUMIFS('附表7-扣除项目明细采集底稿'!X:X,'附表7-扣除项目明细采集底稿'!E:E,数据对照表!G12,'附表7-扣除项目明细采集底稿'!V:V,"直接归集成本费用") -> 0 | G59: =SUMIFS('附表7-扣除项目明细采集底稿'!Y:Y,'附表7-扣除项目明细采集底稿'!E:E,数据对照表!G12,'附表7-扣除项目明细采集底稿'!V:V,"直接归集成本费用") -> 0 | H59: =SUM(E59:G59) -> 0 | I59: =SUMIFS('附表7-扣除项目明细采集底稿'!W:W,'附表7-扣除项目明细采集底稿'!E:E,数据对照表!G12,'附表7-扣除项目明细采集底稿'!V:V,"共同成本费用") -> 0 | J59: =SUMIFS('附表7-扣除项目明细采集底稿'!X:X,'附表7-扣除项目明细采集底稿'!E:E,数据对照表!G12,'附表7-扣除项目明细采集底稿'!V:V,"共同成本费用") -> 0 | K59: =SUMIFS('附表7-扣除项目明细采集底稿'!Y:Y,'附表7-扣除项目明细采集底稿'!E:E,数据对照表!G12,'附表7-扣除项目明细采集底稿'!V:V,"共同成本费用") -> 0 | L59: =SUM(I59:K59) -> 0 | M59: =H59+L59 -> 0
A60: 55 | D60: =数据对照表!G13 -> 幼儿园费用 | E60: =SUMIFS('附表7-扣除项目明细采集底稿'!W:W,'附表7-扣除项目明细采集底稿'!E:E,数据对照表!G13,'附表7-扣除项目明细采集底稿'!V:V,"直接归集成本费用") -> 0 | F60: =SUMIFS('附表7-扣除项目明细采集底稿'!X:X,'附表7-扣除项目明细采集底稿'!E:E,数据对照表!G13,'附表7-扣除项目明细采集底稿'!V:V,"直接归集成本费用") -> 0 | G60: =SUMIFS('附表7-扣除项目明细采集底稿'!Y:Y,'附表7-扣除项目明细采集底稿'!E:E,数据对照表!G13,'附表7-扣除项目明细采集底稿'!V:V,"直接归集成本费用") -> 1163.21 | H60: =SUM(E60:G60) -> 1163.21 | I60: =SUMIFS('附表7-扣除项目明细采集底稿'!W:W,'附表7-扣除项目明细采集底稿'!E:E,数据对照表!G13,'附表7-扣除项目明细采集底稿'!V:V,"共同成本费用") -> 1001516.8 | J60: =SUMIFS('附表7-扣除项目明细采集底稿'!X:X,'附表7-扣除项目明细采集底稿'!E:E,数据对照表!G13,'附表7-扣除项目明细采集底稿'!V:V,"共同成本费用") -> 662631.14 | K60: =SUMIFS('附表7-扣除项目明细采集底稿'!Y:Y,'附表7-扣除项目明细采集底稿'!E:E,数据对照表!G13,'附表7-扣除项目明细采集底稿'!V:V,"共同成本费用") -> 403123.8 | L60: =SUM(I60:K60) -> 2067271.8 | M60: =H60+L60 -> 2068435
A61: 56 | D61: =数据对照表!G14 -> 托儿所费用 | E61: =SUMIFS('附表7-扣除项目明细采集底稿'!W:W,'附表7-扣除项目明细采集底稿'!E:E,数据对照表!G14,'附表7-扣除项目明细采集底稿'!V:V,"直接归集成本费用") -> 0 | F61: =SUMIFS('附表7-扣除项目明细采集底稿'!X:X,'附表7-扣除项目明细采集底稿'!E:E,数据对照表!G14,'附表7-扣除项目明细采集底稿'!V:V,"直接归集成本费用") -> 0 | G61: =SUMIFS('附表7-扣除项目明细采集底稿'!Y:Y,'附表7-扣除项目明细采集底稿'!E:E,数据对照表!G14,'附表7-扣除项目明细采集底稿'!V:V,"直接归集成本费用") -> 0 | H61: =SUM(E61:G61) -> 0 | I61: =SUMIFS('附表7-扣除项目明细采集底稿'!W:W,'附表7-扣除项目明细采集底稿'!E:E,数据对照表!G14,'附表7-扣除项目明细采集底稿'!V:V,"共同成本费用") -> 0 | J61: =SUMIFS('附表7-扣除项目明细采集底稿'!X:X,'附表7-扣除项目明细采集底稿'!E:E,数据对照表!G14,'附表7-扣除项目明细采集底稿'!V:V,"共同成本费用") -> 0 | K61: =SUMIFS('附表7-扣除项目明细采集底稿'!Y:Y,'附表7-扣除项目明细采集底稿'!E:E,数据对照表!G14,'附表7-扣除项目明细采集底稿'!V:V,"共同成本费用") -> 0 | L61: =SUM(I61:K61) -> 0 | M61: =H61+L61 -> 0
... A64: 59 | D64: =数据对照表!G17 -> 其他非营业性房产费用 | E64: =SUMIFS('附表7-扣除项目明细采集底稿'!W:W,'附表7-扣除项目明细采集底稿'!E:E,数据对照表!G17,'附表7-扣除项目明细采集底稿'!V:V,"直接归集成本费用") -> 0 | F64: =SUMIFS('附表7-扣除项目明细采集底稿'!X:X,'附表7-扣除项目明细采集底稿'!E:E,数据对照表!G17,'附表7-扣除项目明细采集底稿'!V:V,"直接归集成本费用") -> 0 | G64: =SUMIFS('附表7-扣除项目明细采集底稿'!Y:Y,'附表7-扣除项目明细采集底稿'!E:E,数据对照表!G17,'附表7-扣除项目明细采集底稿'!V:V,"直接归集成本费用") -> 0 | H64: =SUM(E64:G64) -> 0 | I64: =SUMIFS('附表7-扣除项目明细采集底稿'!W:W,'附表7-扣除项目明细采集底稿'!E:E,数据对照表!G17,'附表7-扣除项目明细采集底稿'!V:V,"共同成本费用") -> 193178.35 | J64: =SUMIFS('附表7-扣除项目明细采集底稿'!X:X,'附表7-扣除项目明细采集底稿'!E:E,数据对照表!G17,'附表7-扣除项目明细采集底稿'!V:V,"共同成本费用") -> 127812.11 | K64: =SUMIFS('附表7-扣除项目明细采集底稿'!Y:Y,'附表7-扣除项目明细采集底稿'!E:E,数据对照表!G17,'附表7-扣除项目明细采集底稿'!V:V,"共同成本费用") -> 77756.85 | L64: =SUM(I64:K64) -> 398747.31 | M64: =H64+L64 -> 398747.31
A65: 60 | C65: =数据对照表!H1 -> 开发间接费用 | E65: =SUMIFS('附表7-扣除项目明细采集底稿'!W:W,'附表7-扣除项目明细采集底稿'!D:D,数据对照表!H1,'附表7-扣除项目明细采集底稿'!V:V,"直接归集成本费用") -> 311436.21 | F65: =SUMIFS('附表7-扣除项目明细采集底稿'!X:X,'附表7-扣除项目明细采集底稿'!D:D,数据对照表!H1,'附表7-扣除项目明细采集底稿'!V:V,"直接归集成本费用") -> 206054.77 | G65: =SUMIFS('附表7-扣除项目明细采集底稿'!Y:Y,'附表7-扣除项目明细采集底稿'!D:D,数据对照表!H1,'附表7-扣除项目明细采集底稿'!V:V,"直接归集成本费用") -> 58920.62 | H65: =SUM(E65:G65) -> 576411.6 | I65: =SUMIFS('附表7-扣除项目明细采集底稿'!W:W,'附表7-扣除项目明细采集底稿'!D:D,数据对照表!H1,'附表7-扣除项目明细采集底稿'!V:V,"共同成本费用") -> 1219367.1 | J65: =SUMIFS('附表7-扣除项目明细采集底稿'!X:X,'附表7-扣除项目明细采集底稿'!D:D,数据对照表!H1,'附表7-扣除项目明细采集底稿'!V:V,"共同成本费用") -> 806766.82 | K65: =SUMIFS('附表7-扣除项目明细采集底稿'!Y:Y,'附表7-扣除项目明细采集底稿'!D:D,数据对照表!H1,'附表7-扣除项目明细采集底稿'!V:V,"共同成本费用") -> 490811.43 | L65: =SUM(I65:K65) -> 2516945.4 | M65: =H65+L65 -> 3093357
A66: 61 | C66: 其中 | D66: =数据对照表!H2 -> 管理人员工资 | E66: =SUMIFS('附表7-扣除项目明细采集底稿'!W:W,'附表7-扣除项目明细采集底稿'!E:E,数据对照表!H2,'附表7-扣除项目明细采集底稿'!V:V,"直接归集成本费用") -> 0 | F66: =SUMIFS('附表7-扣除项目明细采集底稿'!X:X,'附表7-扣除项目明细采集底稿'!E:E,数据对照表!H2,'附表7-扣除项目明细采集底稿'!V:V,"直接归集成本费用") -> 0 | G66: =SUMIFS('附表7-扣除项目明细采集底稿'!Y:Y,'附表7-扣除项目明细采集底稿'!E:E,数据对照表!H2,'附表7-扣除项目明细采集底稿'!V:V,"直接归集成本费用") -> 0 | H66: =SUM(E66:G66) -> 0 | I66: =SUMIFS('附表7-扣除项目明细采集底稿'!W:W,'附表7-扣除项目明细采集底稿'!E:E,数据对照表!H2,'附表7-扣除项目明细采集底稿'!V:V,"共同成本费用") -> 719012.7 | J66: =SUMIFS('附表7-扣除项目明细采集底稿'!X:X,'附表7-扣除项目明细采集底稿'!E:E,数据对照表!H2,'附表7-扣除项目明细采集底稿'!V:V,"共同成本费用") -> 475718.57 | K66: =SUMIFS('附表7-扣除项目明细采集底稿'!Y:Y,'附表7-扣除项目明细采集底稿'!E:E,数据对照表!H2,'附表7-扣除项目明细采集底稿'!V:V,"共同成本费用") -> 289412.14 | L66: =SUM(I66:K66) -> 1484143.4 | M66: =H66+L66 -> 1484143.4
A67: 62 | D67: =数据对照表!H3 -> 职工福利费 | E67: =SUMIFS('附表7-扣除项目明细采集底稿'!W:W,'附表7-扣除项目明细采集底稿'!E:E,数据对照表!H3,'附表7-扣除项目明细采集底稿'!V:V,"直接归集成本费用") -> 0 | F67: =SUMIFS('附表7-扣除项目明细采集底稿'!X:X,'附表7-扣除项目明细采集底稿'!E:E,数据对照表!H3,'附表7-扣除项目明细采集底稿'!V:V,"直接归集成本费用") -> 0 | G67: =SUMIFS('附表7-扣除项目明细采集底稿'!Y:Y,'附表7-扣除项目明细采集底稿'!E:E,数据对照表!H3,'附表7-扣除项目明细采集底稿'!V:V,"直接归集成本费用") -> 0 | H67: =SUM(E67:G67) -> 0 | I67: =SUMIFS('附表7-扣除项目明细采集底稿'!W:W,'附表7-扣除项目明细采集底稿'!E:E,数据对照表!H3,'附表7-扣除项目明细采集底稿'!V:V,"共同成本费用") -> 0 | J67: =SUMIFS('附表7-扣除项目明细采集底稿'!X:X,'附表7-扣除项目明细采集底稿'!E:E,数据对照表!H3,'附表7-扣除项目明细采集底稿'!V:V,"共同成本费用") -> 0 | K67: =SUMIFS('附表7-扣除项目明细采集底稿'!Y:Y,'附表7-扣除项目明细采集底稿'!E:E,数据对照表!H3,'附表7-扣除项目明细采集底稿'!V:V,"共同成本费用") -> 0 | L67: =SUM(I67:K67) -> 0 | M67: =H67+L67 -> 0
A68: 63 | D68: =数据对照表!H4 -> 折旧费 | E68: =SUMIFS('附表7-扣除项目明细采集底稿'!W:W,'附表7-扣除项目明细采集底稿'!E:E,数据对照表!H4,'附表7-扣除项目明细采集底稿'!V:V,"直接归集成本费用") -> 0 | F68: =SUMIFS('附表7-扣除项目明细采集底稿'!X:X,'附表7-扣除项目明细采集底稿'!E:E,数据对照表!H4,'附表7-扣除项目明细采集底稿'!V:V,"直接归集成本费用") -> 0 | G68: =SUMIFS('附表7-扣除项目明细采集底稿'!Y:Y,'附表7-扣除项目明细采集底稿'!E:E,数据对照表!H4,'附表7-扣除项目明细采集底稿'!V:V,"直接归集成本费用") -> 0 | H68: =SUM(E68:G68) -> 0 | I68: =SUMIFS('附表7-扣除项目明细采集底稿'!W:W,'附表7-扣除项目明细采集底稿'!E:E,数据对照表!H4,'附表7-扣除项目明细采集底稿'!V:V,"共同成本费用") -> 0 | J68: =SUMIFS('附表7-扣除项目明细采集底稿'!X:X,'附表7-扣除项目明细采集底稿'!E:E,数据对照表!H4,'附表7-扣除项目明细采集底稿'!V:V,"共同成本费用") -> 0 | K68: =SUMIFS('附表7-扣除项目明细采集底稿'!Y:Y,'附表7-扣除项目明细采集底稿'!E:E,数据对照表!H4,'附表7-扣除项目明细采集底稿'!V:V,"共同成本费用") -> 0 | L68: =SUM(I68:K68) -> 0 | M68: =H68+L68 -> 0
A69: 64 | D69: =数据对照表!H5 -> 修理费 | E69: =SUMIFS('附表7-扣除项目明细采集底稿'!W:W,'附表7-扣除项目明细采集底稿'!E:E,数据对照表!H5,'附表7-扣除项目明细采集底稿'!V:V,"直接归集成本费用") -> 0 | F69: =SUMIFS('附表7-扣除项目明细采集底稿'!X:X,'附表7-扣除项目明细采集底稿'!E:E,数据对照表!H5,'附表7-扣除项目明细采集底稿'!V:V,"直接归集成本费用") -> 0 | G69: =SUMIFS('附表7-扣除项目明细采集底稿'!Y:Y,'附表7-扣除项目明细采集底稿'!E:E,数据对照表!H5,'附表7-扣除项目明细采集底稿'!V:V,"直接归集成本费用") -> 0 | H69: =SUM(E69:G69) -> 0 | I69: =SUMIFS('附表7-扣除项目明细采集底稿'!W:W,'附表7-扣除项目明细采集底稿'!E:E,数据对照表!H5,'附表7-扣除项目明细采集底稿'!V:V,"共同成本费用") -> 0 | J69: =SUMIFS('附表7-扣除项目明细采集底稿'!X:X,'附表7-扣除项目明细采集底稿'!E:E,数据对照表!H5,'附表7-扣除项目明细采集底稿'!V:V,"共同成本费用") -> 0 | K69: =SUMIFS('附表7-扣除项目明细采集底稿'!Y:Y,'附表7-扣除项目明细采集底稿'!E:E,数据对照表!H5,'附表7-扣除项目明细采集底稿'!V:V,"共同成本费用") -> 0 | L69: =SUM(I69:K69) -> 0 | M69: =H69+L69 -> 0
A70: 65 | D70: =数据对照表!H6 -> 办公费 | E70: =SUMIFS('附表7-扣除项目明细采集底稿'!W:W,'附表7-扣除项目明细采集底稿'!E:E,数据对照表!H6,'附表7-扣除项目明细采集底稿'!V:V,"直接归集成本费用") -> 0 | F70: =SUMIFS('附表7-扣除项目明细采集底稿'!X:X,'附表7-扣除项目明细采集底稿'!E:E,数据对照表!H6,'附表7-扣除项目明细采集底稿'!V:V,"直接归集成本费用") -> 0 | G70: =SUMIFS('附表7-扣除项目明细采集底稿'!Y:Y,'附表7-扣除项目明细采集底稿'!E:E,数据对照表!H6,'附表7-扣除项目明细采集底稿'!V:V,"直接归集成本费用") -> 0 | H70: =SUM(E70:G70) -> 0 | I70: =SUMIFS('附表7-扣除项目明细采集底稿'!W:W,'附表7-扣除项目明细采集底稿'!E:E,数据对照表!H6,'附表7-扣除项目明细采集底稿'!V:V,"共同成本费用") -> 0 | J70: =SUMIFS('附表7-扣除项目明细采集底稿'!X:X,'附表7-扣除项目明细采集底稿'!E:E,数据对照表!H6,'附表7-扣除项目明细采集底稿'!V:V,"共同成本费用") -> 0 | K70: =SUMIFS('附表7-扣除项目明细采集底稿'!Y:Y,'附表7-扣除项目明细采集底稿'!E:E,数据对照表!H6,'附表7-扣除项目明细采集底稿'!V:V,"共同成本费用") -> 0 | L70: =SUM(I70:K70) -> 0 | M70: =H70+L70 -> 0
A71: 66 | D71: =数据对照表!H7 -> 水电费 | E71: =SUMIFS('附表7-扣除项目明细采集底稿'!W:W,'附表7-扣除项目明细采集底稿'!E:E,数据对照表!H7,'附表7-扣除项目明细采集底稿'!V:V,"直接归集成本费用") -> 0 | F71: =SUMIFS('附表7-扣除项目明细采集底稿'!X:X,'附表7-扣除项目明细采集底稿'!E:E,数据对照表!H7,'附表7-扣除项目明细采集底稿'!V:V,"直接归集成本费用") -> 0 | G71: =SUMIFS('附表7-扣除项目明细采集底稿'!Y:Y,'附表7-扣除项目明细采集底稿'!E:E,数据对照表!H7,'附表7-扣除项目明细采集底稿'!V:V,"直接归集成本费用") -> 0 | H71: =SUM(E71:G71) -> 0 | I71: =SUMIFS('附表7-扣除项目明细采集底稿'!W:W,'附表7-扣除项目明细采集底稿'!E:E,数据对照表!H7,'附表7-扣除项目明细采集底稿'!V:V,"共同成本费用") -> 0 | J71: =SUMIFS('附表7-扣除项目明细采集底稿'!X:X,'附表7-扣除项目明细采集底稿'!E:E,数据对照表!H7,'附表7-扣除项目明细采集底稿'!V:V,"共同成本费用") -> 0 | K71: =SUMIFS('附表7-扣除项目明细采集底稿'!Y:Y,'附表7-扣除项目明细采集底稿'!E:E,数据对照表!H7,'附表7-扣除项目明细采集底稿'!V:V,"共同成本费用") -> 0 | L71: =SUM(I71:K71) -> 0 | M71: =H71+L71 -> 0
A72: 67 | D72: =数据对照表!H8 -> 劳动保护费 | E72: =SUMIFS('附表7-扣除项目明细采集底稿'!W:W,'附表7-扣除项目明细采集底稿'!E:E,数据对照表!H8,'附表7-扣除项目明细采集底稿'!V:V,"直接归集成本费用") -> 0 | F72: =SUMIFS('附表7-扣除项目明细采集底稿'!X:X,'附表7-扣除项目明细采集底稿'!E:E,数据对照表!H8,'附表7-扣除项目明细采集底稿'!V:V,"直接归集成本费用") -> 0 | G72: =SUMIFS('附表7-扣除项目明细采集底稿'!Y:Y,'附表7-扣除项目明细采集底稿'!E:E,数据对照表!H8,'附表7-扣除项目明细采集底稿'!V:V,"直接归集成本费用") -> 0 | H72: =SUM(E72:G72) -> 0 | I72: =SUMIFS('附表7-扣除项目明细采集底稿'!W:W,'附表7-扣除项目明细采集底稿'!E:E,数据对照表!H8,'附表7-扣除项目明细采集底稿'!V:V,"共同成本费用") -> 0 | J72: =SUMIFS('附表7-扣除项目明细采集底稿'!X:X,'附表7-扣除项目明细采集底稿'!E:E,数据对照表!H8,'附表7-扣除项目明细采集底稿'!V:V,"共同成本费用") -> 0 | K72: =SUMIFS('附表7-扣除项目明细采集底稿'!Y:Y,'附表7-扣除项目明细采集底稿'!E:E,数据对照表!H8,'附表7-扣除项目明细采集底稿'!V:V,"共同成本费用") -> 0 | L72: =SUM(I72:K72) -> 0 | M72: =H72+L72 -> 0
A73: 68 | D73: =数据对照表!H9 -> 周转房摊销费 | E73: =SUMIFS('附表7-扣除项目明细采集底稿'!W:W,'附表7-扣除项目明细采集底稿'!E:E,数据对照表!H9,'附表7-扣除项目明细采集底稿'!V:V,"直接归集成本费用") -> 0 | F73: =SUMIFS('附表7-扣除项目明细采集底稿'!X:X,'附表7-扣除项目明细采集底稿'!E:E,数据对照表!H9,'附表7-扣除项目明细采集底稿'!V:V,"直接归集成本费用") -> 0 | G73: =SUMIFS('附表7-扣除项目明细采集底稿'!Y:Y,'附表7-扣除项目明细采集底稿'!E:E,数据对照表!H9,'附表7-扣除项目明细采集底稿'!V:V,"直接归集成本费用") -> 0 | H73: =SUM(E73:G73) -> 0 | I73: =SUMIFS('附表7-扣除项目明细采集底稿'!W:W,'附表7-扣除项目明细采集底稿'!E:E,数据对照表!H9,'附表7-扣除项目明细采集底稿'!V:V,"共同成本费用") -> 0 | J73: =SUMIFS('附表7-扣除项目明细采集底稿'!X:X,'附表7-扣除项目明细采集底稿'!E:E,数据对照表!H9,'附表7-扣除项目明细采集底稿'!V:V,"共同成本费用") -> 0 | K73: =SUMIFS('附表7-扣除项目明细采集底稿'!Y:Y,'附表7-扣除项目明细采集底稿'!E:E,数据对照表!H9,'附表7-扣除项目明细采集底稿'!V:V,"共同成本费用") -> 0 | L73: =SUM(I73:K73) -> 0 | M73: =H73+L73 -> 0
A74: 69 | D74: =数据对照表!H10 -> 其他发生的间接费用 | E74: =SUMIFS('附表7-扣除项目明细采集底稿'!W:W,'附表7-扣除项目明细采集底稿'!E:E,数据对照表!H10,'附表7-扣除项目明细采集底稿'!V:V,"直接归集成本费用") -> 311436.21 | F74: =SUMIFS('附表7-扣除项目明细采集底稿'!X:X,'附表7-扣除项目明细采集底稿'!E:E,数据对照表!H10,'附表7-扣除项目明细采集底稿'!V:V,"直接归集成本费用") -> 206054.77 | G74: =SUMIFS('附表7-扣除项目明细采集底稿'!Y:Y,'附表7-扣除项目明细采集底稿'!E:E,数据对照表!H10,'附表7-扣除项目明细采集底稿'!V:V,"直接归集成本费用") -> 58920.62 | H74: =SUM(E74:G74) -> 576411.6 | I74: =SUMIFS('附表7-扣除项目明细采集底稿'!W:W,'附表7-扣除项目明细采集底稿'!E:E,数据对照表!H10,'附表7-扣除项目明细采集底稿'!V:V,"共同成本费用") -> 500354.4 | J74: =SUMIFS('附表7-扣除项目明细采集底稿'!X:X,'附表7-扣除项目明细采集底稿'!E:E,数据对照表!H10,'附表7-扣除项目明细采集底稿'!V:V,"共同成本费用") -> 331048.25 | K74: =SUMIFS('附表7-扣除项目明细采集底稿'!Y:Y,'附表7-扣除项目明细采集底稿'!E:E,数据对照表!H10,'附表7-扣除项目明细采集底稿'!V:V,"共同成本费用") -> 201399.29 | L74: =SUM(I74:K74) -> 1032801.9 | M74: =H74+L74 -> 1609213.5
A75: 70 | B75: 其中：不可加计扣除金额 | E75: =SUM(SUMIFS('附表7-扣除项目明细采集底稿'!W:W,'附表7-扣除项目明细采集底稿'!D:D,"土地征用及拆迁补偿费",'附表7-扣除项目明细采集底稿'!V:V,"直接归集成本费用",'附表7-扣除项目明细采集底稿'!AB:AB,"不可加计"),SUMIFS('附表7-扣除项目明细采集底稿'!W:W,'附表7-扣除项目明细采集底稿'!D:D,"前期工程费",'附表7-扣除项目明细采集底稿'!V:V,"直接归集成本费用",'附表7-扣除项目明细采集底稿'!AB:AB,"不可加计"),SUMIFS('附表7-扣除项目明细采集底稿'!W:W,'附表7-扣除项目明细采集底稿'!D:D,"建筑安装工程费",'附表7-扣除项目明细采集底稿'!V:V,"直接归集成本费用",'附表7-扣除项目明细采集底稿'!AB:AB,"不可加计"),SUMIFS('附表7-扣除项目明细采集底稿'!W:W,'附表7-扣除项目明细采集底稿'!D:D,"基础设施费",'附表7-扣除项目明细采集底稿'!V:V,"直接归集成本费用",'附表7-扣除项目明细采集底稿'!AB:AB,"不可加计"),SUMIFS('附表7-扣除项目明细采集底稿'!W:W,'附表7-扣除项目明细采集底稿'!D:D,"公共配套设施费",'附表7-扣除项目明细采集底稿'!V:V,"直接归集成本费用",'附表7-扣除项目明细采集底稿'!AB:AB,"不可加计"),SUMIFS('附表7-扣除项目明细采集底稿'!W:W,'附表7-扣除项目明细采集底稿'!D:D,"开发间接费用",'附表7-扣除项目明细采集底稿'!V:V,"直接归集成本费用",'附表7-扣除项目明细采集底稿'!AB:AB,"不可加计")) -> 0 | F75: =SUM(SUMIFS('附表7-扣除项目明细采集底稿'!X:X,'附表7-扣除项目明细采集底稿'!D:D,"土地征用及拆迁补偿费",'附表7-扣除项目明细采集底稿'!V:V,"直接归集成本费用",'附表7-扣除项目明细采集底稿'!AB:AB,"不可加计"),SUMIFS('附表7-扣除项目明细采集底稿'!X:X,'附表7-扣除项目明细采集底稿'!D:D,"前期工程费",'附表7-扣除项目明细采集底稿'!V:V,"直接归集成本费用",'附表7-扣除项目明细采集底稿'!AB:AB,"不可加计"),SUMIFS('附表7-扣除项目明细采集底稿'!X:X,'附表7-扣除项目明细采集底稿'!D:D,"建筑安装工程费",'附表7-扣除项目明细采集底稿'!V:V,"直接归集成本费用",'附表7-扣除项目明细采集底稿'!AB:AB,"不可加计"),SUMIFS('附表7-扣除项目明细采集底稿'!X:X,'附表7-扣除项目明细采集底稿'!D:D,"基础设施费",'附表7-扣除项目明细采集底稿'!V:V,"直接归集成本费用",'附表7-扣除项目明细采集底稿'!AB:AB,"不可加计"),SUMIFS('附表7-扣除项目明细采集底稿'!X:X,'附表7-扣除项目明细采集底稿'!D:D,"公共配套设施费",'附表7-扣除项目明细采集底稿'!V:V,"直接归集成本费用",'附表7-扣除项目明细采集底稿'!AB:AB,"不可加计"),SUMIFS('附表7-扣除项目明细采集底稿'!X:X,'附表7-扣除项目明细采集底稿'!D:D,"开发间接费用",'附表7-扣除项目明细采集底稿'!V:V,"直接归集成本费用",'附表7-扣除项目明细采集底稿'!AB:AB,"不可加计")) -> 0 | G75: =SUM(SUMIFS('附表7-扣除项目明细采集底稿'!Y:Y,'附表7-扣除项目明细采集底稿'!D:D,"土地征用及拆迁补偿费",'附表7-扣除项目明细采集底稿'!V:V,"直接归集成本费用",'附表7-扣除项目明细采集底稿'!AB:AB,"不可加计"),SUMIFS('附表7-扣除项目明细采集底稿'!Y:Y,'附表7-扣除项目明细采集底稿'!D:D,"前期工程费",'附表7-扣除项目明细采集底稿'!V:V,"直接归集成本费用",'附表7-扣除项目明细采集底稿'!AB:AB,"不可加计"),SUMIFS('附表7-扣除项目明细采集底稿'!Y:Y,'附表7-扣除项目明细采集底稿'!D:D,"建筑安装工程费",'附表7-扣除项目明细采集底稿'!V:V,"直接归集成本费用",'附表7-扣除项目明细采集底稿'!AB:AB,"不可加计"),SUMIFS('附表7-扣除项目明细采集底稿'!Y:Y,'附表7-扣除项目明细采集底稿'!D:D,"基础设施费",'附表7-扣除项目明细采集底稿'!V:V,"直接归集成本费用",'附表7-扣除项目明细采集底稿'!AB:AB,"不可加计"),SUMIFS('附表7-扣除项目明细采集底稿'!Y:Y,'附表7-扣除项目明细采集底稿'!D:D,"公共配套设施费",'附表7-扣除项目明细采集底稿'!V:V,"直接归集成本费用",'附表7-扣除项目明细采集底稿'!AB:AB,"不可加计"),SUMIFS('附表7-扣除项目明细采集底稿'!Y:Y,'附表7-扣除项目明细采集底稿'!D:D,"开发间接费用",'附表7-扣除项目明细采集底稿'!V:V,"直接归集成本费用",'附表7-扣除项目明细采集底稿'!AB:AB,"不可加计")) -> 0 | H75: =SUM(E75:G75) -> 0 | I75: =SUM(SUMIFS('附表7-扣除项目明细采集底稿'!W:W,'附表7-扣除项目明细采集底稿'!D:D,"土地征用及拆迁补偿费",'附表7-扣除项目明细采集底稿'!V:V,"共同成本费用",'附表7-扣除项目明细采集底稿'!AB:AB,"不可加计"),SUMIFS('附表7-扣除项目明细采集底稿'!W:W,'附表7-扣除项目明细采集底稿'!D:D,"前期工程费",'附表7-扣除项目明细采集底稿'!V:V,"共同成本费用",'附表7-扣除项目明细采集底稿'!AB:AB,"不可加计"),SUMIFS('附表7-扣除项目明细采集底稿'!W:W,'附表7-扣除项目明细采集底稿'!D:D,"建筑安装工程费",'附表7-扣除项目明细采集底稿'!V:V,"共同成本费用",'附表7-扣除项目明细采集底稿'!AB:AB,"不可加计"),SUMIFS('附表7-扣除项目明细采集底稿'!W:W,'附表7-扣除项目明细采集底稿'!D:D,"基础设施费",'附表7-扣除项目明细采集底稿'!V:V,"共同成本费用",'附表7-扣除项目明细采集底稿'!AB:AB,"不可加计"),SUMIFS('附表7-扣除项目明细采集底稿'!W:W,'附表7-扣除项目明细采集底稿'!D:D,"公共配套设施费",'附表7-扣除项目明细采集底稿'!V:V,"共同成本费用",'附表7-扣除项目明细采集底稿'!AB:AB,"不可加计"),SUMIFS('附表7-扣除项目明细采集底稿'!W:W,'附表7-扣除项目明细采集底稿'!D:D,"开发间接费用",'附表7-扣除项目明细采集底稿'!V:V,"共同成本费用",'附表7-扣除项目明细采集底稿'!AB:AB,"不可加计")) -> 0 | J75: =SUM(SUMIFS('附表7-扣除项目明细采集底稿'!X:X,'附表7-扣除项目明细采集底稿'!D:D,"土地征用及拆迁补偿费",'附表7-扣除项目明细采集底稿'!V:V,"共同成本费用",'附表7-扣除项目明细采集底稿'!AB:AB,"不可加计"),SUMIFS('附表7-扣除项目明细采集底稿'!X:X,'附表7-扣除项目明细采集底稿'!D:D,"前期工程费",'附表7-扣除项目明细采集底稿'!V:V,"共同成本费用",'附表7-扣除项目明细采集底稿'!AB:AB,"不可加计"),SUMIFS('附表7-扣除项目明细采集底稿'!X:X,'附表7-扣除项目明细采集底稿'!D:D,"建筑安装工程费",'附表7-扣除项目明细采集底稿'!V:V,"共同成本费用",'附表7-扣除项目明细采集底稿'!AB:AB,"不可加计"),SUMIFS('附表7-扣除项目明细采集底稿'!X:X,'附表7-扣除项目明细采集底稿'!D:D,"基础设施费",'附表7-扣除项目明细采集底稿'!V:V,"共同成本费用",'附表7-扣除项目明细采集底稿'!AB:AB,"不可加计"),SUMIFS('附表7-扣除项目明细采集底稿'!X:X,'附表7-扣除项目明细采集底稿'!D:D,"公共配套设施费",'附表7-扣除项目明细采集底稿'!V:V,"共同成本费用",'附表7-扣除项目明细采集底稿'!AB:AB,"不可加计"),SUMIFS('附表7-扣除项目明细采集底稿'!X:X,'附表7-扣除项目明细采集底稿'!D:D,"开发间接费用",'附表7-扣除项目明细采集底稿'!V:V,"共同成本费用",'附表7-扣除项目明细采集底稿'!AB:AB,"不可加计")) -> 0 | K75: =SUM(SUMIFS('附表7-扣除项目明细采集底稿'!Y:Y,'附表7-扣除项目明细采集底稿'!D:D,"土地征用及拆迁补偿费",'附表7-扣除项目明细采集底稿'!V:V,"共同成本费用",'附表7-扣除项目明细采集底稿'!AB:AB,"不可加计"),SUMIFS('附表7-扣除项目明细采集底稿'!Y:Y,'附表7-扣除项目明细采集底稿'!D:D,"前期工程费",'附表7-扣除项目明细采集底稿'!V:V,"共同成本费用",'附表7-扣除项目明细采集底稿'!AB:AB,"不可加计"),SUMIFS('附表7-扣除项目明细采集底稿'!Y:Y,'附表7-扣除项目明细采集底稿'!D:D,"建筑安装工程费",'附表7-扣除项目明细采集底稿'!V:V,"共同成本费用",'附表7-扣除项目明细采集底稿'!AB:AB,"不可加计"),SUMIFS('附表7-扣除项目明细采集底稿'!Y:Y,'附表7-扣除项目明细采集底稿'!D:D,"基础设施费",'附表7-扣除项目明细采集底稿'!V:V,"共同成本费用",'附表7-扣除项目明细采集底稿'!AB:AB,"不可加计"),SUMIFS('附表7-扣除项目明细采集底稿'!Y:Y,'附表7-扣除项目明细采集底稿'!D:D,"公共配套设施费",'附表7-扣除项目明细采集底稿'!V:V,"共同成本费用",'附表7-扣除项目明细采集底稿'!AB:AB,"不可加计"),SUMIFS('附表7-扣除项目明细采集底稿'!Y:Y,'附表7-扣除项目明细采集底稿'!D:D,"开发间接费用",'附表7-扣除项目明细采集底稿'!V:V,"共同成本费用",'附表7-扣除项目明细采集底稿'!AB:AB,"不可加计")) -> 0 | L75: =SUM(I75:K75) -> 0 | M75: =H75+L75 -> 0
A76: 71 | B76: =数据对照表!I1 -> 房地产开发费用 | E76: =SUM(E77:E78) -> 5291166.4 | F76: =SUM(F77:F78) -> 3332476 | G76: =SUM(G77:G78) -> 2700083.7 | H76: =SUM(E76:G76) -> 11323726 | I76: =SUM(I77:I78) -> 1500027.1 | J76: =SUM(J77:J78) -> 992459.22 | K76: =SUM(K77:K78) -> 603780.8 | L76: =SUM(I76:K76) -> 3096267.1 | M76: =H76+L76 -> 14419993
A77: 72 | B77: 其中 | C77: =数据对照表!I2 -> 利息支出 | D77: 计算扣除 | E77: =IF(D77="计算扣除",0,SUMIFS('附表7-扣除项目明细采集底稿'!W:W,'附表7-扣除项目明细采集底稿'!E:E,数据对照表!I2,'附表7-扣除项目明细采集底稿'!V:V,"直接归集成本费用")) -> 0 | F77: =IF(D77="计算扣除",0,SUMIFS('附表7-扣除项目明细采集底稿'!X:X,'附表7-扣除项目明细采集底稿'!E:E,数据对照表!I2,'附表7-扣除项目明细采集底稿'!V:V,"直接归集成本费用")) -> 0 | G77: =IF(D77="计算扣除",0,SUMIFS('附表7-扣除项目明细采集底稿'!Y:Y,'附表7-扣除项目明细采集底稿'!E:E,数据对照表!I2,'附表7-扣除项目明细采集底稿'!V:V,"直接归集成本费用")) -> 0 | H77: =SUM(E77:G77) -> 0 | I77: =IF(D77="计算扣除",0,SUMIFS('附表7-扣除项目明细采集底稿'!W:W,'附表7-扣除项目明细采集底稿'!E:E,数据对照表!I2,'附表7-扣除项目明细采集底稿'!V:V,"共同成本费用")) -> 0 | J77: =IF(D77="计算扣除",0,SUMIFS('附表7-扣除项目明细采集底稿'!X:X,'附表7-扣除项目明细采集底稿'!E:E,数据对照表!I2,'附表7-扣除项目明细采集底稿'!V:V,"共同成本费用")) -> 0 | K77: =IF(D77="计算扣除",0,SUMIFS('附表7-扣除项目明细采集底稿'!Y:Y,'附表7-扣除项目明细采集底稿'!E:E,数据对照表!I2,'附表7-扣除项目明细采集底稿'!V:V,"共同成本费用")) -> 0 | L77: =SUM(I77:K77) -> 0 | M77: =H77+L77 -> 0
A78: 73 | C78: 其它房地产开发费用 | E78: =IF($D$77="计算扣除",((E6-E10)+(E11-E75))*10%,((E6-E10)+(E11-E75))*5%) -> 5291166.4 | F78: =IF($D$77="计算扣除",((F6-F10)+(F11-F75))*10%,((F6-F10)+(F11-F75))*5%) -> 3332476 | G78: =IF($D$77="计算扣除",((G6-G10)+(G11-G75))*10%,((G6-G10)+(G11-G75))*5%) -> 2700083.7 | H78: =SUM(E78:G78) -> 11323726 | I78: =IF($D$77="计算扣除",((I6-I10)+(I11-I75))*10%,((I6-I10)+(I11-I75))*5%) -> 1500027.1 | J78: =IF($D$77="计算扣除",((J6-J10)+(J11-J75))*10%,((J6-J10)+(J11-J75))*5%) -> 992459.22 | K78: =IF($D$77="计算扣除",((K6-K10)+(K11-K75))*10%,((K6-K10)+(K11-K75))*5%) -> 603780.8 | L78: =SUM(I78:K78) -> 3096267.1 | M78: =H78+L78 -> 14419993
A79: 74 | B79: 与转让房地产有关的税金 | E79: =SUM(E80:E84) -> 361475.48 | F79: =SUM(F80:F84) -> 220357.55 | G79: =SUM(G80:G84) -> 32027.82 | H79: =SUM(E79:G79) -> 613860.85 | M79: =H79+L79 -> 613860.85
A80: 75 | B80: 其中 | C80: 营业税 | E80: 0 | F80: 0 | G80: 0 | H80: =SUM(E80:G80) -> 0 | M80: =H80+L80 -> 0
A81: 76 | C81: 城市维护建设税 | E81: 210860.71 | F81: 128541.91 | G81: 18682.9 | H81: =SUM(E81:G81) -> 358085.52 | M81: =H81+L81 -> 358085.52
A82: 77 | C82: 教育费附加 | E82: 90368.87 | F82: 55089.39 | G82: 8006.95 | H82: =SUM(E82:G82) -> 153465.21 | M82: =H82+L82 -> 153465.21
A83: 78 | C83: 地方教育费附加 | E83: 60245.9 | F83: 36726.25 | G83: 5337.97 | H83: =SUM(E83:G83) -> 102310.12 | M83: =H83+L83 -> 102310.12
A84: 79 | C84: 其他税（费） | E84: 0 | F84: 0 | G84: 0 | H84: =SUM(E84:G84) -> 0 | M84: =H84+L84 -> 0
A85: 80 | B85: 财政部规定的其他扣除项目 | E85: =((E6-E10)+(E11-E75))*20% -> 10582333 | F85: =((F6-F10)+(F11-F75))*20% -> 6664952.1 | G85: =((G6-G10)+(G11-G75))*20% -> 5400167.5 | H85: =SUM(E85:G85) -> 22647452 | I85: =((I6-I10)+(I11-I75))*20% -> 3000054.1 | J85: =((J6-J10)+(J11-J75))*20% -> 1984918.4 | K85: =((K6-K10)+(K11-K75))*20% -> 1207561.6 | L85: =SUM(I85:K85) -> 6192534.2 | M85: =H85+L85 -> 28839986
A86: 81 | B86: 代收费用 | E86: 0 | F86: 0 | G86: 0 | H86: =SUM(E86:G86) -> 0 | I86: 0 | J86: 0 | K86: 0 | L86: =SUM(I86:K86) -> 0 | M86: =H86+L86 -> 0
A87: 82 | B87: 合计 | E87: =E6+E11+E76+E79+E85+SUM(E86) -> 69146638 | F87: =F6+F11+F76+F79+F85+SUM(F86) -> 43542546 | G87: =G6+G11+G76+G79+G85+SUM(G86) -> 35133116 | H87: =SUM(E87:G87) -> 1.478223e+08 | I87: =I6+I11+I76+I79+I85+SUM(I86) -> 19500352 | J87: =J6+J11+J76+J79+J85+SUM(J86) -> 12901970 | K87: =K6+K11+K76+K79+K85+SUM(K86) -> 7849150.5 | L87: =SUM(I87:K87) -> 40251472 | M87: =H87+L87 -> 1.8807377e+08

Sheet 附表6-收入明细采集底稿
A1: T22100附表6-收入明细采集底稿
A2: =土地增值税税源明细表!F5&"："&土地增值税税源明细表!H5&" "&土地增值税税源明细表!A5&"："&土地增值税税源明细表!B5&" "&"金额单位:人民币元(列至角分)" -> 项目编码：Z65280120190027 项目名称：沁春锦苑19#、20#、23#、24#楼 金额单位:人民币元(列至角分)
A3: 序号 | B3: 幢号 | C3: 单元号 | D3: *楼层 | E3: *房号 | F3: 不动产单元号 | G3: *房屋类型 | H3: *房屋状态 | I3: *收入类型 | J3: （网签）合同编号 | K3: *合同签订时间 | L3: 合同金额 | M3: 购房人姓名 | N3: 合同建筑面积（㎡） | O3: 合同套内面积（㎡） | P3: *实测建筑面积（㎡） | Q3: 实测套内面积（㎡） | R3: 朝向 | S3: 发票代码 | T3: 发票号码 | U3: 发票金额 | V3: 发票税额 | W3: 发票价税合计 | X3: *土地增值税应税收入 | Y3: 土地增值税应税单价 | Z3: 情况说明
A4: 总计 | B4: * | C4: * | D4: * | E4: * | F4: * | G4: * | H4: * | I4: * | J4: * | K4: * | L4: =SUM(L$7:L$1048538) -> 208438021 | M4: * | N4: =SUM(N$7:N$1048538) -> 29020.7 | O4: =SUM(O$7:O$1048538) -> 0 | P4: =SUM(P$7:P$1048538) -> 54544.16 | Q4: =SUM(Q$7:Q$1048538) -> 1220.8 | R4: * | S4: * | T4: * | U4: =SUM(U$7:U$1048538) -> 1.9122754e+08 | V4: =SUM(V$7:V$1048538) -> 17210479 | W4: =SUM(W$7:W$1048538) -> 208438021 | X4: =SUM(X$7:X$1048538) -> 1.9122754e+08 | Y4: =IF(SUMIFS(X$7:X$1048538,H$7:H$1048538,"已售")=0,"*",ROUND(SUMIFS(X$7:X$1048538,H$7:H$1048538,"已售")/SUMIFS(P$7:P$1048538,H$7:H$1048538,"已售"),2)) -> 4328.21 | Z4: *
A5: 筛选小计 | B5: * | C5: * | D5: * | E5: * | F5: * | G5: * | H5: * | I5: * | J5: * | K5: * | L5: =SUBTOTAL(9,L$7:L$1048538) -> 208438021 | M5: * | N5: =SUBTOTAL(9,N$7:N$1048538) -> 29020.7 | O5: =SUBTOTAL(9,O$7:O$1048538) -> 0 | P5: =SUBTOTAL(9,P$7:P$1048538) -> 54544.16 | Q5: =SUBTOTAL(9,Q$7:Q$1048538) -> 1220.8 | R5: * | S5: * | T5: * | U5: =SUBTOTAL(9,U$7:U$1048538) -> 1.9122754e+08 | V5: =SUBTOTAL(9,V$7:V$1048538) -> 17210479 | W5: =SUBTOTAL(9,W$7:W$1048538) -> 208438021 | X5: =SUBTOTAL(9,X$7:X$1048538) -> 1.9122754e+08 | Y5: =IF(AND(SUBTOTAL(3,K$7:K$1048538)=SUBTOTAL(3,P$7:P$1048538),SUBTOTAL(9,P$7:P$1048538)<>0),ROUND(SUBTOTAL(9,X$7:X$1048538)/SUBTOTAL(9,P$7:P$1048538),2),"*") -> * | Z5: *
A6: 列次 | B6: 1 | C6: 2 | D6: 3 | E6: 4 | F6: 5 | G6: 6 | H6: 7 | I6: 8 | J6: 9 | K6: 10 | L6: 11 | M6: 12 | N6: 13≥14 | O6: 14 | P6: 15≥16 | Q6: 16 | R6: 17 | S6: 18 | T6: 19 | U6: 20 | V6: 21 | W6: 22=20+21 | X6: 23 | Y6: 24=23÷15 | Z6: 25
A7: 1 | B7: 19 | C7: 1 | D7: 1 | E7: 19-1-101 | G7: 普通住宅 | H7: 已售 | I7: 货币收入 | J7: 20200002716 | K7: 43944 | L7: 960000 | M7: 宋冠枫、李玉玲 | P7: 140.28 | S7: 065001800105 | T7: 03750107 | U7: 880733.94 | V7: =L7-U7 -> 79266.06 | W7: =U7+V7 -> 960000 | X7: =U7 -> 880733.94 | Y7: =ROUND(X7/P7,2) -> 6278.4
A8: 2 | B8: 19 | C8: 1 | D8: 1 | E8: 19-1-102 | G8: 普通住宅 | H8: 已售 | I8: 货币收入 | J8: 20200001063 | K8: 43900 | L8: 958041 | M8: 张家彬 | P8: 139.86 | S8: 065001800105 | T8: 03750067 | U8: 878936.7 | V8: =L8-U8 -> 79104.3 | W8: =U8+V8 -> 958041 | X8: =U8 -> 878936.7 | Y8: =ROUND(X8/P8,2) -> 6284.4
A9: 3 | B9: 19 | C9: 1 | D9: 2 | E9: 19-1-201 | G9: 普通住宅 | H9: 已售 | I9: 货币收入 | J9: 20190003459 | K9: 43730 | L9: 561868 | M9: 钱亦晨 | P9: 140.28 | S9: 065001800105 | T9: 03750108 | U9: 515475.23 | V9: =L9-U9 -> 46392.77 | W9: =U9+V9 -> 561868 | X9: =U9 -> 515475.23 | Y9: =ROUND(X9/P9,2) -> 3674.62
A10: 4 | B10: 19 | C10: 1 | D10: 2 | E10: 19-1-202 | G10: 普通住宅 | H10: 已售 | I10: 货币收入 | J10: 20190002582 | K10: 43713 | L10: 554654 | M10: 吴燕、王强 | P10: 139.86 | S10: 065001800105 | T10: 03750083 | U10: 508856.88 | V10: =L10-U10 -> 45797.12 | W10: =U10+V10 -> 554654 | X10: =U10 -> 508856.88 | Y10: =ROUND(X10/P10,2) -> 3638.33
A11: 5 | B11: 19 | C11: 1 | D11: 3 | E11: 19-1-301 | G11: 普通住宅 | H11: 已售 | I11: 货币收入 | J11: 20190007003 | K11: 43807 | L11: 568665 | M11: 马强 | P11: 140.28 | S11: 065001800105 | T11: 03750102 | U11: 521711.01 | V11: =L11-U11 -> 46953.99 | W11: =U11+V11 -> 568665 | X11: =U11 -> 521711.01 | Y11: =ROUND(X11/P11,2) -> 3719.07
A12: 6 | B12: 19 | C12: 1 | D12: 3 | E12: 19-1-302 | G12: 普通住宅 | H12: 已售 | I12: 货币收入 | J12: 20190006288 | K12: 43793 | L12: 583588 | M12: 龚鑫 | P12: 139.86 | S12: 065001800105 | T12: 03750080 | U12: 535401.83 | V12: =L12-U12 -> 48186.17 | W12: =U12+V12 -> 583588 | X12: =U12 -> 535401.83 | Y12: =ROUND(X12/P12,2) -> 3828.13
A13: 7 | B13: 19 | C13: 1 | D13: 4 | E13: 19-1-401 | G13: 普通住宅 | H13: 已售 | I13: 货币收入 | J13: 20190005838 | K13: 43785 | L13: 575329 | M13: 郑泽敏 | P13: 140.28 | S13: 065001800105 | T13: 03750089 | U13: 527824.77 | V13: =L13-U13 -> 47504.23 | W13: =U13+V13 -> 575329 | X13: =U13 -> 527824.77 | Y13: =ROUND(X13/P13,2) -> 3762.65
A14: 8 | B14: 19 | C14: 1 | D14: 4 | E14: 19-1-402 | G14: 普通住宅 | H14: 已售 | I14: 货币收入 | J14: 20190003542 | K14: 43731 | L14: 568072 | M14: 李冰 | P14: 139.86 | S14: 065001800105 | T14: 03750109 | U14: 521166.97 | V14: =L14-U14 -> 46905.03 | W14: =U14+V14 -> 568072 | X14: =U14 -> 521166.97 | Y14: =ROUND(X14/P14,2) -> 3726.35
A15: 9 | B15: 19 | C15: 1 | D15: 5 | E15: 19-1-501 | G15: 普通住宅 | H15: 已售 | I15: 货币收入 | J15: 20190008077 | K15: 43822 | L15: 582125 | M15: 王盼盼 | P15: 140.28 | S15: 065001800105 | T15: 03750110 | U15: 534059.63 | V15: =L15-U15 -> 48065.37 | W15: =U15+V15 -> 582125 | X15: =U15 -> 534059.63 | Y15: =ROUND(X15/P15,2) -> 3807.1
A16: 10 | B16: 19 | C16: 1 | D16: 5 | E16: 19-1-502 | G16: 普通住宅 | H16: 已售 | I16: 货币收入 | J16: 20190002661 | K16: 43715 | L16: 574716 | M16: 时乐然 | P16: 139.86 | S16: 065001800105 | T16: 03750111 | U16: 527262.39 | V16: =L16-U16 -> 47453.61 | W16: =U16+V16 -> 574716 | X16: =U16 -> 527262.39 | Y16: =ROUND(X16/P16,2) -> 3769.93
A17: 11 | B17: 19 | C17: 1 | D17: 6 | E17: 19-1-601 | G17: 普通住宅 | H17: 已售 | I17: 货币收入 | J17: 20190002628 | K17: 43714 | L17: 599271 | M17: 牛克松 | P17: 140.28 | S17: 065001800105 | T17: 04520545 | U17: 549789.91 | V17: =L17-U17 -> 49481.09 | W17: =U17+V17 -> 599271 | X17: =U17 -> 549789.91 | Y17: =ROUND(X17/P17,2) -> 3919.23
A18: 12 | B18: 19 | C18: 1 | D18: 6 | E18: 19-1-602 | G18: 普通住宅 | H18: 已售 | I18: 货币收入 | J18: 20190005073 | K18: 43767 | L18: 581492 | M18: 张晓鹏 | P18: 139.86 | S18: 065001800105 | T18: 04520535 | U18: 533478.9 | V18: =L18-U18 -> 48013.1 | W18: =U18+V18 -> 581492 | X18: =U18 -> 533478.9 | Y18: =ROUND(X18/P18,2) -> 3814.38
A19: 13 | B19: 19 | C19: 1 | D19: 7 | E19: 19-1-701 | G19: 普通住宅 | H19: 已售 | I19: 货币收入 | J19: 20190002668 | K19: 43715 | L19: 592120 | M19: 巴英星 | P19: 140.28 | S19: 065001800105 | T19: 03750112 | U19: 543229.36 | V19: =L19-U19 -> 48890.64 | W19: =U19+V19 -> 592120 | X19: =U19 -> 543229.36 | Y19: =ROUND(X19/P19,2) -> 3872.46
... A22: 16 | B22: 19 | C22: 1 | D22: 8 | E22: 19-1-802 | G22: 普通住宅 | H22: 已售 | I22: 货币收入 | J22: 20190005297 | K22: 43773 | L22: 587412 | M22: 雒瑞洋 | P22: 139.86 | S22: 065001800105 | T22: 03750063 | U22: 538910.09 | V22: =L22-U22 -> 48501.91 | W22: =U22+V22 -> 587412 | X22: =U22 -> 538910.09 | Y22: =ROUND(X22/P22,2) -> 3853.21
A23: 17 | B23: 19 | C23: 2 | D23: 1 | E23: 19-2-101 | G23: 普通住宅 | H23: 已售 | I23: 货币收入 | J23: 20200008574 | K23: 44095 | L23: 993006 | M23: 李江艳 | P23: 139.86 | S23: 065001800105 | T23: 03750091 | U23: 911014.68 | V23: =L23-U23 -> 81991.32 | W23: =U23+V23 -> 993006 | X23: =U23 -> 911014.68 | Y23: =ROUND(X23/P23,2) -> 6513.76
A24: 18 | B24: 19 | C24: 2 | D24: 1 | E24: 19-2-102 | G24: 普通住宅 | H24: 已售 | I24: 货币收入 | J24: 20200007348 | K24: 44037 | L24: 995988 | M24: 朱平、许瑞娟 | P24: 140.28 | S24: 065001800105 | T24: 03750087 | U24: 913750.46 | V24: =L24-U24 -> 82237.54 | W24: =U24+V24 -> 995988 | X24: =U24 -> 913750.46 | Y24: =ROUND(X24/P24,2) -> 6513.76
A25: 19 | B25: 19 | C25: 2 | D25: 2 | E25: 19-2-201 | G25: 普通住宅 | H25: 已售 | I25: 货币收入 | J25: 20190002821 | K25: 43719 | L25: 554654 | M25: 熊惠 | P25: 139.86 | S25: 065001800105 | T25: 03750113 | U25: 508856.88 | V25: =L25-U25 -> 45797.12 | W25: =U25+V25 -> 554654 | X25: =U25 -> 508856.88 | Y25: =ROUND(X25/P25,2) -> 3638.33
A26: 20 | B26: 19 | C26: 2 | D26: 2 | E26: 19-2-202 | G26: 普通住宅 | H26: 已售 | I26: 货币收入 | J26: 20210012114 | K26: 44531 | L26: 750000 | M26: 盛小艳 | P26: 140.28 | S26: 065001800105 | T26: 01913590 | U26: 688073.39 | V26: =L26-U26 -> 61926.61 | W26: =U26+V26 -> 750000 | X26: =U26 -> 688073.39 | Y26: =ROUND(X26/P26,2) -> 4905
A27: 21 | B27: 19 | C27: 2 | D27: 3 | E27: 19-2-301 | G27: 普通住宅 | H27: 已售 | I27: 货币收入 | J27: 20190004135 | K27: 43748 | L27: 561429 | M27: 董进宝 | P27: 139.86 | S27: 065001800105 | T27: 03750114 | U27: 515072.48 | V27: =L27-U27 -> 46356.52 | W27: =U27+V27 -> 561429 | X27: =U27 -> 515072.48 | Y27: =ROUND(X27/P27,2) -> 3682.77
A28: 22 | B28: 19 | C28: 2 | D28: 3 | E28: 19-2-302 | G28: 普通住宅 | H28: 已售 | I28: 货币收入 | J28: 20190002665 | K28: 43715 | L28: 574129 | M28: 胡钰 | P28: 140.28 | S28: 065001800105 | T28: 03750115 | U28: 526723.85 | V28: =L28-U28 -> 47405.15 | W28: =U28+V28 -> 574129 | X28: =U28 -> 526723.85 | Y28: =ROUND(X28/P28,2) -> 3754.8
A29: 23 | B29: 19 | C29: 2 | D29: 4 | E29: 19-2-401 | G29: 普通住宅 | H29: 已售 | I29: 货币收入 | J29: 20190002937 | K29: 43722 | L29: 568072 | M29: 候磊 | P29: 139.86 | S29: 065001800105 | T29: 03750076 | U29: 521166.97 | V29: =L29-U29 -> 46905.03 | W29: =U29+V29 -> 568072 | X29: =U29 -> 521166.97 | Y29: =ROUND(X29/P29,2) -> 3726.35
A30: 24 | B30: 19 | C30: 2 | D30: 4 | E30: 19-2-402 | G30: 普通住宅 | H30: 已售 | I30: 货币收入 | J30: 20190002680 | K30: 43777 | L30: 580925 | M30: 闫一铭 | P30: 140.28 | S30: 065001800105 | T30: 03750116 | U30: 532958.72 | V30: =L30-U30 -> 47966.28 | W30: =U30+V30 -> 580925 | X30: =U30 -> 532958.72 | Y30: =ROUND(X30/P30,2) -> 3799.25
A31: 25 | B31: 19 | C31: 2 | D31: 5 | E31: 19-2-501 | G31: 普通住宅 | H31: 已售 | I31: 货币收入 | J31: 20190003568 | K31: 43732 | L31: 574849 | M31: 杨东方 | P31: 139.86 | S31: 065001800105 | T31: 03750117 | U31: 527384.4 | V31: =L31-U31 -> 47464.6 | W31: =U31+V31 -> 574849 | X31: =U31 -> 527384.4 | Y31: =ROUND(X31/P31,2) -> 3770.8
A32: 26 | B32: 19 | C32: 2 | D32: 5 | E32: 19-2-502 | G32: 普通住宅 | H32: 已售 | I32: 货币收入 | J32: 20190002681 | K32: 43716 | L32: 587588 | M32: 陆志成 | P32: 140.28 | S32: 065001800105 | T32: 34520536 | U32: 539071.56 | V32: =L32-U32 -> 48516.44 | W32: =U32+V32 -> 587588 | X32: =U32 -> 539071.56 | Y32: =ROUND(X32/P32,2) -> 3842.83
A33: 27 | B33: 19 | C33: 2 | D33: 6 | E33: 19-2-601 | G33: 普通住宅 | H33: 已售 | I33: 货币收入 | J33: 20190002838 | K33: 43719 | L33: 581492 | M33: 贺俊歌 | P33: 139.86 | S33: 065001800105 | T33: 03750119 | U33: 533478.9 | V33: =L33-U33 -> 48013.1 | W33: =U33+V33 -> 581492 | X33: =U33 -> 533478.9 | Y33: =ROUND(X33/P33,2) -> 3814.38
A34: 28 | B34: 19 | C34: 2 | D34: 6 | E34: 19-2-602 | G34: 普通住宅 | H34: 已售 | I34: 货币收入 | J34: 20190002925 | K34: 43721 | L34: 594386 | M34: 陈静 | P34: 140.28 | S34: 065001800105 | T34: 04520537 | U34: 545308.26 | V34: =L34-U34 -> 49077.74 | W34: =U34+V34 -> 594386 | X34: =U34 -> 545308.26 | Y34: =ROUND(X34/P34,2) -> 3887.28
A35: 29 | B35: 19 | C35: 2 | D35: 7 | E35: 19-2-701 | G35: 普通住宅 | H35: 已售 | I35: 货币收入 | J35: 20200002858 | K35: 43947 | L35: 591723 | M35: 高军 | P35: 139.86 | S35: 065001800105 | T35: 03750120 | U35: 542865.14 | V35: =L35-U35 -> 48857.86 | W35: =U35+V35 -> 591723 | X35: =U35 -> 542865.14 | Y35: =ROUND(X35/P35,2) -> 3881.49
... A38: 32 | B38: 19 | C38: 2 | D38: 8 | E38: 19-2-802 | G38: 普通住宅 | H38: 已售 | I38: 货币收入 | J38: 20190004666 | K38: 43759 | L38: 580925 | M38: 余赛 | P38: 140.28 | S38: 065001800105 | T38: 03750123 | U38: 532958.72 | V38: =L38-U38 -> 47966.28 | W38: =U38+V38 -> 580925 | X38: =U38 -> 532958.72 | Y38: =ROUND(X38/P38,2) -> 3799.25
A39: 33 | B39: 19 | C39: 1 | D39: -1 | E39: 19-负1-01 | G39: 其他营业性房产 | H39: 未售 | P39: 105.25 | V39: =L39-U39 -> 0 | W39: =U39+V39 -> 0 | X39: =U39 -> 0 | Y39: =ROUND(X39/P39,2) -> 0
A40: 34 | B40: 19 | C40: 1 | D40: -1 | E40: 19-负1-02 | G40: 其他营业性房产 | H40: 未售 | P40: 105.25 | V40: =L40-U40 -> 0 | W40: =U40+V40 -> 0 | X40: =U40 -> 0 | Y40: =ROUND(X40/P40,2) -> 0
A41: 35 | B41: 19 | C41: 2 | D41: -1 | E41: 19-2-负1-01 | G41: 其他营业性房产 | H41: 未售 | P41: 105.25 | V41: =L41-U41 -> 0 | W41: =U41+V41 -> 0 | X41: =U41 -> 0 | Y41: =ROUND(X41/P41,2) -> 0
A42: 36 | B42: 19 | C42: 1 | D42: -1 | E42: 19-2-负1-02 | G42: 其他营业性房产 | H42: 未售 | P42: 105.25 | V42: =L42-U42 -> 0 | W42: =U42+V42 -> 0 | X42: =U42 -> 0 | Y42: =ROUND(X42/P42,2) -> 0
A43: 37 | B43: 20 | C43: 1 | D43: 1 | E43: 20-1-101 | G43: 非普通住宅 | H43: 已售 | I43: 货币收入 | J43: 202100007777 | K43: 44216 | L43: 1080000 | M43: 支静、达通航 | P43: 177.16 | S43: 065001800105 | T43: 09178451 | U43: 990825.69 | V43: =L43-U43 -> 89174.31 | W43: =U43+V43 -> 1080000 | X43: =U43 -> 990825.69 | Y43: =ROUND(X43/P43,2) -> 5592.83
A44: 38 | B44: 20 | C44: 1 | D44: 1 | E44: 20-1-102 | G44: 非普通住宅 | H44: 已售 | I44: 货币收入 | J44: 20220004160 | K44: 44708 | L44: 1072944 | M44: 毛楠 | P44: 149.02 | S44: 065001800105 | T44: 01496800 | U44: 984352.29 | V44: =L44-U44 -> 88591.71 | W44: =U44+V44 -> 1072944 | X44: =U44 -> 984352.29 | Y44: =ROUND(X44/P44,2) -> 6605.5
A45: 39 | B45: 20 | C45: 1 | D45: 2 | E45: 20-1-201 | G45: 非普通住宅 | H45: 已售 | I45: 货币收入 | J45: 20200003476 | K45: 43964 | L45: 710040 | M45: 刘雅鑫 | P45: 177.16 | S45: 065001800105 | T45: 04520558 | U45: 651412.84 | V45: =L45-U45 -> 58627.16 | W45: =U45+V45 -> 710040 | X45: =U45 -> 651412.84 | Y45: =ROUND(X45/P45,2) -> 3676.97
A46: 40 | B46: 20 | C46: 1 | D46: 2 | E46: 20-1-202 | G46: 非普通住宅 | H46: 已售 | I46: 货币收入 | J46: 20190004910 | K46: 43763 | L46: 613334 | M46: 韩智远 | P46: 149.11 | S46: 065001800105 | T46: 04520559 | U46: 562691.74 | V46: =L46-U46 -> 50642.26 | W46: =U46+V46 -> 613334 | X46: =U46 -> 562691.74 | Y46: =ROUND(X46/P46,2) -> 3773.67
A47: 41 | B47: 20 | C47: 1 | D47: 3 | E47: 20-1-301 | G47: 非普通住宅 | H47: 已售 | I47: 货币收入 | J47: 20190002588 | K47: 43713 | L47: 735254 | M47: 鞠杰 | P47: 177.16 | S47: 065001800105 | T47: 04520560 | U47: 674544.95 | V47: =L47-U47 -> 60709.05 | W47: =U47+V47 -> 735254 | X47: =U47 -> 674544.95 | Y47: =ROUND(X47/P47,2) -> 3807.55
A48: 42 | B48: 20 | C48: 1 | D48: 3 | E48: 20-1-302 | G48: 非普通住宅 | H48: 已售 | I48: 货币收入 | J48: 20200002578 | K48: 43941 | L48: 620447 | M48: 陈兆 | P48: 149.11 | S48: 065001800105 | T48: 04520561 | U48: 569217.43 | V48: =L48-U48 -> 51229.57 | W48: =U48+V48 -> 620447 | X48: =U48 -> 569217.43 | Y48: =ROUND(X48/P48,2) -> 3817.43
A49: 43 | B49: 20 | C49: 1 | D49: 4 | E49: 20-1-401 | G49: 非普通住宅 | H49: 已售 | I49: 货币收入 | J49: 20200002327 | K49: 43936 | L49: 756709 | M49: 郭红波、李令娥 | P49: 177.16 | S49: 065001800105 | T49: 03750078 | U49: 694228.44 | V49: =L49-U49 -> 62480.56 | W49: =U49+V49 -> 756709 | X49: =U49 -> 694228.44 | Y49: =ROUND(X49/P49,2) -> 3918.65
A50: 44 | B50: 20 | C50: 1 | D50: 4 | E50: 20-1-402 | G50: 非普通住宅 | H50: 已售 | I50: 货币收入 | J50: 20190002856 | K50: 43719 | L50: 627641 | M50: 钱娅文 | P50: 149.11 | S50: 065001800105 | T50: 04520562 | U50: 575817.43 | V50: =L50-U50 -> 51823.57 | W50: =U50+V50 -> 627641 | X50: =U50 -> 575817.43 | Y50: =ROUND(X50/P50,2) -> 3861.7
A51: 45 | B51: 20 | C51: 1 | D51: 5 | E51: 20-1-501 | G51: 非普通住宅 | H51: 已售 | I51: 货币收入 | J51: 20190002941 | K51: 43722 | L51: 752251 | M51: 王晓彤 | P51: 177.16 | S51: 065001800105 | T51: 04520544 | U51: 690138.53 | V51: =L51-U51 -> 62112.47 | W51: =U51+V51 -> 752251 | X51: =U51 -> 690138.53 | Y51: =ROUND(X51/P51,2) -> 3895.57
A52: 46 | B52: 20 | C52: 1 | D52: 5 | E52: 20-1-502 | G52: 非普通住宅 | H52: 已售 | I52: 货币收入 | J52: 2020000256 | K52: 43836 | L52: 634725 | M52: 李彩侠 | P52: 149.11 | S52: 065001800105 | T52: 04520563 | U52: 582316.51 | V52: =L52-U52 -> 52408.49 | W52: =U52+V52 -> 634725 | X52: =U52 -> 582316.51 | Y52: =ROUND(X52/P52,2) -> 3905.28
A53: 47 | B53: 20 | C53: 1 | D53: 6 | E53: 20-1-601 | G53: 非普通住宅 | H53: 已售 | I53: 货币收入 | J53: 2020004926 | K53: 43997 | L53: 760043 | M53: 霍天岩、江萍 | P53: 177.16 | S53: 065001800105 | T53: 04520543 | U53: 697287.16 | V53: =L53-U53 -> 62755.84 | W53: =U53+V53 -> 760043 | X53: =U53 -> 697287.16 | Y53: =ROUND(X53/P53,2) -> 3935.92
A54: 48 | B54: 20 | C54: 1 | D54: 6 | E54: 20-1-602 | G54: 非普通住宅 | H54: 已售 | I54: 货币收入 | J54: 20200002460 | K54: 43938 | L54: 641173 | M54: 李海峰 | P54: 149.11 | S54: 065001800105 | T54: 03750084 | U54: 588232.11 | V54: =L54-U54 -> 52940.89 | W54: =U54+V54 -> 641173 | X54: =U54 -> 588232.11 | Y54: =ROUND(X54/P54,2) -> 3944.95
A55: 49 | B55: 20 | C55: 1 | D55: 7 | E55: 20-1-701 | G55: 非普通住宅 | H55: 已售 | I55: 货币收入 | J55: 20200010195 | K55: 44129 | L55: 1160043 | M55: 刘小超 | P55: 274.17 | S55: 065001800105 | T55: 03750071;01913672 | U55: 1064259.6 | V55: =L55-U55 -> 95783.36 | W55: =U55+V55 -> 1160043 | X55: =U55 -> 1064259.6 | Y55: =ROUND(X55/P55,2) -> 3881.75
A56: 50 | B56: 20 | C56: 1 | D56: 7 | E56: 20-1-702 | G56: 非普通住宅 | H56: 已售 | I56: 货币收入 | L56: 1334448 | M56: 张丁丁 | N56: 239.34 | P56: 239.34 | U56: 1224264.2 | V56: 110183.78 | W56: =U56+V56 -> 1334448 | X56: =U56 -> 1224264.2 | Y56: =ROUND(X56/P56,2) -> 5115.17
A57: 51 | B57: 20 | C57: 2 | D57: 1 | E57: 20-2-101 | G57: 非普通住宅 | H57: 已售 | I57: 货币收入 | J57: 20210013098 | K57: 44546 | L57: 1097650 | M57: 魏光辉 | P57: 149.02 | S57: 065001800105 | T57: 01913666;01913667 | U57: 1007018.3 | V57: =L57-U57 -> 90631.66 | W57: =U57+V57 -> 1097650 | X57: =U57 -> 1007018.3 | Y57: =ROUND(X57/P57,2) -> 6757.61
A58: 52 | B58: 20 | C58: 2 | D58: 1 | E58: 20-2-102 | G58: 非普通住宅 | H58: 已售 | I58: 货币收入 | J58: 20190002917 | K58: 43720 | L58: 1258229 | M58: 孟俊彤 | P58: 177.16 | S58: 065001800105 | T58: 04520564;04520565 | U58: 1154338.5 | V58: =L58-U58 -> 103890.46 | W58: =U58+V58 -> 1258229 | X58: =U58 -> 1154338.5 | Y58: =ROUND(X58/P58,2) -> 6515.8
A59: 53 | B59: 20 | C59: 2 | D59: 2 | E59: 20-2-201 | G59: 非普通住宅 | H59: 已售 | I59: 货币收入 | J59: 20190005324 | K59: 43773 | L59: 621568 | M59: 杨巧玲、杨兵义 | P59: 149.11 | S59: 065001800105 | T59: 03750090 | U59: 570245.87 | V59: =L59-U59 -> 51322.13 | W59: =U59+V59 -> 621568 | X59: =U59 -> 570245.87 | Y59: =ROUND(X59/P59,2) -> 3824.33
A60: 54 | B60: 20 | C60: 2 | D60: 2 | E60: 20-2-202 | G60: 非普通住宅 | H60: 已售 | I60: 货币收入 | J60: 20200003570 | K60: 43967 | L60: 725155 | M60: 王瑶 | P60: 177.16 | S60: 065001800105 | T60: 04520541 | U60: 665279.82 | V60: =L60-U60 -> 59875.18 | W60: =U60+V60 -> 725155 | X60: =U60 -> 665279.82 | Y60: =ROUND(X60/P60,2) -> 3755.25
A61: 55 | B61: 20 | C61: 2 | D61: 3 | E61: 20-2-301 | G61: 非普通住宅 | H61: 已售 | I61: 货币收入 | J61: 20190004962 | K61: 43765 | L61: 620418 | M61: 夏潇男 | P61: 149.11 | S61: 065001800105 | T61: 04520566 | U61: 569190.83 | V61: =L61-U61 -> 51227.17 | W61: =U61+V61 -> 620418 | X61: =U61 -> 569190.83 | Y61: =ROUND(X61/P61,2) -> 3817.25
A62: 56 | B62: 20 | C62: 2 | D62: 3 | E62: 20-2-302 | G62: 非普通住宅 | H62: 已售 | I62: 货币收入 | J62: 20200001976 | K62: 43924 | L62: 741946 | M62: 蔡言逊 | P62: 177.16 | S62: 065001800105 | T62: 03750073 | U62: 680684.4 | V62: =L62-U62 -> 61261.6 | W62: =U62+V62 -> 741946 | X62: =U62 -> 680684.4 | Y62: =ROUND(X62/P62,2) -> 3842.2
A63: 57 | B63: 20 | C63: 2 | D63: 4 | E63: 20-2-401 | G63: 非普通住宅 | H63: 已售 | I63: 货币收入 | J63: 20190002707 | K63: 43717 | L63: 627641 | M63: 班鲁 | P63: 149.11 | S63: 065001800105 | T63: 04520567 | U63: 575817.43 | V63: =L63-U63 -> 51823.57 | W63: =U63+V63 -> 627641 | X63: =U63 -> 575817.43 | Y63: =ROUND(X63/P63,2) -> 3861.7
A64: 58 | B64: 20 | C64: 2 | D64: 4 | E64: 20-2-402 | G64: 非普通住宅 | H64: 已售 | I64: 货币收入 | J64: 20190003913 | K64: 43738 | L64: 742153.4 | M64: 王丽 | P64: 177.16 | S64: 065001800105 | T64: 03720020 | U64: 680874.68 | V64: =L64-U64 -> 61278.72 | W64: =U64+V64 -> 742153.4 | X64: =U64 -> 680874.68 | Y64: =ROUND(X64/P64,2) -> 3843.28
A65: 59 | B65: 20 | C65: 2 | D65: 5 | E65: 20-2-501 | G65: 非普通住宅 | H65: 已售 | I65: 货币收入 | J65: 20190002559 | K65: 43712 | L65: 634725 | M65: 熊红群 | P65: 149.11 | S65: 065001800105 | T65: 04520568 | U65: 582316.51 | V65: =L65-U65 -> 52408.49 | W65: =U65+V65 -> 634725 | X65: =U65 -> 582316.51 | Y65: =ROUND(X65/P65,2) -> 3905.28
A66: 60 | B66: 20 | C66: 2 | D66: 5 | E66: 20-2-502 | G66: 非普通住宅 | H66: 已售 | I66: 货币收入 | J66: 20190002671 | K66: 43716 | L66: 750737 | M66: 陈泽琦 | P66: 177.16 | S66: 065001800105 | T66: 04520542 | U66: 688749.54 | V66: =L66-U66 -> 61987.46 | W66: =U66+V66 -> 750737 | X66: =U66 -> 688749.54 | Y66: =ROUND(X66/P66,2) -> 3887.73
A67: 61 | B67: 20 | C67: 2 | D67: 6 | E67: 20-2-601 | G67: 非普通住宅 | H67: 已售 | I67: 货币收入 | J67: 20190006584 | K67: 43798 | L67: 653320 | M67: 万晓彬/杨晓红 | P67: 149.11 | S67: 065001800105 | T67: 03750079 | U67: 599376.15 | V67: =L67-U67 -> 53943.85 | W67: =U67+V67 -> 653320 | X67: =U67 -> 599376.15 | Y67: =ROUND(X67/P67,2) -> 4019.69
A68: 62 | B68: 20 | C68: 2 | D68: 6 | E68: 20-2-602 | G68: 非普通住宅 | H68: 已售 | I68: 货币收入 | J68: 20200000037 | K68: 43832 | L68: 758931 | M68: 成立元 | P68: 177.16 | S68: 065001800105 | T68: 04520569 | U68: 696266.97 | V68: =L68-U68 -> 62664.03 | W68: =U68+V68 -> 758931 | X68: =U68 -> 696266.97 | Y68: =ROUND(X68/P68,2) -> 3930.16
A69: 63 | B69: 20 | C69: 2 | D69: 7 | E69: 20-2-701 | G69: 非普通住宅 | H69: 未售 | P69: 239.34
A70: 64 | B70: 20 | C70: 2 | D70: 7 | E70: 20-2-702 | G70: 非普通住宅 | H70: 已售 | I70: 货币收入 | J70: 20240004398 | K70: 45504 | L70: 1130000 | M70: 杨平 | P70: 274.17 | T70: 24652000000042634568 | U70: 1036697.2 | V70: =L70-U70 -> 93302.75 | W70: =U70+V70 -> 1130000 | X70: =U70 -> 1036697.2 | Y70: =ROUND(X70/P70,2) -> 3781.22
A71: 65 | B71: 20 | C71: 1 | D71: -1 | E71: 20-负1-01 | G71: 其他营业性房产 | H71: 未售 | P71: 141.97 | V71: =L71-U71 -> 0 | W71: =U71+V71 -> 0 | X71: =U71 -> 0 | Y71: =ROUND(X71/P71,2) -> 0
A72: 66 | B72: 20 | C72: 1 | D72: -1 | E72: 20-负1-02 | G72: 其他营业性房产 | H72: 未售 | P72: 117.14 | V72: =L72-U72 -> 0 | W72: =U72+V72 -> 0 | X72: =U72 -> 0 | Y72: =ROUND(X72/P72,2) -> 0
A73: 67 | B73: 20 | C73: 2 | D73: -1 | E73: 20-2-负1-01 | G73: 其他营业性房产 | H73: 未售 | P73: 117.14 | V73: =L73-U73 -> 0 | W73: =U73+V73 -> 0 | X73: =U73 -> 0 | Y73: =ROUND(X73/P73,2) -> 0
A74: 68 | B74: 20 | C74: 2 | D74: -1 | E74: 20-2-负2-102 | G74: 其他营业性房产 | H74: 未售 | P74: 141.97 | V74: =L74-U74 -> 0 | W74: =U74+V74 -> 0 | X74: =U74 -> 0 | Y74: =ROUND(X74/P74,2) -> 0
A75: 69 | B75: 23 | C75: 1 | D75: 1 | E75: 23-1-101 | G75: 普通住宅 | H75: 已售 | I75: 货币收入 | J75: 20190002667 | K75: 43715 | L75: 692232 | M75: 余东立 | P75: 126.36 | S75: 065001800105 | T75: 03750092 | U75: 635075.23 | V75: =L75-U75 -> 57156.77 | W75: =U75+V75 -> 692232 | X75: =U75 -> 635075.23 | Y75: =ROUND(X75/P75,2) -> 5025.92
A76: 70 | B76: 23 | C76: 1 | D76: 1 | E76: 23-1-102 | G76: 普通住宅 | H76: 已售 | I76: 货币收入 | J76: 20200002983 | K76: 43950 | L76: 680645 | M76: 孟周强 | P76: 125.88 | S76: 065001800105 | T76: 03750124 | U76: 624444.95 | V76: =L76-U76 -> 56200.05 | W76: =U76+V76 -> 680645 | X76: =U76 -> 624444.95 | Y76: =ROUND(X76/P76,2) -> 4960.64
A77: 71 | B77: 23 | C77: 1 | D77: 2 | E77: 23-1-201 | G77: 普通住宅 | H77: 已售 | I77: 货币收入 | J77: 20190007974 | K77: 43820 | L77: 508688 | M77: 方锐 | P77: 126.36 | S77: 065001800105 | T77: 03720025 | U77: 466686.24 | V77: =L77-U77 -> 42001.76 | W77: =U77+V77 -> 508688 | X77: =U77 -> 466686.24 | Y77: =ROUND(X77/P77,2) -> 3693.31
A78: 72 | B78: 23 | C78: 1 | D78: 2 | E78: 23-1-202 | G78: 普通住宅 | H78: 已售 | I78: 货币收入 | J78: 20190002762 | K78: 43718 | L78: 497618 | M78: 王建红、李绪军 | P78: 125.98 | S78: 065001800105 | T78: 03750062 | U78: 456530.28 | V78: =L78-U78 -> 41087.72 | W78: =U78+V78 -> 497618 | X78: =U78 -> 456530.28 | Y78: =ROUND(X78/P78,2) -> 3623.83
A79: 73 | B79: 23 | C79: 1 | D79: 3 | E79: 23-1-301 | G79: 普通住宅 | H79: 已售 | I79: 货币收入 | J79: 20190003069 | K79: 43725 | L79: 504690 | M79: 刘强、杨雪勤 | P79: 126.36 | S79: 065001800105 | T79: 03720026 | U79: 463018.35 | V79: =L79-U79 -> 41671.65 | W79: =U79+V79 -> 504690 | X79: =U79 -> 463018.35 | Y79: =ROUND(X79/P79,2) -> 3664.28
A80: 74 | B80: 23 | C80: 1 | D80: 3 | E80: 23-1-302 | G80: 普通住宅 | H80: 已售 | I80: 货币收入 | J80: 20190002520 | K80: 43712 | L80: 503602 | M80: 李士伟 | P80: 125.98 | S80: 065001800105 | T80: 03720027 | U80: 462020.18 | V80: =L80-U80 -> 41581.82 | W80: =U80+V80 -> 503602 | X80: =U80 -> 462020.18 | Y80: =ROUND(X80/P80,2) -> 3667.41
A81: 75 | B81: 23 | C81: 1 | D81: 4 | E81: 23-1-401 | G81: 普通住宅 | H81: 已售 | I81: 货币收入 | J81: 20190002751 | K81: 43717 | L81: 520812 | M81: 张得芳 | P81: 126.36 | S81: 065001800105 | T81: 03720028 | U81: 477809.17 | V81: =L81-U81 -> 43002.83 | W81: =U81+V81 -> 520812 | X81: =U81 -> 477809.17 | Y81: =ROUND(X81/P81,2) -> 3781.33
A82: 76 | B82: 23 | C82: 1 | D82: 4 | E82: 23-1-402 | G82: 普通住宅 | H82: 已售 | I82: 货币收入 | J82: 20190003666 | K82: 43733 | L82: 509705 | M82: 赵文辉 | P82: 125.98 | T82: 24652000000036037051 | U82: 467619.27 | V82: =L82-U82 -> 42085.73 | W82: =U82+V82 -> 509705 | X82: =U82 -> 467619.27 | Y82: =ROUND(X82/P82,2) -> 3711.85
A83: 77 | B83: 23 | C83: 1 | D83: 5 | E83: 23-1-501 | G83: 普通住宅 | H83: 已售 | I83: 货币收入 | J83: 20190003905 | K83: 43738 | L83: 526814 | M83: 武军德 | P83: 126.36 | S83: 065001800105 | T83: 03750074 | U83: 483315.6 | V83: =L83-U83 -> 43498.4 | W83: =U83+V83 -> 526814 | X83: =U83 -> 483315.6 | Y83: =ROUND(X83/P83,2) -> 3824.91
A84: 78 | B84: 23 | C84: 1 | D84: 5 | E84: 23-1-502 | G84: 普通住宅 | H84: 已售 | I84: 货币收入 | J84: 20190002733 | K84: 43717 | L84: 515689 | M84: 洪洋 | P84: 125.98 | S84: 065001800105 | T84: 03750064 | U84: 473109.17 | V84: =L84-U84 -> 42579.83 | W84: =U84+V84 -> 515689 | X84: =U84 -> 473109.17 | Y84: =ROUND(X84/P84,2) -> 3755.43
A85: 79 | B85: 23 | C85: 1 | D85: 6 | E85: 23-1-601 | G85: 普通住宅 | H85: 已售 | I85: 货币收入 | J85: 20190003803 | K85: 43736 | L85: 532937 | M85: 王强强 | P85: 126.36 | S85: 065001800105 | T85: 04520519 | U85: 488933.03 | V85: =L85-U85 -> 44003.97 | W85: =U85+V85 -> 532937 | X85: =U85 -> 488933.03 | Y85: =ROUND(X85/P85,2) -> 3869.37
A86: 80 | B86: 23 | C86: 1 | D86: 6 | E86: 23-1-602 | G86: 普通住宅 | H86: 已售 | I86: 货币收入 | J86: 20190003815 | K86: 43736 | L86: 521793 | M86: 王苍成 | P86: 125.98 | S86: 065001800105 | T86: 03750068 | U86: 478709.17 | V86: =L86-U86 -> 43083.83 | W86: =U86+V86 -> 521793 | X86: =U86 -> 478709.17 | Y86: =ROUND(X86/P86,2) -> 3799.88
A87: 81 | B87: 23 | C87: 1 | D87: 7 | E87: 23-1-701 | G87: 普通住宅 | H87: 已售 | I87: 货币收入 | J87: 20190003675 | K87: 43733 | L87: 547846 | M87: 陈斌 | P87: 126.36 | S87: 065001800105 | T87: 04520546 | U87: 502611.01 | V87: =L87-U87 -> 45234.99 | W87: =U87+V87 -> 547846 | X87: =U87 -> 502611.01 | Y87: =ROUND(X87/P87,2) -> 3977.61
A88: 82 | B88: 23 | C88: 1 | D88: 7 | E88: 23-1-702 | G88: 普通住宅 | H88: 已售 | I88: 货币收入 | J88: 20190002898 | K88: 43720 | L88: 524666 | M88: 呼博源 | P88: 125.98 | S88: 065001800105 | T88: 03720029 | U88: 481344.95 | V88: =L88-U88 -> 43321.05 | W88: =U88+V88 -> 524666 | X88: =U88 -> 481344.95 | Y88: =ROUND(X88/P88,2) -> 3820.8
A89: 83 | B89: 23 | C89: 1 | D89: 8 | E89: 23-1-801 | G89: 普通住宅 | H89: 已售 | I89: 货币收入 | J89: 20190003578 | K89: 43732 | L89: 520812 | M89: 谢娟、侯洋中 | P89: 126.36 | S89: 065001800105 | T89: 03720030 | U89: 477809.17 | V89: =L89-U89 -> 43002.83 | W89: =U89+V89 -> 520812 | X89: =U89 -> 477809.17 | Y89: =ROUND(X89/P89,2) -> 3781.33
A90: 84 | B90: 23 | C90: 1 | D90: 8 | E90: 23-1-802 | G90: 普通住宅 | H90: 已售 | I90: 货币收入 | J90: 20200005546 | K90: 44005 | L90: 503602 | M90: 槐新岩、孙莉 | P90: 125.98 | S90: 065001800105 | T90: 03720031 | U90: 462020.18 | V90: =L90-U90 -> 41581.82 | W90: =U90+V90 -> 503602 | X90: =U90 -> 462020.18 | Y90: =ROUND(X90/P90,2) -> 3667.41
A91: 85 | B91: 23 | C91: 2 | D91: 1 | E91: 23-2-101 | G91: 普通住宅 | H91: 已售 | I91: 货币收入 | J91: 20190002768 | K91: 43718 | L91: 677401 | M91: 李川平、何丽红 | P91: 125.92 | S91: 065001800105 | T91: 03720032 | U91: 621468.81 | V91: =L91-U91 -> 55932.19 | W91: =U91+V91 -> 677401 | X91: =U91 -> 621468.81 | Y91: =ROUND(X91/P91,2) -> 4935.43
A92: 86 | B92: 23 | C92: 2 | D92: 1 | E92: 23-2-102 | G92: 普通住宅 | H92: 已售 | I92: 货币收入 | J92: 20190003302 | K92: 43727 | L92: 697405 | M92: 张辉、郭兴辉 | P92: 126.32 | S92: 065001800105 | T92: 03720033 | U92: 639821.1 | V92: =L92-U92 -> 57583.9 | W92: =U92+V92 -> 697405 | X92: =U92 -> 639821.1 | Y92: =ROUND(X92/P92,2) -> 5065.08
A93: 87 | B93: 23 | C93: 2 | D93: 2 | E93: 23-2-201 | G93: 普通住宅 | H93: 已售 | I93: 货币收入 | J93: 20190002631 | K93: 43714 | L93: 497367 | M93: 张书云、韩凯凯 | P93: 125.92 | S93: 065001800105 | T93: 03720034 | U93: 456300 | V93: =L93-U93 -> 41067 | W93: =U93+V93 -> 497367 | X93: =U93 -> 456300 | Y93: =ROUND(X93/P93,2) -> 3623.73
A94: 88 | B94: 23 | C94: 2 | D94: 2 | E94: 23-2-202 | G94: 普通住宅 | H94: 已售 | I94: 货币收入 | J94: 20190008406 | K94: 43826 | L94: 512320 | M94: 张卫平、张爱平 | P94: 126.42 | S94: 065001800105 | T94: 03720035 | U94: 470018.35 | V94: =L94-U94 -> 42301.65 | W94: =U94+V94 -> 512320 | X94: =U94 -> 470018.35 | Y94: =ROUND(X94/P94,2) -> 3717.91
... A96: 90 | B96: 23 | C96: 2 | D96: 3 | E96: 23-2-302 | G96: 普通住宅 | H96: 已售 | I96: 货币收入 | J96: 20200000621 | K96: 43841 | L96: 519872 | M96: 江南杰、刘桂民 | P96: 126.42 | S96: 065001800105 | T96: 04520520 | U96: 476946.79 | V96: =L96-U96 -> 42925.21 | W96: =U96+V96 -> 519872 | X96: =U96 -> 476946.79 | Y96: =ROUND(X96/P96,2) -> 3772.72
A97: 91 | B97: 23 | C97: 2 | D97: 4 | E97: 23-2-401 | G97: 普通住宅 | H97: 已售 | I97: 货币收入 | J97: 20190002725 | K97: 2019-09-09 | L97: 509449 | M97: 陈麒宇 | P97: 125.92 | S97: 065001800105 | T97: 03750081 | U97: 467384.4 | V97: =L97-U97 -> 42064.6 | W97: =U97+V97 -> 509449 | X97: =U97 -> 467384.4 | Y97: =ROUND(X97/P97,2) -> 3711.76
A98: 92 | B98: 23 | C98: 2 | D98: 4 | E98: 23-2-402 | G98: 普通住宅 | H98: 已售 | I98: 货币收入 | J98: 20190004008 | K98: 43746 | L98: 525997 | M98: 巴都木道尔吉 | P98: 126.42 | S98: 065001800105 | T98: 04520521 | U98: 482566.06 | V98: =L98-U98 -> 43430.94 | W98: =U98+V98 -> 525997 | X98: =U98 -> 482566.06 | Y98: =ROUND(X98/P98,2) -> 3817.17
A99: 93 | B99: 23 | C99: 2 | D99: 5 | E99: 23-2-501 | G99: 普通住宅 | H99: 已售 | I99: 货币收入 | J99: 20190003492 | K99: 43731 | L99: 515550 | M99: 马秋芳、杨学勤 | P99: 125.92 | S99: 065001800105 | T99: 03750118 | U99: 472981.65 | V99: =L99-U99 -> 42568.35 | W99: =U99+V99 -> 515550 | X99: =U99 -> 472981.65 | Y99: =ROUND(X99/P99,2) -> 3756.21
A100: 94 | B100: 23 | C100: 2 | D100: 5 | E100: 23-2-502 | G100: 普通住宅 | H100: 已售 | I100: 货币收入 | J100: 20190003682 | K100: 43733 | L100: 532002 | M100: 王凯文 | P100: 126.42 | S100: 065001800105 | T100: 04520548 | U100: 488075.23 | V100: =L100-U100 -> 43926.77 | W100: =U100+V100 -> 532002 | X100: =U100 -> 488075.23 | Y100: =ROUND(X100/P100,2) -> 3860.74
A101: 95 | B101: 23 | C101: 2 | D101: 6 | E101: 23-2-601 | G101: 普通住宅 | H101: 已售 | I101: 货币收入 | J101: 20190002752 | K101: 43717 | L101: 521531 | M101: 燕珂旬 | P101: 125.92 | S101: 065001800105 | T101: 03750097 | U101: 478468.81 | V101: =L101-U101 -> 43062.19 | W101: =U101+V101 -> 521531 | X101: =U101 -> 478468.81 | Y101: =ROUND(X101/P101,2) -> 3799.78
A102: 96 | B102: 23 | C102: 2 | D102: 6 | E102: 23-2-602 | G102: 普通住宅 | H102: 已售 | I102: 货币收入 | J102: 20190002929 | K102: 43721 | L102: 538128 | M102: 王盈盈、金永杰 | P102: 126.42 | S102: 065001800105 | T102: 04520522 | U102: 493695.41 | V102: =L102-U102 -> 44432.59 | W102: =U102+V102 -> 538128 | X102: =U102 -> 493695.41 | Y102: =ROUND(X102/P102,2) -> 3905.2
A103: 97 | B103: 23 | C103: 2 | D103: 7 | E103: 23-2-701 | G103: 普通住宅 | H103: 已售 | I103: 货币收入 | J103: 20190003561 | K103: 43732 | L103: 524402 | M103: 王尚昆 | P103: 125.92 | S103: 065001800105 | T103: 04520549 | U103: 481102.75 | V103: =L103-U103 -> 43299.25 | W103: =U103+V103 -> 524402 | X103: =U103 -> 481102.75 | Y103: =ROUND(X103/P103,2) -> 3820.7
A104: 98 | B104: 23 | C104: 2 | D104: 7 | E104: 23-2-702 | G104: 普通住宅 | H104: 已售 | I104: 货币收入 | J104: 20190005083 | K104: 43767 | L104: 541010 | M104: 李文勋 | P104: 126.42 | S104: 065001800105 | T104: 04520523 | U104: 496339.45 | V104: =L104-U104 -> 44670.55 | W104: =U104+V104 -> 541010 | X104: =U104 -> 496339.45 | Y104: =ROUND(X104/P104,2) -> 3926.11
A105: 99 | B105: 23 | C105: 2 | D105: 8 | E105: 23-2-801 | G105: 普通住宅 | H105: 已售 | I105: 货币收入 | J105: 20190003021 | K105: 43724 | L105: 516441 | M105: 胡敏金 | P105: 125.92 | S105: 065001800105 | T105: 04520550 | U105: 473799.08 | V105: =L105-U105 -> 42641.92 | W105: =U105+V105 -> 516441 | X105: =U105 -> 473799.08 | Y105: =ROUND(X105/P105,2) -> 3762.7
...

Sheet 附表7-扣除项目明细采集底稿
A1: T23210附表7-扣除项目明细采集底稿
A2: =土地增值税税源明细表!F5&"："&土地增值税税源明细表!H5&" "&土地增值税税源明细表!A5&"："&土地增值税税源明细表!B5&" "&"金额单位:人民币元(列至角分)" -> 项目编码：Z65280120190027 项目名称：沁春锦苑19#、20#、23#、24#楼 金额单位:人民币元(列至角分)
A3: 序号 | B3: *记账日期 | C3: *记账凭证号码 | D3: *科目名称 | E3: *二级科目名称 | F3: 内容摘要 | G3: 合同编号 | H3: 合同名称 | I3: 合同类别 | J3: 收款单位 | K3: *凭据类型 | L3: 发票(凭据)代码 | M3: 发票(凭据)号码 | N3: *发票(凭据)金额 | O3: *付款金额 | P3: *记账金额 | Q3: 申报调整金额 | R3: *申报扣除的记账金额 | S3: 分摊至本项目比例 | T3: *本项目扣除金额 | U3: 情况说明 | V3: *成本对象类型 | W3: *普通住宅分摊金额 | X3: *非普通住宅分摊金额 | Y3: *其他类型房产分摊金额 | Z3: *分摊方法 | AA3: 分摊方法说明 | AB3: *是否可加计扣除
A4: 总计 | B4: * | C4: * | D4: * | E4: * | F4: * | G4: * | H4: * | I4: * | J4: * | K4: * | L4: * | M4: * | N4: =SUM(N$7:N$1047746) -> 1.9566122e+08 | O4: =SUM(O$7:O$1047746) -> 2.1049562e+08 | P4: =SUM(P$7:P$1047746) -> 1.9880273e+08 | Q4: =SUM(Q$7:Q$1047746) -> -9740006.5 | R4: =SUM(R$7:R$1047746) -> 1.8906273e+08 | S4: =IF(R5=0,"",ROUND(T5/R5,6)) -> 0.762709 | T4: =SUM(T$7:T$1047746) -> 1.4419993e+08 | U4: * | V4: * | W4: =SUM(W$7:W$1047746) -> 67911934 | X4: =SUM(X$7:X$1047746) -> 43249353 | Y4: =SUM(Y$7:Y$1047746) -> 33038645 | Z4: * | AA4: * | AB4: * | AC4: 67911370 | AD4: 43248979 | AE4: 33038418
A5: 筛选小计 | B5: * | C5: * | D5: * | E5: * | F5: * | G5: * | H5: * | I5: * | J5: * | K5: * | L5: * | M5: * | N5: =SUBTOTAL(9,N$7:N$1047746) -> 1.9566122e+08 | O5: =SUBTOTAL(9,O$7:O$1047746) -> 2.1049562e+08 | P5: =SUBTOTAL(9,P$7:P$1047746) -> 1.9880273e+08 | Q5: =SUBTOTAL(9,Q$7:Q$1047746) -> -9740006.5 | R5: =SUBTOTAL(9,R$7:R$1047746) -> 1.8906273e+08 | S5: =IF(SUM(R6)=0,"",ROUND(SUM(T6)/SUM(R6),6)) | T5: =SUBTOTAL(9,T$7:T$1047746) -> 1.4419993e+08 | U5: * | V5: * | W5: =SUBTOTAL(9,W$7:W$1047746) -> 67911934 | X5: =SUBTOTAL(9,X$7:X$1047746) -> 43249353 | Y5: =SUBTOTAL(9,Y$7:Y$1047746) -> 33038645 | Z5: * | AA5: * | AB5: *
A6: 列次 | B6: 1 | C6: 2 | D6: 3 | E6: 4 | F6: 5 | G6: 6 | H6: 7 | I6: 8 | J6: 9 | K6: 10 | L6: 11 | M6: 12 | N6: 13 | O6: 14 | P6: 15 | Q6: 16 | R6: 17=15+16 | S6: 18 | T6: 19=17*18 | U6: 20 | V6: 21 | W6: 22 | X6: 23=19-22-24 | Y6: 24 | Z6: 25 | AA6: 26 | AB6: 27
A7: 1 | B7: 43131 | C7: 0066 | D7: 土地征用及拆迁补偿费 | E7: 拆迁补偿费 | F7: 调2014年3月42#凭证 | G7: CQ-001 | H7: =IF(G7="","",VLOOKUP(G7,'附表8-合同明细采集底稿'!B:I,2,0)) -> 巴州建新公路维护有限公司 | I7: =IF(G7="","",VLOOKUP(G7,'附表8-合同明细采集底稿'!B:I,3,0)) -> 产权转移书据 | J7: 新疆巴州建新公路维护有限公司 | K7: 其他凭据 | N7: 500000 | O7: 500000 | P7: 500000 | R7: 500000 | S7: =IFERROR(VLOOKUP(G7,'附表8-合同明细采集底稿'!B:N,12,0),100%) -> 0.33855583 | T7: =ROUND(SUM(R7)*SUM(S7),2) -> 169277.92 | U7: 全小区分摊 | V7: 共同成本费用 | W7: =IF('附表1-面积统计表'!$D$29=0,"",IF(AND(V7="共同成本费用",Z7="总建筑面积法"),ROUND(T7/'附表1-面积统计表'!$D$29*'附表1-面积统计表'!$D$5,2),IF(AND(V7="共同成本费用",Z7="可售建筑面积法"),ROUND(T7/'附表1-面积统计表'!$F$29*'附表1-面积统计表'!$F$5,2),"请手工填写"))) -> 82008.9 | X7: =IF(SUM('附表1-面积统计表'!$D$6)=0,"",SUM(T7)-SUM(W7)-SUM(Y7)) -> 54259.35 | Y7: =IF(SUM('附表1-面积统计表'!$D$6)=0,SUM(T7)-SUM(W7),IF('附表1-面积统计表'!$D$29=0,"",IF(AND(V7="共同成本费用",Z7="总建筑面积法"),ROUND(T7/'附表1-面积统计表'!$D$29*'附表1-面积统计表'!$D$7,2),IF(AND(V7="共同成本费用",Z7="可售建筑面积法"),ROUND(T7/'附表1-面积统计表'!$F$29*'附表1-面积统计表'!$F$7,2),"请手工填写")))) -> 33009.67 | Z7: 可售建筑面积法 | AB7: 可加计 | AC7: =W4-AC4 -> 564.54 | AD7: =X4-AD4 -> 373.5 | AE7: =Y4-AE4 -> 227.5
A8: 2 | B8: 43131 | C8: 0066 | D8: 土地征用及拆迁补偿费 | E8: 拆迁补偿费 | F8: 调2014年8月56#凭证 | H8: =IF(G8="","",VLOOKUP(G8,'附表8-合同明细采集底稿'!B:I,2,0)) | I8: =IF(G8="","",VLOOKUP(G8,'附表8-合同明细采集底稿'!B:I,3,0)) | J8: 毛拉 | K8: 其他凭据 | N8: 200000 | O8: 200000 | P8: 200000 | Q8: -200000 | R8: 0 | S8: 0.3567 | T8: =ROUND(SUM(R8)*SUM(S8),2) -> 0 | U8: 非本项目扣除 | V8: 共同成本费用 | W8: =IF('附表1-面积统计表'!$D$29=0,"",IF(AND(V8="共同成本费用",Z8="总建筑面积法"),ROUND(T8/'附表1-面积统计表'!$D$29*'附表1-面积统计表'!$D$5,2),IF(AND(V8="共同成本费用",Z8="可售建筑面积法"),ROUND(T8/'附表1-面积统计表'!$F$29*'附表1-面积统计表'!$F$5,2),"请手工填写"))) -> 0 | X8: =IF(SUM('附表1-面积统计表'!$D$6)=0,"",SUM(T8)-SUM(W8)-SUM(Y8)) -> 0 | Y8: =IF(SUM('附表1-面积统计表'!$D$6)=0,SUM(T8)-SUM(W8),IF('附表1-面积统计表'!$D$29=0,"",IF(AND(V8="共同成本费用",Z8="总建筑面积法"),ROUND(T8/'附表1-面积统计表'!$D$29*'附表1-面积统计表'!$D$7,2),IF(AND(V8="共同成本费用",Z8="可售建筑面积法"),ROUND(T8/'附表1-面积统计表'!$F$29*'附表1-面积统计表'!$F$7,2),"请手工填写")))) -> 0 | Z8: 可售建筑面积法 | AB8: 可加计 | AC8: =T8-W8-X8-Y8 -> 0
A9: 3 | B9: 43131 | C9: 0066 | D9: 土地征用及拆迁补偿费 | E9: 拆迁补偿费 | F9: 调2014年8月84#凭证 | G9: CQ-001 | H9: =IF(G9="","",VLOOKUP(G9,'附表8-合同明细采集底稿'!B:I,2,0)) -> 巴州建新公路维护有限公司 | I9: =IF(G9="","",VLOOKUP(G9,'附表8-合同明细采集底稿'!B:I,3,0)) -> 产权转移书据 | J9: 新疆巴州建新公路维护有限公司 | K9: 其他凭据 | N9: 500000 | O9: 500000 | P9: 500000 | R9: 500000 | S9: =IFERROR(VLOOKUP(G9,'附表8-合同明细采集底稿'!B:N,12,0),100%) -> 0.33855583 | T9: =ROUND(SUM(R9)*SUM(S9),2) -> 169277.92 | U9: 全小区分摊 | V9: 共同成本费用 | W9: =IF('附表1-面积统计表'!$D$29=0,"",IF(AND(V9="共同成本费用",Z9="总建筑面积法"),ROUND(T9/'附表1-面积统计表'!$D$29*'附表1-面积统计表'!$D$5,2),IF(AND(V9="共同成本费用",Z9="可售建筑面积法"),ROUND(T9/'附表1-面积统计表'!$F$29*'附表1-面积统计表'!$F$5,2),"请手工填写"))) -> 82008.9 | X9: =IF(SUM('附表1-面积统计表'!$D$6)=0,"",SUM(T9)-SUM(W9)-SUM(Y9)) -> 54259.35 | Y9: =IF(SUM('附表1-面积统计表'!$D$6)=0,SUM(T9)-SUM(W9),IF('附表1-面积统计表'!$D$29=0,"",IF(AND(V9="共同成本费用",Z9="总建筑面积法"),ROUND(T9/'附表1-面积统计表'!$D$29*'附表1-面积统计表'!$D$7,2),IF(AND(V9="共同成本费用",Z9="可售建筑面积法"),ROUND(T9/'附表1-面积统计表'!$F$29*'附表1-面积统计表'!$F$7,2),"请手工填写")))) -> 33009.67 | Z9: 可售建筑面积法 | AB9: 可加计 | AC9: =T9-W9-X9-Y9 -> 0
A10: 4 | B10: 43131 | C10: 0066 | D10: 土地征用及拆迁补偿费 | E10: 拆迁补偿费 | F10: 调2014年8月111#凭证 | H10: =IF(G10="","",VLOOKUP(G10,'附表8-合同明细采集底稿'!B:I,2,0)) | I10: =IF(G10="","",VLOOKUP(G10,'附表8-合同明细采集底稿'!B:I,3,0)) | J10: 陈高 | K10: 其他凭据 | N10: 100833 | O10: 100833 | P10: 100833 | Q10: -100833 | R10: 0 | S10: 0.3567 | T10: =ROUND(SUM(R10)*SUM(S10),2) -> 0 | U10: 全小区分摊 | V10: 共同成本费用 | W10: =IF('附表1-面积统计表'!$D$29=0,"",IF(AND(V10="共同成本费用",Z10="总建筑面积法"),ROUND(T10/'附表1-面积统计表'!$D$29*'附表1-面积统计表'!$D$5,2),IF(AND(V10="共同成本费用",Z10="可售建筑面积法"),ROUND(T10/'附表1-面积统计表'!$F$29*'附表1-面积统计表'!$F$5,2),"请手工填写"))) -> 0 | X10: =IF(SUM('附表1-面积统计表'!$D$6)=0,"",SUM(T10)-SUM(W10)-SUM(Y10)) -> 0 | Y10: =IF(SUM('附表1-面积统计表'!$D$6)=0,SUM(T10)-SUM(W10),IF('附表1-面积统计表'!$D$29=0,"",IF(AND(V10="共同成本费用",Z10="总建筑面积法"),ROUND(T10/'附表1-面积统计表'!$D$29*'附表1-面积统计表'!$D$7,2),IF(AND(V10="共同成本费用",Z10="可售建筑面积法"),ROUND(T10/'附表1-面积统计表'!$F$29*'附表1-面积统计表'!$F$7,2),"请手工填写")))) -> 0 | Z10: 可售建筑面积法 | AB10: 可加计 | AC10: =T10-W10-X10-Y10 -> 0
A11: 5 | B11: 43131 | C11: 0066 | D11: 土地征用及拆迁补偿费 | E11: 拆迁补偿费 | F11: 调2014年8月156#凭证 | H11: =IF(G11="","",VLOOKUP(G11,'附表8-合同明细采集底稿'!B:I,2,0)) | I11: =IF(G11="","",VLOOKUP(G11,'附表8-合同明细采集底稿'!B:I,3,0)) | J11: 毛拉 | K11: 其他凭据 | N11: 63894 | O11: 63894 | P11: 63894 | Q11: -63894 | R11: 0 | S11: 0.3567 | T11: =ROUND(SUM(R11)*SUM(S11),2) -> 0 | U11: 非本项目扣除 | V11: 共同成本费用 | W11: =IF('附表1-面积统计表'!$D$29=0,"",IF(AND(V11="共同成本费用",Z11="总建筑面积法"),ROUND(T11/'附表1-面积统计表'!$D$29*'附表1-面积统计表'!$D$5,2),IF(AND(V11="共同成本费用",Z11="可售建筑面积法"),ROUND(T11/'附表1-面积统计表'!$F$29*'附表1-面积统计表'!$F$5,2),"请手工填写"))) -> 0 | X11: =IF(SUM('附表1-面积统计表'!$D$6)=0,"",SUM(T11)-SUM(W11)-SUM(Y11)) -> 0 | Y11: =IF(SUM('附表1-面积统计表'!$D$6)=0,SUM(T11)-SUM(W11),IF('附表1-面积统计表'!$D$29=0,"",IF(AND(V11="共同成本费用",Z11="总建筑面积法"),ROUND(T11/'附表1-面积统计表'!$D$29*'附表1-面积统计表'!$D$7,2),IF(AND(V11="共同成本费用",Z11="可售建筑面积法"),ROUND(T11/'附表1-面积统计表'!$F$29*'附表1-面积统计表'!$F$7,2),"请手工填写")))) -> 0 | Z11: 可售建筑面积法 | AB11: 可加计 | AC11: =T11-W11-X11-Y11 -> 0
A12: 6 | B12: 43131 | C12: 0066 | D12: 土地征用及拆迁补偿费 | E12: 拆迁补偿费 | F12: 调2014年9月60#凭证 | G12: CQ-001 | H12: =IF(G12="","",VLOOKUP(G12,'附表8-合同明细采集底稿'!B:I,2,0)) -> 巴州建新公路维护有限公司 | I12: =IF(G12="","",VLOOKUP(G12,'附表8-合同明细采集底稿'!B:I,3,0)) -> 产权转移书据 | J12: 新疆巴州建新公路维护有限公司 | K12: 其他凭据 | N12: 1730000 | O12: 1730000 | P12: 1730000 | R12: 1730000 | S12: =IFERROR(VLOOKUP(G12,'附表8-合同明细采集底稿'!B:N,12,0),100%) -> 0.33855583 | T12: =ROUND(SUM(R12)*SUM(S12),2) -> 585701.59 | U12: 全小区分摊 | V12: 共同成本费用 | W12: =IF('附表1-面积统计表'!$D$29=0,"",IF(AND(V12="共同成本费用",Z12="总建筑面积法"),ROUND(T12/'附表1-面积统计表'!$D$29*'附表1-面积统计表'!$D$5,2),IF(AND(V12="共同成本费用",Z12="可售建筑面积法"),ROUND(T12/'附表1-面积统计表'!$F$29*'附表1-面积统计表'!$F$5,2),"请手工填写"))) -> 283750.79 | X12: =IF(SUM('附表1-面积统计表'!$D$6)=0,"",SUM(T12)-SUM(W12)-SUM(Y12)) -> 187737.34 | Y12: =IF(SUM('附表1-面积统计表'!$D$6)=0,SUM(T12)-SUM(W12),IF('附表1-面积统计表'!$D$29=0,"",IF(AND(V12="共同成本费用",Z12="总建筑面积法"),ROUND(T12/'附表1-面积统计表'!$D$29*'附表1-面积统计表'!$D$7,2),IF(AND(V12="共同成本费用",Z12="可售建筑面积法"),ROUND(T12/'附表1-面积统计表'!$F$29*'附表1-面积统计表'!$F$7,2),"请手工填写")))) -> 114213.46 | Z12: 可售建筑面积法 | AB12: 可加计 | AC12: =T12-W12-X12-Y12 -> 0
A13: 7 | B13: 43131 | C13: 0066 | D13: 土地征用及拆迁补偿费 | E13: 拆迁补偿费 | F13: 调2014年9月126#凭证 | G13: CQ-001 | H13: =IF(G13="","",VLOOKUP(G13,'附表8-合同明细采集底稿'!B:I,2,0)) -> 巴州建新公路维护有限公司 | I13: =IF(G13="","",VLOOKUP(G13,'附表8-合同明细采集底稿'!B:I,3,0)) -> 产权转移书据 | J13: 新疆巴州建新公路维护有限公司 | K13: 其他凭据 | N13: 1230000 | O13: 1230000 | P13: 1230000 | R13: 1230000 | S13: =IFERROR(VLOOKUP(G13,'附表8-合同明细采集底稿'!B:N,12,0),100%) -> 0.33855583 | T13: =ROUND(SUM(R13)*SUM(S13),2) -> 416423.67 | U13: 全小区分摊 | V13: 共同成本费用 | W13: =IF('附表1-面积统计表'!$D$29=0,"",IF(AND(V13="共同成本费用",Z13="总建筑面积法"),ROUND(T13/'附表1-面积统计表'!$D$29*'附表1-面积统计表'!$D$5,2),IF(AND(V13="共同成本费用",Z13="可售建筑面积法"),ROUND(T13/'附表1-面积统计表'!$F$29*'附表1-面积统计表'!$F$5,2),"请手工填写"))) -> 201741.89 | X13: =IF(SUM('附表1-面积统计表'!$D$6)=0,"",SUM(T13)-SUM(W13)-SUM(Y13)) -> 133477.99 | Y13: =IF(SUM('附表1-面积统计表'!$D$6)=0,SUM(T13)-SUM(W13),IF('附表1-面积统计表'!$D$29=0,"",IF(AND(V13="共同成本费用",Z13="总建筑面积法"),ROUND(T13/'附表1-面积统计表'!$D$29*'附表1-面积统计表'!$D$7,2),IF(AND(V13="共同成本费用",Z13="可售建筑面积法"),ROUND(T13/'附表1-面积统计表'!$F$29*'附表1-面积统计表'!$F$7,2),"请手工填写")))) -> 81203.79 | Z13: 可售建筑面积法 | AB13: 可加计 | AC13: =T13-W13-X13-Y13 -> 0
A14: 8 | B14: 43131 | C14: 0066 | D14: 土地征用及拆迁补偿费 | E14: 拆迁补偿费 | F14: 调2015年6月87#凭证 | G14: CQ-001 | H14: =IF(G14="","",VLOOKUP(G14,'附表8-合同明细采集底稿'!B:I,2,0)) -> 巴州建新公路维护有限公司 | I14: =IF(G14="","",VLOOKUP(G14,'附表8-合同明细采集底稿'!B:I,3,0)) -> 产权转移书据 | J14: 新疆巴州建新公路维护有限公司 | K14: 其他凭据 | N14: 215553.55 | O14: 215553.55 | P14: 215553.55 | Q14: -96753.55 | R14: 118800 | S14: =IFERROR(VLOOKUP(G14,'附表8-合同明细采集底稿'!B:N,12,0),100%) -> 0.33855583 | T14: =ROUND(SUM(R14)*SUM(S14),2) -> 40220.43 | U14: 全小区分摊 | V14: 共同成本费用 | W14: =IF('附表1-面积统计表'!$D$29=0,"",IF(AND(V14="共同成本费用",Z14="总建筑面积法"),ROUND(T14/'附表1-面积统计表'!$D$29*'附表1-面积统计表'!$D$5,2),IF(AND(V14="共同成本费用",Z14="可售建筑面积法"),ROUND(T14/'附表1-面积统计表'!$F$29*'附表1-面积统计表'!$F$5,2),"请手工填写"))) -> 19485.31 | X14: =IF(SUM('附表1-面积统计表'!$D$6)=0,"",SUM(T14)-SUM(W14)-SUM(Y14)) -> 12892.02 | Y14: =IF(SUM('附表1-面积统计表'!$D$6)=0,SUM(T14)-SUM(W14),IF('附表1-面积统计表'!$D$29=0,"",IF(AND(V14="共同成本费用",Z14="总建筑面积法"),ROUND(T14/'附表1-面积统计表'!$D$29*'附表1-面积统计表'!$D$7,2),IF(AND(V14="共同成本费用",Z14="可售建筑面积法"),ROUND(T14/'附表1-面积统计表'!$F$29*'附表1-面积统计表'!$F$7,2),"请手工填写")))) -> 7843.1 | Z14: 可售建筑面积法 | AB14: 可加计 | AC14: =T14-W14-X14-Y14 -> 0
A15: 9 | B15: 43283 | C15: 0009 | D15: 公共配套设施费 | E15: 派出所用房费用 | F15: 警务室劳务费 | H15: =IF(G15="","",VLOOKUP(G15,'附表8-合同明细采集底稿'!B:I,2,0)) | I15: =IF(G15="","",VLOOKUP(G15,'附表8-合同明细采集底稿'!B:I,3,0)) | J15: 崔红卫 | K15: 增值税普通发票 | L15: 065002100111 | M15: 03791310 | N15: 20000 | O15: 20000 | P15: 20000 | R15: 20000 | S15: 0.33855583 | T15: =ROUND(SUM(R15)*SUM(S15),2) -> 6771.12 | U15: 全小区分摊 | V15: 共同成本费用 | W15: =IF('附表1-面积统计表'!$D$29=0,"",IF(AND(V15="共同成本费用",Z15="总建筑面积法"),ROUND(T15/'附表1-面积统计表'!$D$29*'附表1-面积统计表'!$D$5,2),IF(AND(V15="共同成本费用",Z15="可售建筑面积法"),ROUND(T15/'附表1-面积统计表'!$F$29*'附表1-面积统计表'!$F$5,2),"请手工填写"))) -> 3280.36 | X15: =IF(SUM('附表1-面积统计表'!$D$6)=0,"",SUM(T15)-SUM(W15)-SUM(Y15)) -> 2170.37 | Y15: =IF(SUM('附表1-面积统计表'!$D$6)=0,SUM(T15)-SUM(W15),IF('附表1-面积统计表'!$D$29=0,"",IF(AND(V15="共同成本费用",Z15="总建筑面积法"),ROUND(T15/'附表1-面积统计表'!$D$29*'附表1-面积统计表'!$D$7,2),IF(AND(V15="共同成本费用",Z15="可售建筑面积法"),ROUND(T15/'附表1-面积统计表'!$F$29*'附表1-面积统计表'!$F$7,2),"请手工填写")))) -> 1320.39 | Z15: 可售建筑面积法 | AB15: 可加计 | AC15: =T15-W15-X15-Y15 -> 0
A16: 10 | B16: 43285 | C16: 0014 | D16: 前期工程费 | E16: 其他前期工程费 | F16: 电线维修 | H16: =IF(G16="","",VLOOKUP(G16,'附表8-合同明细采集底稿'!B:I,2,0)) | I16: =IF(G16="","",VLOOKUP(G16,'附表8-合同明细采集底稿'!B:I,3,0)) | J16: 巴州聚泰商贸有限公司 | K16: 增值税普通发票 | L16: 065002100111 | M16: 17719510;17719511 | N16: 7200 | O16: 7200 | P16: 7200 | Q16: -7200 | R16: =P16+Q16 -> 0 | S16: 1 | T16: =ROUND(SUM(R16)*SUM(S16),2) -> 0 | U16: 一期分摊 | V16: 共同成本费用 | W16: =IF('附表1-面积统计表'!$D$29=0,"",IF(AND(V16="共同成本费用",Z16="总建筑面积法"),ROUND(T16/'附表1-面积统计表'!$D$29*'附表1-面积统计表'!$D$5,2),IF(AND(V16="共同成本费用",Z16="可售建筑面积法"),ROUND(T16/'附表1-面积统计表'!$F$29*'附表1-面积统计表'!$F$5,2),"请手工填写"))) -> 0 | X16: =IF(SUM('附表1-面积统计表'!$D$6)=0,"",SUM(T16)-SUM(W16)-SUM(Y16)) -> 0 | Y16: =IF(SUM('附表1-面积统计表'!$D$6)=0,SUM(T16)-SUM(W16),IF('附表1-面积统计表'!$D$29=0,"",IF(AND(V16="共同成本费用",Z16="总建筑面积法"),ROUND(T16/'附表1-面积统计表'!$D$29*'附表1-面积统计表'!$D$7,2),IF(AND(V16="共同成本费用",Z16="可售建筑面积法"),ROUND(T16/'附表1-面积统计表'!$F$29*'附表1-面积统计表'!$F$7,2),"请手工填写")))) -> 0 | Z16: 可售建筑面积法 | AB16: 可加计 | AC16: =T16-W16-X16-Y16 -> 0
A17: 11 | B17: 43297 | C17: 0047 | D17: 基础设施费 | E17: 其他设施工程发生的支出 | F17: 围栏刷漆人工费 | H17: =IF(G17="","",VLOOKUP(G17,'附表8-合同明细采集底稿'!B:I,2,0)) | I17: =IF(G17="","",VLOOKUP(G17,'附表8-合同明细采集底稿'!B:I,3,0)) | J17: 库尔勒九龙九龙建材经销部 | K17: 增值税普通发票 | L17: 065002100111 | M17: 06075315 | N17: 8475 | O17: 8475 | P17: 8475 | Q17: -8475 | R17: =P17+Q17 -> 0 | S17: 1 | T17: =ROUND(SUM(R17)*SUM(S17),2) -> 0 | U17: 一期分摊 | V17: 共同成本费用 | W17: =IF('附表1-面积统计表'!$D$29=0,"",IF(AND(V17="共同成本费用",Z17="总建筑面积法"),ROUND(T17/'附表1-面积统计表'!$D$29*'附表1-面积统计表'!$D$5,2),IF(AND(V17="共同成本费用",Z17="可售建筑面积法"),ROUND(T17/'附表1-面积统计表'!$F$29*'附表1-面积统计表'!$F$5,2),"请手工填写"))) -> 0 | X17: =IF(SUM('附表1-面积统计表'!$D$6)=0,"",SUM(T17)-SUM(W17)-SUM(Y17)) -> 0 | Y17: =IF(SUM('附表1-面积统计表'!$D$6)=0,SUM(T17)-SUM(W17),IF('附表1-面积统计表'!$D$29=0,"",IF(AND(V17="共同成本费用",Z17="总建筑面积法"),ROUND(T17/'附表1-面积统计表'!$D$29*'附表1-面积统计表'!$D$7,2),IF(AND(V17="共同成本费用",Z17="可售建筑面积法"),ROUND(T17/'附表1-面积统计表'!$F$29*'附表1-面积统计表'!$F$7,2),"请手工填写")))) -> 0 | Z17: 可售建筑面积法 | AB17: 可加计 | AC17: =T17-W17-X17-Y17 -> 0
A18: 12 | B18: 43332 | C18: 73 | D18: 前期工程费 | E18: 设计费用 | F18: 沁春锦苑设计费 | G18: 其他合同-36 | H18: =IF(G18="","",VLOOKUP(G18,'附表8-合同明细采集底稿'!B:I,2,0)) -> 规划设计合同书 | I18: =IF(G18="","",VLOOKUP(G18,'附表8-合同明细采集底稿'!B:I,3,0)) -> 技术合同 | J18: 上海联创设计集团有限公司新疆分公司 | K18: 增值税专用发票 | L18: 6500174130 | M18: 00436471 | N18: 94245.28 | O18: 99900 | P18: 94245.28 | R18: 94245.28 | S18: =IFERROR(VLOOKUP(G18,'附表8-合同明细采集底稿'!B:N,12,0),100%) -> 0.33855583 | T18: =ROUND(SUM(R18)*SUM(S18),2) -> 31907.29 | U18: 全小区分摊 | V18: 共同成本费用 | W18: =IF('附表1-面积统计表'!$D$29=0,"",IF(AND(V18="共同成本费用",Z18="总建筑面积法"),ROUND(T18/'附表1-面积统计表'!$D$29*'附表1-面积统计表'!$D$5,2),IF(AND(V18="共同成本费用",Z18="可售建筑面积法"),ROUND(T18/'附表1-面积统计表'!$F$29*'附表1-面积统计表'!$F$5,2),"请手工填写"))) -> 15457.9 | X18: =IF(SUM('附表1-面积统计表'!$D$6)=0,"",SUM(T18)-SUM(W18)-SUM(Y18)) -> 10227.38 | Y18: =IF(SUM('附表1-面积统计表'!$D$6)=0,SUM(T18)-SUM(W18),IF('附表1-面积统计表'!$D$29=0,"",IF(AND(V18="共同成本费用",Z18="总建筑面积法"),ROUND(T18/'附表1-面积统计表'!$D$29*'附表1-面积统计表'!$D$7,2),IF(AND(V18="共同成本费用",Z18="可售建筑面积法"),ROUND(T18/'附表1-面积统计表'!$F$29*'附表1-面积统计表'!$F$7,2),"请手工填写")))) -> 6222.01 | Z18: 可售建筑面积法 | AB18: 可加计 | AC18: =T18-W18-X18-Y18 -> 0
A19: 13 | B19: 43332 | C19: 73 | D19: 前期工程费 | E19: 设计费用 | F19: 沁春锦苑设计费 | G19: 其他合同-36 | H19: =IF(G19="","",VLOOKUP(G19,'附表8-合同明细采集底稿'!B:I,2,0)) -> 规划设计合同书 | I19: =IF(G19="","",VLOOKUP(G19,'附表8-合同明细采集底稿'!B:I,3,0)) -> 技术合同 | J19: 上海联创设计集团有限公司新疆分公司 | K19: 增值税专用发票 | L19: 6500174130 | M19: 00436472 | N19: 94245.28 | O19: 99900 | P19: 94245.28 | R19: 94245.28 | S19: =IFERROR(VLOOKUP(G19,'附表8-合同明细采集底稿'!B:N,12,0),100%) -> 0.33855583 | T19: =ROUND(SUM(R19)*SUM(S19),2) -> 31907.29 | U19: 全小区分摊 | V19: 共同成本费用 | W19: =IF('附表1-面积统计表'!$D$29=0,"",IF(AND(V19="共同成本费用",Z19="总建筑面积法"),ROUND(T19/'附表1-面积统计表'!$D$29*'附表1-面积统计表'!$D$5,2),IF(AND(V19="共同成本费用",Z19="可售建筑面积法"),ROUND(T19/'附表1-面积统计表'!$F$29*'附表1-面积统计表'!$F$5,2),"请手工填写"))) -> 15457.9 | X19: =IF(SUM('附表1-面积统计表'!$D$6)=0,"",SUM(T19)-SUM(W19)-SUM(Y19)) -> 10227.38 | Y19: =IF(SUM('附表1-面积统计表'!$D$6)=0,SUM(T19)-SUM(W19),IF('附表1-面积统计表'!$D$29=0,"",IF(AND(V19="共同成本费用",Z19="总建筑面积法"),ROUND(T19/'附表1-面积统计表'!$D$29*'附表1-面积统计表'!$D$7,2),IF(AND(V19="共同成本费用",Z19="可售建筑面积法"),ROUND(T19/'附表1-面积统计表'!$F$29*'附表1-面积统计表'!$F$7,2),"请手工填写")))) -> 6222.01 | Z19: 可售建筑面积法 | AB19: 可加计 | AC19: =T19-W19-X19-Y19 -> 0
A20: 14 | B20: 43332 | C20: 73 | D20: 前期工程费 | E20: 设计费用 | F20: 沁春锦苑设计费 | G20: 其他合同-36 | H20: =IF(G20="","",VLOOKUP(G20,'附表8-合同明细采集底稿'!B:I,2,0)) -> 规划设计合同书 | I20: =IF(G20="","",VLOOKUP(G20,'附表8-合同明细采集底稿'!B:I,3,0)) -> 技术合同 | J20: 上海联创设计集团有限公司新疆分公司 | K20: 增值税专用发票 | L20: 6500174130 | M20: 00436473 | N20: 94245.28 | O20: 99900 | P20: 94245.28 | R20: 94245.28 | S20: =IFERROR(VLOOKUP(G20,'附表8-合同明细采集底稿'!B:N,12,0),100%) -> 0.33855583 | T20: =ROUND(SUM(R20)*SUM(S20),2) -> 31907.29 | U20: 全小区分摊 | V20: 共同成本费用 | W20: =IF('附表1-面积统计表'!$D$29=0,"",IF(AND(V20="共同成本费用",Z20="总建筑面积法"),ROUND(T20/'附表1-面积统计表'!$D$29*'附表1-面积统计表'!$D$5,2),IF(AND(V20="共同成本费用",Z20="可售建筑面积法"),ROUND(T20/'附表1-面积统计表'!$F$29*'附表1-面积统计表'!$F$5,2),"请手工填写"))) -> 15457.9 | X20: =IF(SUM('附表1-面积统计表'!$D$6)=0,"",SUM(T20)-SUM(W20)-SUM(Y20)) -> 10227.38 | Y20: =IF(SUM('附表1-面积统计表'!$D$6)=0,SUM(T20)-SUM(W20),IF('附表1-面积统计表'!$D$29=0,"",IF(AND(V20="共同成本费用",Z20="总建筑面积法"),ROUND(T20/'附表1-面积统计表'!$D$29*'附表1-面积统计表'!$D$7,2),IF(AND(V20="共同成本费用",Z20="可售建筑面积法"),ROUND(T20/'附表1-面积统计表'!$F$29*'附表1-面积统计表'!$F$7,2),"请手工填写")))) -> 6222.01 | Z20: 可售建筑面积法 | AB20: 可加计 | AC20: =T20-W20-X20-Y20 -> 0
A21: 15 | B21: 43332 | C21: 73 | D21: 前期工程费 | E21: 设计费用 | F21: 沁春锦苑设计费 | G21: 其他合同-36 | H21: =IF(G21="","",VLOOKUP(G21,'附表8-合同明细采集底稿'!B:I,2,0)) -> 规划设计合同书 | I21: =IF(G21="","",VLOOKUP(G21,'附表8-合同明细采集底稿'!B:I,3,0)) -> 技术合同 | J21: 上海联创设计集团有限公司新疆分公司 | K21: 增值税专用发票 | L21: 6500174130 | M21: 00436474 | N21: 94245.28 | O21: 99900 | P21: 94245.28 | R21: 94245.28 | S21: =IFERROR(VLOOKUP(G21,'附表8-合同明细采集底稿'!B:N,12,0),100%) -> 0.33855583 | T21: =ROUND(SUM(R21)*SUM(S21),2) -> 31907.29 | U21: 全小区分摊 | V21: 共同成本费用 | W21: =IF('附表1-面积统计表'!$D$29=0,"",IF(AND(V21="共同成本费用",Z21="总建筑面积法"),ROUND(T21/'附表1-面积统计表'!$D$29*'附表1-面积统计表'!$D$5,2),IF(AND(V21="共同成本费用",Z21="可售建筑面积法"),ROUND(T21/'附表1-面积统计表'!$F$29*'附表1-面积统计表'!$F$5,2),"请手工填写"))) -> 15457.9 | X21: =IF(SUM('附表1-面积统计表'!$D$6)=0,"",SUM(T21)-SUM(W21)-SUM(Y21)) -> 10227.38 | Y21: =IF(SUM('附表1-面积统计表'!$D$6)=0,SUM(T21)-SUM(W21),IF('附表1-面积统计表'!$D$29=0,"",IF(AND(V21="共同成本费用",Z21="总建筑面积法"),ROUND(T21/'附表1-面积统计表'!$D$29*'附表1-面积统计表'!$D$7,2),IF(AND(V21="共同成本费用",Z21="可售建筑面积法"),ROUND(T21/'附表1-面积统计表'!$F$29*'附表1-面积统计表'!$F$7,2),"请手工填写")))) -> 6222.01 | Z21: 可售建筑面积法 | AB21: 可加计 | AC21: =T21-W21-X21-Y21 -> 0
A22: 16 | B22: 43332 | C22: 73 | D22: 前期工程费 | E22: 设计费用 | F22: 沁春锦苑设计费 | G22: 其他合同-36 | H22: =IF(G22="","",VLOOKUP(G22,'附表8-合同明细采集底稿'!B:I,2,0)) -> 规划设计合同书 | I22: =IF(G22="","",VLOOKUP(G22,'附表8-合同明细采集底稿'!B:I,3,0)) -> 技术合同 | J22: 上海联创设计集团有限公司新疆分公司 | K22: 增值税专用发票 | L22: 6500174130 | M22: 00436475 | N22: 94245.28 | O22: 99900 | P22: 94245.28 | R22: 94245.28 | S22: =IFERROR(VLOOKUP(G22,'附表8-合同明细采集底稿'!B:N,12,0),100%) -> 0.33855583 | T22: =ROUND(SUM(R22)*SUM(S22),2) -> 31907.29 | U22: 全小区分摊 | V22: 共同成本费用 | W22: =IF('附表1-面积统计表'!$D$29=0,"",IF(AND(V22="共同成本费用",Z22="总建筑面积法"),ROUND(T22/'附表1-面积统计表'!$D$29*'附表1-面积统计表'!$D$5,2),IF(AND(V22="共同成本费用",Z22="可售建筑面积法"),ROUND(T22/'附表1-面积统计表'!$F$29*'附表1-面积统计表'!$F$5,2),"请手工填写"))) -> 15457.9 | X22: =IF(SUM('附表1-面积统计表'!$D$6)=0,"",SUM(T22)-SUM(W22)-SUM(Y22)) -> 10227.38 | Y22: =IF(SUM('附表1-面积统计表'!$D$6)=0,SUM(T22)-SUM(W22),IF('附表1-面积统计表'!$D$29=0,"",IF(AND(V22="共同成本费用",Z22="总建筑面积法"),ROUND(T22/'附表1-面积统计表'!$D$29*'附表1-面积统计表'!$D$7,2),IF(AND(V22="共同成本费用",Z22="可售建筑面积法"),ROUND(T22/'附表1-面积统计表'!$F$29*'附表1-面积统计表'!$F$7,2),"请手工填写")))) -> 6222.01 | Z22: 可售建筑面积法 | AB22: 可加计 | AC22: =T22-W22-X22-Y22 -> 0
A23: 17 | B23: 43332 | C23: 73 | D23: 前期工程费 | E23: 设计费用 | F23: 沁春锦苑设计费 | G23: 其他合同-36 | H23: =IF(G23="","",VLOOKUP(G23,'附表8-合同明细采集底稿'!B:I,2,0)) -> 规划设计合同书 | I23: =IF(G23="","",VLOOKUP(G23,'附表8-合同明细采集底稿'!B:I,3,0)) -> 技术合同 | J23: 上海联创设计集团有限公司新疆分公司 | K23: 增值税专用发票 | L23: 6500174130 | M23: 00436476 | N23: 70757.74 | O23: 75003.2 | P23: 70757.74 | R23: 70757.74 | S23: =IFERROR(VLOOKUP(G23,'附表8-合同明细采集底稿'!B:N,12,0),100%) -> 0.33855583 | T23: =ROUND(SUM(R23)*SUM(S23),2) -> 23955.45 | U23: 全小区分摊 | V23: 共同成本费用 | W23: =IF('附表1-面积统计表'!$D$29=0,"",IF(AND(V23="共同成本费用",Z23="总建筑面积法"),ROUND(T23/'附表1-面积统计表'!$D$29*'附表1-面积统计表'!$D$5,2),IF(AND(V23="共同成本费用",Z23="可售建筑面积法"),ROUND(T23/'附表1-面积统计表'!$F$29*'附表1-面积统计表'!$F$5,2),"请手工填写"))) -> 11605.53 | X23: =IF(SUM('附表1-面积统计表'!$D$6)=0,"",SUM(T23)-SUM(W23)-SUM(Y23)) -> 7678.54 | Y23: =IF(SUM('附表1-面积统计表'!$D$6)=0,SUM(T23)-SUM(W23),IF('附表1-面积统计表'!$D$29=0,"",IF(AND(V23="共同成本费用",Z23="总建筑面积法"),ROUND(T23/'附表1-面积统计表'!$D$29*'附表1-面积统计表'!$D$7,2),IF(AND(V23="共同成本费用",Z23="可售建筑面积法"),ROUND(T23/'附表1-面积统计表'!$F$29*'附表1-面积统计表'!$F$7,2),"请手工填写")))) -> 4671.38 | Z23: 可售建筑面积法 | AB23: 可加计 | AC23: =T23-W23-X23-Y23 -> 0
A24: 18 | B24: 43373 | C24: 0067 | D24: 前期工程费 | E24: 规划费用 | F24: 沁园春·锦36#楼图纸审查费 | G24: Q-S-1 | H24: =IF(G24="","",VLOOKUP(G24,'附表8-合同明细采集底稿'!B:I,2,0)) -> 36#楼审图费、室外装饰（刘建军）审图费 | I24: =IF(G24="","",VLOOKUP(G24,'附表8-合同明细采集底稿'!B:I,3,0)) -> 其他合同 | J24: 新疆巴州建筑工程施工图设计文件审查中心 | K24: 增值税专用发票 | L24: 6500181130 | M24: 01854911 | N24: 1480.19 | O24: 1569 | P24: 1480.19 | Q24: -1480.19 | R24: =P24+Q24 -> 0 | S24: =IFERROR(VLOOKUP(G24,'附表8-合同明细采集底稿'!B:N,12,0),100%) -> 1 | T24: =ROUND(SUM(R24)*SUM(S24),2) -> 0 | U24: 一期分摊 | V24: 共同成本费用 | W24: =IF('附表1-面积统计表'!$D$29=0,"",IF(AND(V24="共同成本费用",Z24="总建筑面积法"),ROUND(T24/'附表1-面积统计表'!$D$29*'附表1-面积统计表'!$D$5,2),IF(AND(V24="共同成本费用",Z24="可售建筑面积法"),ROUND(T24/'附表1-面积统计表'!$F$29*'附表1-面积统计表'!$F$5,2),"请手工填写"))) -> 0 | X24: =IF(SUM('附表1-面积统计表'!$D$6)=0,"",SUM(T24)-SUM(W24)-SUM(Y24)) -> 0 | Y24: =IF(SUM('附表1-面积统计表'!$D$6)=0,SUM(T24)-SUM(W24),IF('附表1-面积统计表'!$D$29=0,"",IF(AND(V24="共同成本费用",Z24="总建筑面积法"),ROUND(T24/'附表1-面积统计表'!$D$29*'附表1-面积统计表'!$D$7,2),IF(AND(V24="共同成本费用",Z24="可售建筑面积法"),ROUND(T24/'附表1-面积统计表'!$F$29*'附表1-面积统计表'!$F$7,2),"请手工填写")))) -> 0 | Z24: 可售建筑面积法 | AB24: 可加计 | AC24: =T24-W24-X24-Y24 -> 0
A25: 19 | B25: 43373 | C25: 0068 | D25: 前期工程费 | E25: 测绘费用 | F25: 沁园春·锦36#楼红线测绘费 | G25: Q-CH-9 | H25: =IF(G25="","",VLOOKUP(G25,'附表8-合同明细采集底稿'!B:I,2,0)) -> 25-29号楼红、蓝线图 | I25: =IF(G25="","",VLOOKUP(G25,'附表8-合同明细采集底稿'!B:I,3,0)) -> 其他合同 | J25: 库尔勒天拓勘察测绘院 | K25: 增值税专用发票 | L25: 6500181130 | M25: 01933338 | N25: 1300 | O25: 1378 | P25: 1300 | Q25: -1300 | R25: =P25+Q25 -> 0 | S25: =IFERROR(VLOOKUP(G25,'附表8-合同明细采集底稿'!B:N,12,0),100%) -> 1 | T25: =ROUND(SUM(R25)*SUM(S25),2) -> 0 | U25: 一期分摊 | V25: 共同成本费用 | W25: =IF('附表1-面积统计表'!$D$29=0,"",IF(AND(V25="共同成本费用",Z25="总建筑面积法"),ROUND(T25/'附表1-面积统计表'!$D$29*'附表1-面积统计表'!$D$5,2),IF(AND(V25="共同成本费用",Z25="可售建筑面积法"),ROUND(T25/'附表1-面积统计表'!$F$29*'附表1-面积统计表'!$F$5,2),"请手工填写"))) -> 0 | X25: =IF(SUM('附表1-面积统计表'!$D$6)=0,"",SUM(T25)-SUM(W25)-SUM(Y25)) -> 0 | Y25: =IF(SUM('附表1-面积统计表'!$D$6)=0,SUM(T25)-SUM(W25),IF('附表1-面积统计表'!$D$29=0,"",IF(AND(V25="共同成本费用",Z25="总建筑面积法"),ROUND(T25/'附表1-面积统计表'!$D$29*'附表1-面积统计表'!$D$7,2),IF(AND(V25="共同成本费用",Z25="可售建筑面积法"),ROUND(T25/'附表1-面积统计表'!$F$29*'附表1-面积统计表'!$F$7,2),"请手工填写")))) -> 0 | Z25: 可售建筑面积法 | AB25: 可加计 | AC25: =T25-W25-X25-Y25 -> 0
A26: 20 | B26: 43381 | C26: 0006 | D26: 前期工程费 | E26: 设计费用 | F26: 杜鹃河道路设计费 | G26: 其他合同-41 | H26: =IF(G26="","",VLOOKUP(G26,'附表8-合同明细采集底稿'!B:I,2,0)) -> 建设工程设计合同（专业建设工程） | I26: =IF(G26="","",VLOOKUP(G26,'附表8-合同明细采集底稿'!B:I,3,0)) -> 技术合同 | J26: 安徽宏泰交通工程设计研究院有限公司 | K26: 增值税专用发票 | L26: 3400182130 | M26: 10976811 | N26: 18867.92 | O26: 1132.08 | P26: 18867.92 | Q26: -18867.92 | R26: =P26+Q26 -> 0 | S26: =IFERROR(VLOOKUP(G26,'附表8-合同明细采集底稿'!B:N,12,0),100%) -> 0.33855583 | T26: =ROUND(SUM(R26)*SUM(S26),2) -> 0 | U26: 不可扣-杜鹃路 | V26: 共同成本费用 | W26: =IF('附表1-面积统计表'!$D$29=0,"",IF(AND(V26="共同成本费用",Z26="总建筑面积法"),ROUND(T26/'附表1-面积统计表'!$D$29*'附表1-面积统计表'!$D$5,2),IF(AND(V26="共同成本费用",Z26="可售建筑面积法"),ROUND(T26/'附表1-面积统计表'!$F$29*'附表1-面积统计表'!$F$5,2),"请手工填写"))) -> 0 | X26: =IF(SUM('附表1-面积统计表'!$D$6)=0,"",SUM(T26)-SUM(W26)-SUM(Y26)) -> 0 | Y26: =IF(SUM('附表1-面积统计表'!$D$6)=0,SUM(T26)-SUM(W26),IF('附表1-面积统计表'!$D$29=0,"",IF(AND(V26="共同成本费用",Z26="总建筑面积法"),ROUND(T26/'附表1-面积统计表'!$D$29*'附表1-面积统计表'!$D$7,2),IF(AND(V26="共同成本费用",Z26="可售建筑面积法"),ROUND(T26/'附表1-面积统计表'!$F$29*'附表1-面积统计表'!$F$7,2),"请手工填写")))) -> 0 | Z26: 可售建筑面积法 | AB26: 可加计 | AC26: =T26-W26-X26-Y26 -> 0
A27: 21 | B27: 43410 | C27: 0021 | D27: 前期工程费 | E27: 规划费用 | F27: 沁园春·锦公示牌制作 | H27: =IF(G27="","",VLOOKUP(G27,'附表8-合同明细采集底稿'!B:I,2,0)) | I27: =IF(G27="","",VLOOKUP(G27,'附表8-合同明细采集底稿'!B:I,3,0)) | J27: 库尔勒春雷广告制造中心 | K27: 增值税普通发票 | L27: 065002100111 | M27: 15268864 | N27: 600 | O27: 600 | P27: 600 | Q27: -600 | R27: =P27+Q27 -> 0 | S27: 1 | T27: =ROUND(SUM(R27)*SUM(S27),2) -> 0 | U27: 一期分摊 | V27: 共同成本费用 | W27: =IF('附表1-面积统计表'!$D$29=0,"",IF(AND(V27="共同成本费用",Z27="总建筑面积法"),ROUND(T27/'附表1-面积统计表'!$D$29*'附表1-面积统计表'!$D$5,2),IF(AND(V27="共同成本费用",Z27="可售建筑面积法"),ROUND(T27/'附表1-面积统计表'!$F$29*'附表1-面积统计表'!$F$5,2),"请手工填写"))) -> 0 | X27: =IF(SUM('附表1-面积统计表'!$D$6)=0,"",SUM(T27)-SUM(W27)-SUM(Y27)) -> 0 | Y27: =IF(SUM('附表1-面积统计表'!$D$6)=0,SUM(T27)-SUM(W27),IF('附表1-面积统计表'!$D$29=0,"",IF(AND(V27="共同成本费用",Z27="总建筑面积法"),ROUND(T27/'附表1-面积统计表'!$D$29*'附表1-面积统计表'!$D$7,2),IF(AND(V27="共同成本费用",Z27="可售建筑面积法"),ROUND(T27/'附表1-面积统计表'!$F$29*'附表1-面积统计表'!$F$7,2),"请手工填写")))) -> 0 | Z27: 可售建筑面积法 | AB27: 可加计 | AC27: =T27-W27-X27-Y27 -> 0
A28: 22 | B28: 43384 | C28: 0019 | D28: 前期工程费 | E28: 设计费用 | F28: 设计费 | H28: =IF(G28="","",VLOOKUP(G28,'附表8-合同明细采集底稿'!B:I,2,0)) | I28: =IF(G28="","",VLOOKUP(G28,'附表8-合同明细采集底稿'!B:I,3,0)) | J28: 库尔勒开拓规划设计研究院 | K28: 增值税专用发票 | L28: 6500174130 | M28: 02900013 | N28: 943.4 | O28: 1000 | P28: 1000 | R28: =P28+Q28 -> 1000 | S28: 1 | T28: =ROUND(SUM(R28)*SUM(S28),2) -> 1000 | U28: 一期分摊 | V28: 共同成本费用 | W28: =IF('附表1-面积统计表'!$D$29=0,"",IF(AND(V28="共同成本费用",Z28="总建筑面积法"),ROUND(T28/'附表1-面积统计表'!$D$29*'附表1-面积统计表'!$D$5,2),IF(AND(V28="共同成本费用",Z28="可售建筑面积法"),ROUND(T28/'附表1-面积统计表'!$F$29*'附表1-面积统计表'!$F$5,2),"请手工填写"))) -> 484.46 | X28: =IF(SUM('附表1-面积统计表'!$D$6)=0,"",SUM(T28)-SUM(W28)-SUM(Y28)) -> 320.54 | Y28: =IF(SUM('附表1-面积统计表'!$D$6)=0,SUM(T28)-SUM(W28),IF('附表1-面积统计表'!$D$29=0,"",IF(AND(V28="共同成本费用",Z28="总建筑面积法"),ROUND(T28/'附表1-面积统计表'!$D$29*'附表1-面积统计表'!$D$7,2),IF(AND(V28="共同成本费用",Z28="可售建筑面积法"),ROUND(T28/'附表1-面积统计表'!$F$29*'附表1-面积统计表'!$F$7,2),"请手工填写")))) -> 195 | Z28: 可售建筑面积法 | AB28: 可加计 | AC28: =T28-W28-X28-Y28 -> 0
A29: 23 | B29: 43424 | C29: 0051 | D29: 前期工程费 | E29: 规划费用 | F29: 沁园锦苑红蓝线数字化图 | G29: Q-CH-9 | H29: =IF(G29="","",VLOOKUP(G29,'附表8-合同明细采集底稿'!B:I,2,0)) -> 25-29号楼红、蓝线图 | I29: =IF(G29="","",VLOOKUP(G29,'附表8-合同明细采集底稿'!B:I,3,0)) -> 其他合同 | J29: 库尔勒天拓勘察测绘院 | K29: 增值税专用发票 | L29: 6500182130 | M29: 01876437 | N29: 2600 | O29: 2756 | P29: 2756 | R29: =P29+Q29 -> 2756 | S29: =IFERROR(VLOOKUP(G29,'附表8-合同明细采集底稿'!B:N,12,0),100%) -> 1 | T29: =ROUND(SUM(R29)*SUM(S29),2) -> 2756 | U29: 一期分摊 | V29: 共同成本费用 | W29: =IF('附表1-面积统计表'!$D$29=0,"",IF(AND(V29="共同成本费用",Z29="总建筑面积法"),ROUND(T29/'附表1-面积统计表'!$D$29*'附表1-面积统计表'!$D$5,2),IF(AND(V29="共同成本费用",Z29="可售建筑面积法"),ROUND(T29/'附表1-面积统计表'!$F$29*'附表1-面积统计表'!$F$5,2),"请手工填写"))) -> 1335.18 | X29: =IF(SUM('附表1-面积统计表'!$D$6)=0,"",SUM(T29)-SUM(W29)-SUM(Y29)) -> 883.39 | Y29: =IF(SUM('附表1-面积统计表'!$D$6)=0,SUM(T29)-SUM(W29),IF('附表1-面积统计表'!$D$29=0,"",IF(AND(V29="共同成本费用",Z29="总建筑面积法"),ROUND(T29/'附表1-面积统计表'!$D$29*'附表1-面积统计表'!$D$7,2),IF(AND(V29="共同成本费用",Z29="可售建筑面积法"),ROUND(T29/'附表1-面积统计表'!$F$29*'附表1-面积统计表'!$F$7,2),"请手工填写")))) -> 537.43 | Z29: 可售建筑面积法 | AB29: 可加计 | AC29: =T29-W29-X29-Y29 -> 0
A30: 24 | B30: 43439 | C30: 0023 | D30: 前期工程费 | E30: 规划费用 | F30: 预付设计费 | G30: JC-GW-01 | H30: =IF(G30="","",VLOOKUP(G30,'附表8-合同明细采集底稿'!B:I,2,0)) -> 沁春锦苑室外管网设计 | I30: =IF(G30="","",VLOOKUP(G30,'附表8-合同明细采集底稿'!B:I,3,0)) -> 技术合同 | J30: 库尔勒开拓规划设计研究院 | K30: 增值税专用发票 | L30: 6500182130 | M30: 02900087 | N30: 20407 | O30: 20407 | P30: 20407 | R30: =P30+Q30 -> 20407 | S30: =IFERROR(VLOOKUP(G30,'附表8-合同明细采集底稿'!B:N,12,0),100%) -> 0.33855583 | T30: =ROUND(SUM(R30)*SUM(S30),2) -> 6908.91 | U30: 全小区分摊 | V30: 共同成本费用 | W30: =IF('附表1-面积统计表'!$D$29=0,"",IF(AND(V30="共同成本费用",Z30="总建筑面积法"),ROUND(T30/'附表1-面积统计表'!$D$29*'附表1-面积统计表'!$D$5,2),IF(AND(V30="共同成本费用",Z30="可售建筑面积法"),ROUND(T30/'附表1-面积统计表'!$F$29*'附表1-面积统计表'!$F$5,2),"请手工填写"))) -> 3347.11 | X30: =IF(SUM('附表1-面积统计表'!$D$6)=0,"",SUM(T30)-SUM(W30)-SUM(Y30)) -> 2214.54 | Y30: =IF(SUM('附表1-面积统计表'!$D$6)=0,SUM(T30)-SUM(W30),IF('附表1-面积统计表'!$D$29=0,"",IF(AND(V30="共同成本费用",Z30="总建筑面积法"),ROUND(T30/'附表1-面积统计表'!$D$29*'附表1-面积统计表'!$D$7,2),IF(AND(V30="共同成本费用",Z30="可售建筑面积法"),ROUND(T30/'附表1-面积统计表'!$F$29*'附表1-面积统计表'!$F$7,2),"请手工填写")))) -> 1347.26 | Z30: 可售建筑面积法 | AB30: 可加计 | AC30: =T30-W30-X30-Y30 -> 0
A31: 25 | B31: 43449 | C31: 0049 | D31: 前期工程费 | E31: 设计费用 | F31: 造价咨询费 | G31: 其他合同-28 | H31: =IF(G31="","",VLOOKUP(G31,'附表8-合同明细采集底稿'!B:I,2,0)) -> 建设工程造价咨询合同 | I31: =IF(G31="","",VLOOKUP(G31,'附表8-合同明细采集底稿'!B:I,3,0)) -> 技术合同 | J31: 新疆申光建筑工程咨询管理有限公司巴州分公司 | K31: 增值税专用发票 | L31: 6500162160 | M31: 02757570 | N31: 3883.49 | O31: 3999.54 | P31: 3883.49 | R31: =P31+Q31 -> 3883.49 | S31: =IFERROR(VLOOKUP(G31,'附表8-合同明细采集底稿'!B:N,12,0),100%) -> 1 | T31: =ROUND(SUM(R31)*SUM(S31),2) -> 3883.49 | U31: 一期商业 | V31: 直接归集成本费用 | W31: 0 | X31: 0 | Y31: 3883.49 | Z31: 不可选择 | AB31: 可加计 | AC31: =T31-W31-X31-Y31 -> 0
A32: 26 | B32: 43455 | C32: 0067 | D32: 前期工程费 | E32: 规划费用 | F32: 沁春锦苑红线图 | G32: Q-CH-9 | H32: =IF(G32="","",VLOOKUP(G32,'附表8-合同明细采集底稿'!B:I,2,0)) -> 25-29号楼红、蓝线图 | I32: =IF(G32="","",VLOOKUP(G32,'附表8-合同明细采集底稿'!B:I,3,0)) -> 其他合同 | J32: 库尔勒天拓勘察测绘院 | K32: 增值税专用发票 | L32: 6500182130 | M32: 01876474 | N32: 1300 | O32: 1378 | P32: 1300 | R32: =P32+Q32 -> 1300 | S32: =IFERROR(VLOOKUP(G32,'附表8-合同明细采集底稿'!B:N,12,0),100%) -> 1 | T32: =ROUND(SUM(R32)*SUM(S32),2) -> 1300 | U32: 一期分摊 | V32: 共同成本费用 | W32: =IF('附表1-面积统计表'!$D$29=0,"",IF(AND(V32="共同成本费用",Z32="总建筑面积法"),ROUND(T32/'附表1-面积统计表'!$D$29*'附表1-面积统计表'!$D$5,2),IF(AND(V32="共同成本费用",Z32="可售建筑面积法"),ROUND(T32/'附表1-面积统计表'!$F$29*'附表1-面积统计表'!$F$5,2),"请手工填写"))) -> 629.8 | X32: =IF(SUM('附表1-面积统计表'!$D$6)=0,"",SUM(T32)-SUM(W32)-SUM(Y32)) -> 416.7 | Y32: =IF(SUM('附表1-面积统计表'!$D$6)=0,SUM(T32)-SUM(W32),IF('附表1-面积统计表'!$D$29=0,"",IF(AND(V32="共同成本费用",Z32="总建筑面积法"),ROUND(T32/'附表1-面积统计表'!$D$29*'附表1-面积统计表'!$D$7,2),IF(AND(V32="共同成本费用",Z32="可售建筑面积法"),ROUND(T32/'附表1-面积统计表'!$F$29*'附表1-面积统计表'!$F$7,2),"请手工填写")))) -> 253.5 | Z32: 可售建筑面积法 | AB32: 可加计 | AC32: =T32-W32-X32-Y32 -> 0
A33: 27 | B33: 43455 | C33: 0075 | D33: 前期工程费 | E33: 规划费用 | F33: 沁春锦苑19-20#、23-24#、1#、大门审图费 | G33: 其他合同-56 | H33: =IF(G33="","",VLOOKUP(G33,'附表8-合同明细采集底稿'!B:I,2,0)) -> 19#20#23#24#、25-30#、1#、大门审图费 | I33: =IF(G33="","",VLOOKUP(G33,'附表8-合同明细采集底稿'!B:I,3,0)) -> 买卖合同 | J33: 新疆巴州建筑工程施工图设计文件审查中心 | K33: 增值税专用发票 | L33: 6500181130 | M33: 01854948 | N33: 25555.66 | O33: 27089 | P33: 25555.66 | R33: =P33+Q33 -> 25555.66 | S33: =IFERROR(VLOOKUP(G33,'附表8-合同明细采集底稿'!B:N,12,0),100%) -> 1 | T33: =ROUND(SUM(R33)*SUM(S33),2) -> 25555.66 | U33: 一期分摊 | V33: 共同成本费用 | W33: =IF('附表1-面积统计表'!$D$29=0,"",IF(AND(V33="共同成本费用",Z33="总建筑面积法"),ROUND(T33/'附表1-面积统计表'!$D$29*'附表1-面积统计表'!$D$5,2),IF(AND(V33="共同成本费用",Z33="可售建筑面积法"),ROUND(T33/'附表1-面积统计表'!$F$29*'附表1-面积统计表'!$F$5,2),"请手工填写"))) -> 12380.77 | X33: =IF(SUM('附表1-面积统计表'!$D$6)=0,"",SUM(T33)-SUM(W33)-SUM(Y33)) -> 8191.46 | Y33: =IF(SUM('附表1-面积统计表'!$D$6)=0,SUM(T33)-SUM(W33),IF('附表1-面积统计表'!$D$29=0,"",IF(AND(V33="共同成本费用",Z33="总建筑面积法"),ROUND(T33/'附表1-面积统计表'!$D$29*'附表1-面积统计表'!$D$7,2),IF(AND(V33="共同成本费用",Z33="可售建筑面积法"),ROUND(T33/'附表1-面积统计表'!$F$29*'附表1-面积统计表'!$F$7,2),"请手工填写")))) -> 4983.43 | Z33: 可售建筑面积法 | AB33: 可加计 | AC33: =T33-W33-X33-Y33 -> 0
A34: 28 | B34: 43458 | C34: 0077 | D34: 前期工程费 | E34: 设计费用 | F34: 支付沁春锦苑19-20#、23-24#、1#、35#楼设计费 | G34: Q-SJ-2 | H34: =IF(G34="","",VLOOKUP(G34,'附表8-合同明细采集底稿'!B:I,2,0)) -> 建设工程设计合同（19-24#、1#35#、大门、值班室） | I34: =IF(G34="","",VLOOKUP(G34,'附表8-合同明细采集底稿'!B:I,3,0)) -> 技术合同 | J34: 库尔勒开拓规划设计研究院 | K34: 增值税专用发票 | L34: 6500174130 | M34: 02900013 | N34: 96320.75 | O34: 102100 | P34: 96320.75 | R34: =P34+Q34 -> 96320.75 | S34: =IFERROR(VLOOKUP(G34,'附表8-合同明细采集底稿'!B:N,12,0),100%) -> 1 | T34: =ROUND(SUM(R34)*SUM(S34),2) -> 96320.75 | U34: 一期住宅 | V34: 直接归集成本费用 | W34: =ROUND(T34*成本分摊比例!$G$13/(成本分摊比例!$G$13+成本分摊比例!$H$13+成本分摊比例!$I$13),2) -> 52042.27 | X34: =ROUND(T34*成本分摊比例!$H$13/(成本分摊比例!$G$13+成本分摊比例!$H$13+成本分摊比例!$I$13),2) -> 34432.6 | Y34: =T34-W34-X34 -> 9845.88 | Z34: 不可选择 | AB34: 可加计 | AC34: =T34-W34-X34-Y34 -> 0
A35: 29 | B35: 43474 | C35: 0025 | D35: 基础设施费 | E35: 照明工程支出 | F35: 报票冲借支 | H35: =IF(G35="","",VLOOKUP(G35,'附表8-合同明细采集底稿'!B:I,2,0)) | I35: =IF(G35="","",VLOOKUP(G35,'附表8-合同明细采集底稿'!B:I,3,0)) | J35: 巴州青橄榄电子科技有限公司 | K35: 增值税普通发票 | L35: 065002100111 | M35: 29772882 | N35: 5000 | O35: 5000 | P35: 5000 | R35: =P35+Q35 -> 5000 | S35: 1 | T35: =ROUND(SUM(R35)*SUM(S35),2) -> 5000 | U35: 一期分摊 | V35: 共同成本费用 | W35: =IF('附表1-面积统计表'!$D$29=0,"",IF(AND(V35="共同成本费用",Z35="总建筑面积法"),ROUND(T35/'附表1-面积统计表'!$D$29*'附表1-面积统计表'!$D$5,2),IF(AND(V35="共同成本费用",Z35="可售建筑面积法"),ROUND(T35/'附表1-面积统计表'!$F$29*'附表1-面积统计表'!$F$5,2),"请手工填写"))) -> 2422.32 | X35: =IF(SUM('附表1-面积统计表'!$D$6)=0,"",SUM(T35)-SUM(W35)-SUM(Y35)) -> 1602.67 | Y35: =IF(SUM('附表1-面积统计表'!$D$6)=0,SUM(T35)-SUM(W35),IF('附表1-面积统计表'!$D$29=0,"",IF(AND(V35="共同成本费用",Z35="总建筑面积法"),ROUND(T35/'附表1-面积统计表'!$D$29*'附表1-面积统计表'!$D$7,2),IF(AND(V35="共同成本费用",Z35="可售建筑面积法"),ROUND(T35/'附表1-面积统计表'!$F$29*'附表1-面积统计表'!$F$7,2),"请手工填写")))) -> 975.01 | Z35: 可售建筑面积法 | AB35: 可加计 | AC35: =T35-W35-X35-Y35 -> 0
A36: 30 | B36: 43476 | C36: 0028 | D36: 前期工程费 | E36: 规划费用 | F36: 沁春锦苑大门审图费 | G36: Q-S-1 | H36: =IF(G36="","",VLOOKUP(G36,'附表8-合同明细采集底稿'!B:I,2,0)) -> 36#楼审图费、室外装饰（刘建军）审图费 | I36: =IF(G36="","",VLOOKUP(G36,'附表8-合同明细采集底稿'!B:I,3,0)) -> 其他合同 | J36: 新疆巴州建筑工程施工图设计文件审查中心 | K36: 增值税专用发票 | L36: 6500182130 | M36: 05058653 | N36: 118.87 | O36: 126 | P36: 118.87 | Q36: -118.87 | R36: =P36+Q36 -> 0 | S36: =IFERROR(VLOOKUP(G36,'附表8-合同明细采集底稿'!B:N,12,0),100%) -> 1 | T36: =ROUND(SUM(R36)*SUM(S36),2) -> 0 | U36: 一期分摊 | V36: 共同成本费用 | W36: =IF('附表1-面积统计表'!$D$29=0,"",IF(AND(V36="共同成本费用",Z36="总建筑面积法"),ROUND(T36/'附表1-面积统计表'!$D$29*'附表1-面积统计表'!$D$5,2),IF(AND(V36="共同成本费用",Z36="可售建筑面积法"),ROUND(T36/'附表1-面积统计表'!$F$29*'附表1-面积统计表'!$F$5,2),"请手工填写"))) -> 0 | X36: =IF(SUM('附表1-面积统计表'!$D$6)=0,"",SUM(T36)-SUM(W36)-SUM(Y36)) -> 0 | Y36: =IF(SUM('附表1-面积统计表'!$D$6)=0,SUM(T36)-SUM(W36),IF('附表1-面积统计表'!$D$29=0,"",IF(AND(V36="共同成本费用",Z36="总建筑面积法"),ROUND(T36/'附表1-面积统计表'!$D$29*'附表1-面积统计表'!$D$7,2),IF(AND(V36="共同成本费用",Z36="可售建筑面积法"),ROUND(T36/'附表1-面积统计表'!$F$29*'附表1-面积统计表'!$F$7,2),"请手工填写")))) -> 0 | Z36: 可售建筑面积法 | AB36: 可加计 | AC36: =T36-W36-X36-Y36 -> 0
A37: 31 | B37: 43487 | C37: 0045 | D37: 前期工程费 | E37: 其他前期工程费 | F37: 公示牌制作费 | H37: =IF(G37="","",VLOOKUP(G37,'附表8-合同明细采集底稿'!B:I,2,0)) | I37: =IF(G37="","",VLOOKUP(G37,'附表8-合同明细采集底稿'!B:I,3,0)) | J37: 库尔勒春雷广告制造中心 | K37: 增值税普通发票 | L37: 065002100111 | M37: 30019657 | N37: 504 | O37: 504 | P37: 504 | R37: =P37+Q37 -> 504 | S37: 1 | T37: =ROUND(SUM(R37)*SUM(S37),2) -> 504 | U37: 一期分摊 | V37: 共同成本费用 | W37: =IF('附表1-面积统计表'!$D$29=0,"",IF(AND(V37="共同成本费用",Z37="总建筑面积法"),ROUND(T37/'附表1-面积统计表'!$D$29*'附表1-面积统计表'!$D$5,2),IF(AND(V37="共同成本费用",Z37="可售建筑面积法"),ROUND(T37/'附表1-面积统计表'!$F$29*'附表1-面积统计表'!$F$5,2),"请手工填写"))) -> 244.17 | X37: =IF(SUM('附表1-面积统计表'!$D$6)=0,"",SUM(T37)-SUM(W37)-SUM(Y37)) -> 161.55 | Y37: =IF(SUM('附表1-面积统计表'!$D$6)=0,SUM(T37)-SUM(W37),IF('附表1-面积统计表'!$D$29=0,"",IF(AND(V37="共同成本费用",Z37="总建筑面积法"),ROUND(T37/'附表1-面积统计表'!$D$29*'附表1-面积统计表'!$D$7,2),IF(AND(V37="共同成本费用",Z37="可售建筑面积法"),ROUND(T37/'附表1-面积统计表'!$F$29*'附表1-面积统计表'!$F$7,2),"请手工填写")))) -> 98.28 | Z37: 可售建筑面积法 | AB37: 可加计 | AC37: =T37-W37-X37-Y37 -> 0
A38: 32 | B38: 43490 | C38: 0065 | D38: 前期工程费 | E38: 设计费用 | F38: 沁春锦苑设计费 | G38: 其他合同-36 | H38: =IF(G38="","",VLOOKUP(G38,'附表8-合同明细采集底稿'!B:I,2,0)) -> 规划设计合同书 | I38: =IF(G38="","",VLOOKUP(G38,'附表8-合同明细采集底稿'!B:I,3,0)) -> 技术合同 | J38: 上海联创设计集团有限公司新疆分公司 | K38: 增值税专用发票 | L38: 6500162130 | M38: 03888084;00054906;00054904;00054903 | N38: 377358.48 | O38: 400000 | P38: 377358.48 | R38: =P38+Q38 -> 377358.48 | S38: =IFERROR(VLOOKUP(G38,'附表8-合同明细采集底稿'!B:N,12,0),100%) -> 0.33855583 | T38: =ROUND(SUM(R38)*SUM(S38),2) -> 127756.91 | U38: 全小区分摊 | V38: 共同成本费用 | W38: =IF('附表1-面积统计表'!$D$29=0,"",IF(AND(V38="共同成本费用",Z38="总建筑面积法"),ROUND(T38/'附表1-面积统计表'!$D$29*'附表1-面积统计表'!$D$5,2),IF(AND(V38="共同成本费用",Z38="可售建筑面积法"),ROUND(T38/'附表1-面积统计表'!$F$29*'附表1-面积统计表'!$F$5,2),"请手工填写"))) -> 61893.51 | X38: =IF(SUM('附表1-面积统计表'!$D$6)=0,"",SUM(T38)-SUM(W38)-SUM(Y38)) -> 40950.44 | Y38: =IF(SUM('附表1-面积统计表'!$D$6)=0,SUM(T38)-SUM(W38),IF('附表1-面积统计表'!$D$29=0,"",IF(AND(V38="共同成本费用",Z38="总建筑面积法"),ROUND(T38/'附表1-面积统计表'!$D$29*'附表1-面积统计表'!$D$7,2),IF(AND(V38="共同成本费用",Z38="可售建筑面积法"),ROUND(T38/'附表1-面积统计表'!$F$29*'附表1-面积统计表'!$F$7,2),"请手工填写")))) -> 24912.96 | Z38: 可售建筑面积法 | AB38: 可加计 | AC38: =T38-W38-X38-Y38 -> 0
A39: 33 | B39: 43456 | C39: 0022 | D39: 前期工程费 | E39: 规划费用 | F39: 沁园春景工程勘察费 | G39: Q-SC-02-03 | H39: =IF(G39="","",VLOOKUP(G39,'附表8-合同明细采集底稿'!B:I,2,0)) -> 建设工程勘察合同（1#35#，19-24#楼）19-24# | I39: =IF(G39="","",VLOOKUP(G39,'附表8-合同明细采集底稿'!B:I,3,0)) -> 技术合同 | J39: 巴州基安岩土工程勘察设计有限责任公司 | K39: 增值税专用发票 | L39: 6500182130 | M39: 01900313 | N39: 18867.92 | O39: 20000 | P39: 20000 | R39: =P39+Q39 -> 20000 | S39: =IFERROR(VLOOKUP(G39,'附表8-合同明细采集底稿'!B:N,12,0),100%) -> 1 | T39: =ROUND(SUM(R39)*SUM(S39),2) -> 20000 | U39: 一期住宅 | V39: 直接归集成本费用 | W39: =ROUND(T39*成本分摊比例!$G$13/(成本分摊比例!$G$13+成本分摊比例!$H$13+成本分摊比例!$I$13),2) -> 10806.04 | X39: =ROUND(T39*成本分摊比例!$H$13/(成本分摊比例!$G$13+成本分摊比例!$H$13+成本分摊比例!$I$13),2) -> 7149.57 | Y39: =T39-W39-X39 -> 2044.39 | Z39: 不可选择 | AB39: 可加计 | AC39: =T39-W39-X39-Y39 -> 0
A40: 34 | B40: 43540 | C40: 0044 | D40: 基础设施费 | E40: 照明工程支出 | F40: 安装电费费 | H40: =IF(G40="","",VLOOKUP(G40,'附表8-合同明细采集底稿'!B:I,2,0)) | I40: =IF(G40="","",VLOOKUP(G40,'附表8-合同明细采集底稿'!B:I,3,0)) | J40: 徐龙 | K40: 增值税普通发票 | L40: 065002100111 | M40: 11903135 | N40: 1200 | O40: 1200 | P40: 1200 | R40: =P40+Q40 -> 1200 | S40: 1 | T40: =ROUND(SUM(R40)*SUM(S40),2) -> 1200 | U40: 一期分摊 | V40: 共同成本费用 | W40: =IF('附表1-面积统计表'!$D$29=0,"",IF(AND(V40="共同成本费用",Z40="总建筑面积法"),ROUND(T40/'附表1-面积统计表'!$D$29*'附表1-面积统计表'!$D$5,2),IF(AND(V40="共同成本费用",Z40="可售建筑面积法"),ROUND(T40/'附表1-面积统计表'!$F$29*'附表1-面积统计表'!$F$5,2),"请手工填写"))) -> 581.36 | X40: =IF(SUM('附表1-面积统计表'!$D$6)=0,"",SUM(T40)-SUM(W40)-SUM(Y40)) -> 384.64 | Y40: =IF(SUM('附表1-面积统计表'!$D$6)=0,SUM(T40)-SUM(W40),IF('附表1-面积统计表'!$D$29=0,"",IF(AND(V40="共同成本费用",Z40="总建筑面积法"),ROUND(T40/'附表1-面积统计表'!$D$29*'附表1-面积统计表'!$D$7,2),IF(AND(V40="共同成本费用",Z40="可售建筑面积法"),ROUND(T40/'附表1-面积统计表'!$F$29*'附表1-面积统计表'!$F$7,2),"请手工填写")))) -> 234 | Z40: 可售建筑面积法 | AB40: 可加计 | AC40: =T40-W40-X40-Y40 -> 0
A41: 35 | B41: 43542 | C41: 0052 | D41: 前期工程费 | E41: 测绘费用 | F41: 测绘费 | H41: =IF(G41="","",VLOOKUP(G41,'附表8-合同明细采集底稿'!B:I,2,0)) | I41: =IF(G41="","",VLOOKUP(G41,'附表8-合同明细采集底稿'!B:I,3,0)) | J41: 巴州新矿测绘中心 | K41: 增值税专用发票 | L41: 6500182130 | M41: 05070121 | N41: 28301.89 | O41: 30000 | P41: 28301.89 | R41: =P41+Q41 -> 28301.89 | S41: 1 | T41: =ROUND(SUM(R41)*SUM(S41),2) -> 28301.89 | U41: 一期分摊 | V41: 共同成本费用 | W41: =IF('附表1-面积统计表'!$D$29=0,"",IF(AND(V41="共同成本费用",Z41="总建筑面积法"),ROUND(T41/'附表1-面积统计表'!$D$29*'附表1-面积统计表'!$D$5,2),IF(AND(V41="共同成本费用",Z41="可售建筑面积法"),ROUND(T41/'附表1-面积统计表'!$F$29*'附表1-面积统计表'!$F$5,2),"请手工填写"))) -> 13711.22 | X41: =IF(SUM('附表1-面积统计表'!$D$6)=0,"",SUM(T41)-SUM(W41)-SUM(Y41)) -> 9071.72 | Y41: =IF(SUM('附表1-面积统计表'!$D$6)=0,SUM(T41)-SUM(W41),IF('附表1-面积统计表'!$D$29=0,"",IF(AND(V41="共同成本费用",Z41="总建筑面积法"),ROUND(T41/'附表1-面积统计表'!$D$29*'附表1-面积统计表'!$D$7,2),IF(AND(V41="共同成本费用",Z41="可售建筑面积法"),ROUND(T41/'附表1-面积统计表'!$F$29*'附表1-面积统计表'!$F$7,2),"请手工填写")))) -> 5518.95 | Z41: 可售建筑面积法 | AB41: 可加计 | AC41: =T41-W41-X41-Y41 -> 0
A42: 36 | B42: 43544 | C42: 0060 | D42: 前期工程费 | E42: 设计费用 | F42: 沁春锦苑设计费 | G42: 其他合同-36 | H42: =IF(G42="","",VLOOKUP(G42,'附表8-合同明细采集底稿'!B:I,2,0)) -> 规划设计合同书 | I42: =IF(G42="","",VLOOKUP(G42,'附表8-合同明细采集底稿'!B:I,3,0)) -> 技术合同 | J42: 上海联创设计集团有限公司新疆分公司 | K42: 增值税专用发票 | L42: 6500182130 | M42: 00302867;00302866 | N42: 157831.87 | O42: 167301.79 | P42: 157831.87 | Q42: 119686.06 | R42: =P42+Q42 -> 277517.93 | S42: =IFERROR(VLOOKUP(G42,'附表8-合同明细采集底稿'!B:N,12,0),100%) -> 0.33855583 | T42: =ROUND(SUM(R42)*SUM(S42),2) -> 93955.31 | U42: 全小区分摊 | V42: 共同成本费用 | W42: =IF('附表1-面积统计表'!$D$29=0,"",IF(AND(V42="共同成本费用",Z42="总建筑面积法"),ROUND(T42/'附表1-面积统计表'!$D$29*'附表1-面积统计表'!$D$5,2),IF(AND(V42="共同成本费用",Z42="可售建筑面积法"),ROUND(T42/'附表1-面积统计表'!$F$29*'附表1-面积统计表'!$F$5,2),"请手工填写"))) -> 45517.88 | X42: =IF(SUM('附表1-面积统计表'!$D$6)=0,"",SUM(T42)-SUM(W42)-SUM(Y42)) -> 30115.88 | Y42: =IF(SUM('附表1-面积统计表'!$D$6)=0,SUM(T42)-SUM(W42),IF('附表1-面积统计表'!$D$29=0,"",IF(AND(V42="共同成本费用",Z42="总建筑面积法"),ROUND(T42/'附表1-面积统计表'!$D$29*'附表1-面积统计表'!$D$7,2),IF(AND(V42="共同成本费用",Z42="可售建筑面积法"),ROUND(T42/'附表1-面积统计表'!$F$29*'附表1-面积统计表'!$F$7,2),"请手工填写")))) -> 18321.55 | Z42: 可售建筑面积法 | AB42: 可加计 | AC42: =T42-W42-X42-Y42 -> 0
A43: 37 | B43: 43553 | C43: 0083 | D43: 基础设施费 | E43: 照明工程支出 | F43: 亮化配电箱、电缆 | H43: =IF(G43="","",VLOOKUP(G43,'附表8-合同明细采集底稿'!B:I,2,0)) | I43: =IF(G43="","",VLOOKUP(G43,'附表8-合同明细采集底稿'!B:I,3,0)) | J43: 库尔勒慢文商贸有限公司 | K43: 增值税普通发票 | L43: 065002100111 | M43: 18464859 | N43: 4950 | O43: 4950 | P43: 4950 | Q43: -4950 | R43: =P43+Q43 -> 0 | S43: 1 | T43: =ROUND(SUM(R43)*SUM(S43),2) -> 0 | U43: 一期分摊 | V43: 共同成本费用 | W43: =IF('附表1-面积统计表'!$D$29=0,"",IF(AND(V43="共同成本费用",Z43="总建筑面积法"),ROUND(T43/'附表1-面积统计表'!$D$29*'附表1-面积统计表'!$D$5,2),IF(AND(V43="共同成本费用",Z43="可售建筑面积法"),ROUND(T43/'附表1-面积统计表'!$F$29*'附表1-面积统计表'!$F$5,2),"请手工填写"))) -> 0 | X43: =IF(SUM('附表1-面积统计表'!$D$6)=0,"",SUM(T43)-SUM(W43)-SUM(Y43)) -> 0 | Y43: =IF(SUM('附表1-面积统计表'!$D$6)=0,SUM(T43)-SUM(W43),IF('附表1-面积统计表'!$D$29=0,"",IF(AND(V43="共同成本费用",Z43="总建筑面积法"),ROUND(T43/'附表1-面积统计表'!$D$29*'附表1-面积统计表'!$D$7,2),IF(AND(V43="共同成本费用",Z43="可售建筑面积法"),ROUND(T43/'附表1-面积统计表'!$F$29*'附表1-面积统计表'!$F$7,2),"请手工填写")))) -> 0 | Z43: 可售建筑面积法 | AB43: 可加计 | AC43: =T43-W43-X43-Y43 -> 0
A44: 38 | B44: 43557 | C44: 0011 | D44: 基础设施费 | E44: 照明工程支出 | F44: 电表 | H44: =IF(G44="","",VLOOKUP(G44,'附表8-合同明细采集底稿'!B:I,2,0)) | I44: =IF(G44="","",VLOOKUP(G44,'附表8-合同明细采集底稿'!B:I,3,0)) | J44: 库车泰信机电设备经销部 | K44: 增值税普通发票 | L44: 065002100111 | M44: 01796544 | N44: 2000 | O44: 2000 | P44: 2000 | Q44: -2000 | R44: =P44+Q44 -> 0 | S44: 1 | T44: =ROUND(SUM(R44)*SUM(S44),2) -> 0 | U44: 一期分摊 | V44: 共同成本费用 | W44: =IF('附表1-面积统计表'!$D$29=0,"",IF(AND(V44="共同成本费用",Z44="总建筑面积法"),ROUND(T44/'附表1-面积统计表'!$D$29*'附表1-面积统计表'!$D$5,2),IF(AND(V44="共同成本费用",Z44="可售建筑面积法"),ROUND(T44/'附表1-面积统计表'!$F$29*'附表1-面积统计表'!$F$5,2),"请手工填写"))) -> 0 | X44: =IF(SUM('附表1-面积统计表'!$D$6)=0,"",SUM(T44)-SUM(W44)-SUM(Y44)) -> 0 | Y44: =IF(SUM('附表1-面积统计表'!$D$6)=0,SUM(T44)-SUM(W44),IF('附表1-面积统计表'!$D$29=0,"",IF(AND(V44="共同成本费用",Z44="总建筑面积法"),ROUND(T44/'附表1-面积统计表'!$D$29*'附表1-面积统计表'!$D$7,2),IF(AND(V44="共同成本费用",Z44="可售建筑面积法"),ROUND(T44/'附表1-面积统计表'!$F$29*'附表1-面积统计表'!$F$7,2),"请手工填写")))) -> 0 | Z44: 可售建筑面积法 | AB44: 可加计 | AC44: =T44-W44-X44-Y44 -> 0
A45: 39 | B45: 43561 | C45: 0017 | D45: 前期工程费 | E45: 规划费用 | F45: 出图费 | H45: =IF(G45="","",VLOOKUP(G45,'附表8-合同明细采集底稿'!B:I,2,0)) | I45: =IF(G45="","",VLOOKUP(G45,'附表8-合同明细采集底稿'!B:I,3,0)) | J45: 巴州新矿测绘中心 | K45: 增值税普通发票 | L45: 065002100111 | M45: 15916273 | N45: 400 | O45: 400 | P45: 400 | R45: =P45+Q45 -> 400 | S45: 1 | T45: =ROUND(SUM(R45)*SUM(S45),2) -> 400 | U45: 一期分摊 | V45: 共同成本费用 | W45: =IF('附表1-面积统计表'!$D$29=0,"",IF(AND(V45="共同成本费用",Z45="总建筑面积法"),ROUND(T45/'附表1-面积统计表'!$D$29*'附表1-面积统计表'!$D$5,2),IF(AND(V45="共同成本费用",Z45="可售建筑面积法"),ROUND(T45/'附表1-面积统计表'!$F$29*'附表1-面积统计表'!$F$5,2),"请手工填写"))) -> 193.79 | X45: =IF(SUM('附表1-面积统计表'!$D$6)=0,"",SUM(T45)-SUM(W45)-SUM(Y45)) -> 128.21 | Y45: =IF(SUM('附表1-面积统计表'!$D$6)=0,SUM(T45)-SUM(W45),IF('附表1-面积统计表'!$D$29=0,"",IF(AND(V45="共同成本费用",Z45="总建筑面积法"),ROUND(T45/'附表1-面积统计表'!$D$29*'附表1-面积统计表'!$D$7,2),IF(AND(V45="共同成本费用",Z45="可售建筑面积法"),ROUND(T45/'附表1-面积统计表'!$F$29*'附表1-面积统计表'!$F$7,2),"请手工填写")))) -> 78 | Z45: 可售建筑面积法 | AB45: 可加计 | AC45: =T45-W45-X45-Y45 -> 0
A46: 40 | B46: 43561 | C46: 0019 | D46: 前期工程费 | E46: 规划费用 | F46: 出图费 | H46: =IF(G46="","",VLOOKUP(G46,'附表8-合同明细采集底稿'!B:I,2,0)) | I46: =IF(G46="","",VLOOKUP(G46,'附表8-合同明细采集底稿'!B:I,3,0)) | J46: 巴州新矿测绘中心 | K46: 增值税普通发票 | L46: 065002100111 | M46: 15916270 | N46: 450 | O46: 450 | P46: 450 | R46: =P46+Q46 -> 450 | S46: 1 | T46: =ROUND(SUM(R46)*SUM(S46),2) -> 450 | U46: 一期分摊 | V46: 共同成本费用 | W46: =IF('附表1-面积统计表'!$D$29=0,"",IF(AND(V46="共同成本费用",Z46="总建筑面积法"),ROUND(T46/'附表1-面积统计表'!$D$29*'附表1-面积统计表'!$D$5,2),IF(AND(V46="共同成本费用",Z46="可售建筑面积法"),ROUND(T46/'附表1-面积统计表'!$F$29*'附表1-面积统计表'!$F$5,2),"请手工填写"))) -> 218.01 | X46: =IF(SUM('附表1-面积统计表'!$D$6)=0,"",SUM(T46)-SUM(W46)-SUM(Y46)) -> 144.24 | Y46: =IF(SUM('附表1-面积统计表'!$D$6)=0,SUM(T46)-SUM(W46),IF('附表1-面积统计表'!$D$29=0,"",IF(AND(V46="共同成本费用",Z46="总建筑面积法"),ROUND(T46/'附表1-面积统计表'!$D$29*'附表1-面积统计表'!$D$7,2),IF(AND(V46="共同成本费用",Z46="可售建筑面积法"),ROUND(T46/'附表1-面积统计表'!$F$29*'附表1-面积统计表'!$F$7,2),"请手工填写")))) -> 87.75 | Z46: 可售建筑面积法 | AB46: 可加计 | AC46: =T46-W46-X46-Y46 -> 0
A47: 41 | B47: 43561 | C47: 0021 | D47: 前期工程费 | E47: 测绘费用 | F47: 测绘费 | H47: =IF(G47="","",VLOOKUP(G47,'附表8-合同明细采集底稿'!B:I,2,0)) | I47: =IF(G47="","",VLOOKUP(G47,'附表8-合同明细采集底稿'!B:I,3,0)) | J47: 巴州西域房地产价格评估事务所有限责任公司 | K47: 增值税普通发票 | L47: 065002100111 | M47: 15728397 | N47: 2000 | O47: 2000 | P47: 2000 | R47: =P47+Q47 -> 2000 | S47: 1 | T47: =ROUND(SUM(R47)*SUM(S47),2) -> 2000 | U47: 一期分摊 | V47: 共同成本费用 | W47: =IF('附表1-面积统计表'!$D$29=0,"",IF(AND(V47="共同成本费用",Z47="总建筑面积法"),ROUND(T47/'附表1-面积统计表'!$D$29*'附表1-面积统计表'!$D$5,2),IF(AND(V47="共同成本费用",Z47="可售建筑面积法"),ROUND(T47/'附表1-面积统计表'!$F$29*'附表1-面积统计表'!$F$5,2),"请手工填写"))) -> 968.93 | X47: =IF(SUM('附表1-面积统计表'!$D$6)=0,"",SUM(T47)-SUM(W47)-SUM(Y47)) -> 641.06 | Y47: =IF(SUM('附表1-面积统计表'!$D$6)=0,SUM(T47)-SUM(W47),IF('附表1-面积统计表'!$D$29=0,"",IF(AND(V47="共同成本费用",Z47="总建筑面积法"),ROUND(T47/'附表1-面积统计表'!$D$29*'附表1-面积统计表'!$D$7,2),IF(AND(V47="共同成本费用",Z47="可售建筑面积法"),ROUND(T47/'附表1-面积统计表'!$F$29*'附表1-面积统计表'!$F$7,2),"请手工填写")))) -> 390.01 | Z47: 可售建筑面积法 | AB47: 可加计 | AC47: =T47-W47-X47-Y47 -> 0
A48: 42 | B48: 43571 | C48: 0060 | D48: 基础设施费 | E48: 绿化费用 | F48: 人造草坪 | G48: 其他合同-43 | H48: =IF(G48="","",VLOOKUP(G48,'附表8-合同明细采集底稿'!B:I,2,0)) -> 人造草坪 | I48: =IF(G48="","",VLOOKUP(G48,'附表8-合同明细采集底稿'!B:I,3,0)) -> 其他合同 | J48: 青岛博翔远生态园林有限公司 | K48: 增值税专用发票 | L48: 3702191130 | M48: 00767009 | N48: 25000 | O48: 25000 | P48: 25000 | Q48: -25000 | R48: =P48+Q48 -> 0 | S48: =IFERROR(VLOOKUP(G48,'附表8-合同明细采集底稿'!B:N,12,0),100%) -> 1 | T48: =ROUND(SUM(R48)*SUM(S48),2) -> 0 | U48: 一期分摊 | V48: 共同成本费用 | W48: =IF('附表1-面积统计表'!$D$29=0,"",IF(AND(V48="共同成本费用",Z48="总建筑面积法"),ROUND(T48/'附表1-面积统计表'!$D$29*'附表1-面积统计表'!$D$5,2),IF(AND(V48="共同成本费用",Z48="可售建筑面积法"),ROUND(T48/'附表1-面积统计表'!$F$29*'附表1-面积统计表'!$F$5,2),"请手工填写"))) -> 0 | X48: =IF(SUM('附表1-面积统计表'!$D$6)=0,"",SUM(T48)-SUM(W48)-SUM(Y48)) -> 0 | Y48: =IF(SUM('附表1-面积统计表'!$D$6)=0,SUM(T48)-SUM(W48),IF('附表1-面积统计表'!$D$29=0,"",IF(AND(V48="共同成本费用",Z48="总建筑面积法"),ROUND(T48/'附表1-面积统计表'!$D$29*'附表1-面积统计表'!$D$7,2),IF(AND(V48="共同成本费用",Z48="可售建筑面积法"),ROUND(T48/'附表1-面积统计表'!$F$29*'附表1-面积统计表'!$F$7,2),"请手工填写")))) -> 0 | Z48: 可售建筑面积法 | AB48: 可加计 | AC48: =T48-W48-X48-Y48 -> 0
A49: 43 | B49: 43571 | C49: 0062 | D49: 前期工程费 | E49: 设计费用 | F49: 35#楼装修设计费 | G49: 其他合同-31 | H49: =IF(G49="","",VLOOKUP(G49,'附表8-合同明细采集底稿'!B:I,2,0)) -> 装修设计合同（35#） | I49: =IF(G49="","",VLOOKUP(G49,'附表8-合同明细采集底稿'!B:I,3,0)) -> 技术合同 | J49: 乌鲁木齐艺林峰装饰设计有限公司 | K49: 增值税专用发票 | L49: 6500183130 | M49: 01140005 | N49: 63106.8 | O49: 65000 | P49: 63106.8 | Q49: -63106.8 | R49: =P49+Q49 -> 0 | S49: =IFERROR(VLOOKUP(G49,'附表8-合同明细采集底稿'!B:N,12,0),100%) -> 1 | T49: =ROUND(SUM(R49)*SUM(S49),2) -> 0 | U49: 不可扣-35#楼装修设计费销售费用 | V49: 共同成本费用 | W49: =IF('附表1-面积统计表'!$D$29=0,"",IF(AND(V49="共同成本费用",Z49="总建筑面积法"),ROUND(T49/'附表1-面积统计表'!$D$29*'附表1-面积统计表'!$D$5,2),IF(AND(V49="共同成本费用",Z49="可售建筑面积法"),ROUND(T49/'附表1-面积统计表'!$F$29*'附表1-面积统计表'!$F$5,2),"请手工填写"))) -> 0 | X49: =IF(SUM('附表1-面积统计表'!$D$6)=0,"",SUM(T49)-SUM(W49)-SUM(Y49)) -> 0 | Y49: =IF(SUM('附表1-面积统计表'!$D$6)=0,SUM(T49)-SUM(W49),IF('附表1-面积统计表'!$D$29=0,"",IF(AND(V49="共同成本费用",Z49="总建筑面积法"),ROUND(T49/'附表1-面积统计表'!$D$29*'附表1-面积统计表'!$D$7,2),IF(AND(V49="共同成本费用",Z49="可售建筑面积法"),ROUND(T49/'附表1-面积统计表'!$F$29*'附表1-面积统计表'!$F$7,2),"请手工填写")))) -> 0 | Z49: 可售建筑面积法 | AB49: 可加计 | AC49: =T49-W49-X49-Y49 -> 0
A50: 44 | B50: 43572 | C50: 0085 | D50: 基础设施费 | E50: 照明工程支出 | F50: 电表 | H50: =IF(G50="","",VLOOKUP(G50,'附表8-合同明细采集底稿'!B:I,2,0)) | I50: =IF(G50="","",VLOOKUP(G50,'附表8-合同明细采集底稿'!B:I,3,0)) | J50: 库车宏泰机电设备经销部 | K50: 增值税普通发票 | L50: 065002100111 | M50: 01853514 | N50: 2000 | O50: 2000 | P50: 2200 | Q50: -2200 | R50: =P50+Q50 -> 0 | S50: 1 | T50: =ROUND(SUM(R50)*SUM(S50),2) -> 0 | U50: 一期分摊 | V50: 共同成本费用 | W50: =IF('附表1-面积统计表'!$D$29=0,"",IF(AND(V50="共同成本费用",Z50="总建筑面积法"),ROUND(T50/'附表1-面积统计表'!$D$29*'附表1-面积统计表'!$D$5,2),IF(AND(V50="共同成本费用",Z50="可售建筑面积法"),ROUND(T50/'附表1-面积统计表'!$F$29*'附表1-面积统计表'!$F$5,2),"请手工填写"))) -> 0 | X50: =IF(SUM('附表1-面积统计表'!$D$6)=0,"",SUM(T50)-SUM(W50)-SUM(Y50)) -> 0 | Y50: =IF(SUM('附表1-面积统计表'!$D$6)=0,SUM(T50)-SUM(W50),IF('附表1-面积统计表'!$D$29=0,"",IF(AND(V50="共同成本费用",Z50="总建筑面积法"),ROUND(T50/'附表1-面积统计表'!$D$29*'附表1-面积统计表'!$D$7,2),IF(AND(V50="共同成本费用",Z50="可售建筑面积法"),ROUND(T50/'附表1-面积统计表'!$F$29*'附表1-面积统计表'!$F$7,2),"请手工填写")))) -> 0 | Z50: 可售建筑面积法 | AB50: 可加计 | AC50: =T50-W50-X50-Y50 -> 0
A51: 45 | B51: 43585 | C51: 0125 | D51: 开发间接费用 | E51: 其他发生的间接费用 | F51: 彩钢板房冲预付款 | G51: 其他合同-06 | H51: =IF(G51="","",VLOOKUP(G51,'附表8-合同明细采集底稿'!B:I,2,0)) -> 彩钢板购销及安装合同 | I51: =IF(G51="","",VLOOKUP(G51,'附表8-合同明细采集底稿'!B:I,3,0)) -> 其他合同 | J51: 库尔勒徐宝中彩钢厂 | K51: 增值税专用发票 | L51: 6500163160 | M51: 00069847 | N51: 31665.05 | O51: 32615 | P51: 31665.05 | Q51: -31665.05 | R51: =P51+Q51 -> 0 | S51: =IFERROR(VLOOKUP(G51,'附表8-合同明细采集底稿'!B:N,12,0),100%) -> 1 | T51: =ROUND(SUM(R51)*SUM(S51),2) -> 0 | U51: 不可扣-杜鹃路 | V51: 共同成本费用 | W51: =IF('附表1-面积统计表'!$D$29=0,"",IF(AND(V51="共同成本费用",Z51="总建筑面积法"),ROUND(T51/'附表1-面积统计表'!$D$29*'附表1-面积统计表'!$D$5,2),IF(AND(V51="共同成本费用",Z51="可售建筑面积法"),ROUND(T51/'附表1-面积统计表'!$F$29*'附表1-面积统计表'!$F$5,2),"请手工填写"))) -> 0 | X51: =IF(SUM('附表1-面积统计表'!$D$6)=0,"",SUM(T51)-SUM(W51)-SUM(Y51)) -> 0 | Y51: =IF(SUM('附表1-面积统计表'!$D$6)=0,SUM(T51)-SUM(W51),IF('附表1-面积统计表'!$D$29=0,"",IF(AND(V51="共同成本费用",Z51="总建筑面积法"),ROUND(T51/'附表1-面积统计表'!$D$29*'附表1-面积统计表'!$D$7,2),IF(AND(V51="共同成本费用",Z51="可售建筑面积法"),ROUND(T51/'附表1-面积统计表'!$F$29*'附表1-面积统计表'!$F$7,2),"请手工填写")))) -> 0 | Z51: 可售建筑面积法 | AB51: 可加计 | AC51: =T51-W51-X51-Y51 -> 0
